 Dungeon Crawl Stone Soup version 0.29.1-15-g9cfb28693d (webtiles) character file.

Game seed: 493014836797932376

8667460 dunno567 the Petrodigitator (level 27, 199/199 HPs)
             Began as a Gargoyle Conjurer on Nov 4, 2022.
             Was an Initiate of Gozag.
             Escaped with the Orb
             ... and 15 runes on Mar 27, 2023!
             The game lasted 16:20:56 (216230 turns).

dunno567 the Petrodigitator (Gargoyle Conjurer)   Turns: 216230, Time: 16:20:57

Health: 199/199    AC: 64    Str: 24      XL:     27
Magic:  58/68      EV: 11    Int: 54 (56) God:    Gozag
Gold:   44855      SH: 29    Dex:  5      Spells: 0/80 levels left

rFire   + + +      SeeInvis +   c - +9 staff of Wucad Mu {*channel}
rCold   + + +      Faith    .   I - +7 tower shield "Geutiduh" {rF+ rC++ Dex-2 SInv}
rNeg    + + +      Spirit   .   x - +8 orange crystal plate armour {Archmagi, Int+3 Clar}
rPois   ∞          Reflect  .   O - -2 hat of the Alchemist {rElec rPois rF+ rC+ rN+ Will+ rMut rCorr}
rElec   +          Harm     .   Z - scarf {rC+ rF+}
rCorr   +          Rampage  .   T - +0 pair of gloves of Wonder {Str+3 Int+7}
rMut    +          Archmagi +   l - +0 pair of boots "Latuff" {rElec rPois rC- Int+7}
Will    ++++.      Clarity  +   J - amulet of Vitality {RegenMP++ Regen++}
Stlth   +.........              M - ring "Xaihob" {rN+ Will+ Int+4 SInv Stlth+}
HPRegen 2.03/turn               g - ring of Legolod {rF+ rCorr MP+9 Str+6 Int+3}
MPRegen 1.21/turn

@: gold aura, flying, studying Fire Magic
A: sickness immunity, AC +20, big wings, negative energy resistance 1,
electricity resistance, torment resistance 1, petrification resistance, claws 1,
horns 1, iridescent scales 1, high MP 1, strong 1
0: Orb of Zot
}: 15/15 runes: barnacled, slimy, silver, golden, iron, obsidian, icy, bone,
abyssal, demonic, glowing, magical, fiery, dark, gossamer
a: Renounce Religion, Potion Petition, Call Merchant, Bribe Branch


You escaped.
You worshipped Gozag.
Gozag was extremely pleased with you.
You visited 18 branches of the dungeon, and saw 87 of its levels.
You visited Pandemonium 1 time, and saw 10 of its levels.
You visited the Abyss 1 time.
You visited 1 bazaar.
You completed 11 ziggurats, and saw 297 of their levels.
You also visited: Trove and Sewer.

You collected 421770 gold pieces.
You spent 3950 gold pieces at shops.
You paid 372965 gold pieces to Gozag.

Inventory:

Hand Weapons
 c - the +9 staff of Wucad Mu (weapon) {*channel}
   (You acquired it on level 16 of a ziggurat)

   It occasionally powers its wielder's spells, but with a chance of causing
   confusion or draining the wielder's intelligence.
   It becomes more likely to activate and less likely to backfire with increased
   Evocations skill.
 o - the +8 mithril axe "Arga" {speed, Will+}
   (You found it on level 27 of a ziggurat)

   Attacks with this weapon are significantly faster.
   Will:      It increases your willpower.
Missiles
 K - 294 silver javelins (quivered)
 N - 6 javelins
Armour
 a - a +2 pair of gloves of dexterity
 l - the +0 pair of boots "Latuff" (worn) {rElec rPois rC- Int+7}
   (You acquired it on level 4 of the Depths)

   Int:       It affects your intelligence (+7).
   rC:        It makes you vulnerable to cold.
   rElec:     It insulates you from electricity.
   rPois:     It protects you from poison.
 x - the +8 orange crystal plate armour (worn) {Archmagi, Int+3 Clar}
   (You found it on level 18 of a ziggurat)

   Int:       It affects your intelligence (+3).
   Clar:      It protects you against confusion.
 I - the +7 tower shield "Geutiduh" (worn) {rF+ rC++ Dex-2 SInv}
   (You took it off a daeva on level 11 of a ziggurat)

   Dex:       It affects your dexterity (-2).
   rF:        It protects you from fire.
   rC:        It greatly protects you from cold.
   SInv:      It lets you see invisible.
 O - the -2 hat of the Alchemist (worn) {rElec rPois rF+ rC+ rN+ Will+ rMut rCorr}
   (You acquired it on level 22 of a ziggurat)

   rF:        It protects you from fire.
   rC:        It protects you from cold.
   rElec:     It insulates you from electricity.
   rPois:     It protects you from poison.
   rN:        It protects you from negative energy.
   rCorr:     It protects you from acid and corrosion.
   rMut:      It protects you from mutation.
   Will:      It increases your willpower.
 T - the +0 pair of gloves of Wonder (worn) {Str+3 Int+7}
   (You found it on level 23 of a ziggurat)

   Str:       It affects your strength (+3).
   Int:       It affects your intelligence (+7).
 Z - a scarf of resistance (worn)
Jewellery
 g - the ring of Legolod (right hand) {rF+ rCorr MP+9 Str+6 Int+3}
   (You found it on level 25 of a ziggurat)

   [ring of strength]

   Str:       It affects your strength (+6).
   Int:       It affects your intelligence (+3).
   rF:        It protects you from fire.
   MP:        It affects your magic capacity (+9).
   rCorr:     It protects you from acid and corrosion.
 t - the dreamshard necklace {*Dream Drain}
   (You found it on level 5 of the Vaults)

   [amulet of nothing]

   It shatters if its wearer takes lethal or near-lethal damage, preventing the
   blow and releasing protective dreams that heal and fight for the wearer.
   Drain:     It drains your maximum health when unequipped.
 y - the amulet "Nipaf" {RegenMP Will+ Regen+ Dex+4 Stlth+}
   (You found it on level 13 of a ziggurat)

   [amulet of magic regeneration]

   It increases your rate of magic regeneration.
   Dex:       It affects your dexterity (+4).
   Regen:     It increases your rate of health regeneration.
   Will:      It increases your willpower.
   Stlth:     It makes you more stealthy.
 H - the ring "Moll" {rN+ rCorr Str+4 Int+4 Dex+3}
   (You found it on level 18 of a ziggurat)

   [ring of resist corrosion]

   Str:       It affects your strength (+4).
   Int:       It affects your intelligence (+4).
   Dex:       It affects your dexterity (+3).
   rN:        It protects you from negative energy.
   rCorr:     It protects you from acid and corrosion.
 J - the amulet of Vitality (around neck) {RegenMP++ Regen++}
   (You found it on level 18 of a ziggurat)

   [amulet of magic regeneration]

   It increases your rate of magic regeneration.
   Regen:     It increases your rate of health regeneration.
 M - the ring "Xaihob" (left hand) {rN+ Will+ Int+4 SInv Stlth+}
   (You found it on level 22 of a ziggurat)

   [ring of see invisible]

   Int:       It affects your intelligence (+4).
   rN:        It protects you from negative energy.
   SInv:      It lets you see invisible.
   Will:      It increases your willpower.
   Stlth:     It makes you more stealthy.
 U - the ring "Muly Rudgh" {+Blink rElec rF++ rC+ rCorr}
   (You found it on level 17 of a ziggurat)

   [ring of resist corrosion]

   rF:        It greatly protects you from fire.
   rC:        It protects you from cold.
   rElec:     It insulates you from electricity.
   +Blink:    It lets you blink.
   rCorr:     It protects you from acid and corrosion.
Wands
 B - a wand of quicksilver (61)
 L - a wand of digging (49)
 P - a wand of iceblast (76)
 R - a wand of paralysis (60)
Scrolls
 e - 27 scrolls of fear
 f - 7 scrolls of summoning
 h - 313 scrolls of teleportation
 j - 7 scrolls of torment
 p - 117 scrolls of immolation
 q - 75 scrolls of amnesia
 u - 117 scrolls of blinking
 v - 34 scrolls of vulnerability
 w - 136 scrolls of fog
 D - 116 scrolls of enchant armour
 G - 28 scrolls of poison
 X - 103 scrolls of magic mapping
Potions
 b - 10 potions of invisibility
 d - 51 potions of cancellation
 i - 40 potions of might
 k - 14 potions of brilliance
 m - 26 potions of lignification
 n - 70 potions of experience
 z - 273 potions of mutation
 A - 69 potions of curing
 C - 77 potions of haste
 E - 19 potions of resistance
 F - 62 potions of magic
 Q - 19 potions of ambrosia
 Y - 63 potions of heal wounds
Miscellaneous
 r - a tin of tremorstones (2/2)
 s - a condenser vane
 S - a +11 figurine of a ziggurat


   Skills:
 O Level 27 Fighting
 O Level 27 Short Blades
 O Level 27 Long Blades
 O Level 27 Axes
 O Level 27 Maces & Flails
 O Level 27 Polearms
 O Level 27 Staves
 O Level 27 Ranged Weapons
 O Level 27 Throwing
 O Level 27 Armour
 O Level 27 Dodging
 O Level 27 Stealth
 O Level 27 Shields
 O Level 27 Unarmed Combat
 O Level 27 Spellcasting
 O Level 27 Conjurations
 O Level 27 Hexes
 O Level 27 Summonings
 O Level 27 Necromancy
 O Level 27 Translocations
 O Level 27 Transmutations
 O Level 27 Fire Magic
 O Level 27 Ice Magic
 O Level 27 Air Magic
 O Level 27 Earth Magic
 O Level 27 Poison Magic
 O Level 27 Invocations
 O Level 27 Evocations


You couldn't memorise any spells.
You knew the following spells:

 Your Spells              Type           Power      Damage    Failure   Level
a - Polar Vortex          Ice            89%        N/A       1%          9
b - Shatter               Erth           89%        3d64*     1%          9
c - Disjunction           Tloc           89%        N/A       1%          8
d - Chain Lightning       Conj/Air       89%        3d118     1%          9
e - Fire Storm            Conj/Fire      89%        8d22      1%          9
h - Ozocubu's Refrigerat  Ice            89%        4d27      0%          7
j - Ignition              Fire           89%        3d23      1%          8
l - Necromutation         Tmut/Necr      89%        N/A       1%          8
m - Passage of Golubria   Tloc           100%       N/A       0%          4
X - Death's Door          Necr           89%        N/A       1%          9

Your spell library contained the following spells:

 Spells                   Type           Power      Damage    Failure   Level
 Apportation              Tloc           100%       N/A       0%          1
 Beastly Appendage        Tmut           100%       N/A       0%          1
 Foxfire                  Conj/Fire      100%       2x1d9     0%          1
 Freeze                   Ice            100%       1d11      0%          1
 Magic Dart               Conj           100%       1d8       0%          1
 Necrotise                Necr           100%       1d9       0%          1
 Sandblast                Erth           100%       2d20      0%          1
 Shock                    Conj/Air       100%       1d9       0%          1
 Slow                     Hex            100%       N/A       0%          1
 Sting                    Tmut/Pois      100%       1d8       0%          1
 Summon Small Mammal      Summ           100%       N/A       0%          1
 Blink                    Tloc           100%       N/A       0%          2
 Call Imp                 Summ           100%       N/A       0%          2
 Ensorcelled Hibernation  Hex/Ice        100%       N/A       0%          2
 Passwall                 Tmut/Erth      100%       N/A       0%          2
 Poisonous Vapours        Pois/Air       100%       N/A       0%          2
 Scorch                   Fire           100%       2d10      0%          2
 Searing Ray              Conj           100%       2d8       0%          2
 Static Discharge         Conj/Air       100%       3-16/arc  0%          2
 Wereblood                Tmut           100%       N/A       0%          2
 Call Canine Familiar     Summ           100%       N/A       0%          3
 Confusing Touch          Hex            100%       N/A       0%          3
 Conjure Flame            Conj/Fire      100%       6-21      0%          3
 Dazzling Flash           Conj/Hex       100%       N/A       0%          3
 Frozen Ramparts          Ice            100%       1d16      0%          3
 Gell's Gravitas          Tloc           100%       N/A       0%          3
 Ignite Poison            Fire/Tmut/Pois 100%       N/A       0%          3
 Inner Flame              Hex/Fire       100%       N/A       0%          3
 Lesser Beckoning         Tloc           100%       N/A       0%          3
 Mephitic Cloud           Conj/Pois/Air  100%       N/A       0%          3
 Ozocubu's Armour         Ice            100%       N/A       0%          3
 Portal Projectile        Hex/Tloc       100%       N/A       0%          3
 Spider Form              Tmut/Pois      100%       N/A       0%          3
 Stone Arrow              Conj/Erth      100%       3d13      0%          3
 Summon Guardian Golem    Hex/Summ       100%       N/A       0%          3
 Swiftness                Air            100%       N/A       0%          3
 Teleport Other           Tloc           100%       N/A       0%          3
 Tukima's Dance           Hex            100%       N/A       0%          3
 Vampiric Draining        Necr           100%       2d13      0%          3
 Airstrike                Air            89%        2d(13-29) 0%          4
 Anguish                  Hex/Necr       89%        N/A       0%          4
 Animate Armour           Summ/Erth      100%       N/A       0%          4
 Cause Fear               Hex            89%        N/A       0%          4
 Dispel Undead            Necr           100%       3d31      0%          4
 Flame Wave               Conj/Fire      100%       2d21      0%          4
 Fulminant Prism          Conj/Hex       89%        3d35      0%          4
 Hailstorm                Conj/Ice       100%       3d20      0%          4
 Ice Form                 Ice/Tmut       100%       N/A       0%          4
 Iskenderun's Mystic Bla  Conj/Tloc      100%       2d19      0%          4
 Leda's Liquefaction      Hex/Erth       89%        N/A       0%          4
 Olgreb's Toxic Radiance  Pois           100%       N/A       0%          4
 Petrify                  Tmut/Erth      100%       N/A       0%          4
 Sticky Flame             Conj/Fire      100%       2d11      0%          4
 Summon Ice Beast         Ice/Summ       100%       N/A       0%          4
 Summon Lightning Spire   Summ/Air       100%       N/A       0%          4
 Agony                    Necr           100%       N/A       0%          5
 Alistair's Intoxication  Tmut/Pois      100%       N/A       0%          5
 Blade Hands              Tmut           89%        N/A       0%          5
 Borgnjor's Vile Clutch   Necr/Erth      89%        N/A       0%          5
 Fireball                 Conj/Fire      89%        3d33      0%          5
 Freezing Cloud           Conj/Ice/Air   89%        6-21      0%          5
 Irradiate                Conj/Tmut      89%        3d41      0%          5
 Iskenderun's Battlesphe  Conj           100%       2d15      0%          5
 Lee's Rapid Deconstruct  Erth           89%        3d40*     0%          5
 Lightning Bolt           Conj/Air       89%        1d117     0%          5
 Manifold Assault         Tloc           100%       N/A       0%          5
 Metabolic Englaciation   Hex/Ice        89%        N/A       0%          5
 Silence                  Hex/Air        89%        N/A       0%          5
 Summon Forest            Summ/Tloc      89%        N/A       0%          5
 Summon Mana Viper        Hex/Summ       100%       N/A       0%          5
 Yara's Violent Unravell  Hex/Tmut       89%        3d32      0%          5
 Conjure Ball Lightning   Conj/Air       89%        3x3d33    0%          6
 Death Channel            Necr           89%        N/A       0%          6
 Dispersal                Tloc           89%        N/A       0%          6
 Eringya's Noxious Bog    Tmut/Pois      89%        N/A       0%          6
 Iron Shot                Conj/Erth      89%        9d16      0%          6
 Starburst                Conj/Fire      89%        6d22      0%          6
 Summon Cactus Giant      Summ           89%        N/A       0%          6
 Dragon Form              Tmut           89%        N/A       0%          7
 Enfeeble                 Hex            89%        N/A       0%          7
 Haunt                    Necr/Summ      89%        N/A       0%          7
 Malign Gateway           Summ/Tloc      89%        N/A       0%          7
 Monstrous Menagerie      Summ           89%        N/A       0%          7
 Orb of Destruction       Conj           89%        9d19      0%          7
 Spellforged Servitor     Conj/Summ      89%        N/A       0%          7
 Storm Form               Tmut/Air       89%        N/A       0%          7
 Summon Hydra             Summ           89%        N/A       0%          7
 Borgnjor's Revivificati  Necr           89%        N/A       1%          8
 Discord                  Hex            89%        N/A       1%          8
 Infestation              Necr           89%        N/A       1%          8
 Lehudib's Crystal Spear  Conj/Erth      89%        10d20     1%          8
 Maxwell's Capacitive Co  Air            89%        ∞         1%          8
 Summon Horrible Things   Summ           89%        N/A       1%          8
 Dragon's Call            Summ           89%        N/A       1%          9
 Sublimation of Blood     Necr           Unusable   N/A       N/A         2
 Animate Dead             Necr           Unusable   N/A       N/A         4
 Corpse Rot               Necr/Pois/Air  Unusable   N/A       N/A         4
 Simulacrum               Ice/Necr       Unusable   N/A       N/A         6

Dungeon Overview and Level Annotations

Branches:
Dungeon (15/15)            Temple (1/1) D:4            Lair (5/5) D:11
 Shoals (4/4) Lair:3       Spider (4/4) Lair:3        Slime (5/5) Lair:5
    Orc (2/2) D:11            Elf (3/3) Orc:2        Vaults (5/5) D:13
  Crypt (3/3) Vaults:2       Tomb (3/3) Crypt:3      Depths (4/4) D:15
   Hell (visited)             Dis (7/7) Hell            Geh (7/7) Hell
    Coc (7/7) Hell            Tar (7/7) Hell            Zot (5/5) Depths:4
  Sewer (visited)

Altars:
Ashenzari
Cheibriados
Dithmenos
Elyvilon
Fedhas
Gozag
Hepliaklqana
Kikubaaqudgha
Makhleb
Nemelex Xobeh
Okawaru
Qazlal
Ru
Sif Muna
Trog
Uskayaw
Vehumet
Wu Jian
Xom
Yredelemnul
Zin
The Shining One
Jiyva
Lugonu

Shops:
D:5 (   D:10 *   D:13 !   Orc:2 (([!(   Elf:3 [**   Shoals:1 =   Shoals:4 [*
Vaults:1 [   Vaults:3 !   Vaults:5 **!   Depths:1 *!((*   Depths:4 **

Portals:
Hell: Depths:1 Depths:2 Depths:3 Depths:4
Abyss: Depths:1 Depths:3 Depths:4
Pandemonium: Depths:1 Depths:2
Ziggurat: Depths:4

Annotations:
D:14 1 exclusion
Depths:2 2 transporters
Depths:3 3 transporters
Zot:3 2 transporters


Innate Abilities, Weirdness & Mutations

You are immune to sickness and miasma.
Your stone body is resilient. (AC +20)
You are immune to poison.
Your large and strong wings let you fly.
You resist negative energy. (rN+)
You are resistant to electric shocks. (rElec)
You are resistant to unholy torment.
You are immune to petrification.
You have sharp fingernails.
You have a pair of small horns on your head.
You are partially covered in iridescent scales. (AC +2)
You have an increased reservoir of magic. (+10% MP)
Your muscles are strong. (Str +4, Int/Dex -1)


Message History

The bolt of lightning hits Jujec!!!
Jujec resists.
Jujec is heavily wounded.
Magical energy flows into your mind!
Jujec is engulfed in blazing flames.
Jujec gestures.
A dragon appears.
Jujec is engulfed in blazing flames.
Jujec gestures at you. The bolt of fire hits your fire vortex.
Your fire vortex completely resists.
The bolt of fire hits you. You resist.
An Orb Guardian comes into view.
Casting: Chain Lightning (dangerous; 1% risk of failure)
Confirm with . or Enter, or press ? or * to list all spells.
You feel a surge of power! Lightning arcs from your hands!
The bolt of lightning hits Jujec!!!
Jujec resists.
Jujec is almost dead.
The bolt of lightning hits the golden dragon!!!!
The golden dragon resists.
You kill the golden dragon!
The golden dragon's corpse disappears in a puff of smoke!
Jujec is engulfed in blazing flames.
Casting: Chain Lightning (dangerous; 1% risk of failure)
Confirm with . or Enter, or press ? or * to list all spells.
You feel a surge of power! Lightning arcs from your hands!
The bolt of lightning hits Jujec!!!
Jujec resists.
You kill Jujec!
Magical energy flows into your mind!
Casting: Chain Lightning (dangerous; 1% risk of failure)
Confirm with . or Enter, or press ? or * to list all spells.
You feel a surge of power! Lightning arcs from your hands!
The bolt of lightning hits the Orb Guardian!!!
The Orb Guardian is heavily wounded.
Magical energy flows into your mind!
Casting: Chain Lightning (dangerous; 1% risk of failure)
Confirm with . or Enter, or press ? or * to list all spells.
You feel a surge of power! Lightning arcs from your hands!
The bolt of lightning hits the Orb Guardian!!!!
You kill the Orb Guardian!
Magical energy flows into your mind!
You feel your intelligence returning.
You have escaped!

....########......# #...#
.#..##..................###...###
....##.........$......$..........
....##.......$..$................
##.###....$....$.................
##.# #....).$..$......$.###...#.#
..## ####$$.vv.......... ##..#.#
#########$.....$........####...##
..#....#.....v..@........#......#
..#......................#......#
....#..#.................#......#
........)....$$.................#
..#.#..#......$.....$$.....#.....
..#.#..#....$$...........#.#.....
..#######.....$$.$....$..###.....
### .....$.........####.....
#........#.#......


You could see 3 friendly fire vortices.

Vanquished Creatures
  Cerebov (Pan)
  Antaeus (Coc:7)
  The ghost of Haitsiopt the Axe Maniac, a legendary DsGl of Makhleb (Zig:16)
  Asmodeus (Geh:7)
  The ghost of Ashen the Blood Saint, a legendary DsIE of Makhleb (Zig:20)
  The ghost of Vuopse the Conqueror, a legendary GnIE of Ashenzari (Zig:16)
  The ghost of SevenDeadlySins the Archmage, a legendary DrCj of Vehumet (Zig:16)
  Gloorx Vloq (Pan)
  the Royal Jelly (Slime:5)
  Ereshkigal (Tar:7)
  The ghost of scarywalker64 the Petrodigitator, a legendary GrEE of Vehumet (Zig:16)
  the Serpent of Hell (Dis:7)
  The ghost of Motirgh the Ruinous, a legendary DgHW (Zig:16)
  The ghost of Motirgh the Ruinous, a legendary DgHW (Zig:16)
  Mnoleg (Pan)
  Lom Lobon (Pan)
  The ghost of Huju the Spawn of Chaos, a legendary HOFi of Makhleb (Zig:20)
  The ghost of Ikusitist the Infernalist, a legendary NaFE of Cheibriados (Zig:20)
  The ghost of Piginabag the Conqueror, a legendary DsSk of Gozag (Zig:20)
  The ghost of WiseOSalty the Conqueror, a legendary TrGl of Qazlal (Zig:16)
  The ghost of WiseOSalty the Conqueror, a legendary TrGl of Qazlal (Zig:20)
  The ghost of Teaz Xo Upt the Hoplite, a legendary GnFE of Ashenzari (Zig:20)
  The ghost of Diezoyro the Conqueror, a legendary DDNe of Makhleb (Zig:16)
  The ghost of Diezoyro the Conqueror, a legendary DDNe of Makhleb (Zig:16)
  172 dread liches
  Dispater (Dis:7)
  The ghost of BerryKnight the Divine Blade, a legendary DgFi (Zig:20)
  195 ancient liches
  The ghost of Boduf the Metallomancer, a legendary FoHu of Cheibriados (Zig:16)
  The ghost of scarywalker64 the Sorcerer, a veteran BaSu of Sif Muna (Zig:16)
  The ghost of reasonance the Anchorite, a legendary HOMo of Zin (Zig:20)
  The ghost of Dittersdorf the Conqueror, a legendary MiBe of Trog (Zig:16)
  The ghost of Xorhowon the Invulnerable, a legendary MiBe of Trog (Zig:16)
  The ghost of Zonian the Slayer, a legendary HOFi of Beogh (Zig:16)
  The ghost of Zonian the Slayer, a legendary HOFi of Beogh (Zig:20)
  The ghost of Ucrups the Swordmaster, a legendary MiFi of the Shining One (Zig:16)
  The ghost of Xatwola the Axe Maniac, a legendary DDFi of Makhleb (Zig:16)
  The ghost of Ucrups the Swordmaster, a legendary MiFi of the Shining One (Zig:16)
  The ghost of Xatwola the Axe Maniac, a legendary DDFi of Makhleb (Zig:16)
  The ghost of Veodywke the Conqueror, a legendary MiBe of the Shining One (Zig:20)
  The ghost of Veodywke the Conqueror, a legendary MiBe of the Shining One (Zig:16)
  The ghost of sleeves the Metallomancer, a legendary HuEE of Vehumet (Zig:16)
  129 orbs of fire
  The ghost of strangelove the Metallomancer, a master GrEE of Vehumet (Zig:20)
  Mennas (Pan)
  The ghost of thechecker02 the Slayer, a master DDFi of Makhleb (Zig:16)
  The ghost of Likado the Gnoll Barricade, a legendary GnSk of the Shining One (Zig:20)
  The ghost of Jeklifit the Conqueror, a legendary FoFi of the Shining One (Zig:16)
  The ghost of Becvyf the Sluggish Gnoll, a legendary GnFi of Cheibriados (Zig:16)
  The ghost of Fugi the Sniper, a legendary FoFi of Ashenzari (Zig:16)
  The ghost of Unuchuin the Marksgnoll, a legendary GnFi of the Shining One (Zig:16)
  The ghost of runemage the Impregnable, a legendary GnFi of Gozag (Zig:16)
  184 juggernauts
  The ghost of MrChinwatt the Slayer, a legendary DsWn of Qazlal (Zig:16)
  The ghost of sleeves the Demonic Mishap, a legendary DsFi of Qazlal (Zig:16)
  The ghost of sleeves the Demonic Mishap, a legendary DsFi of Qazlal (Zig:16)
  The ghost of Ecsetopt the Hawkeye, a legendary BaWn of Cheibriados (Zig:16)
  The ghost of Ecsetopt the Hawkeye, a legendary BaWn of Cheibriados (Zig:16)
  The ghost of Kalug the Executioner, a legendary DrFi of Cheibriados (Zig:16)
  The ghost of Hillam the Grand Master, a legendary DsTm of Cheibriados (Zig:16)
  The ghost of Zoplarin the Conqueror, a legendary BaSk of Cheibriados (Zig:20)
  The ghost of Xaowkis the Impregnable, a legendary GnWr of Cheibriados (Zig:16)
  The ghost of Xaowkis the Impregnable, a legendary GnWr of Cheibriados (Zig:20)
  The ghost of Talannal the Sharpshooter, a legendary GnHW of Cheibriados (Zig:20)
  The ghost of Zachydoop the Slayer, a veteran MiGl of Makhleb (Zig:20)
  527 royal mummies
  The ghost of stevelinton the Ninja, a legendary KoBe of Trog (Zig:16)
  The ghost of andrewp the Conqueror, a veteran MiBe of Trog (Zig:20)
  The ghost of thechecker02 the Impregnable, a legendary DDFi of Makhleb (Zig:16)
  Sojobo (Depths:2)
  The ghost of BoringLoser the Acrobat, a veteran TeAE of Ru (Zig:16)
  Vv (Depths:3)
  The ghost of Waohesse the Slayer, a legendary VSFi of the Shining One (Zig:20)
  The ghost of Evehuixoju the Rhythm of Life and Death, a legendary VSFi of Uskayaw (Zig:16)
  56 shard shrikes
  Saint Roka (Vaults:5)
  218 Killer Klowns
  The ghost of lukano the Imperceptible, a legendary GrFi of the Shining One (Zig:16)
  The ghost of lukano the Imperceptible, a legendary GrFi of the Shining One (Zig:20)
  The ghost of Gucom the Sluggish Gnoll, a veteran GnFi of Cheibriados (Zig:16)
  The ghost of Gucom the Sluggish Gnoll, a veteran GnFi of Cheibriados (Zig:16)
  The ghost of Gucom the Sluggish Gnoll, a veteran GnFi of Cheibriados (Zig:20)
  The ghost of yaoilover the Conqueror, a veteran MiBe of Trog (Zig:20)
  The ghost of Qatinlae the Archmage, a veteran DEFE of Sif Muna (Zig:16)
  The ghost of WeeknightWizard the Sorcerer, a veteran DEFE of Vehumet (Zig:20)
  The ghost of Ycuhohed the Acrobat, a veteran TeBe of Trog (Zig:16)
  359 caustic shrikes
  The ghost of Pusocauss the Warrior, a legendary VSBe of Trog (Zig:16)
  The ghost of meatyocre the Brawler, a veteran TrFi of Uskayaw (Zig:20)
  The ghost of meatyocre the Brawler, a veteran TrFi of Uskayaw (Zig:20)
  The ghost of EricTams the Hoplite, a veteran MiBe of Trog (Zig:16)
  A caustic shrike (shapeshifter) (Zig:22)
  17 curse toes
  367 golden dragons
  Geryon (Hell)
  The ghost of Pohawk the Severer, an adept MiGl of the Shining One (Zig:16)
  76 profane servitors
  The ghost of Gemnonof the Warrior, an adept DgCj (Zig:20)
  Jory (Vaults:3)
  Nikola (Elf:2)
  97 pearl dragons
  5 golden dragons (shapeshifter)
  241 bone dragons
  Arachne (Spider:2)
  18 electric golems
  236 iron giants
  143 Brimstone Fiends
  The ghost of p0werm0de the Black Belt, an adept OpMo of Cheibriados (Depths:4)
  345 hellephants
  Mlioglotl (Shoals:1)
  80 doom hounds
  A spectral shard shrike (Tar:3)
  121 Tzitzimimeh
  The ghost of Xutext the Spry, an adept DsAK of Lugonu (Zig:16)
  Jorgrun (Lair:3)
  A shard shrike skeleton (Tomb:2)
  154 Ice Fiends
  324 tentacled monstrosities
  120 liches
  The ghost of Sianeop the Warrior, an adept GrFi of Cheibriados (Vaults:1)
  274 Hell Sentinels
  32 Orb Guardians
  Asterion (Spider:4)
  252 deep elf blademasters
  79 tainted leviathans
  12 quicksilver dragons (shapeshifter)
  158 searing wretches
  582 pandemonium lords
  285 titans
  2 walking frostbound tomes
  2 acid blobs (shapeshifter)
  77 quicksilver dragons
  252 acid blobs
  233 deep elf master archers
  12 death cobs
  4 krakens
  The ghost of Xeamaschicaq the Destroyer, an adept DrIE of Zin (Spider:3)
  6 eldritch tentacles
  A walking divine tome (Zig:14)
  14 sphinxes (shapeshifter)
  87 sphinxes
  106 Executioners
  130 tentacled starspawn
  158 ancient champions
  The ghost of frimble the Struggler, an adept DsGl of Okawaru (Zig:20)
  3 storm dragons (shapeshifter)
  Agnes (Elf:2)
  The ghost of Viocziel the Brawler, an adept TrMo of Nemelex Xobeh (Zig:16)
  The ghost of Amikeex the Brawler, an adept TrMo of Nemelex Xobeh (Zig:16)
  The ghost of Himmaryad the Brawler, an adept TrMo of Nemelex Xobeh (Zig:16)
  The ghost of Himmaryad the Brawler, an adept TrMo of Nemelex Xobeh (Zig:20)
  31 storm dragons
  12 thorn hunters
  63 tengu reavers
  35 shadow dragons
  The ghost of diceflayer the Swashbuckler, an adept DsFi of Okawaru (Shoals:2)
  106 draconian monks
  20 fenstrider witches (shapeshifter)
  77 rockslimes
  62 azure jellies
  133 draconian knights
  107 daevas
  79 demonspawn warmongers
  241 fire giants
  104 frost giants
  541 nagarajas
  11 azure jellies (shapeshifter)
  13 shadow dragons (shapeshifter)
  Roxanne (Elf:2)
  8 fenstrider witches
  113 revenants
  44 deep elf sorcerers
  112 narguns
  290 orc warlords
  254 emperor scorpions
  20 fire giants (shapeshifter)
  Louise (D:14)
  91 vault wardens
  16 caustic shrike zombies
  4 ghost moths (shapeshifter)
  4 iron dragons (shapeshifter)
  8 shard shrike simulacra
  96 iron dragons
  8 spectral caustic shrikes
  128 draconian scorchers
  128 draconian shifters
  11 frost giants (shapeshifter)
  66 angels
  419 balrugs
  423 ghost moths
  109 quicksilver elementals
  Aizul (Vaults:1)
  5 spectral juggernauts
  100 draconian stormcallers
  27 juggernaut zombies
  An emperor scorpion (shapeshifter) (Zig:23)
  16 ghouls
  112 cacodemons
  2 spriggan defenders
  19 deep elf elementalists
  184 war gargoyles
  99 curse skulls
  194 very ugly things
  118 draconian annihilators
  4 quicksilver oozes (shapeshifter)
  17 stone giants (shapeshifter)
  185 demonspawn corrupters
  53 ironbound preservers
  91 demonspawn blood saints
  29 caustic shrike skeletons
  79 quicksilver oozes
  231 stone giants
  38 broodmothers
  50 vampire knights
  56 green draconians
  15 juggernaut skeletons
  100 reapers
  249 starcursed masses
  53 ophanim
  56 eleionomae
  14 eleionomae (shapeshifter)
  93 putrid mouths
  7 ironbound thunderhulks
  204 bennus
  61 apis
  7 broodmothers (shapeshifter)
  203 deep elf demonologists
  95 demonspawn black suns
  56 yellow draconians
  235 deep elf annihilators
  87 wendigos
  57 bunyips
  15 dire elephants (shapeshifter)
  12 elemental wellsprings
  309 entropy weavers
  73 purple draconians
  60 spark wasps
  3 spectral titans
  72 black draconians
  3 minotaurs (shapeshifter)
  70 white draconians
  3 bunyips (shapeshifter)
  A spark wasp (shapeshifter) (Zig:26)
  68 red draconians
  A minotaur (Zig:17)
  82 lorocyprocas
  3 entropy weavers (shapeshifter)
  147 dire elephants
  129 blizzard demons
  156 iron golems
  78 ettins
  52 crystal guardians
  283 green deaths
  98 eidola
  255 deep elf high priests
  174 merfolk javelineers
  59 deep elf death magi
  129 fire dragons
  87 yaktaur captains
  21 jiangshi
  419 mummy priests
  45 merfolk impalers
  A fire dragon (shapeshifter) (Zig:17)
  21 spriggan zombies
  225 shambling mangroves
  4 spectral golden dragons
  A spectral iron giant (Tar:2)
  10 quicksilver dragon zombies
  52 great orbs of eyes
  An elf skeleton (Pan)
  A fenstrider witch zombie (Crypt:3)
  5 spectral spriggans
  4 spectral shadow dragons
  53 hell beasts
  3 boulder beetles (shapeshifter)
  Harold (D:11)
  6 great orbs of eyes (shapeshifter)
  40 jorogumos
  32 vault guards
  26 ice dragons
  48 ghost crabs
  A peacekeeper (Vaults:3)
  2 radroaches (shapeshifter)
  456 salamander tyrants
  21 quicksilver dragon skeletons
  12 rakshasas
  36 spriggan air magi
  61 boulder beetles
  24 ogre magi
  27 spriggan skeletons
  416 hydras
  16 alligator snapping turtles (shapeshifter)
  9 anacondas (shapeshifter)
  29 stokers
  Erica (D:8)
  10 centaur warriors
  20 merfolk avatars
  7 two-headed ogres (shapeshifter)
  3 jorogumos (shapeshifter)
  A fenstrider witch skeleton (Crypt:2)
  8 ironbound frosthearts
  3 spectral sphinxes
  160 catoblepae
  8 caustic shrike simulacra
  208 merfolk aquamancers
  66 radroaches
  12 juggernaut simulacra
  404 dancing weapons
  3 death yaks (shapeshifter)
  19 two-headed ogres
  3 death knights
  3 catoblepae (shapeshifter)
  99 naga warriors
  294 death scarabs
  68 anacondas
  4 tengu warriors
  5 alligators (shapeshifter)
  22 deep troll earth magi
  9 deep troll shamans
  A bennu skeleton (Crypt:1)
  6 satyrs (shapeshifter)
  21 satyrs
  56 alligator snapping turtles
  46 alligators
  22 death yaks
  9 spriggan berserkers
  49 hell hogs
  19 titan zombies
  Urug (D:13)
  76 vampire magi
  Sonja (D:11)
  51 soul eaters
  141 thrashing horrors
  A spectral storm dragon (Zig:25)
  44 hell knights
  295 orc high priests
  7 shock serpents (shapeshifter)
  A spectral dire elephant (Tar:2)
  94 sun demons
  162 naga sharpshooters
  5 spectral nagas
  25 titan skeletons
  75 crystal echidnas
  10 fire crabs (shapeshifter)
  132 shock serpents
  244 deep elf knights
  50 fire crabs
  44 sun moths
  29 salamander mystics
  19 storm dragon zombies
  61 shadow wraiths
  31 skeletal warriors
  97 iron trolls
  278 large abominations
  61 spatial maelstroms
  15 golden dragon zombies
  9 steelbarb worms (shapeshifter)
  242 wretched stars
  12 iron trolls (shapeshifter)
  119 pharaoh ants
  7 quicksilver dragon simulacra
  2 spectral anacondas
  56 sixfirhies
  11 death drakes (shapeshifter)
  29 goliath frogs
  49 flayed ghosts
  2 spark wasp zombies (Zig:7)
  7 sea snakes (shapeshifter)
  107 steelbarb worms
  59 cherubim
  12 swamp dragons (shapeshifter)
  8 deep trolls (shapeshifter)
  12 orb spiders (shapeshifter)
  16 orange crystal statues
  An iron giant zombie (Abyss:4)
  174 spriggan druids
  271 deep elf archers
  9 glowing orange brains (shapeshifter)
  68 deep trolls
  58 naga ritualists
  27 storm dragon skeletons
  55 sea snakes
  33 glowing orange brains
  52 shadow demons
  156 death drakes
  52 ironbound convokers
  189 swamp dragons
  23 bog bodies
  A fenstrider witch simulacrum (Tomb:2)
  A spectral hydra (Tar:5)
  27 tengu zombies
  257 orb spiders
  103 orc knights
  20 golden dragon skeletons
  6 spectral iron dragons
  6 lindwurms (shapeshifter)
  21 sphinx zombies
  13 wizards
  12 obsidian statues
  11 spriggan simulacra
  17 iron dragon zombies
  29 necromancers
  11 lindwurms
  4 harpies (shapeshifter)
  17 shadow dragon zombies
  366 deep elf pyromancers
  107 phantasmal warriors
  2 glowing shapeshifters
  A spectral ettin (Tar:5)
  16 mana vipers (shapeshifter)
  128 ugly things
  135 harpies
  69 manticores
  56 shining eyes
  139 wolf spiders
  4 frost giant zombies
  62 mana vipers
  389 deep elf zephyrmancers
  10 cyclopes (shapeshifter)
  6 wolf spiders (shapeshifter)
  8 moths of wrath (shapeshifter)
  52 fauns
  2 fire giant zombies
  22 sphinx skeletons
  157 orc sorcerers
  37 salamanders
  11 shining eyes (shapeshifter)
  27 tengu skeletons
  3 salamanders (shapeshifter)
  7 fauns (shapeshifter)
  16 shadow dragon skeletons
  16 worldbinders
  7 manticores (shapeshifter)
  60 will-o-the-wisps
  A jorogumo skeleton (Crypt:2)
  296 moths of wrath
  A dire elephant zombie (Crypt:2)
  59 cyclopes
  2 stone giant zombies
  41 oklob plants
  A fire giant skeleton (Zig:7)
  5 water nymphs (shapeshifter)
  56 elephants
  15 rust devils
  3 naga zombies
  6 elephants (shapeshifter)
  50 vault sentinels
  8 eyes of devastation (shapeshifter)
  A frost giant skeleton (Zig:7)
  128 apocalypse crabs
  373 black mambas
  39 merfolk sirens
  Maurice (Orc:2)
  7 guardian serpents (shapeshifter)
  9 titan simulacra
  12 iron dragon skeletons
  4 black mambas (shapeshifter)
  338 torpor snails
  156 smoke demons
  7 centaur zombies
  34 eyes of devastation
  182 naga magi
  19 ice statues
  214 water nymphs
  149 guardian serpents
  An alligator snapping turtle zombie (Tomb:2)
  17 molten gargoyles
  217 hellions
  5 storm dragon simulacra
  31 rime drakes
  6 torpor snails (shapeshifter)
  55 orange demons
  3 cane toads (shapeshifter)
  2 dire elephant skeletons
  5 unseen horrors
  24 gargoyles
  2 unseen horrors (shapeshifter)
  A rime drake (shapeshifter) (Zig:23)
  133 cane toads
  6 naga skeletons
  2 orc skeletons (Crypt:2)
  7 yaktaurs (shapeshifter)
  111 demonic crawlers
  A centaur skeleton (Crypt:2)
  91 komodo dragons
  14 yaktaurs
  5 anaconda simulacra
  26 freezing wraiths
  6 komodo dragons (shapeshifter)
  3 spark wasp simulacra
  174 tormentors
  2 alligator snapping turtle skeletons
  65 efreet
  7 golden dragon simulacra
  3 spectral glowing shapeshifters (Zig:18)
  13 ice devils
  2 iron giant simulacra (Coc:7)
  2 bunyip simulacra
  4 tengu conjurers
  2 harpy zombies
  41 hellwings
  2 queen bees (shapeshifter)
  2 spectral harpies
  6 catoblepas skeletons
  20 red devils
  A sea snake skeleton (Crypt:2)
  141 ancient zymes
  24 meliai
  88 trolls
  4 yaktaur skeletons (Vaults:3)
  849 guardian mummies
  7 harpy skeletons
  32 polar bears
  23 bloated husks
  7 tengu simulacra
  5 meliai (shapeshifter)
  4 tyrant leeches (shapeshifter)
  2 merfolk (shapeshifter)
  7 silent spectres
  5 polar bears (shapeshifter)
  A sphinx simulacrum (Zig:12)
  2 trolls (shapeshifter)
  56 wind drakes
  208 merfolk
  4 tarantellas (shapeshifter)
  332 hornets
  Grinder (D:3)
  6 shadow dragon simulacra
  37 tyrant leeches
  5 wind drakes (shapeshifter)
  38 blink frogs
  7 iron dragon simulacra
  2 raiju (shapeshifter)
  113 tarantellas
  An ettin zombie (Crypt:2)
  61 raiju
  2 blink frogs (shapeshifter)
  3 hornets (shapeshifter)
  26 dream sheep
  265 slime creatures
  4 frost giant simulacra
  A stone giant simulacrum (Coc:1)
  50 snapping turtles
  17 dream sheep (shapeshifter)
  8 snapping turtles (shapeshifter)
  5 slime creatures (shapeshifter)
  101 jumping spiders
  A satyr skeleton (Crypt:2)
  4 culicivoras (shapeshifter)
  372 flying skulls
  6 jumping spiders (shapeshifter)
  7 vampires
  An ettin skeleton (Pan)
  A fire giant simulacrum (Zig:12)
  3 spriggans (shapeshifter)
  99 air elementals
  2 ice dragon skeletons (Crypt:2)
  72 ynoxinuls
  2 wyverns (shapeshifter)
  26 wyverns
  136 yaks
  37 basilisks
  28 spriggans
  172 water elementals
  14 wraiths
  2 yaks (shapeshifter)
  76 culicivoras
  4 shadows
  5 dire elephant simulacra
  A fire dragon skeleton (Crypt:2)
  A human (shapeshifter) (Zig:22)
  2 fire bats (Depths:3)
  334 ushabtiu
  2 basilisks (shapeshifter)
  37 golden eyes
  A hog (shapeshifter) (Zig:21)
  An alligator snapping turtle simulacrum (Coc:1)
  133 fire elementals
  16 humans
  80 chaos spawn
  25 vampire mosquitoes
  11 harpy simulacra
  195 redbacks
  13 redbacks (shapeshifter)
  89 neqoxecs
  9 spatial vortices
  99 wargs
  9 swamp worms (shapeshifter)
  122 nagas
  2 nagas (shapeshifter)
  7 acid dragons
  18 glowing shapeshifter zombies
  A water moccasin (shapeshifter) (Depths:2)
  A hydra simulacrum (Coc:6)
  14 small abominations
  123 water moccasins
  66 hell hounds
  3 ice beasts (Zig:8)
  16 floating eyes
  7 swamp drakes
  9 floating eyes (shapeshifter)
  2 black bears (shapeshifter)
  An ice beast (shapeshifter) (Zig:22)
  370 orc warriors
  21 glowing shapeshifter skeletons
  3 elephant zombies (Lair:3)
  4 ettin simulacra
  2 sky beasts (shapeshifter)
  11 black bears (Lair:5)
  A sky beast (D:7)
  167 ogres
  34 wolves
  A centaur (shapeshifter) (Vaults:5)
  An ogre (shapeshifter) (Zig:27)
  A torpor snail zombie (Crypt:1)
  8 boggarts
  20 centaurs
  A phantom (D:5)
  An elf simulacrum (Vaults:3)
  8 kobold brigands
  8 bullfrogs
  2 komodo dragon zombies (Lair:3)
  A human skeleton (Vaults:3)
  5 gnoll sergeants
  5 necrophages
  A scorpion (D:5)
  5 naga simulacra
  A wyvern zombie (Crypt:2)
  A demonspawn simulacrum (Hell)
  3 glowing shapeshifter simulacra
  4 wights (D:9)
  130 earth elementals
  A wyvern skeleton (Crypt:1)
  A cyclops skeleton (Crypt:1)
  An oklob sapling (D:8)
  6 killer bees
  A floating eye simulacrum (Zig:8)
  A killer bee (shapeshifter) (Depths:2)
  A swamp dragon simulacrum (Coc:1)
  8 howler monkeys
  8 electric eels
  16 crimson imps
  A human simulacrum (Vaults:3)
  A basilisk zombie (Lair:3)
  2 hounds
  5 gnoll boudas
  4 human zombies
  65 orc priests
  3 iron imps (D:7)
  Terence (D:3)
  2 boggart zombies
  9 iguanas
  55 orc wizards
  Natasha (thrice) (D:3)
  6 hell rats
  8 lightning spires
  1389 mummies
  10 gnolls
  14 adders
  10 river rats
  2 swamp drake zombies (Crypt:1)
  A white imp (Zig:25)
  4 worms
  2 dart slugs
  An orc (shapeshifter) (Zig:23)
  110 orcs
  15 ball pythons
  7 bats
  5 endoplasms
  3 giant cockroaches
  7 goblins
  4 hobgoblins
  2 jackals (D:8)
  35 kobolds
  4 quokkas
  6 frilled lizards
  A frilled lizard zombie (Crypt:2)
  A kobold skeleton (Crypt:1)
  19 rats
  A river rat zombie (Crypt:1)
  17 ball lightnings
  A block of ice (Zig:16)
  47 briar patches
  4 creeping infernos
  117 fire vortices
  18 lost souls
  A lurking horror (Abyss:4)
  12 plants
  41 starspawn tentacles
  6 tentacles
38368 creatures vanquished.

Vanquished Creatures (collateral kills)
  An ancient lich (Zig:18)
  A royal mummy (Zig:15)
  A golden dragon (Zig:18)
  2 pandemonium lords
  A titan (Zig:18)
  2 demonspawn warmongers
  A green death (Zig:17)
  A blizzard demon (Pan)
  A hell beast (Zig:17)
  An alligator snapping turtle (Zig:26)
  A ynoxinul (Zig:17)
  2 mummies (Zig:15)
  A lurking horror (Abyss:4)
16 creatures vanquished.

Vanquished Creatures (others)
  The ghost of reasonance the Anchorite, a legendary HOMo of Zin (Zig:20)
  A juggernaut (Zig:9)
  The ghost of Denobboc the Imperceptible, a legendary OpMo of Jiyva (Zig:20)
  The ghost of Talannal the Sharpshooter, a legendary GnHW of Cheibriados (Zig:20)
  The ghost of stevelinton the Ninja, a legendary KoBe of Trog (Zig:20)
  2 curse toes (Zig:20)
  5 Killer Klowns
  2 golden dragons
  10 tentacled monstrosities
  35 pandemonium lords
  3 quicksilver dragons (shapeshifter)
  A deep elf blademaster (Zig:25)
  An eldritch tentacle (Zig:22)
  A thorn hunter (Zig:25)
  2 sphinxes (shapeshifter)
  A shadow dragon (Zig:20)
  A shadow dragon (shapeshifter) (Zig:10)
  3 nagarajas
  2 azure jellies (shapeshifter)
  A fenstrider witch (Zig:17)
  3 fenstrider witches (shapeshifter)
  A draconian knight (Zig:17)
  A frost giant (shapeshifter) (Zig:26)
  2 cacodemons
  An emperor scorpion (shapeshifter) (Zig:27)
  2 balrugs
  A draconian scorcher (Zig:12)
  A draconian shifter (Zig:13)
  A ghost moth (Zig:20)
  A broodmother (Zig:20)
  8 very ugly things
  A green draconian (Zig:13)
  An eleionoma (Zig:19)
  2 bunyips
  2 deep elf annihilators (Pan)
  4 dire elephants (shapeshifter)
  3 eidola (Zig:20)
  A blizzard demon (Zig:21)
  3 green deaths
  A fire dragon (Zig:18)
  A shambling mangrove (Zig:25)
  7 hydras
  2 rakshasas (Pan)
  A hell beast (Zig:23)
  A ghost crab (Zig:17)
  An alligator snapping turtle (Zig:14)
  An alligator snapping turtle (shapeshifter) (Zig:23)
  A jorogumo (shapeshifter) (Zig:26)
  2 naga warriors
  An anaconda (Zig:17)
  A dancing weapon (Zig:24)
  An alligator (Zig:17)
  A naga sharpshooter (Zig:12)
  A death yak (shapeshifter) (Zig:10)
  5 spriggans
  A soul eater (Zig:25)
  A wretched star (Zig:25)
  2 death drakes (Zig:17)
  A spriggan druid (Zig:19)
  A deep troll (Depths:4)
  3 swamp dragons
  A harpy (shapeshifter) (Zig:21)
  2 lindwurms (shapeshifter)
  A phantasmal warrior (Zig:20)
  A swamp dragon (shapeshifter) (Zig:15)
  A deep elf zephyrmancer (Zig:20)
  3 will-o-the-wisps
  3 shining eyes (shapeshifter) (Zig:21)
  A faun (shapeshifter) (Zig:27)
  4 ugly things
  A cyclops (shapeshifter) (Zig:15)
  A guardian serpent (shapeshifter) (Zig:21)
  A salamander (shapeshifter) (Zig:15)
  A moth of wrath (Spider:4)
  A black mamba (Zig:17)
  13 apocalypse crabs
  A water nymph (shapeshifter) (Zig:21)
  A naga mage (Zig:17)
  2 hellions
  A storm dragon simulacrum (Zig:22)
  A demonic crawler (Zig:20)
  A komodo dragon (shapeshifter) (Zig:21)
  2 wind drakes (Pan)
  16 hornets
  A bloated husk (Zig:17)
  A merfolk (shapeshifter) (Zig:15)
  3 dream sheep (shapeshifter)
  A jumping spider (shapeshifter) (Zig:23)
  An air elemental (Zig:23)
  4 water elementals
  8 chaos spawn
  A warg (shapeshifter) (Zig:21)
  An acid dragon (shapeshifter) (Zig:23)
  A swamp worm (shapeshifter) (Zig:17)
  2 floating eyes (shapeshifter) (Zig:21)
  A swamp drake (Zig:17)
  A black bear (shapeshifter) (Zig:21)
  An orc (Orc:1)
  14 ball lightnings
  2 briar patches
  A bush (D:8)
  A creeping inferno (Geh:6)
  367 fire vortices
  13 foxfires
  41 fungi
  30 lost souls
  152 plants
  21 starspawn tentacles
  14 tentacles
  4 withered plants (D:12)
898 creatures vanquished.

Grand Total: 39282 creatures vanquished

Notes
Turn   | Place    | Note
-------+----------+-------------------------------------------
     0 | D:1      | dunno567 the Gargoyle Conjurer began the quest for the Orb.
     0 | D:1      | Reached XP level 1. HP: 10/10 MP: 3/3
    50 | D:1      | Found a faded altar of an unknown god.
   318 | D:1      | Reached XP level 2. HP: 15/15 MP: 1/5
   845 | D:1      | Reached skill level 5 in Conjurations
  1100 | D:2      | Reached XP level 3. HP: 19/19 MP: 4/6
  1342 | D:2      | Learned a level 2 spell: Searing Ray
  1873 | D:2      | Reached XP level 4. HP: 24/24 MP: 5/8
  2119 | D:3      | Noticed Natasha
  2548 | D:3      | Killed Natasha
  2557 | D:3      | Noticed Natasha
  2569 | D:3      | Killed Natasha
  2570 | D:3      | Reached XP level 5. HP: 28/28 MP: 1/9
  2648 | D:3      | Identified the +5 short sword of Ciahe {venom, Fragile
                  | rElec rN++}
  2728 | D:3      | Noticed Natasha
  2731 | D:3      | Killed Natasha
  2977 | D:3      | Noticed Terence
  2983 | D:3      | Killed Terence
  3266 | D:3      | Noticed Grinder
  3274 | D:3      | Killed Grinder
  3275 | D:3      | Reached XP level 6. HP: 30/32 MP: 1/12
  3488 | D:4      | Reached XP level 7. HP: 25/36 MP: 4/13
  3655 | D:4      | Found a blossoming altar of Fedhas.
  4019 | D:4      | Found a staircase to the Ecumenical Temple.
  4037 | Temple   | Entered the Ecumenical Temple
  4401 | Temple   | Became a worshipper of Vehumet
  4778 | D:4      | Found a shimmering blue altar of Sif Muna.
  4831 | D:5      | Entered Level 5 of the Dungeon
  4901 | D:5      | Reached skill level 1 in Translocations
  4906 | D:5      | Learned a level 4 spell: Iskenderun's Mystic Blast
  4984 | D:5      | Found a glowing drain.
  5261 | Sewer    | Entered a sewer
  5558 | Sewer    | Reached * piety under Vehumet
  5558 | Sewer    | Offered knowledge of Foxfire by Vehumet.
  5799 | Sewer    | Reached XP level 8. HP: 36/41 MP: 9/15
  6040 | Sewer    | Reached skill level 5 in Spellcasting
  6137 | Sewer    | Offered knowledge of Sandblast by Vehumet.
  6137 | Sewer    | Reached ** piety under Vehumet
  6208 | Sewer    | Identified the +0 flail "Vymom" {freeze, *Rage rElec rCorr
                  | Dex-4}
  6630 | D:5      | Found Gigeblud's Firing Range.
  6705 | D:5      | Reached skill level 1 in Transmutations
  7723 | D:6      | Found a stormy altar of Qazlal.
  7963 | D:7      | Noticed a wyvern
  7972 | D:6      | Reached XP level 9. HP: 41/45 MP: 3/17
  8039 | D:7      | Reached skill level 10 in Conjurations
  8379 | D:7      | Noticed a hornet
  8387 | D:7      | Killed a hornet
  8716 | D:7      | Offered knowledge of Poisonous Vapours by Vehumet.
  8723 | D:7      | Learned a level 5 spell: Irradiate
  8898 | D:7      | Found an opulent altar of Gozag.
  9033 | D:7      | Found a burning altar of Makhleb.
  9187 | D:8      | Noticed Erica
  9197 | D:8      | Killed Erica
  9198 | D:8      | Reached skill level 5 in Translocations
  9198 | D:8      | Reached XP level 10. HP: 6/50 MP: 5/20
  9797 | D:8      | Reached *** piety under Vehumet
  9857 | D:8      | Found a shadowy altar of Dithmenos.
 10006 | D:8      | Found a glowing golden altar of the Shining One.
 10982 | D:9      | Offered knowledge of Inner Flame by Vehumet.
 11758 | D:9      | Noticed a two-headed ogre
 11775 | D:9      | Killed a two-headed ogre
 12154 | D:9      | Learned a level 3 spell: Inner Flame
 12429 | D:9      | Found an ancient bone altar of Kikubaaqudgha.
 12608 | D:10     | Entered Level 10 of the Dungeon
 12611 | D:10     | Reached XP level 11. HP: 54/54 MP: 19/23
 12715 | D:10     | Reached **** piety under Vehumet
 13093 | D:10     | Noticed a two-headed ogre
 13101 | D:10     | Killed a two-headed ogre
 13568 | D:10     | Learned a level 7 spell: Orb of Destruction
 13819 | D:10     | Found a sparkling altar of Nemelex Xobeh.
 13930 | D:10     | Offered knowledge of Olgreb's Toxic Radiance by Vehumet.
 13977 | D:10     | Found a white marble altar of Elyvilon.
 14128 | D:10     | Noticed a two-headed ogre
 14132 | D:10     | Killed a two-headed ogre
 14507 | D:10     | Found Cocops's Assorted Antiques.
 14515 | D:10     | Bought a scroll of identify for 54 gold pieces
 14515 | D:10     | Bought a smoky golden potion for 24 gold pieces
 14515 | D:10     | Bought an orange potion for 24 gold pieces
 14515 | D:10     | Bought a grey potion for 24 gold pieces
 14880 | D:11     | Noticed a death yak
 14880 | D:11     | Noticed a death yak
 14883 | D:11     | Killed a death yak
 14890 | D:11     | Killed a death yak
 15332 | D:11     | Noticed Sonja
 15339 | D:11     | Killed Sonja
 15505 | D:11     | Reached XP level 12. HP: 53/59 MP: 11/25
 16095 | D:11     | Reached ***** piety under Vehumet
 16332 | D:11     | Offered knowledge of Eringya's Noxious Bog by Vehumet.
 16405 | D:11     | Reached skill level 15 in Conjurations
 16421 | D:11     | Found a staircase to the Orcish Mines.
 16446 | D:11     | Found a staircase to the Lair.
 16489 | D:11     | Reached skill level 1 in Shields
 16594 | D:11     | Noticed a death yak
 16602 | D:11     | Killed a death yak
 16853 | D:11     | Noticed Harold
 16857 | D:11     | Killed Harold
 17158 | D:12     | Noticed a two-headed ogre
 17163 | D:12     | Killed a two-headed ogre
 17164 | D:12     | Reached skill level 10 in Spellcasting
 17716 | D:12     | Noticed a two-headed ogre
 17725 | D:12     | Killed a two-headed ogre
 18424 | D:12     | Found a sparkling altar of Nemelex Xobeh.
 18499 | D:12     | Reached XP level 13. HP: 51/63 MP: 14/28
 18703 | D:13     | Noticed Urug
 18703 | D:13     | Found a gate to the Vaults.
 19119 | D:13     | Found Jyrraav's Distillery.
 19127 | D:13     | Bought 2 potions of heal wounds for 140 gold pieces
 19231 | D:13     | Reached skill level 1 in Earth Magic
 19255 | D:13     | Killed Urug
 19256 | D:13     | Reached skill level 1 in Fighting
 19256 | D:13     | Reached skill level 1 in Armour
 19461 | D:13     | Learned a level 6 spell: Iron Shot
 20763 | D:14     | Identified the +0 tower shield of the Pleiades {+Blink
                  | rElec Int+4 Dex+4}
 20763 | D:14     | Noticed Louise
 20857 | D:14     | Reached skill level 5 in Earth Magic
 21879 | D:14     | Identified a scroll of acquirement
 21879 | D:14     | Acquired the Volume of Destructive Excavation
 22094 | D:14     | Killed Louise
 22095 | D:14     | Gained mutation: Your large and strong wings let you fly.
                  | [Gargoyle growth]
 22095 | D:14     | Reached XP level 14. HP: 76/76 MP: 6/30
 22821 | D:15     | Entered Level 15 of the Dungeon
 22943 | D:15     | Learned a level 4 spell: Petrify
 22949 | D:15     | Learned a level 5 spell: Lee's Rapid Deconstruction
 23098 | D:15     | Reached skill level 5 in Fighting
 24080 | D:15     | Found a staircase to the Depths.
 24347 | Lair:1   | Entered Level 1 of the Lair of Beasts
 24514 | Lair:1   | Offered knowledge of Flame Wave by Vehumet.
 25064 | Lair:1   | Found a hazy altar of Hepliaklqana.
 25066 | Lair:1   | Reached skill level 5 in Dodging
 25795 | Lair:2   | Gained mutation: You occasionally lose the ability to drink
                  | potions when taking damage. [mutagenic glow]
 26724 | Lair:2   | Acquired the amulet of Ywyg {rElec rC+ Regen+ Dex+3}
 26769 | Lair:3   | Found a hole to the Spider Nest.
 26819 | Lair:3   | Reached skill level 10 in Earth Magic
 27120 | Lair:3   | Found a staircase to the Shoals.
 27694 | Lair:3   | Reached XP level 15. HP: 84/84 MP: 24/31
 28872 | Lair:4   | Offered knowledge of Starburst by Vehumet.
 30030 | Lair:5   | Entered Level 5 of the Lair of Beasts
 30034 | Lair:5   | Learned a level 2 spell: Blink
 30465 | Lair:5   | Offered knowledge of Fireball by Vehumet.
 30626 | Lair:5   | Found a viscous altar of Jiyva.
 30837 | Lair:5   | Found a staircase to the Slime Pits.
 30858 | Lair:5   | Learned a level 5 spell: Fireball
 31481 | Lair:5   | Reached skill level 1 in Fire Magic
 31997 | Lair:5   | Offered knowledge of Freezing Cloud by Vehumet.
 32143 | Lair:5   | Reached XP level 16. HP: 92/92 MP: 12/33
 32811 | Orc:1    | Entered Level 1 of the Orcish Mines
 33542 | Orc:2    | Entered Level 2 of the Orcish Mines
 33773 | Orc:2    | Noticed Maurice
 33951 | Orc:2    | Killed Maurice
 34418 | Orc:2    | Lost mutation: You occasionally lose the ability to drink
                  | potions when taking damage. [potion of mutation]
 34418 | Orc:2    | Gained mutation: Your flesh is heat resistant. (rF+)
                  | [potion of mutation]
 34418 | Orc:2    | Gained mutation: You are clumsy. (Dex -2) [potion of
                  | mutation]
 34673 | Orc:2    | Found a staircase to the Elven Halls.
 34693 | Orc:2    | Reached ****** piety under Vehumet
 34852 | Orc:2    | Found Ehemall's Weapon Boutique.
 34936 | Orc:2    | Offered knowledge of Iskenderun's Battlesphere by Vehumet.
 34956 | Orc:2    | Learned a level 5 spell: Iskenderun's Battlesphere
 35129 | Orc:2    | Found Suyqaruc's Antique Armour Shop.
 35129 | Orc:2    | Found Ychuh's Distillery.
 35252 | Orc:2    | Found Rumegim's Weapon Shop.
 35252 | Orc:2    | Found Aviagiti's Weapon Shoppe.
 35710 | Spider:1 | Entered Level 1 of the Spider Nest
 35712 | Spider:1 | Noticed Jorgrun
 35879 | Elf:1    | Entered Level 1 of the Elven Halls
 36508 | Elf:1    | Reached skill level 15 in Earth Magic
 36676 | Elf:1    | Reached skill level 5 in Fire Magic
 37994 | Elf:1    | Reached XP level 17. HP: 84/96 MP: 22/35
 38746 | Elf:2    | Identified Roxanne's Quarto of Bedrock
 38746 | Elf:2    | Noticed Roxanne
 38750 | Elf:2    | Killed Roxanne
 39048 | Elf:2    | Offered knowledge of Ignition by Vehumet.
 39601 | Elf:2    | Found a large runed translucent door.
 39601 | Elf:2    | Found a large runed translucent door.
 39665 | Elf:2    | Found a large runed translucent door.
 39665 | Elf:2    | Found a large runed translucent door.
 39862 | Elf:2    | Gained mutation: Your spells are a little easier to cast,
                  | but a little less powerful. [mutagenic glow]
 39902 | Elf:2    | Lost mutation: Your flesh is heat resistant. (rF+) [potion
                  | of mutation]
 39902 | Elf:2    | Lost mutation: Your spells are a little easier to cast, but
                  | a little less powerful. [potion of mutation]
 39902 | Elf:2    | Lost mutation: You are clumsy. (Dex -2) [potion of
                  | mutation]
 39902 | Elf:2    | Gained mutation: Your spells are a little easier to cast,
                  | but a little less powerful. [potion of mutation]
 39902 | Elf:2    | Gained mutation: You occasionally lose the ability to drink
                  | potions when taking damage. [potion of mutation]
 39903 | Elf:2    | Lost mutation: Your spells are a little easier to cast, but
                  | a little less powerful. [potion of mutation]
 39903 | Elf:2    | Lost mutation: You occasionally lose the ability to drink
                  | potions when taking damage. [potion of mutation]
 39903 | Elf:2    | Gained mutation: You possess an exceptional clarity of
                  | mind. [potion of mutation]
 39903 | Elf:2    | Gained mutation: You have a pair of small horns on your
                  | head. [potion of mutation]
 39988 | Elf:2    | Reached skill level 15 in Spellcasting
 39997 | Elf:2    | Learned a level 8 spell: Ignition
 40264 | Elf:3    | Entered Level 3 of the Elven Halls
 40353 | Elf:3    | Found Exetan's Antique Armour Emporium.
 40355 | Elf:3    | Found Nuutoenn's Assorted Antiques.
 40358 | Elf:3    | Found Duvuk's General Store.
 40820 | Elf:3    | Noticed an Ice Fiend
 41565 | Elf:3    | Identified the +10 triple sword of the Crafting Gods
                  | {antimagic, Dex+3}
 41565 | Elf:3    | Identified the ring "Dasm" {rPois Str-2 Dex+10}
 42047 | Elf:3    | Identified the +4 triple sword of Unreason {flame, rCorr
                  | MP+9 Str-3 SInv}
 42250 | Elf:3    | Noticed a deep elf master archer
 42251 | Elf:3    | Noticed a deep elf blademaster
 42256 | Elf:3    | Killed a deep elf master archer
 42262 | Elf:3    | Noticed a deep elf master archer
 42767 | Elf:3    | Reached XP level 18. HP: 43/105 MP: 27/37
 42836 | Elf:3    | Noticed a Hell Sentinel
 42882 | Elf:3    | Identified the +7 mace of the Brewing Gods {flame, rN++
                  | SInv}
 43031 | Elf:3    | Noticed a deep elf blademaster
 43121 | Elf:3    | Killed a deep elf blademaster
 43245 | Elf:3    | Noticed a deep elf blademaster
 43255 | Elf:3    | Killed a deep elf blademaster
 43557 | Elf:3    | Killed a deep elf master archer
 43558 | Elf:3    | Killed a deep elf blademaster
 44475 | Elf:3    | Got Advanced Steps in Witchery
 44495 | Elf:3    | Identified the +3 dagger of Parts Unknown {drain, rPois
                  | rCorr Str+4 Dex+4}
 44640 | Elf:3    | Bought a faintly glowing robe for 171 gold pieces
 44640 | Elf:3    | Identified the +2 robe "Zoifee Neurch" {rF+ Int-4 Dex+7}
                  | (You bought it in a shop on level 3 of the Elven Halls)
 44640 | Elf:3    | Bought a tattered robe for 171 gold pieces
 44640 | Elf:3    | Identified the +0 robe of Servitude {rC+ Str+3 Dex-2} (You
                  | bought it in a shop on level 3 of the Elven Halls)
 45030 | Lair:3   | Killed Jorgrun
 45947 | Spider:1 | Offered knowledge of Lehudib's Crystal Spear by Vehumet.
 45947 | Spider:1 | Offered knowledge of Fire Storm by Vehumet.
 45947 | Spider:1 | Offered knowledge of Chain Lightning by Vehumet.
 46853 | Spider:2 | Noticed Arachne
 46865 | Spider:2 | Killed Arachne
 48594 | Spider:3 | Found a transporter.
 48760 | Spider:3 | Identified the +1 ring mail of Fallacy {+Blink}
 48896 | Spider:3 | Found a transporter.
 49013 | Spider:3 | Reached XP level 19. HP: 66/110 MP: 12/39
 49199 | Spider:3 | Found a runed translucent door.
 49201 | Spider:3 | Noticed Xeamaschicaq's ghost (adept DrIE)
 49329 | Spider:3 | Killed Xeamaschicaq's ghost
 49414 | Spider:3 | Acquired 834 gold pieces
 49441 | Spider:4 | Entered Level 4 of the Spider Nest
 49539 | Spider:4 | Noticed Asterion
 49744 | Spider:4 | Killed Asterion
 51832 | Spider:4 | Got a gossamer rune of Zot
 52101 | Slime:1  | Entered Level 1 of the Pits of Slime
 52103 | Slime:1  | Gained mutation: You do not regenerate when monsters are
                  | visible. [a shining eye]
 52104 | Slime:1  | Gained mutation: You are frail. (-10% HP) [a shining eye]
 52276 | Shoals:1 | Entered Level 1 of the Shoals
 52276 | Shoals:1 | Found Raysen's Jewellery Boutique.
 52694 | D:10     | Bought a scroll of amnesia for 108 gold pieces
 52705 | D:10     | Learned a level 9 spell: Shatter
 52927 | Lair:5   | Reached XP level 20. HP: 103/103 MP: 34/41
 52950 | Lair:5   | Lost mutation: You are frail. (-10% HP) [potion of
                  | mutation]
 52950 | Lair:5   | Lost mutation: You possess an exceptional clarity of mind.
                  | [potion of mutation]
 52950 | Lair:5   | Lost mutation: You do not regenerate when monsters are
                  | visible. [potion of mutation]
 52950 | Lair:5   | Gained mutation: You have a pair of horns on your head.
                  | [potion of mutation]
 52950 | Lair:5   | Gained mutation: You expend magic power (3 MP) to
                  | strengthen your wands. [potion of mutation]
 52950 | Lair:5   | Gained mutation: You are weak. (Str -2) [potion of
                  | mutation]
 52950 | Lair:5   | Gained mutation: You passively dampen the noise of your
                  | surroundings. [potion of mutation]
 52951 | Lair:5   | Lost mutation: You expend magic power (3 MP) to strengthen
                  | your wands. [potion of mutation]
 52951 | Lair:5   | Lost mutation: You passively dampen the noise of your
                  | surroundings. [potion of mutation]
 52951 | Lair:5   | Lost mutation: You are weak. (Str -2) [potion of mutation]
 52951 | Lair:5   | Gained mutation: Your spells are a little harder to cast,
                  | but a little more powerful. [potion of mutation]
 52951 | Lair:5   | Gained mutation: Your muscles are strong. (Str +4, Int/Dex
                  | -1) [potion of mutation]
 53315 | Shoals:1 | Noticed Mlioglotl
 53322 | Shoals:1 | Killed Mlioglotl
 54034 | Shoals:2 | Noticed diceflayer's ghost (adept DsFi)
 54034 | Shoals:2 | Found a runed translucent door.
 54034 | Shoals:2 | Found a shimmering altar of Xom.
 55495 | Shoals:2 | Killed diceflayer's ghost
 55883 | Shoals:3 | Reached XP level 21. HP: 101/120 MP: 29/42
 57228 | Shoals:4 | Entered Level 4 of the Shoals
 57398 | Shoals:4 | Reached skill level 10 in Fire Magic
 57946 | Shoals:4 | Found Moore's Dragon-Slaying Spoils.
 57989 | Shoals:4 | Got a barnacled rune of Zot
 58087 | Shoals:4 | Found Nonoesh's CLEARANCE SALE!.
 58095 | Shoals:4 | Bought the +2 sling of a ziggurat {venom, rPois rC+ rN+
                  | rCorr} for 238 gold pieces
 59325 | Vaults:1 | Entered Level 1 of the Vaults
 59410 | Vaults:1 | Noticed Aizul
 59413 | Vaults:1 | Killed Aizul
 59908 | Vaults:1 | Found a portal to a secret trove of treasure.
 59917 | Vaults:1 | Found Pyske's Antique Armour Boutique.
 59934 | Vaults:1 | Bought a glimmering cloak for 228 gold pieces
 59934 | Vaults:1 | Identified the +0 cloak "Moikk" {Rampage +Inv rN+++ Dex-3}
                  | (You bought it in a shop on level 1 of the Vaults)
 60153 | Trove    | Entered a treasure trove
 60167 | Trove    | Got Sif Muna's Omnibus of Called Moulding
 60173 | Trove    | Got the Papyrus of Mercurial Enchantment
 60211 | Trove    | Got the Precepts of Twisted Arcane Weapons
 60214 | Trove    | Got Sif Muna's Secrets of Blasting
 60217 | Trove    | Got the Compilation of Wintry Direction
 60223 | Trove    | Got Goohunto's Exposition on Conduction and Forms
 61130 | D:7      | Fell from the grace of Vehumet
 61130 | D:7      | Became a worshipper of Gozag Ym Sagoz the Greedy
 61481 | Vaults:1 | Found a runed translucent gate.
 61481 | Vaults:1 | Found a runed translucent gate.
 61481 | Vaults:1 | Found a runed translucent gate.
 61482 | Vaults:1 | Noticed Sianeop's ghost (adept GrFi)
 63421 | Vaults:2 | Found a staircase to the Crypt.
 63443 | Vaults:2 | Reached XP level 22. HP: 125/125 MP: 16/44
 66778 | Vaults:3 | Noticed Jory
 66778 | Vaults:3 | You are sucked into a shaft and drop 1 floor!
 67011 | Vaults:3 | Found Gisewn's Distillery.
 68318 | Vaults:3 | Bought a potion of heal wounds for 85 gold pieces
 68318 | Vaults:3 | Bought a potion of magic for 136 gold pieces
 68583 | Vaults:3 | Killed Jory
 69334 | Vaults:3 | Was forgiven by Vehumet
 70403 | Vaults:4 | Identified the +4 hand axe of the Ancients {speed, rCorr
                  | Int+3}
 70570 | Vaults:4 | Identified the +7 war axe "Asinunte" {flame, rF+ MP+9}
 70768 | Vaults:4 | Identified the +3 scale mail of Vekiuw {Str+4}
 71084 | Vaults:5 | Entered Level 5 of the Vaults
 71086 | Vaults:5 | Reached XP level 23. HP: 129/129 MP: 36/46
 71086 | Vaults:5 | Noticed a golden dragon
 71297 | Crypt:1  | Entered Level 1 of the Crypt
 72046 | Crypt:1  | Found a basalt altar of Yredelemnul.
 73491 | Crypt:2  | Reached skill level 15 in Fire Magic
 75992 | Crypt:3  | Entered Level 3 of the Crypt
 76434 | Crypt:3  | Acquired 659 gold pieces
 77457 | Crypt:3  | Reached XP level 24. HP: 135/135 MP: 24/46
 77466 | Crypt:3  | Noticed a dread lich
 77471 | Crypt:3  | Killed a dread lich
 77472 | Crypt:3  | Reached skill level 1 in Air Magic
 77800 | Crypt:3  | Reached skill level 1 in Necromancy
 78864 | Crypt:3  | Found an ancient bone altar of Kikubaaqudgha.
 79436 | Crypt:3  | Found a staircase to the Tomb.
 79636 | Crypt:3  | Learned a level 2 spell: Passwall
 80110 | Slime:1  | Gained mutation: You are dopey. (Int -2) [a shining eye]
 80180 | Lair:5   | Lost mutation: You have a pair of horns on your head.
                  | [potion of mutation]
 80180 | Lair:5   | Lost mutation: You are dopey. (Int -2) [potion of mutation]
 80180 | Lair:5   | Lost mutation: Your muscles are strong. (Str +4, Int/Dex
                  | -1) [potion of mutation]
 80180 | Lair:5   | Gained mutation: You have large cloven feet. [potion of
                  | mutation]
 80180 | Lair:5   | Gained mutation: You expend magic power (3 MP) to
                  | strengthen your wands. [potion of mutation]
 80180 | Lair:5   | Gained mutation: You have an increased reservoir of magic.
                  | (+10% MP) [potion of mutation]
 80180 | Lair:5   | Gained mutation: You possess an exceptional clarity of
                  | mind. [potion of mutation]
 80347 | Slime:2  | Reached skill level 1 in Ice Magic
 80833 | Slime:2  | Gained mutation: You occasionally lose the ability to drink
                  | potions when taking damage. [a shining eye]
 81217 | Slime:5  | Entered Level 5 of the Pits of Slime
 81242 | Slime:5  | Noticed the Royal Jelly
 81246 | Slime:5  | Found a viscous altar of Jiyva.
 81254 | Slime:5  | Killed the Royal Jelly
 81258 | Slime:5  | Reached skill level 10 in Fighting
 81275 | Slime:5  | Identified the +9 ring mail "Uduph" {*Corrode rPois rN++
                  | Dex+3}
 81288 | Slime:5  | Identified the +1 leather armour of Privacy {rF+ Dex+2}
 81295 | Slime:5  | Got the Volume of the Amassed Snake
 81448 | Slime:5  | Identified the +6 spear of Qazlal {vorpal, +Blink rC+}
 81490 | Slime:5  | Identified the +11 arbalest "Weexoe" {elec, rPois Stlth+}
 81492 | Slime:5  | Got a slimy rune of Zot
 81496 | Slime:5  | Identified the +1 robe "Pueseme" {rPois Int+4 Dex-5}
 81536 | Slime:5  | Got the Reference Book on Permutations and Incandescence
 81541 | Slime:5  | Identified the +0 plate armour of the Bulwark {Regen+}
 81548 | Slime:5  | Identified the +9 quarterstaff "Yviqiwk" {vorpal, Str+5}
 81612 | Slime:5  | Reached XP level 25. HP: 142/142 MP: 51/51
 81613 | Slime:5  | Reached XP level 26. HP: 148/148 MP: 51/51
 81663 | Slime:2  | You are sucked into a shaft and drop 1 floor!
 81959 | Depths:1 | Entered Level 1 of the Depths
 82550 | Depths:1 | Found a one-way gate to the infinite horrors of the Abyss.
 82875 | Shoals:4 | Bought the quicksilver dragon scales "Keuwno" {rPois Will+}
                  | for 1210 gold pieces
 83177 | Depths:1 | Found a one-way gate leading to the halls of Pandemonium.
 83196 | Depths:1 | Found Arphyutiq's Distillery.
 83199 | Depths:1 | Found Efevupnei's Antique Weapon Emporium.
 83199 | Depths:1 | Found Wuckem's General Store.
 83204 | Depths:1 | Bought a potion of magic for 96 gold pieces
 83204 | Depths:1 | Bought a potion of brilliance for 48 gold pieces
 83204 | Depths:1 | Bought a potion of haste for 120 gold pieces
 83204 | Depths:1 | Found Rogg's Antique Weapon Emporium.
 83207 | Depths:1 | Bought a smoking war axe for 144 gold pieces
 83207 | Depths:1 | Identified the +2 war axe of the Forest {vorpal, rPois
                  | Stlth+} (You bought it in a shop on level 1 of the Depths)
 83239 | Depths:1 | Found Junimu's General Store.
 83247 | Depths:1 | Bought a scroll of teleportation for 60 gold pieces
 83420 | Depths:1 | Found a gateway to Hell.
 83692 | Depths:1 | Identified the +0 scale mail of Xiteyg {Int-5 Dex+5}
 84047 | Depths:2 | Reached skill level 10 in Dodging
 84799 | Depths:2 | Noticed Sojobo
 84800 | Depths:2 | Reached XP level 27. HP: 139/153 MP: 42/51
 84949 | Depths:2 | Reached skill level 5 in Ice Magic
 84950 | Depths:2 | Killed Sojobo
 85449 | Depths:2 | Found a transporter.
 85449 | Depths:2 | Found a corrupted altar of Lugonu.
 86171 | Depths:2 | Identified the amulet of Temperance {rF+ rN+ Regen+}
 86176 | Depths:2 | Found a transporter.
 86749 | Depths:3 | Found a gateway to a bazaar.
 86759 | Bazaar   | Entered a bazaar
 86810 | Bazaar   | Found Pueshouh's Jewellery Boutique.
 86832 | Bazaar   | Found Ibasyk's Antique Armour Emporium.
 86837 | Bazaar   | Bought a warped cloak for 285 gold pieces
 86837 | Bazaar   | Identified the +2 cloak of the Hanged Man {rF+} (You bought
                  | it in a shop in a bazaar)
 86853 | Bazaar   | Found Huuceaz's Jewellery Boutique.
 86873 | Bazaar   | Found Zith's Antique Weapon Shoppe.
 87103 | Depths:3 | Noticed Vv
 87263 | Depths:3 | Killed Vv
 87886 | Depths:3 | Noticed a juggernaut
 87890 | Depths:3 | Killed a juggernaut
 88692 | Depths:3 | Found a hide-covered altar of Uskayaw.
 88702 | Depths:3 | Found a transporter.
 88892 | Depths:3 | Found a transporter.
 88973 | Depths:3 | Got the Catalogue of Adjuration
 88975 | Depths:3 | Identified the +5 war axe of Ahokkat {protect, rC++ Str+3}
 89213 | Depths:3 | Found a transporter.
 89273 | Depths:3 | Found a transporter.
 89312 | Depths:4 | Entered Level 4 of the Depths
 89746 | Depths:4 | Reached skill level 5 in Armour
 90757 | Depths:4 | Found a one-way gateway to a ziggurat.
 91104 | Depths:4 | Found a runed translucent gate.
 91104 | Depths:4 | Found a runed translucent gate.
 91104 | Depths:4 | Found a runed translucent gate.
 91105 | Depths:4 | Noticed p0werm0de's ghost (adept OpMo)
 91106 | Depths:4 | Found an opulent altar of Gozag.
 91106 | Depths:4 | Found Eckag's Assorted Antiques.
 91109 | Depths:4 | Found Plog's Assorted Antiques.
 91222 | Depths:4 | Found a gate to the Realm of Zot.
 91376 | Depths:4 | Killed p0werm0de's ghost
 91583 | Depths:4 | Bought a potion of heal wounds for 110 gold pieces
 91649 | Zot:1    | Entered Level 1 of the Realm of Zot
 93716 | Zot:2    | Reached skill level 10 in Ice Magic
 95065 | Zot:3    | Found a transporter.
 95186 | Zot:3    | Found a transporter.
 96069 | Zot:3    | Identified the +1 swamp dragon scales "Wuem Qytou" {-Tele
                  | rPois Str+7}
 96651 | Zot:3    | Noticed a dread lich
 96726 | Zot:3    | Killed a dread lich
 97128 | Zot:3    | Identified the ring "Xiunkod" {Will+ Dex+6}
 97147 | Zot:3    | Identified the ring of Uskayaw's Generosity {Ice Fly rElec
                  | Will++ Str-3}
 98526 | Zot:5    | Entered Level 5 of the Realm of Zot
 98529 | Zot:5    | Noticed a dread lich
 98677 | Zot:5    | Noticed a dread lich
 98678 | Zot:5    | Killed a dread lich
 98680 | Zot:5    | Killed a dread lich
 98682 | Zot:5    | Noticed an orb of fire
 98845 | Zot:4    | Learned a level 7 spell: Ozocubu's Refrigeration
 98854 | Zot:4    | Killed an orb of fire
 99108 | Zot:5    | Noticed a dread lich
 99110 | Zot:5    | Killed a dread lich
 99387 | Zot:5    | Noticed a dread lich
 99533 | Zot:5    | Killed a dread lich
 99534 | Zot:5    | Noticed an ancient lich
 99536 | Zot:5    | Killed an ancient lich
 99720 | Zot:5    | Noticed an orb of fire
 99879 | Zot:4    | Gained mutation: You are dopey. (Int -2) [an orb of fire]
 99881 | Zot:4    | Killed an orb of fire
101716 | Zot:5    | Noticed an ancient lich
101721 | Zot:5    | Killed an ancient lich
101722 | Zot:5    | Reached skill level 5 in Necromancy
102098 | Zot:5    | Noticed an orb of fire
102136 | Zot:5    | Killed an orb of fire
102153 | Zot:5    | Noticed an ancient lich
102156 | Zot:5    | Killed an ancient lich
102158 | Zot:5    | Noticed a dread lich
102160 | Zot:5    | Killed a dread lich
102224 | Zot:5    | Noticed an orb of fire
102227 | Zot:5    | Gained mutation: You are frail. (-10% HP) [an orb of fire]
102240 | Zot:5    | Lost mutation: You possess an exceptional clarity of mind.
                  | [an orb of fire]
102243 | Zot:5    | Killed an orb of fire
102244 | Zot:5    | Reached skill level 27 in Earth Magic
104004 | Zig:1    | Entered Level 1 of a ziggurat
104006 | Zig:1    | Reached skill level 10 in Armour
104087 | Zig:2    | Entered Level 2 of a ziggurat
104173 | Zig:2    | Identified the +0 fire dragon scales of Ixef {+Blink rF++
                  | rC- Regen+}
104175 | Zig:3    | Entered Level 3 of a ziggurat
104270 | Zig:4    | Entered Level 4 of a ziggurat
104272 | Zig:4    | Found the +7 lajatang of Order {silver, rMut}
104343 | Zig:4    | Reached skill level 5 in Transmutations
104347 | Zig:5    | Entered Level 5 of a ziggurat
104494 | Zig:6    | Entered Level 6 of a ziggurat
104560 | Zig:6    | Identified the +0 scale mail "Doheuh" {Str+8 Int-5}
104587 | Zig:7    | Entered Level 7 of a ziggurat
104671 | Zig:8    | Entered Level 8 of a ziggurat
104825 | Zig:9    | Entered Level 9 of a ziggurat
104986 | Zig:9    | Identified the +9 battleaxe "Hellblazer" {antimagic,
                  | Fragile rF+ rCorr Int+3}
105012 | Zig:10   | Entered Level 10 of a ziggurat
105156 | Zig:10   | Identified the +10 war axe of Intimidation {flame, rC+
                  | Will- Str+4}
105160 | Zig:10   | Identified the +4 flail of Atowkuto {vamp, Fly rF+ rC+}
105199 | Zig:11   | Entered Level 11 of a ziggurat
105206 | Zig:11   | Noticed a royal mummy
105207 | Zig:11   | Noticed a royal mummy
105209 | Zig:11   | Killed a royal mummy
105209 | Zig:11   | Killed a royal mummy
105405 | Zig:11   | Identified the amulet "Xepnotz" {Acrobat Fragile rF++
                  | Will+++ Slay+3}
105453 | Zig:12   | Entered Level 12 of a ziggurat
105668 | Zig:12   | Identified the ring "Toihae" {Fly rPois rF+ Dex-4 SInv}
105675 | Zig:12   | Identified the +0 ring mail of Happy Babbling {Rampage
                  | Int+2}
105726 | Zig:12   | Acquired 565 gold pieces
105730 | Zig:13   | Entered Level 13 of a ziggurat
105743 | Zig:13   | Noticed a juggernaut
105746 | Zig:13   | Killed a juggernaut
105926 | Zig:13   | Identified the ring "Peekkec" {rPois Dex+2 Stlth+}
105980 | Zig:14   | Entered Level 14 of a ziggurat
105995 | Zig:14   | Noticed a dread lich
105998 | Zig:14   | Killed a dread lich
105999 | Zig:14   | Reached skill level 10 in Necromancy
106010 | Zig:14   | Found the +3 pair of seven-league boots {Rampage+∞}
106162 | Zig:14   | Identified the +3 leather armour of the Five Ships {Harm
                  | Dex-2 SInv}
106164 | Zig:14   | Got Wupytu's Anthology of Toxicity and Damage Dealing
106230 | Zig:15   | Entered Level 15 of a ziggurat
106246 | Zig:15   | Reached skill level 10 in Transmutations
106445 | Zig:15   | Identified the +0 chain mail of Magic {rElec rF+ rC+}
106475 | Zig:16   | Entered Level 16 of a ziggurat
106600 | Zig:16   | Identified the +1 scale mail of Benevolence {rF+ rCorr
                  | Dex+4}
106613 | Zig:16   | Identified the +4 chain mail of Devotion {rElec rPois
                  | Will++ Stlth-}
106619 | Zig:16   | Identified the +8 mace "Ogias" {elec, rN+ Will+ Str+4
                  | Int+2}
106632 | Zig:16   | Identified the +5 shortbow of Ru's Reproof {vorpal, rC+
                  | Str+3 SInv Stlth-}
106676 | Zig:16   | Lost mutation: Your spells are a little harder to cast, but
                  | a little more powerful. [potion of mutation]
106676 | Zig:16   | Lost mutation: You have large cloven feet. [potion of
                  | mutation]
106676 | Zig:16   | Lost mutation: You have a pair of small horns on your head.
                  | [potion of mutation]
106676 | Zig:16   | Gained mutation: You sometimes lose the ability to drink
                  | potions when taking damage. [potion of mutation]
106676 | Zig:16   | Gained mutation: You are somewhat resistant to further
                  | mutation. [potion of mutation]
106677 | Zig:16   | Lost mutation: You sometimes lose the ability to drink
                  | potions when taking damage. [potion of mutation]
106677 | Zig:16   | Lost mutation: You are somewhat resistant to further
                  | mutation. [potion of mutation]
106677 | Zig:16   | Gained mutation: You are agile. (Dex +4, Str/Int -1)
                  | [potion of mutation]
106677 | Zig:16   | Gained mutation: Your body sometimes deteriorates upon
                  | taking damage. [potion of mutation]
106677 | Zig:16   | Gained mutation: Your spells are a little harder to cast,
                  | but a little more powerful. [potion of mutation]
106677 | Zig:16   | Gained mutation: Your muscles are strong. (Str +4, Int/Dex
                  | -1) [potion of mutation]
106678 | Zig:16   | Lost mutation: You are dopey. (Int -2) [potion of mutation]
106678 | Zig:16   | Lost mutation: You are frail. (-10% HP) [potion of
                  | mutation]
106678 | Zig:16   | Lost mutation: You expend magic power (3 MP) to strengthen
                  | your wands. [potion of mutation]
106678 | Zig:16   | Gained mutation: You have a pair of small horns on your
                  | head. [potion of mutation]
106678 | Zig:16   | Gained mutation: Your body often deteriorates upon taking
                  | damage. [potion of mutation]
106678 | Zig:16   | Gained mutation: You are partially covered in iridescent
                  | scales. (AC +2) [potion of mutation]
106678 | Zig:16   | Gained mutation: You have hidden genetic potential. [potion
                  | of mutation]
106679 | Zig:16   | Lost mutation: Your body often deteriorates upon taking
                  | damage. [potion of mutation]
106679 | Zig:16   | Lost mutation: You have a pair of small horns on your head.
                  | [potion of mutation]
106679 | Zig:16   | Gained mutation: You sometimes lose your temper in combat.
                  | [potion of mutation]
106680 | Zig:16   | Lost mutation: You occasionally lose the ability to drink
                  | potions when taking damage. [potion of mutation]
106680 | Zig:16   | Lost mutation: You sometimes lose your temper in combat.
                  | [potion of mutation]
106680 | Zig:16   | Lost mutation: You have hidden genetic potential. [potion
                  | of mutation]
106681 | Zig:16   | Lost mutation: You are agile. (Dex +4, Str/Int -1) [potion
                  | of mutation]
106681 | Zig:16   | Lost mutation: Your body sometimes deteriorates upon taking
                  | damage. [potion of mutation]
106681 | Zig:16   | Lost mutation: Your spells are a little harder to cast, but
                  | a little more powerful. [potion of mutation]
106681 | Zig:16   | Gained mutation: You have a pair of small horns on your
                  | head. [potion of mutation]
106681 | Zig:16   | Gained mutation: You have sharp fingernails. [potion of
                  | mutation]
106697 | Zig:17   | Entered Level 17 of a ziggurat
106919 | Zig:17   | Identified the +4 broad axe of Foul Odours {pain, Fly
                  | Will++ Dex-2}
106927 | Zig:17   | Identified the amulet of Ydiuh {Reflect Slay+2 SH+5}
106973 | Zig:17   | Learned a level 8 spell: Necromutation
106975 | Zig:18   | Entered Level 18 of a ziggurat
107013 | Zig:18   | Noticed a dread lich
107015 | Zig:18   | Killed a dread lich
107328 | Zig:19   | Entered Level 19 of a ziggurat
107465 | Zig:19   | Identified the amulet of the Dolphin {Faith rC+ Dex+3}
107467 | Zig:19   | Identified the +0 rapier "Nydusk" {freeze, Will+}
107566 | Zig:20   | Entered Level 20 of a ziggurat
107586 | Zig:20   | Noticed a juggernaut
107588 | Zig:20   | Noticed a juggernaut
107590 | Zig:20   | Noticed a juggernaut
107591 | Zig:20   | Noticed a juggernaut
107593 | Zig:20   | Killed a juggernaut
107593 | Zig:20   | Killed a juggernaut
107593 | Zig:20   | Killed a juggernaut
107594 | Zig:20   | Reached skill level 15 in Necromancy
107594 | Zig:20   | Noticed a juggernaut
107597 | Zig:20   | Killed a juggernaut
107598 | Zig:20   | Killed a juggernaut
107809 | Zig:20   | Got the Catalogue of the Lofty Summer
107810 | Zig:20   | Identified the +3 war axe of Wubalil {flame, Dex+2}
107891 | Zig:20   | Reached skill level 15 in Transmutations
107904 | Zig:20   | Learned a level 8 spell: Borgnjor's Revivification
107917 | Zig:21   | Entered Level 21 of a ziggurat
107940 | Zig:21   | Noticed a juggernaut
107941 | Zig:21   | Noticed a juggernaut
107941 | Zig:21   | Noticed a juggernaut
107943 | Zig:21   | Killed a juggernaut
107944 | Zig:21   | Killed a juggernaut
107945 | Zig:21   | Killed a juggernaut
108250 | Zig:21   | Identified the ring of Hyeceigh {rElec rPois rC- rCorr}
108259 | Zig:21   | Identified the ring of Yhetsitab {Will+ MP+9 Str+4}
108269 | Zig:21   | Identified the +10 hand axe of Abomination {speed, Contam
                  | rPois rF+++ Dex+4}
108272 | Zig:21   | Identified the +7 great sword of Ignis {holy, rCorr Stlth+}
108274 | Zig:21   | Identified the +3 battleaxe of Laphonas {freeze, Dex+4
                  | Stlth+}
108288 | Zig:21   | Identified the +6 chain mail of Gluttony {Drain rC++}
108361 | Zig:22   | Entered Level 22 of a ziggurat
108395 | Zig:22   | Reached skill level 5 in Stealth
108405 | Zig:22   | Found the ring of the Tortoise {AC+8}
108634 | Zig:22   | Identified the +4 broad axe "Dommounk" {vorpal, rC++ Str-5
                  | Dex+2}
108641 | Zig:22   | Identified the ring "Poelaok" {rPois Int+6}
108756 | Zig:23   | Entered Level 23 of a ziggurat
108781 | Zig:23   | Reached skill level 15 in Ice Magic
108994 | Zig:23   | Found the +13 scythe of Curses {drain, Drain}
109082 | Zig:23   | Identified the +1 pair of gloves "Wuankac" {rPois rC+ Str+4
                  | Int-2}
109083 | Zig:23   | Identified the +11 short sword of Expedience {venom, rPois
                  | Will+ rCorr Dex+3}
109092 | Zig:23   | Identified the +5 leather armour "Katrog" {rPois rC- rN++}
109104 | Zig:23   | Identified the +4 mace "Oxeutiol" {freeze, rF+ Int+5 Dex+2}
109111 | Zig:23   | Identified the ring "Cekke" {rPois rC+ Dex+2}
109116 | Zig:23   | Identified the ring of Jealousy {Will- AC+4 Str+5}
109193 | Zig:24   | Entered Level 24 of a ziggurat
109415 | Zig:24   | Identified the +7 battleaxe of Karma {freeze, rElec Int+4
                  | Dex+4}
109423 | Zig:24   | Identified the +7 short sword of the Pill Bug {chaos,
                  | Int+3}
109433 | Zig:24   | Identified the ring "Qaculuq" {*Slow rPois rC+ Will++}
109509 | Zig:25   | Entered Level 25 of a ziggurat
109534 | Zig:25   | Paralysed by an air elemental for 1 turns
109744 | Zig:25   | Identified the ring of Legolod {rF+ rCorr MP+9 Str+6 Int+3}
109751 | Zig:25   | Identified the ring of the Crown {rC+ rN+++ Will++ Int-4
                  | Slay-4}
109757 | Zig:25   | Identified the +7 swamp dragon scales of the Stonemason
                  | {-Cast rPois rF+ rC+++ Dex-5}
109758 | Zig:25   | Identified the +3 rapier "Uduyleto" {venom, rF- rC+ Dex+2}
109765 | Zig:25   | Identified the +1 buckler "Zeutuxunk" {-Cast rElec Will-
                  | Dex+8}
109768 | Zig:25   | Identified the ring "Sozuom" {rN+ Dex+5 Slay+4}
109770 | Zig:25   | Identified the ring "Qienwa Ruiph" {rN+ Int+4}
109955 | Zig:26   | Entered Level 26 of a ziggurat
110244 | Zig:26   | Identified the +2 plate armour "Emiher" {rF++ Int+3 Stlth+}
110248 | Zig:26   | Got Kuabref's Spellbook of Energetic Hexes
110252 | Zig:26   | Identified the +7 dagger "Hiroula" {vorpal, rC++ Int+4}
110285 | Zig:26   | Identified the +2 cloak of Bini {Rampage Fly Str+3 Int+4}
110383 | Zig:27   | Entered Level 27 of a ziggurat
110599 | Zig:27   | Found the +8 demon blade "Leech" {vamp, Harm Drain rN+}
110628 | Zig:27   | Identified the amulet "Tosearew" {Regen+ Str+4 SInv}
110632 | Zig:27   | Identified the +1 robe "Louwu" {rF+}
110649 | Zig:27   | Identified the +6 long sword of the Painted God {holy, rC-
                  | Int+4 SInv}
110862 | Depths:4 | Learned a level 9 spell: Death's Door
110864 | Zig:1    | Entered Level 1 of a ziggurat
111040 | Zig:2    | Entered Level 2 of a ziggurat
111170 | Zig:3    | Entered Level 3 of a ziggurat
111175 | Zig:3    | Noticed Duhug the pandemonium lord
111182 | Zig:3    | Killed Duhug the pandemonium lord
111265 | Zig:3    | Identified the +4 plate armour of the Orb Guardian {Will+
                  | Str+6}
111272 | Zig:4    | Entered Level 4 of a ziggurat
111277 | Zig:4    | Noticed a royal mummy
111283 | Zig:4    | Killed a royal mummy
111365 | Zig:4    | Identified the amulet "Zidirum" {Spirit Fly rC++ Regen+}
111483 | Zig:4    | Learned a level 4 spell: Passage of Golubria
111486 | Zig:5    | Entered Level 5 of a ziggurat
111493 | Zig:5    | Noticed an ancient lich
111495 | Zig:5    | Killed an ancient lich
111642 | Zig:6    | Entered Level 6 of a ziggurat
111743 | Zig:6    | Identified the +11 spear "Goblinbane" {vorpal, rN+}
111780 | Zig:7    | Entered Level 7 of a ziggurat
111788 | Zig:7    | Noticed Kitadoh the pandemonium lord
111794 | Zig:7    | Killed Kitadoh the pandemonium lord
111887 | Zig:8    | Entered Level 8 of a ziggurat
111972 | Zig:8    | Identified the amulet of Goimm {Faith Str+2}
112012 | Zig:9    | Entered Level 9 of a ziggurat
112018 | Zig:9    | Noticed a royal mummy
112019 | Zig:9    | Noticed a royal mummy
112019 | Zig:9    | Noticed an ancient lich
112020 | Zig:9    | Noticed a royal mummy
112021 | Zig:9    | Killed an ancient lich
112023 | Zig:9    | Killed a royal mummy
112023 | Zig:9    | Killed a royal mummy
112025 | Zig:9    | Killed a royal mummy
112148 | Zig:9    | Identified the ring of Teulo {+Blink Fly MP+9}
112215 | Zig:10   | Entered Level 10 of a ziggurat
112223 | Zig:10   | Noticed a royal mummy
112224 | Zig:10   | Noticed a royal mummy
112226 | Zig:10   | Noticed a royal mummy
112227 | Zig:10   | Killed a royal mummy
112228 | Zig:10   | Killed a royal mummy
112229 | Zig:10   | Killed a royal mummy
112447 | Zig:10   | Identified the +7 morningstar "Gexturor" {antimagic, Str+2
                  | Int+4 Stlth+}
112452 | Zig:10   | Identified the +1 robe of Pinas {rF- rN+ Slay+6}
112476 | Zig:11   | Entered Level 11 of a ziggurat
112478 | Zig:11   | Reached skill level 15 in Fighting
112490 | Zig:11   | Learned a level 9 spell: Fire Storm
112669 | Zig:11   | Identified the +4 dire flail "Guffin" {chaos, Dex+6}
112673 | Zig:11   | Identified the +1 cloak of Yesterday {rElec Int+4}
112679 | Zig:11   | Identified the ring "Xivuj" {rC+ Will+}
112688 | Zig:11   | Identified the +9 broad axe of the Thing {venom, Str+5
                  | Stlth-}
112691 | Zig:11   | Identified the +11 trident "dunno567's Bane" {distort, rC+
                  | Int+6 Dex-5}
112746 | Zig:12   | Entered Level 12 of a ziggurat
112874 | Zig:12   | Identified the ring of the Moon {rElec Will+}
112885 | Zig:12   | Identified the +6 trident "Lowyagoe" {speed, Drain Will++
                  | SInv}
112927 | Zig:13   | Entered Level 13 of a ziggurat
112942 | Zig:13   | Noticed an ancient lich
112943 | Zig:13   | Noticed a dread lich
112945 | Zig:13   | Killed a dread lich
112945 | Zig:13   | Killed an ancient lich
113083 | Zig:13   | Identified the +1 robe "Suqauggo" {Str-4 Dex+4 Archmagi}
113084 | Zig:13   | Identified the +2 hand axe of Ychev {vorpal, rElec rPois
                  | Will+++ Str-3}
113154 | Zig:14   | Entered Level 14 of a ziggurat
113306 | Zig:14   | Identified the ring "Helyroef" {Wiz *Corrode Str+10 Int+9
                  | Dex-2}
113310 | Zig:14   | Identified the +3 helmet "Foin" {rC+}
113369 | Zig:15   | Entered Level 15 of a ziggurat
113379 | Zig:15   | Noticed a royal mummy
113380 | Zig:15   | Noticed a royal mummy
113381 | Zig:15   | Noticed a royal mummy
113384 | Zig:15   | Killed a royal mummy
113385 | Zig:15   | Killed a royal mummy
113385 | Zig:15   | Killed a royal mummy
113388 | Zig:15   | Noticed a royal mummy
113389 | Zig:15   | Noticed a royal mummy
113393 | Zig:15   | Killed a royal mummy
113394 | Zig:15   | Killed a royal mummy
113656 | Zig:15   | Identified the +10 dagger of the Beast {freeze, +Blink rC-
                  | rCorr Str+7}
113658 | Zig:15   | Identified the +1 demon whip of Suebosk {distort, Str+4
                  | SInv}
113694 | Zig:16   | Entered Level 16 of a ziggurat
113719 | Zig:16   | Found the +7 sceptre of Torment {pain, torment}
113827 | Zig:16   | Identified the ring of Cheibriados's Wrath {rF++ rC+ AC+4
                  | Str-4 Dex+4}
113842 | Zig:16   | Identified the +0 scimitar "Piorarre" {pain, rF+ Str+3
                  | Int+4}
113844 | Zig:16   | Identified the +10 plate armour of the Amorous God {rF+
                  | Str-4 Dex+6}
113848 | Zig:16   | Identified the +4 battleaxe of Nightmares {vorpal, rC+
                  | rCorr Str+9 Int-2}
113873 | Zig:16   | Identified the ring "Bolan" {rF+ Dex+6}
113894 | Zig:16   | Identified the +6 short sword "Lisonas" {vorpal, Dex+4}
113939 | Zig:17   | Entered Level 17 of a ziggurat
113997 | Zig:17   | Identified the amulet "Viresyih" {Acrobat rF++ Will- Str+3
                  | Stlth+}
114258 | Zig:17   | Identified the +4 glaive "Oczal" {vorpal, Will+ Int-5 SInv
                  | Stlth+}
114403 | Zig:18   | Entered Level 18 of a ziggurat
114434 | Zig:18   | Found the +10 dark maul {vorpal}
114649 | Zig:18   | Identified the +2 ring mail of Juiliuc {rF+ Regen+ Str+9
                  | Slay-3}
114704 | Zig:19   | Entered Level 19 of a ziggurat
114941 | Zig:19   | Found the +3 giant club "Skullcrusher" {speed, Str+7}
115029 | Zig:19   | Identified the ring "Eschybreh" {Wiz Fly rC+ Str+5}
115038 | Zig:19   | Identified the +0 robe of Ceaghuvve {rN+}
115046 | Zig:19   | Identified the +8 great mace of Irksome Exoneration
                  | {protect, Str+3}
115107 | Zig:20   | Entered Level 20 of a ziggurat
115383 | Zig:20   | Identified the +3 pair of gloves of the True Pharaoh {Str+6
                  | Slay-2}
115387 | Zig:20   | Identified the +2 short sword of Noxious Duty {vamp, Dex+4}
115402 | Zig:20   | Identified the +3 long sword "Zywk" {drain, rElec rPois
                  | Int+4}
115461 | Zig:21   | Entered Level 21 of a ziggurat
115688 | Zig:21   | Found the +0 pair of fencer's gloves {Riposte Dex+3}
115870 | Zig:21   | Identified the +2 pair of boots of Peek-a-Boo {rElec}
115876 | Zig:21   | Identified the +0 shortbow of Valiance {flame, rPois rN+
                  | Int+6 Dex-4}
115882 | Zig:21   | Identified the +1 storm dragon scales of the Modern
                  | Defenders {rElec rC++ Will+ Str+2 Slay-2}
115885 | Zig:21   | Identified the +5 morningstar "Concordance" {spect, rC+
                  | SInv}
115976 | Zig:22   | Entered Level 22 of a ziggurat
116011 | Zig:22   | Noticed Goin the pandemonium lord
116018 | Zig:22   | Killed Goin the pandemonium lord
116291 | Zig:22   | Got Sorcery for Novices
116295 | Zig:22   | Identified the ring "Werum" {rPois rC+ MP+9 Dex+2}
116303 | Zig:22   | Identified the amulet "Joiryump" {Regen+ Str+2}
116311 | Zig:22   | Identified the ring of Equilibrium {rElec Slay+2 SInv}
116315 | Zig:22   | Identified the +5 shortbow of Xyihor {vorpal, Will+ SInv}
116363 | Zig:22   | Acquired the +1 pair of boots of Melancholy {Regen+ Slay+3
                  | Stlth+}
116391 | Zig:22   | Learned a level 9 spell: Polar Vortex
116408 | Zig:23   | Entered Level 23 of a ziggurat
116439 | Zig:23   | Reached skill level 5 in Shields
116444 | Zig:23   | Found the macabre finger necklace {rN+}
116445 | Zig:23   | Found the amulet of the Four Winds {rN+ Will+++ Clar}
116445 | Zig:23   | Found the +8 arc blade {discharge, rElec}
116637 | Zig:23   | Identified the ring "Josyllau" {rF+ rN+}
116639 | Zig:23   | Identified the +0 pair of gloves of Grand Tender Moments
                  | {rElec rF+ Dex+3 Stlth+}
116644 | Zig:23   | Identified the +14 crystal plate armour of Bixtiew {Fly
                  | Int+4 Dex-2}
116739 | Zig:23   | Reached skill level 15 in Dodging
116792 | Zig:24   | Entered Level 24 of a ziggurat
116809 | Zig:24   | Noticed a royal mummy
116811 | Zig:24   | Noticed a royal mummy
116812 | Zig:24   | Noticed a royal mummy
116814 | Zig:24   | Killed a royal mummy
116815 | Zig:24   | Killed a royal mummy
116817 | Zig:24   | Noticed a royal mummy
116817 | Zig:24   | Noticed a royal mummy
116818 | Zig:24   | Killed a royal mummy
116820 | Zig:24   | Noticed a royal mummy
116821 | Zig:24   | Killed a royal mummy
116821 | Zig:24   | Noticed a royal mummy
116822 | Zig:24   | Killed a royal mummy
116822 | Zig:24   | Killed a royal mummy
116822 | Zig:24   | Noticed a royal mummy
116822 | Zig:24   | Noticed a royal mummy
116823 | Zig:24   | Noticed a royal mummy
116823 | Zig:24   | Noticed a royal mummy
116824 | Zig:24   | Noticed a royal mummy
116824 | Zig:24   | Killed a royal mummy
116826 | Zig:24   | Killed a royal mummy
116826 | Zig:24   | Killed a royal mummy
116826 | Zig:24   | Killed a royal mummy
116827 | Zig:24   | Killed a royal mummy
116827 | Zig:24   | Noticed a royal mummy
116827 | Zig:24   | Noticed a royal mummy
116828 | Zig:24   | Noticed a royal mummy
116829 | Zig:24   | Killed a royal mummy
116830 | Zig:24   | Killed a royal mummy
116831 | Zig:24   | Killed a royal mummy
116831 | Zig:24   | Killed a royal mummy
116832 | Zig:24   | Noticed a royal mummy
116832 | Zig:24   | Noticed a royal mummy
116838 | Zig:24   | Killed a royal mummy
116839 | Zig:24   | Killed a royal mummy
117222 | Zig:25   | Entered Level 25 of a ziggurat
117259 | Zig:25   | Reached skill level 10 in Shields
117261 | Zig:25   | Noticed an ancient lich
117265 | Zig:25   | Killed an ancient lich
117424 | Zig:25   | Identified the +12 hand axe of the Stopping Wasp {freeze,
                  | rElec rC++}
117430 | Zig:25   | Identified the +1 troll leather armour of Gasiuzar {Fly
                  | rElec Will- Regen+ Dex+4}
117479 | Zig:25   | Identified the +6 battleaxe of Optimality {vorpal, Str+3}
117682 | Zig:26   | Entered Level 26 of a ziggurat
117709 | Zig:26   | Noticed an orb of fire
117711 | Zig:26   | Noticed an orb of fire
117711 | Zig:26   | Noticed an orb of fire
117713 | Zig:26   | Noticed an orb of fire
117713 | Zig:26   | Noticed an orb of fire
117714 | Zig:26   | Noticed an orb of fire
117715 | Zig:26   | Noticed an orb of fire
117715 | Zig:26   | Noticed an orb of fire
117715 | Zig:26   | Killed an orb of fire
117716 | Zig:26   | Noticed an orb of fire
117718 | Zig:26   | Noticed an orb of fire
117719 | Zig:26   | Noticed an orb of fire
117721 | Zig:26   | Noticed an orb of fire
117727 | Zig:26   | Killed an orb of fire
117729 | Zig:26   | Killed an orb of fire
117730 | Zig:26   | Killed an orb of fire
117731 | Zig:26   | Killed an orb of fire
117731 | Zig:26   | Killed an orb of fire
117731 | Zig:26   | Killed an orb of fire
117732 | Zig:26   | Killed an orb of fire
117732 | Zig:26   | Killed an orb of fire
117733 | Zig:26   | Killed an orb of fire
117744 | Zig:26   | Killed an orb of fire
117745 | Zig:26   | Killed an orb of fire
117747 | Zig:26   | Noticed an orb of fire
117748 | Zig:26   | Noticed an orb of fire
117759 | Zig:26   | Killed an orb of fire
117763 | Zig:26   | Killed an orb of fire
118090 | Zig:26   | Identified the +8 plate armour "Ununith" {Rampage rPois
                  | rCorr}
118093 | Zig:26   | Identified the +0 flail of the Middle {vorpal, *Rage Fly
                  | Str+2 Dex+4}
118094 | Zig:26   | Identified the +0 plate armour of the Crafting Gods {+Inv
                  | rC+ Regen+ Int-4}
118095 | Zig:26   | Identified the +9 halberd "Xiessenn" {vorpal, *Noise +Blink
                  | Fly rElec SInv}
118100 | Zig:26   | Identified the ring "Xiyxeal" {Wiz *Corrode Str+4 Int+4
                  | Stlth+}
118112 | Zig:26   | Identified the ring of Damiylei {*Slow Will++ EV+4 Str+6}
118114 | Zig:26   | Identified the amulet "Okliungi" {Acrobat Regen+}
118117 | Zig:26   | Identified the +7 shortbow of Recklessness {venom, rElec
                  | Dex+4}
118209 | Zig:27   | Entered Level 27 of a ziggurat
118223 | Zig:27   | Noticed a juggernaut
118235 | Zig:27   | Killed a juggernaut
118239 | Zig:27   | Noticed a juggernaut
118242 | Zig:27   | Noticed a juggernaut
118243 | Zig:27   | Reached skill level 15 in Armour
118243 | Zig:27   | Killed a juggernaut
118243 | Zig:27   | Killed a juggernaut
118247 | Zig:27   | Noticed a juggernaut
118253 | Zig:27   | Killed a juggernaut
118554 | Zig:27   | Identified the +1 shortbow "Anulusch" {freeze, Int+3}
118556 | Zig:27   | Identified the ring of Koinim {Wiz rN+ Str+4 SInv Stlth-}
118563 | Zig:27   | Identified the +7 plate armour of the Dice {*Slow rN++
                  | rCorr Stlth+}
118568 | Zig:27   | Identified the ring of Roreorut {MP+9 SInv}
118570 | Zig:27   | Identified the +8 broad axe of Virtue {flame, Dex+3 Stlth+}
118577 | Zig:27   | Identified the +8 mace of Arbitration {freeze, rPois rCorr
                  | Dex+2}
118580 | Zig:27   | Identified the +1 shadow dragon scales of Sif Muna's
                  | Inspiration {*Corrode Str+8 Stlth++++}
118581 | Zig:27   | Identified the +12 glaive of the Apocalypse {elec, rElec
                  | rCorr Str+3}
118587 | Zig:27   | Identified the +1 morningstar of Oozing Pus {vorpal, rPois
                  | rC+}
118726 | Depths:4 | Reached skill level 27 in Spellcasting
118759 | Zig:1    | Entered Level 1 of a ziggurat
118814 | Zig:2    | Entered Level 2 of a ziggurat
118921 | Zig:3    | Entered Level 3 of a ziggurat
118924 | Zig:3    | Noticed a royal mummy
118925 | Zig:3    | Noticed a royal mummy
118928 | Zig:3    | Killed a royal mummy
118928 | Zig:3    | Killed a royal mummy
119037 | Zig:4    | Entered Level 4 of a ziggurat
119140 | Zig:4    | Identified the amulet "Papni" {Acrobat Str+3}
119158 | Zig:5    | Entered Level 5 of a ziggurat
119357 | Zig:6    | Entered Level 6 of a ziggurat
119523 | Zig:6    | Identified the ring of Myvvoafy {rF+ Str+6 Int+3}
119568 | Zig:7    | Entered Level 7 of a ziggurat
119707 | Zig:7    | Identified the ring of Nagitto {Fire Will+ Str-4 Dex+7}
119709 | Zig:7    | Identified the ring of Esez Alowo {rPois AC+4 Str+6 Int-5
                  | Stlth+}
119712 | Zig:7    | Identified the +1 ring mail "Deiduott" {*Corrode rElec rN+}
119736 | Zig:8    | Entered Level 8 of a ziggurat
119751 | Zig:8    | Found the ring of Shadows {Umbra +Inv Stlth+}
119989 | Zig:8    | Identified the +9 short sword of Ahoosabb {chaos, +Blink
                  | rN+ Str-4 Int+5}
120003 | Zig:9    | Entered Level 9 of a ziggurat
120074 | Zig:9    | Identified the amulet of Cifastrow {Reflect rF+ Str+4 SH+5}
120132 | Zig:10   | Entered Level 10 of a ziggurat
120141 | Zig:10   | Found the +3 greatsling "Punk" {acid, rCorr}
120144 | Zig:10   | Reached skill level 27 in Ice Magic
120239 | Zig:10   | Identified the +10 mace "Arbiter" {drain, rF+++ rCorr Str+4
                  | Dex-5}
120294 | Zig:10   | Identified the +1 executioner's axe of Lust {flame, Fly
                  | rPois rN+ Dex+5}
120318 | Zig:11   | Entered Level 11 of a ziggurat
120330 | Zig:11   | Noticed Lucotixe the pandemonium lord
120332 | Zig:11   | Found the +5 glaive of the Guard {elec, spectral, AC+5}
120333 | Zig:11   | Killed Lucotixe the pandemonium lord
120434 | Zig:11   | Identified the +9 arbalest of Responsibility {flame, +Blink
                  | rCorr Dex+3}
120440 | Zig:11   | Identified the +5 falchion "Foac" {vorpal, Str+6}
120468 | Zig:11   | Identified the ring of Ephemeral Luck {Ice MP+9 Str-4 Dex+2
                  | Slay+2}
120496 | Zig:12   | Entered Level 12 of a ziggurat
120509 | Zig:12   | Found the +8 autumn katana {vorpal, manifold assault}
120767 | Zig:13   | Entered Level 13 of a ziggurat
120941 | Zig:13   | Found the +9 sword of Zonguldrok {reap}
120956 | Zig:13   | Identified the +3 trident "Vocum" {freeze, rCorr Str+4
                  | Int+6 Dex+4}
120957 | Zig:13   | Identified the +8 dagger of Instant Death {freeze, Int+6
                  | Stlth+}
120962 | Zig:13   | Identified the ring "Ustoreci" {Fly rF+ MP+9}
120969 | Zig:13   | Identified the +1 arbalest "Doph" {elec, +Blink Str-4 Dex+5
                  | Stlth+}
121023 | Zig:14   | Entered Level 14 of a ziggurat
121050 | Zig:14   | Found the amulet of the Air {Inacc Air Fly rElec RMsl}
121253 | Zig:14   | Identified the +4 broad axe "Hezong" {vorpal, Str+3}
121280 | Zig:14   | Identified the +6 trident of Saltpetre {flame, Str+3 Int+3}
121299 | Zig:14   | Identified the +9 shortbow of Curch {flame, Will+ rCorr
                  | Str+4}
121308 | Zig:14   | Identified the ring "Elyng" {Fly rN+}
121341 | Zig:15   | Entered Level 15 of a ziggurat
121678 | Zig:16   | Entered Level 16 of a ziggurat
121890 | Zig:16   | Identified the +6 rapier of Law {vorpal, *Corrode Will+
                  | Str+4}
121895 | Zig:16   | Identified the +11 mace of Bankruptcy {vorpal, Fragile
                  | rElec rN+++ Will-}
121931 | Zig:16   | Acquired 892 gold pieces
121933 | Zig:16   | Acquired 562 gold pieces
121935 | Zig:16   | Acquired the +9 staff of Wucad Mu {*channel}
121935 | Zig:16   | Found the +9 staff of Wucad Mu {*channel}
121947 | Zig:17   | Entered Level 17 of a ziggurat
121951 | Zig:17   | Noticed Ariwkoh the pandemonium lord
121952 | Zig:17   | Noticed Asaistraoch the pandemonium lord
121955 | Zig:17   | Noticed Semman the pandemonium lord
121960 | Zig:17   | Reached skill level 1 in Evocations
121961 | Zig:17   | Noticed Fudypnua the pandemonium lord
121961 | Zig:17   | Killed Semman the pandemonium lord
121962 | Zig:17   | Killed Fudypnua the pandemonium lord
121963 | Zig:17   | Killed Ariwkoh the pandemonium lord
121963 | Zig:17   | Noticed Nyl Jabo the pandemonium lord
121964 | Zig:17   | Killed Asaistraoch the pandemonium lord
121965 | Zig:17   | Noticed Pisej the pandemonium lord
121965 | Zig:17   | Noticed Bippe the pandemonium lord
121966 | Zig:17   | Killed Bippe the pandemonium lord
121967 | Zig:17   | Noticed Icurphuf the pandemonium lord
121969 | Zig:17   | Killed Nyl Jabo the pandemonium lord
121969 | Zig:17   | Noticed Akhla the pandemonium lord
121970 | Zig:17   | Noticed Iplaxoun the pandemonium lord
121975 | Zig:17   | Killed Akhla the pandemonium lord
121975 | Zig:17   | Killed Pisej the pandemonium lord
121976 | Zig:17   | Killed Icurphuf the pandemonium lord
121978 | Zig:17   | Killed Iplaxoun the pandemonium lord
121978 | Zig:17   | Noticed Vaot the pandemonium lord
121986 | Zig:17   | Killed Vaot the pandemonium lord
122216 | Zig:17   | Identified the +8 mace of Iqurgh {vamp, rElec rC+}
122219 | Zig:17   | Identified the ring "Woystih" {rF+ Dex+4}
122225 | Zig:17   | Identified the +10 arbalest "Tuosy" {elec, Dex+3 SInv}
122249 | Zig:17   | Acquired 753 gold pieces
122274 | Zig:18   | Entered Level 18 of a ziggurat
122288 | Zig:18   | Reached skill level 5 in Evocations
122449 | Zig:18   | Identified the +6 chain mail of Istruih {Harm}
122495 | Zig:18   | Identified the +9 dire flail of Egoigas {antimagic, rF+
                  | Str+2 Stlth-}
122530 | Zig:19   | Entered Level 19 of a ziggurat
122551 | Zig:19   | Found the +12 glaive of Prune {vorpal}
122685 | Zig:19   | Identified the +12 short sword of Shame {venom, rElec Str-2
                  | Int+4}
122688 | Zig:19   | Identified the +8 quarterstaff "Veong" {venom, rC++}
122696 | Zig:19   | Identified the +2 mace of Dismemberment {flame, rN+}
122705 | Zig:19   | Identified the +2 robe "Lufe Mus" {rC+}
122706 | Zig:19   | Identified the +11 hand axe of Okiudwya {freeze, rElec
                  | Int+8 Dex-3}
122857 | Zig:20   | Entered Level 20 of a ziggurat
122868 | Zig:20   | Noticed an ancient lich
122868 | Zig:20   | Noticed an ancient lich
122870 | Zig:20   | Killed an ancient lich
122871 | Zig:20   | Reached skill level 27 in Fire Magic
122871 | Zig:20   | Noticed an ancient lich
122871 | Zig:20   | Noticed an ancient lich
122873 | Zig:20   | Killed an ancient lich
122873 | Zig:20   | Killed an ancient lich
122874 | Zig:20   | Killed an ancient lich
122875 | Zig:20   | Noticed a dread lich
122875 | Zig:20   | Noticed an ancient lich
122876 | Zig:20   | Noticed a dread lich
122877 | Zig:20   | Noticed a dread lich
122877 | Zig:20   | Killed a dread lich
122879 | Zig:20   | Killed an ancient lich
122879 | Zig:20   | Killed a dread lich
122881 | Zig:20   | Noticed an ancient lich
122882 | Zig:20   | Found the +2 shield of Resistance {rF++ rC++ Will++}
122883 | Zig:20   | Killed an ancient lich
122883 | Zig:20   | Killed a dread lich
123130 | Zig:20   | Identified the ring of the Moon {*Corrode rN+ Dex+6}
123132 | Zig:20   | Identified the +8 chain mail of Day {Str+2 Int+2}
123140 | Zig:20   | Identified the +6 spear "Voyriaf" {drain, *Noise rPois
                  | Str+4 Int+7}
123209 | Zig:21   | Entered Level 21 of a ziggurat
123241 | Zig:21   | Noticed a dread lich
123250 | Zig:21   | Reached skill level 27 in Conjurations
123250 | Zig:21   | Killed a dread lich
123437 | Zig:21   | Identified the +7 morningstar of Hospitality {vorpal,
                  | Fragile rPois Dex+8 Stlth+}
123457 | Zig:21   | Identified the +1 dagger of Spontaneous Combustion {venom,
                  | rPois rN+}
123666 | Zig:22   | Entered Level 22 of a ziggurat
123681 | Zig:22   | Reached skill level 10 in Evocations
123689 | Zig:22   | Found the +0 staff of Battle
123695 | Zig:22   | Found the +10 zealot's sword {holy, *Rage rN+ EV+3}
123853 | Zig:22   | Identified the ring "Xaihob" {rN+ Will+ Int+4 SInv Stlth+}
123960 | Zig:23   | Entered Level 23 of a ziggurat
123966 | Zig:23   | Noticed a royal mummy
123966 | Zig:23   | Noticed a royal mummy
123967 | Zig:23   | Noticed a royal mummy
123967 | Zig:23   | Noticed a royal mummy
123968 | Zig:23   | Noticed a royal mummy
123968 | Zig:23   | Noticed a royal mummy
123970 | Zig:23   | Noticed a royal mummy
123972 | Zig:23   | Reached skill level 27 in Necromancy
123972 | Zig:23   | Killed a royal mummy
123972 | Zig:23   | Killed a royal mummy
123972 | Zig:23   | Killed a royal mummy
123972 | Zig:23   | Noticed a royal mummy
123973 | Zig:23   | Killed a royal mummy
123973 | Zig:23   | Killed a royal mummy
123973 | Zig:23   | Killed a royal mummy
123974 | Zig:23   | Killed a royal mummy
123974 | Zig:23   | Killed a royal mummy
123974 | Zig:23   | Noticed a royal mummy
123974 | Zig:23   | Noticed a royal mummy
123975 | Zig:23   | Reached skill level 27 in Fighting
123975 | Zig:23   | Noticed a royal mummy
123977 | Zig:23   | Noticed a royal mummy
123978 | Zig:23   | Noticed a royal mummy
123978 | Zig:23   | Noticed a royal mummy
123978 | Zig:23   | Noticed a royal mummy
123979 | Zig:23   | Killed a royal mummy
123980 | Zig:23   | Killed a royal mummy
123980 | Zig:23   | Killed a royal mummy
123980 | Zig:23   | Killed a royal mummy
123980 | Zig:23   | Killed a royal mummy
123980 | Zig:23   | Noticed a royal mummy
123981 | Zig:23   | Killed a royal mummy
123982 | Zig:23   | Killed a royal mummy
123983 | Zig:23   | Noticed a royal mummy
123984 | Zig:23   | Killed a royal mummy
123985 | Zig:23   | Killed a royal mummy
123992 | Zig:23   | Found the +7 great mace "Firestarter" {inner flame, rF++}
124121 | Zig:23   | Identified the +0 shadow dragon scales "Izuoh" {Str+3
                  | Slay+2 Stlth++++}
124124 | Zig:23   | Identified the +8 quick blade "Annes" {vorpal, *Corrode
                  | rElec Str+3}
124339 | Zig:23   | Identified the ring "Nuhumo" {rCorr Str+6 Dex-2 Stlth+}
124342 | Zig:23   | Identified the ring "Kaephaig" {rN+ EV+4 Str+5}
124371 | Zig:24   | Entered Level 24 of a ziggurat
124396 | Zig:24   | Reached skill level 15 in Evocations
124400 | Zig:24   | Paralysed by an air elemental for 1 turns
124741 | Zig:24   | Identified the +5 arbalest "Geihouri" {venom, rN+ MP+9
                  | Int+3 SInv}
124746 | Zig:24   | Identified the +0 sling of Blind Justice {freeze, Int+2
                  | Stlth+}
124780 | Zig:24   | Identified the +3 arbalest of Crusades {penet, Fly rElec
                  | rPois Dex-4}
124793 | Zig:24   | Identified the +3 mace of Glory {vorpal, rPois rF++ rC+
                  | Int-3}
124796 | Zig:24   | Identified the ring of Bouwugg {rPois Str-4 Int+5 Stlth+}
124815 | Zig:24   | Identified the +1 troll leather armour "Enezaafel" {rPois
                  | Regen+ Dex+3}
124816 | Zig:24   | Identified the +9 triple crossbow "Ucloeruf" {flame, rF+
                  | Will+ SInv}
124871 | Zig:25   | Entered Level 25 of a ziggurat
124905 | Zig:25   | Found the ring of the Hare {EV+8}
125092 | Zig:25   | Identified the +2 morningstar of Grandeur {chaos, Int+2
                  | SInv}
125105 | Zig:25   | Identified the amulet "Miodeger" {Spirit Will- Int+6 SInv}
125120 | Zig:25   | Identified the +1 robe "Zenweuk" {rPois Regen+ Stlth-}
125310 | Zig:25   | Reached skill level 27 in Armour
125353 | Zig:26   | Entered Level 26 of a ziggurat
125364 | Zig:26   | Noticed Titip the pandemonium lord
125364 | Zig:26   | Noticed Bagreodu the pandemonium lord
125365 | Zig:26   | Noticed Ovauskuk the pandemonium lord
125365 | Zig:26   | Noticed Boanaroq the pandemonium lord
125365 | Zig:26   | Noticed Owulynet the pandemonium lord
125366 | Zig:26   | Noticed Boemn the pandemonium lord
125368 | Zig:26   | Noticed Xonida the pandemonium lord
125368 | Zig:26   | Noticed Zyuvyink the pandemonium lord
125368 | Zig:26   | Noticed Filich the pandemonium lord
125368 | Zig:26   | Noticed Zowut the pandemonium lord
125368 | Zig:26   | Noticed Afomup the pandemonium lord
125368 | Zig:26   | Noticed Vieseic the pandemonium lord
125369 | Zig:26   | Noticed Wiuv the pandemonium lord
125369 | Zig:26   | Noticed Jeonun the pandemonium lord
125369 | Zig:26   | Noticed Dehom the pandemonium lord
125370 | Zig:26   | Killed Zyuvyink the pandemonium lord
125370 | Zig:26   | Killed Afomup the pandemonium lord
125370 | Zig:26   | Killed Bagreodu the pandemonium lord
125370 | Zig:26   | Noticed Tupn the pandemonium lord
125370 | Zig:26   | Noticed Waecyih the pandemonium lord
125371 | Zig:26   | Killed Wiuv the pandemonium lord
125371 | Zig:26   | Noticed Vyfoil the pandemonium lord
125372 | Zig:26   | Reached skill level 15 in Shields
125372 | Zig:26   | Killed Vieseic the pandemonium lord
125372 | Zig:26   | Killed Waecyih the pandemonium lord
125372 | Zig:26   | Killed Tupn the pandemonium lord
125372 | Zig:26   | Killed Owulynet the pandemonium lord
125372 | Zig:26   | Noticed Xaass the pandemonium lord
125372 | Zig:26   | Noticed Neqetaoh the pandemonium lord
125372 | Zig:26   | Noticed Coduokog the pandemonium lord
125372 | Zig:26   | Noticed Lineal the pandemonium lord
125373 | Zig:26   | Killed Zowut the pandemonium lord
125373 | Zig:26   | Killed Dehom the pandemonium lord
125373 | Zig:26   | Killed Filich the pandemonium lord
125373 | Zig:26   | Killed Boemn the pandemonium lord
125373 | Zig:26   | Noticed Nookh the pandemonium lord
125374 | Zig:26   | Killed Xaass the pandemonium lord
125374 | Zig:26   | Killed Boanaroq the pandemonium lord
125374 | Zig:26   | Killed Ovauskuk the pandemonium lord
125374 | Zig:26   | Noticed Sodaf the pandemonium lord
125375 | Zig:26   | Killed Titip the pandemonium lord
125375 | Zig:26   | Killed Vyfoil the pandemonium lord
125375 | Zig:26   | Killed Jeonun the pandemonium lord
125375 | Zig:26   | Killed Xonida the pandemonium lord
125375 | Zig:26   | Noticed Hesmax the pandemonium lord
125375 | Zig:26   | Noticed Gulaukkempy the pandemonium lord
125375 | Zig:26   | Noticed Worghaifu the pandemonium lord
125376 | Zig:26   | Noticed Ofraaps the pandemonium lord
125378 | Zig:26   | Killed Coduokog the pandemonium lord
125379 | Zig:26   | Noticed Gegetoh the pandemonium lord
125379 | Zig:26   | Noticed Tuteemuh the pandemonium lord
125388 | Zig:26   | Killed Neqetaoh the pandemonium lord
125390 | Zig:26   | Killed Nookh the pandemonium lord
125390 | Zig:26   | Killed Ofraaps the pandemonium lord
125390 | Zig:26   | Killed Gegetoh the pandemonium lord
125390 | Zig:26   | Noticed Pauth the pandemonium lord
125390 | Zig:26   | Noticed Jofew the pandemonium lord
125390 | Zig:26   | Noticed Arykhlola the pandemonium lord
125391 | Zig:26   | Killed Lineal the pandemonium lord
125391 | Zig:26   | Noticed Xufasy the pandemonium lord
125392 | Zig:26   | Killed Sodaf the pandemonium lord
125394 | Zig:26   | Killed Pauth the pandemonium lord
125395 | Zig:26   | Killed Tuteemuh the pandemonium lord
125396 | Zig:26   | Killed Worghaifu the pandemonium lord
125396 | Zig:26   | Killed Xufasy the pandemonium lord
125398 | Zig:26   | Killed Gulaukkempy the pandemonium lord
125399 | Zig:26   | Noticed Ashreamirgh the pandemonium lord
125401 | Zig:26   | Killed Hesmax the pandemonium lord
125402 | Zig:26   | Killed Jofew the pandemonium lord
125402 | Zig:26   | Noticed Vuwis the pandemonium lord
125402 | Zig:26   | Noticed Puelar the pandemonium lord
125402 | Zig:26   | Noticed Veuhumib the pandemonium lord
125403 | Zig:26   | Killed Ashreamirgh the pandemonium lord
125403 | Zig:26   | Killed Puelar the pandemonium lord
125404 | Zig:26   | Killed Arykhlola the pandemonium lord
125404 | Zig:26   | Killed Veuhumib the pandemonium lord
125404 | Zig:26   | Killed Vuwis the pandemonium lord
125423 | Zig:26   | Found the +2 cloak of the Thief {*Fog Slay-2 SInv Stlth+}
125423 | Zig:26   | Found the ring of the Octopus King
125429 | Zig:26   | Found the +6 arbalest "Damnation" {damnation}
125765 | Zig:26   | Identified a ring of the Octopus King {Fly HP+2 AC+2 EV+2
                  | SH+2}
125791 | Zig:26   | Identified the +2 dire flail "Dragon's Tongue" {elec,
                  | rPois}
125792 | Zig:26   | Identified the +6 plate armour "Romy" {Drain +Blink Regen+
                  | rCorr Str+10}
125867 | Zig:26   | Acquired 805 gold pieces
125872 | Zig:26   | Acquired 824 gold pieces
125874 | Zig:26   | Acquired 348 gold pieces
125879 | Zig:27   | Entered Level 27 of a ziggurat
125885 | Zig:27   | Noticed a royal mummy
125887 | Zig:27   | Noticed a royal mummy
125888 | Zig:27   | Noticed a royal mummy
125888 | Zig:27   | Noticed a royal mummy
125890 | Zig:27   | Killed a royal mummy
125892 | Zig:27   | Noticed a royal mummy
125892 | Zig:27   | Noticed a royal mummy
125893 | Zig:27   | Noticed a royal mummy
125893 | Zig:27   | Noticed a royal mummy
125893 | Zig:27   | Killed a royal mummy
125893 | Zig:27   | Noticed a royal mummy
125894 | Zig:27   | Noticed a royal mummy
125894 | Zig:27   | Killed a royal mummy
125894 | Zig:27   | Noticed a royal mummy
125895 | Zig:27   | Killed a royal mummy
125895 | Zig:27   | Killed a royal mummy
125896 | Zig:27   | Killed a royal mummy
125896 | Zig:27   | Killed a royal mummy
125896 | Zig:27   | Killed a royal mummy
125897 | Zig:27   | Killed a royal mummy
125897 | Zig:27   | Killed a royal mummy
125897 | Zig:27   | Noticed a royal mummy
125897 | Zig:27   | Noticed a royal mummy
125897 | Zig:27   | Noticed a royal mummy
125898 | Zig:27   | Killed a royal mummy
125899 | Zig:27   | Noticed a royal mummy
125899 | Zig:27   | Noticed a royal mummy
125899 | Zig:27   | Noticed a royal mummy
125900 | Zig:27   | Killed a royal mummy
125900 | Zig:27   | Noticed a royal mummy
125900 | Zig:27   | Noticed a royal mummy
125902 | Zig:27   | Killed a royal mummy
125902 | Zig:27   | Killed a royal mummy
125902 | Zig:27   | Killed a royal mummy
125902 | Zig:27   | Noticed a royal mummy
125903 | Zig:27   | Noticed a royal mummy
125903 | Zig:27   | Noticed a royal mummy
125904 | Zig:27   | Noticed a royal mummy
125905 | Zig:27   | Killed a royal mummy
125905 | Zig:27   | Killed a royal mummy
125905 | Zig:27   | Killed a royal mummy
125905 | Zig:27   | Killed a royal mummy
125906 | Zig:27   | Killed a royal mummy
125906 | Zig:27   | Killed a royal mummy
125906 | Zig:27   | Killed a royal mummy
125907 | Zig:27   | Noticed a royal mummy
125907 | Zig:27   | Noticed a royal mummy
125908 | Zig:27   | Killed a royal mummy
125908 | Zig:27   | Killed a royal mummy
125908 | Zig:27   | Noticed a royal mummy
125910 | Zig:27   | Killed a royal mummy
125912 | Zig:27   | Killed a royal mummy
125921 | Zig:27   | Found the +0 mask of the Dragon {Will+ Slay+3 SInv}
126280 | Zig:27   | Identified the +9 war axe of Wekloop {vorpal, rPois rCorr
                  | Str+4 Stlth+}
126286 | Zig:27   | Identified the +2 shortbow of Wondrous Power {vorpal, Fly
                  | rC+ Str+3 Stlth+}
126292 | Zig:27   | Identified the +5 chain mail of the Saviour {Harm SInv}
126657 | Vaults:5 | Reached skill level 1 in Staves
126726 | Vaults:5 | Noticed Saint Roka
126731 | Vaults:5 | Killed Saint Roka
126735 | Vaults:5 | Reached skill level 5 in Staves
126740 | Vaults:5 | Identified the +8 battleaxe of Pakaanexe {pain, rF+ Int+3
                  | Stlth+}
126740 | Vaults:5 | Identified the ring "Jeclab" {Ice Int+5}
126747 | Vaults:5 | Identified the +0 ring mail of the Heron {Slay+3}
127008 | Vaults:5 | Noticed a dread lich
127010 | Vaults:5 | Killed a dread lich
127023 | Vaults:5 | Noticed an ancient lich
127025 | Vaults:5 | Killed an ancient lich
127434 | Vaults:5 | Identified the +4 war axe "Ecyziodu" {drain, rCorr Str+8
                  | Int-4 Dex-2}
127644 | Vaults:5 | Found the dreamshard necklace {*Dream Drain}
127673 | Vaults:5 | Found Efrug's Assorted Antiques.
127710 | Vaults:5 | Bought a scroll of blinking for 172 gold pieces
127710 | Vaults:5 | Bought a pitted tin ring for 115 gold pieces
127710 | Vaults:5 | Identified the ring of the Cast Vote {rC++ Will+ Str-2
                  | Dex+2} (You bought it in a shop on level 5 of the Vaults)
127936 | Vaults:5 | Found Sung's Assorted Antiques.
128039 | Vaults:5 | Found Wenatt's Distillery.
128295 | Vaults:5 | Got a silver rune of Zot
129606 | Zig:1    | Entered Level 1 of a ziggurat
129653 | Zig:2    | Entered Level 2 of a ziggurat
129788 | Zig:2    | Identified the +7 eveningstar of Ancient Evil {venom, rC+
                  | rN++ rCorr Stlth-}
129795 | Zig:3    | Entered Level 3 of a ziggurat
129795 | Zig:3    | Noticed a juggernaut
129797 | Zig:3    | Killed a juggernaut
129885 | Zig:4    | Entered Level 4 of a ziggurat
129887 | Zig:4    | Noticed Meifalank the pandemonium lord
129894 | Zig:4    | Killed Meifalank the pandemonium lord
130022 | Zig:4    | Acquired 982 gold pieces
130026 | Zig:5    | Entered Level 5 of a ziggurat
130212 | Zig:6    | Entered Level 6 of a ziggurat
130343 | Zig:7    | Entered Level 7 of a ziggurat
130347 | Zig:7    | Noticed an ancient lich
130354 | Zig:7    | Killed an ancient lich
130383 | Zig:7    | Identified the +1 pair of gloves of the Catfish {Rampage
                  | Str+6}
130385 | Zig:7    | Identified the +8 quarterstaff of the Twenty Towns {pain,
                  | rF+ MP+9}
130468 | Zig:8    | Entered Level 8 of a ziggurat
130490 | Zig:8    | Identified the +3 whip of Optimality {spect, Str+3}
130538 | Zig:8    | Identified the +5 great sword of Voadoezi {flame, Dex+5}
130574 | Zig:9    | Entered Level 9 of a ziggurat
130579 | Zig:9    | Noticed a juggernaut
130579 | Zig:9    | Noticed a juggernaut
130580 | Zig:9    | Found the +3 Elemental Staff {rElec rF++ rC++ AC+5}
130580 | Zig:9    | Noticed a juggernaut
130584 | Zig:9    | Killed a juggernaut
130584 | Zig:9    | Killed a juggernaut
130586 | Zig:9    | Killed a juggernaut
130689 | Zig:10   | Entered Level 10 of a ziggurat
130702 | Zig:10   | Reached skill level 27 in Evocations
130863 | Zig:10   | Identified the +1 long sword "Jeutwuse" {flame, *Slow rPois
                  | Str+5}
130898 | Zig:10   | Acquired 1190 gold pieces
130906 | Zig:11   | Entered Level 11 of a ziggurat
130924 | Zig:11   | Reached skill level 5 in Throwing
131057 | Zig:11   | Identified the +1 robe "Kiseong" {rN+}
131058 | Zig:11   | Identified the +1 chain mail of Hedging {Will+ Int+2}
131193 | Zig:12   | Entered Level 12 of a ziggurat
131200 | Zig:12   | Noticed a royal mummy
131201 | Zig:12   | Noticed a royal mummy
131202 | Zig:12   | Noticed a royal mummy
131202 | Zig:12   | Noticed a royal mummy
131203 | Zig:12   | Killed a royal mummy
131204 | Zig:12   | Killed a royal mummy
131204 | Zig:12   | Killed a royal mummy
131205 | Zig:12   | Noticed a royal mummy
131207 | Zig:12   | Noticed a royal mummy
131208 | Zig:12   | Killed a royal mummy
131210 | Zig:12   | Found the +8 frozen axe "Frostbite" {freezing cloud, *Noise
                  | Fly rC+}
131212 | Zig:12   | Killed a royal mummy
131212 | Zig:12   | Killed a royal mummy
131464 | Zig:12   | Identified the +7 pearl dragon scales of Words of Power
                  | {+Blink rC+ rN+ Will- Dex+4}
131469 | Zig:12   | Identified the +9 demon whip of Gaxicwu {vamp, rF+}
131471 | Zig:12   | Identified the amulet "Seloafro" {Acrobat +Blink Fly rF+}
131533 | Zig:13   | Entered Level 13 of a ziggurat
131748 | Zig:13   | Identified the +8 war axe of Dismemberment {vorpal, rN+}
131752 | Zig:13   | Identified the +4 ring mail "Wogriuxo" {+Blink rPois Regen+
                  | Str-5}
131804 | Zig:13   | Identified the +0 buckler "Buax" {Int+3}
131874 | Zig:14   | Entered Level 14 of a ziggurat
131886 | Zig:14   | Noticed a dread lich
131888 | Zig:14   | Noticed a dread lich
131888 | Zig:14   | Noticed a dread lich
131890 | Zig:14   | Noticed a dread lich
131891 | Zig:14   | Killed a dread lich
131891 | Zig:14   | Killed a dread lich
131892 | Zig:14   | Reached skill level 10 in Throwing
131896 | Zig:14   | Killed a dread lich
131896 | Zig:14   | Killed a dread lich
132135 | Zig:14   | Identified the ring of Boownamm {Ice Slay+5}
132147 | Zig:14   | Identified the +5 flail "Byleidiv" {drain, rN+}
132247 | Zig:14   | Reached skill level 27 in Shields
132249 | Zig:15   | Entered Level 15 of a ziggurat
132275 | Zig:15   | Found the +7 great mace "Undeadhunter" {disrupt, rN+}
132279 | Zig:15   | Reached skill level 15 in Throwing
132384 | Zig:15   | Found the +2 hood of the Assassin {Detection Stab+ Stlth++}
132425 | Zig:15   | Identified the +5 ring mail of Toataps {-Cast rN+ Regen+}
132569 | Zig:16   | Entered Level 16 of a ziggurat
132593 | Zig:16   | Found the ring of the Mage {Wiz Archmagi}
132593 | Zig:16   | Found the +5 demon whip "Spellbinder" {antimagic, Will+}
132812 | Zig:16   | Identified the +8 plate armour of Enuitoni {Str+7}
132822 | Zig:16   | Identified the +1 scale mail "Zeeky" {rElec rC- Str+2}
132900 | Zig:17   | Entered Level 17 of a ziggurat
133045 | Zig:17   | Identified the ring "Rejumi" {Fire Str-5 Dex+4 Slay+2 SInv}
133272 | Zig:18   | Entered Level 18 of a ziggurat
133286 | Zig:18   | Noticed an orb of fire
133286 | Zig:18   | Noticed an orb of fire
133287 | Zig:18   | Noticed an orb of fire
133289 | Zig:18   | Noticed an orb of fire
133292 | Zig:18   | Noticed an orb of fire
133293 | Zig:18   | Killed an orb of fire
133294 | Zig:18   | Killed an orb of fire
133297 | Zig:18   | Noticed an orb of fire
133298 | Zig:18   | Killed an orb of fire
133298 | Zig:18   | Killed an orb of fire
133298 | Zig:18   | Noticed an orb of fire
133298 | Zig:18   | Noticed an orb of fire
133307 | Zig:18   | Noticed an orb of fire
133307 | Zig:18   | Noticed an orb of fire
133308 | Zig:18   | Killed an orb of fire
133308 | Zig:18   | Killed an orb of fire
133309 | Zig:18   | Killed an orb of fire
133310 | Zig:18   | Killed an orb of fire
133311 | Zig:18   | Noticed an orb of fire
133316 | Zig:18   | Noticed an orb of fire
133316 | Zig:18   | Noticed an orb of fire
133317 | Zig:18   | Noticed an orb of fire
133318 | Zig:18   | Noticed an orb of fire
133318 | Zig:18   | Noticed an orb of fire
133323 | Zig:18   | Killed an orb of fire
133325 | Zig:18   | Killed an orb of fire
133326 | Zig:18   | Killed an orb of fire
133326 | Zig:18   | Killed an orb of fire
133326 | Zig:18   | Killed an orb of fire
133326 | Zig:18   | Killed an orb of fire
133326 | Zig:18   | Killed an orb of fire
133336 | Zig:18   | Killed an orb of fire
133602 | Zig:18   | Identified the ring "Nakoenoty" {*Slow Fly rF+ Int+6}
133612 | Zig:18   | Identified the +4 sling of the Brewing Pill Bug {vorpal,
                  | rElec rF+}
133615 | Zig:18   | Identified the ring of Qimuydyd {Contam rF+ MP+9 Int+2
                  | Dex+2}
133623 | Zig:18   | Identified the +8 quarterstaff of Conscience {antimagic,
                  | Fly rElec Will+ Stlth+}
133627 | Zig:18   | Identified the +3 helmet of the Orange Skies {rF++}
133630 | Zig:18   | Identified the +6 plate armour of Marbles {*Corrode +Inv
                  | rElec MP+9}
133637 | Zig:18   | Identified the +7 morningstar of Slow Death {drain, Int+5
                  | Dex-4}
133723 | Zig:19   | Entered Level 19 of a ziggurat
134015 | Zig:19   | Identified the +4 hand axe "Umeap" {holy, rElec rC+ Dex+3}
134175 | Zig:20   | Entered Level 20 of a ziggurat
134193 | Zig:20   | Noticed an ancient lich
134195 | Zig:20   | Noticed an ancient lich
134195 | Zig:20   | Noticed an ancient lich
134196 | Zig:20   | Killed an ancient lich
134196 | Zig:20   | Killed an ancient lich
134197 | Zig:20   | Noticed an ancient lich
134197 | Zig:20   | Noticed a dread lich
134198 | Zig:20   | Killed an ancient lich
134199 | Zig:20   | Killed an ancient lich
134199 | Zig:20   | Killed a dread lich
134199 | Zig:20   | Noticed an ancient lich
134200 | Zig:20   | Killed an ancient lich
134201 | Zig:20   | Noticed an ancient lich
134202 | Zig:20   | Killed an ancient lich
134202 | Zig:20   | Noticed an ancient lich
134205 | Zig:20   | Killed an ancient lich
134214 | Zig:20   | Found the +3 crown of Dyrovepreva {rElec Int+2 SInv}
134513 | Zig:20   | Identified the ring "Dibuiduw" {EV+4 Dex+2 Stlth+}
134534 | Zig:20   | Identified the +3 sling of Subjectivity {venom, Str+5}
134735 | Zig:21   | Entered Level 21 of a ziggurat
134982 | Zig:21   | Identified the +0 robe "Emituick" {Harm Int+8 Stlth-}
134983 | Zig:21   | Identified the +6 quarterstaff of Greed {freeze, rPois
                  | Will+ Int+10}
134987 | Zig:21   | Identified the +9 morningstar of Uncertain Death {vorpal,
                  | Will+ Str+3 Int-4}
135170 | Zig:22   | Entered Level 22 of a ziggurat
135183 | Zig:22   | Noticed Heakorib the pandemonium lord
135186 | Zig:22   | Noticed Jaxaafun the pandemonium lord
135187 | Zig:22   | Noticed Peown the pandemonium lord
135187 | Zig:22   | Noticed Ehaexa the pandemonium lord
135188 | Zig:22   | Killed Heakorib the pandemonium lord
135188 | Zig:22   | Noticed Xaj Xery the pandemonium lord
135188 | Zig:22   | Noticed Yfiojaelibb the pandemonium lord
135188 | Zig:22   | Noticed Aleogh the pandemonium lord
135189 | Zig:22   | Noticed Latitaa the pandemonium lord
135189 | Zig:22   | Noticed Oller the pandemonium lord
135190 | Zig:22   | Noticed Tyme the pandemonium lord
135191 | Zig:22   | Noticed Mykec the pandemonium lord
135191 | Zig:22   | Noticed Valisosave the pandemonium lord
135191 | Zig:22   | Noticed Naskoada the pandemonium lord
135192 | Zig:22   | Killed Valisosave the pandemonium lord
135192 | Zig:22   | Killed Jaxaafun the pandemonium lord
135192 | Zig:22   | Noticed Kophanamn the pandemonium lord
135192 | Zig:22   | Noticed Corodgh the pandemonium lord
135193 | Zig:22   | Noticed Gyatum the pandemonium lord
135194 | Zig:22   | Killed Aleogh the pandemonium lord
135194 | Zig:22   | Noticed Runov the pandemonium lord
135194 | Zig:22   | Noticed Wuleux Tenk the pandemonium lord
135194 | Zig:22   | Noticed Adulah the pandemonium lord
135194 | Zig:22   | Noticed Ehauvus the pandemonium lord
135195 | Zig:22   | Killed Mykec the pandemonium lord
135195 | Zig:22   | Noticed Acleul the pandemonium lord
135195 | Zig:22   | Noticed Tudwuci the pandemonium lord
135196 | Zig:22   | Killed Ehaexa the pandemonium lord
135196 | Zig:22   | Killed Adulah the pandemonium lord
135197 | Zig:22   | Killed Xaj Xery the pandemonium lord
135197 | Zig:22   | Killed Peown the pandemonium lord
135197 | Zig:22   | Killed Tyme the pandemonium lord
135197 | Zig:22   | Killed Kophanamn the pandemonium lord
135197 | Zig:22   | Killed Yfiojaelibb the pandemonium lord
135198 | Zig:22   | Killed Oller the pandemonium lord
135199 | Zig:22   | Killed Latitaa the pandemonium lord
135199 | Zig:22   | Killed Gyatum the pandemonium lord
135199 | Zig:22   | Noticed Rerum the pandemonium lord
135199 | Zig:22   | Noticed Qukoah the pandemonium lord
135199 | Zig:22   | Noticed Seoqicas the pandemonium lord
135201 | Zig:22   | Noticed Soruicw the pandemonium lord
135201 | Zig:22   | Killed Wuleux Tenk the pandemonium lord
135202 | Zig:22   | Killed Runov the pandemonium lord
135203 | Zig:22   | Killed Tudwuci the pandemonium lord
135203 | Zig:22   | Killed Corodgh the pandemonium lord
135204 | Zig:22   | Noticed Vyeniss the pandemonium lord
135204 | Zig:22   | Killed Ehauvus the pandemonium lord
135205 | Zig:22   | Killed Acleul the pandemonium lord
135205 | Zig:22   | Killed Seoqicas the pandemonium lord
135205 | Zig:22   | Killed Soruicw the pandemonium lord
135205 | Zig:22   | Killed Vyeniss the pandemonium lord
135206 | Zig:22   | Killed Rerum the pandemonium lord
135206 | Zig:22   | Killed Qukoah the pandemonium lord
135208 | Zig:22   | Killed Naskoada the pandemonium lord
135486 | Zig:22   | Identified the +2 war axe of Exceptional Judgement {speed,
                  | rPois}
135487 | Zig:22   | Identified the ring "Hirphico" {rC+ EV+4}
135489 | Zig:22   | Identified the amulet "Wekhlyaq" {Acrobat Drain +Inv rElec
                  | Dex+4}
135500 | Zig:22   | Identified the +7 glaive of Jineluza {antimagic, rElec rF+
                  | rC+}
135503 | Zig:22   | Identified the +7 spear of Triumph {elec, Str+2}
135506 | Zig:22   | Identified the +4 sling of Valour {venom, +Blink Str+4}
135519 | Zig:22   | Identified the +9 mace of Zikick {freeze, *Corrode rPois
                  | Dex+5}
135523 | Zig:22   | Identified the +6 battleaxe of the Several Eyes {vorpal,
                  | rPois Int+9}
135529 | Zig:22   | Identified the +0 ring mail of Riamom {rElec Regen+}
135618 | Zig:22   | Acquired the -2 hat of the Alchemist {rElec rPois rF+ rC+
                  | rN+ Will+ rMut rCorr}
135618 | Zig:22   | Found the -2 hat of the Alchemist {rElec rPois rF+ rC+ rN+
                  | Will+ rMut rCorr}
135622 | Zig:22   | Acquired 374 gold pieces
135648 | Zig:23   | Entered Level 23 of a ziggurat
135674 | Zig:23   | Reached skill level 27 in Dodging
135792 | Zig:23   | Identified the +8 plate armour "Ricoon" {rElec Dex+4}
135797 | Zig:23   | Identified the +3 flail "Leviticus" {freeze, rElec rF-
                  | rCorr Str-2}
135800 | Zig:23   | Identified the ring of Sloth {+Blink Str+6 Dex+5}
135802 | Zig:23   | Identified the +5 spear of the Apocalypse {elec, Drain rC+
                  | rN+ rCorr}
135803 | Zig:23   | Identified the +1 glaive of Buer {vorpal, *Rage rPois rF+
                  | Str+2}
135808 | Zig:23   | Identified the +5 great sword of Fatrujai {venom, Stlth+}
135812 | Zig:23   | Identified the +0 dire flail of the Five Friars {chaos,
                  | *Slow rElec SInv Stlth+}
136124 | Zig:24   | Entered Level 24 of a ziggurat
136146 | Zig:24   | Noticed an ancient lich
136149 | Zig:24   | Reached skill level 27 in Throwing
136149 | Zig:24   | Killed an ancient lich
136150 | Zig:24   | Noticed a dread lich
136150 | Zig:24   | Noticed an ancient lich
136151 | Zig:24   | Noticed an ancient lich
136152 | Zig:24   | Reached skill level 10 in Translocations
136153 | Zig:24   | Killed a dread lich
136154 | Zig:24   | Reached skill level 5 in Axes
136155 | Zig:24   | Killed an ancient lich
136158 | Zig:24   | Killed an ancient lich
136162 | Zig:24   | Found the +7 captain's cutlass {speed, disarm}
136372 | Zig:24   | Identified the +7 halberd of Gluttony {flame, Will- rCorr
                  | Stlth+}
136375 | Zig:24   | Identified the +0 buckler of the Slimy God {Contam rElec
                  | rPois SInv}
136379 | Zig:24   | Identified the +2 pair of gloves "Wagays" {rC+ rN+ Int-4}
136381 | Zig:24   | Identified the ring "Atucsian" {rPois rF+ rC+ Will+}
136395 | Zig:24   | Identified the +6 rapier of the Stained God {vorpal, rF+
                  | rCorr Str+2}
136584 | Zig:25   | Entered Level 25 of a ziggurat
136598 | Zig:25   | Noticed a dread lich
136599 | Zig:25   | Noticed an ancient lich
136600 | Zig:25   | Noticed a dread lich
136601 | Zig:25   | Noticed a dread lich
136602 | Zig:25   | Noticed an ancient lich
136603 | Zig:25   | Noticed an ancient lich
136604 | Zig:25   | Killed a dread lich
136604 | Zig:25   | Killed a dread lich
136604 | Zig:25   | Killed an ancient lich
136604 | Zig:25   | Killed an ancient lich
136604 | Zig:25   | Noticed an ancient lich
136605 | Zig:25   | Reached skill level 10 in Axes
136605 | Zig:25   | Killed an ancient lich
136605 | Zig:25   | Killed a dread lich
136605 | Zig:25   | Killed an ancient lich
136605 | Zig:25   | Noticed an ancient lich
136606 | Zig:25   | Noticed an ancient lich
136607 | Zig:25   | Noticed a dread lich
136608 | Zig:25   | Noticed a dread lich
136608 | Zig:25   | Noticed an ancient lich
136608 | Zig:25   | Noticed a dread lich
136608 | Zig:25   | Noticed an ancient lich
136609 | Zig:25   | Noticed an ancient lich
136609 | Zig:25   | Noticed an ancient lich
136610 | Zig:25   | Killed an ancient lich
136610 | Zig:25   | Killed an ancient lich
136610 | Zig:25   | Killed a dread lich
136610 | Zig:25   | Killed a dread lich
136611 | Zig:25   | Noticed an ancient lich
136611 | Zig:25   | Noticed a dread lich
136612 | Zig:25   | Noticed an ancient lich
136612 | Zig:25   | Noticed a dread lich
136615 | Zig:25   | Reached skill level 15 in Translocations
136615 | Zig:25   | Killed an ancient lich
136615 | Zig:25   | Killed an ancient lich
136615 | Zig:25   | Killed an ancient lich
136615 | Zig:25   | Killed an ancient lich
136615 | Zig:25   | Killed an ancient lich
136615 | Zig:25   | Killed an ancient lich
136615 | Zig:25   | Killed a dread lich
136616 | Zig:25   | Killed a dread lich
136616 | Zig:25   | Killed a dread lich
136830 | Zig:25   | Identified the +1 leather armour of the Secret Invaders
                  | {Int+5 SInv}
136844 | Zig:25   | Identified the +9 scale mail "Moesil" {rC+ SInv}
136994 | Zig:25   | Identified the +4 demon blade "Transmigrator" {vamp, *Noise
                  | rElec Int+4 Stlth+}
137094 | Zig:26   | Entered Level 26 of a ziggurat
137127 | Zig:26   | Noticed a dread lich
137134 | Zig:26   | Killed a dread lich
137135 | Zig:26   | Reached skill level 15 in Axes
137161 | Zig:26   | Found the brooch of Shielding {Spirit SH+8}
137532 | Zig:26   | Identified the +0 pair of gloves of the Realm of Zot {rF+}
137533 | Zig:26   | Identified the ring of the Greedy {rC+ Str-2 Int+5 Dex+6
                  | SInv}
137557 | Zig:26   | Identified the ring "Siet" {Fire rPois Str-2 Int-5 SInv}
137571 | Zig:26   | Identified the +4 flail of Maoxuo {antimagic, rElec rPois}
137576 | Zig:26   | Identified the +7 trident of Iwesipam {drain, rN+ Int-5
                  | SInv}
137585 | Zig:26   | Identified the amulet of Bouva {Faith Harm rC+}
137729 | Zig:27   | Entered Level 27 of a ziggurat
138298 | Zig:27   | Found the +9 heavy crossbow "Sniper" {vorpal, Acc+∞ SInv}
138302 | Zig:27   | Identified the +0 robe of Stoicism {rPois rN+}
138311 | Zig:27   | Identified the +8 short sword of the Known World {distort,
                  | rCorr Str-4 Int-2 Dex+6}
138326 | Zig:27   | Identified the amulet of Miabrun {Reflect SH+5 SInv}
138346 | Zig:27   | Identified the ring "Wodaemez" {rPois rCorr Int+5 SInv}
138354 | Zig:27   | Identified the ring of Wezisys {rCorr MP+9}
138384 | Zig:27   | Identified the ring "Hatynome" {rCorr Int+5}
138498 | Zig:27   | Acquired 797 gold pieces
138828 | D:5      | Bought 6 silver javelins for 187 gold pieces
139101 | Zig:1    | Entered Level 1 of a ziggurat
139163 | Zig:2    | Entered Level 2 of a ziggurat
139307 | Zig:3    | Entered Level 3 of a ziggurat
139310 | Zig:3    | Paralysed by a wendigo for 1 turns
139515 | Zig:4    | Entered Level 4 of a ziggurat
139552 | Zig:4    | Identified the +3 hand axe "Lixzirat" {chaos, rPois Str+5
                  | Int+3 Dex-5}
139714 | Zig:4    | Acquired 1243 gold pieces
139723 | Zig:5    | Entered Level 5 of a ziggurat
139727 | Zig:5    | Noticed Myeklaf the pandemonium lord
139732 | Zig:5    | Killed Myeklaf the pandemonium lord
139916 | Zig:5    | Identified the +10 flail of Doom {holy, *Noise Fly rF+}
139928 | Zig:6    | Entered Level 6 of a ziggurat
139937 | Zig:6    | Reached skill level 5 in Air Magic
140065 | Zig:6    | Identified the +7 whip of Ero Vok {vorpal, rElec rC++
                  | rCorr}
140069 | Zig:6    | Identified the +6 halberd "Uzamiaz" {antimagic, rElec Will-
                  | Str+3}
140072 | Zig:6    | Identified the +7 whip of Eternal Night {flame, rPois
                  | Dex+2}
140262 | Zig:7    | Entered Level 7 of a ziggurat
140460 | Zig:7    | Identified the +5 short sword "Wanuwk" {speed, rF- rC+
                  | Int+3 Stlth+}
140552 | Zig:8    | Entered Level 8 of a ziggurat
140563 | Zig:8    | Reached skill level 10 in Staves
140671 | Zig:8    | Identified the +1 cloak of Epraacle {rPois Slay+2}
140687 | Zig:8    | Reached skill level 10 in Air Magic
140699 | Zig:8    | Learned a level 8 spell: Disjunction
140701 | Zig:9    | Entered Level 9 of a ziggurat
140713 | Zig:9    | Found the +5 lochaber axe {reach-cleave, poleaxe}
140843 | Zig:10   | Entered Level 10 of a ziggurat
140961 | Zig:10   | Identified the ring "Daxoaca" {rElec rN+}
140962 | Zig:10   | Identified the amulet "Cour" {RegenMP Harm +Inv Str+2}
140963 | Zig:10   | Identified the ring "Suviul" {MP+9 Slay+3}
140990 | Zig:11   | Entered Level 11 of a ziggurat
140994 | Zig:11   | Identified the +7 tower shield "Geutiduh" {rF+ rC++ Dex-2
                  | SInv}
141154 | Zig:11   | Identified the +8 shortbow of Sipsoigo {vorpal, rF+ Str+5}
141213 | Zig:11   | Acquired 682 gold pieces
141229 | Zig:12   | Entered Level 12 of a ziggurat
141474 | Zig:12   | Identified the +1 scale mail of Qenoi {-Tele Str+4 Slay+3
                  | SInv}
141502 | Zig:13   | Entered Level 13 of a ziggurat
141517 | Zig:13   | Found the +8 whip "Snakebite" {venom, curare, rPois}
141677 | Zig:13   | Identified the +6 ring mail "Ulakahed" {+Inv rN+ Int-4
                  | Dex+4}
141686 | Zig:13   | Identified the +11 great mace "Pyulen" {venom, Str-4 Dex+7}
141687 | Zig:13   | Identified the ring of Fonwy {rElec rC+ Will+}
141703 | Zig:13   | Identified the ring of Neiwufri {rC+ Dex+6}
141794 | Zig:14   | Entered Level 14 of a ziggurat
141808 | Zig:14   | Reached skill level 15 in Air Magic
141810 | Zig:14   | Found the +9 scales of the Dragon King {rPois rF+ rC+
                  | Will+}
141968 | Zig:14   | Identified the +6 hand axe of Diazog {speed, rPois Str+3}
141970 | Zig:14   | Identified the +5 mace of Venih {vorpal, rPois rN+}
141984 | Zig:14   | Identified the amulet of Buguar {Spirit Regen+ Slay+3 SInv}
142023 | Zig:15   | Entered Level 15 of a ziggurat
142036 | Zig:15   | Noticed Ututeb the pandemonium lord
142040 | Zig:15   | Killed Ututeb the pandemonium lord
142193 | Zig:15   | Identified the +4 morningstar "Orb Guardian's Foe" {vorpal,
                  | Stlth+}
142231 | Zig:15   | Identified the +1 plate armour of Elonkump {rElec rC+ Str-2
                  | Int+2}
142232 | Zig:15   | Identified the ring of the Meadowlark {Wiz Dex+3 Slay+2}
142334 | Zig:16   | Entered Level 16 of a ziggurat
142334 | Zig:16   | Noticed a royal mummy
142338 | Zig:16   | Killed a royal mummy
142339 | Zig:16   | Noticed a royal mummy
142339 | Zig:16   | Noticed a royal mummy
142340 | Zig:16   | Noticed a royal mummy
142342 | Zig:16   | Killed a royal mummy
142345 | Zig:16   | Noticed a royal mummy
142346 | Zig:16   | Killed a royal mummy
142346 | Zig:16   | Killed a royal mummy
142346 | Zig:16   | Noticed a royal mummy
142347 | Zig:16   | Noticed a royal mummy
142349 | Zig:16   | Killed a royal mummy
142349 | Zig:16   | Noticed a royal mummy
142350 | Zig:16   | Killed a royal mummy
142350 | Zig:16   | Noticed a royal mummy
142351 | Zig:16   | Noticed a royal mummy
142352 | Zig:16   | Killed a royal mummy
142353 | Zig:16   | Killed a royal mummy
142355 | Zig:16   | Killed a royal mummy
142355 | Zig:16   | Killed a royal mummy
142520 | Zig:16   | Found the ring of the Octopus King
142660 | Zig:16   | Identified the +4 dagger "Vuudi" {vorpal, rF+ Will+ Str+4
                  | Dex+4}
142730 | Zig:16   | Identified a ring of the Octopus King {rC+ HP+2 AC+2 EV+2
                  | SH+2}
142760 | Zig:17   | Entered Level 17 of a ziggurat
142969 | Zig:17   | Identified the +7 ring mail of Classification {Str+3}
143096 | Zig:18   | Entered Level 18 of a ziggurat
143098 | Zig:18   | Noticed a royal mummy
143102 | Zig:18   | Noticed a royal mummy
143102 | Zig:18   | Noticed a royal mummy
143103 | Zig:18   | Noticed a royal mummy
143104 | Zig:18   | Killed a royal mummy
143104 | Zig:18   | Noticed a royal mummy
143104 | Zig:18   | Noticed a royal mummy
143105 | Zig:18   | Killed a royal mummy
143105 | Zig:18   | Noticed a royal mummy
143106 | Zig:18   | Noticed a royal mummy
143107 | Zig:18   | Noticed a royal mummy
143107 | Zig:18   | Noticed a royal mummy
143108 | Zig:18   | Killed a royal mummy
143108 | Zig:18   | Noticed a royal mummy
143109 | Zig:18   | Killed a royal mummy
143110 | Zig:18   | Noticed a royal mummy
143110 | Zig:18   | Killed a royal mummy
143111 | Zig:18   | Killed a royal mummy
143111 | Zig:18   | Killed a royal mummy
143112 | Zig:18   | Reached skill level 27 in Translocations
143112 | Zig:18   | Killed a royal mummy
143112 | Zig:18   | Killed a royal mummy
143112 | Zig:18   | Killed a royal mummy
143112 | Zig:18   | Killed a royal mummy
143112 | Zig:18   | Noticed a royal mummy
143114 | Zig:18   | Killed a royal mummy
143116 | Zig:18   | Noticed a royal mummy
143119 | Zig:18   | Killed a royal mummy
143133 | Zig:18   | Killed a royal mummy
143249 | Zig:18   | Found the ring of the Octopus King
143254 | Zig:18   | Found the amulet of Vitality {RegenMP++ Regen++}
143256 | Zig:18   | Found the +7 mace of Variability {chain chaos}
143516 | Zig:18   | Identified the ring of Twilight {MP+9 Dex+3}
143520 | Zig:18   | Identified the +1 ring mail of the Butcher {-Tele Dex+5
                  | Slay+5}
143522 | Zig:18   | Identified a ring of the Octopus King {HP+2 MP+9 AC+2 EV+2
                  | SH+2}
143539 | Zig:18   | Identified the +8 shortbow of Departure {venom, Contam rF++
                  | Int-3 Dex+8}
143625 | Zig:19   | Entered Level 19 of a ziggurat
143640 | Zig:19   | Noticed an ancient lich
143643 | Zig:19   | Killed an ancient lich
143648 | Zig:19   | Found the +5 scythe "Finisher" {speed, eviscerate}
143850 | Zig:19   | Identified the +3 scale mail of the Unseen Realm {Int+4}
143858 | Zig:19   | Identified the +1 robe of Ulyfah {MP-9 Dex+6}
143859 | Zig:19   | Identified the +2 quick blade "Atey" {vamp, rElec rPois
                  | Str+3 Int-5}
143860 | Zig:19   | Identified the ring "Voneiw" {MP+9 Str+6}
143863 | Zig:19   | Identified the amulet of Ru, Supporting {RegenMP rF+ rC-
                  | Will+ Int+5}
144044 | Zig:19   | Identified the +10 lajatang "Zesaot" {freeze, Int+7}
144053 | Zig:20   | Entered Level 20 of a ziggurat
144062 | Zig:20   | Noticed yaoilover's ghost (veteran MiBe)
144062 | Zig:20   | Noticed Gemnonof's ghost (adept DgCj)
144063 | Zig:20   | Noticed frimble's ghost (adept DsGl)
144063 | Zig:20   | Noticed Teaz Xo Upt's ghost (legendary GnFE)
144064 | Zig:20   | Noticed reasonance's ghost (legendary HOMo)
144064 | Zig:20   | Noticed Waohesse's ghost (legendary VSFi)
144064 | Zig:20   | Noticed Talannal's ghost (legendary GnHW)
144065 | Zig:20   | Noticed Veodywke's ghost (legendary MiBe)
144067 | Zig:20   | Noticed Xaowkis's ghost (legendary GnWr)
144067 | Zig:20   | Noticed WeeknightWizard's ghost (veteran DEFE)
144068 | Zig:20   | Killed Gemnonof's ghost
144069 | Zig:20   | Killed Teaz Xo Upt's ghost
144069 | Zig:20   | Noticed lukano's ghost (legendary GrFi)
144069 | Zig:20   | Noticed Piginabag's ghost (legendary DsSk)
144070 | Zig:20   | Noticed Gucom's ghost (veteran GnFi)
144070 | Zig:20   | Noticed reasonance's ghost (legendary HOMo)
144070 | Zig:20   | Noticed andrewp's ghost (veteran MiBe)
144070 | Zig:20   | Noticed Denobboc's ghost (legendary OpMo)
144070 | Zig:20   | Noticed Ikusitist's ghost (legendary NaFE)
144070 | Zig:20   | Noticed Zonian's ghost (legendary HOFi)
144070 | Zig:20   | Killed yaoilover's ghost
144070 | Zig:20   | Noticed BerryKnight's ghost (legendary DgFi)
144070 | Zig:20   | Noticed stevelinton's ghost (legendary KoBe)
144071 | Zig:20   | Killed frimble's ghost
144072 | Zig:20   | Killed WeeknightWizard's ghost
144072 | Zig:20   | Noticed strangelove's ghost (master GrEE)
144073 | Zig:20   | Noticed Talannal's ghost (legendary GnHW)
144073 | Zig:20   | Noticed Zachydoop's ghost (veteran MiGl)
144074 | Zig:20   | Killed Talannal's ghost
144075 | Zig:20   | Killed Xaowkis's ghost
144075 | Zig:20   | Killed Waohesse's ghost
144075 | Zig:20   | Noticed Zoplarin's ghost (legendary BaSk)
144075 | Zig:20   | Noticed Ashen's ghost (legendary DsIE)
144076 | Zig:20   | Killed strangelove's ghost
144076 | Zig:20   | Noticed Huju's ghost (legendary HOFi)
144077 | Zig:20   | Killed Gucom's ghost
144077 | Zig:20   | Killed andrewp's ghost
144077 | Zig:20   | Killed Denobboc's ghost
144078 | Zig:20   | Noticed meatyocre's ghost (veteran TrFi)
144078 | Zig:20   | Noticed Likado's ghost (legendary GnSk)
144079 | Zig:20   | Killed Zachydoop's ghost
144079 | Zig:20   | Noticed Himmaryad's ghost (adept TrMo)
144079 | Zig:20   | Noticed meatyocre's ghost (veteran TrFi)
144079 | Zig:20   | Noticed WiseOSalty's ghost (legendary TrGl)
144079 | Zig:20   | Killed Talannal's ghost
144081 | Zig:20   | Killed stevelinton's ghost
144083 | Zig:20   | Killed reasonance's ghost
144084 | Zig:20   | Killed meatyocre's ghost
144085 | Zig:20   | Killed Himmaryad's ghost
144086 | Zig:20   | Killed Piginabag's ghost
144086 | Zig:20   | Killed Zonian's ghost
144087 | Zig:20   | Killed meatyocre's ghost
144087 | Zig:20   | Killed Likado's ghost
144087 | Zig:20   | Killed Ikusitist's ghost
144087 | Zig:20   | Killed Zoplarin's ghost
144088 | Zig:20   | Killed lukano's ghost
144089 | Zig:20   | Killed WiseOSalty's ghost
144091 | Zig:20   | Killed reasonance's ghost
144096 | Zig:20   | Killed BerryKnight's ghost
144110 | Zig:20   | Killed Huju's ghost
144117 | Zig:20   | Killed Veodywke's ghost
144133 | Zig:20   | Killed Ashen's ghost
144340 | Zig:20   | Identified the ring of No Interval {Wiz rElec rN++ Str-3
                  | Int+4}
144345 | Zig:20   | Identified the +8 spear of Uskayaw {venom, Will+}
144349 | Zig:20   | Identified the +5 plate armour "Xaecli" {rC+}
144355 | Zig:20   | Identified the +4 morningstar of the Middle {spect, rC+
                  | Str-3 Int+4}
144366 | Zig:20   | Identified the +7 longbow of Extremism {flame, Int+5 SInv}
144497 | Zig:21   | Entered Level 21 of a ziggurat
144519 | Zig:21   | Found the +4 dagger "Morg" {pain, Will+ Int+5}
144673 | Zig:21   | Identified the +2 robe of Vanity {Will+}
144681 | Zig:21   | Identified the +1 plate armour of Dim Light {Will+ MP-9
                  | Str+3}
144685 | Zig:21   | Identified the +0 cloak "Qawed" {rElec}
144692 | Zig:21   | Identified the amulet "Diczaups" {RegenMP Rampage +Inv
                  | Stlth-}
144701 | Zig:21   | Identified the amulet "Vecluisa" {Reflect rPois rF++ Will+
                  | rCorr SH+5}
144711 | Zig:21   | Identified the +0 pair of gloves of Wuongiss {Rampage +Inv
                  | Str-4 Dex+4}
144718 | Zig:21   | Identified the +3 ring mail "Xaqoob" {Str+6 Int+5}
144893 | Zig:22   | Entered Level 22 of a ziggurat
144898 | Zig:22   | Noticed Kisuemm the pandemonium lord
144917 | Zig:22   | Killed Kisuemm the pandemonium lord
144918 | Zig:22   | Noticed Qenup the pandemonium lord
144919 | Zig:22   | Noticed Annuu the pandemonium lord
144920 | Zig:22   | Noticed Koef the pandemonium lord
144920 | Zig:22   | Noticed Uliroun the pandemonium lord
144922 | Zig:22   | Noticed Jaefeqim the pandemonium lord
144922 | Zig:22   | Noticed Ceotuoki the pandemonium lord
144922 | Zig:22   | Noticed Vaara the pandemonium lord
144923 | Zig:22   | Noticed Kedoeph the pandemonium lord
144924 | Zig:22   | Killed Vaara the pandemonium lord
144924 | Zig:22   | Killed Ceotuoki the pandemonium lord
144925 | Zig:22   | Killed Uliroun the pandemonium lord
144925 | Zig:22   | Noticed Xyoz the pandemonium lord
144926 | Zig:22   | Killed Jaefeqim the pandemonium lord
144926 | Zig:22   | Noticed Faprefac the pandemonium lord
144926 | Zig:22   | Noticed Viargh the pandemonium lord
144926 | Zig:22   | Noticed Azabby the pandemonium lord
144927 | Zig:22   | Noticed Veuphin the pandemonium lord
144927 | Zig:22   | Killed Qenup the pandemonium lord
144927 | Zig:22   | Killed Viargh the pandemonium lord
144927 | Zig:22   | Noticed Tucra the pandemonium lord
144927 | Zig:22   | Noticed Hinagac the pandemonium lord
144929 | Zig:22   | Noticed Xonoara the pandemonium lord
144929 | Zig:22   | Noticed Xeacox the pandemonium lord
144930 | Zig:22   | Noticed Loanusan the pandemonium lord
144931 | Zig:22   | Killed Annuu the pandemonium lord
144931 | Zig:22   | Killed Faprefac the pandemonium lord
144931 | Zig:22   | Killed Kedoeph the pandemonium lord
144931 | Zig:22   | Killed Veuphin the pandemonium lord
144931 | Zig:22   | Killed Koef the pandemonium lord
144931 | Zig:22   | Killed Tucra the pandemonium lord
144931 | Zig:22   | Noticed Xiry the pandemonium lord
144932 | Zig:22   | Reached skill level 27 in Transmutations
144932 | Zig:22   | Killed Azabby the pandemonium lord
144932 | Zig:22   | Noticed Voriz the pandemonium lord
144933 | Zig:22   | Noticed Ussoced the pandemonium lord
144933 | Zig:22   | Noticed Zuintoc the pandemonium lord
144934 | Zig:22   | Killed Ussoced the pandemonium lord
144934 | Zig:22   | Killed Xeacox the pandemonium lord
144934 | Zig:22   | Killed Loanusan the pandemonium lord
144934 | Zig:22   | Killed Xyoz the pandemonium lord
144934 | Zig:22   | Noticed Jeatrial the pandemonium lord
144935 | Zig:22   | Killed Hinagac the pandemonium lord
144935 | Zig:22   | Noticed Akhad the pandemonium lord
144935 | Zig:22   | Noticed Hoifuakk the pandemonium lord
144937 | Zig:22   | Killed Jeatrial the pandemonium lord
144938 | Zig:22   | Killed Zuintoc the pandemonium lord
144938 | Zig:22   | Killed Hoifuakk the pandemonium lord
144938 | Zig:22   | Killed Akhad the pandemonium lord
144939 | Zig:22   | Noticed Ocuc the pandemonium lord
144940 | Zig:22   | Noticed Poleg the pandemonium lord
144945 | Zig:22   | Noticed Acao the pandemonium lord
144945 | Zig:22   | Noticed Hohurelug the pandemonium lord
144946 | Zig:22   | Killed Voriz the pandemonium lord
144947 | Zig:22   | Killed Poleg the pandemonium lord
144948 | Zig:22   | Killed Hohurelug the pandemonium lord
144948 | Zig:22   | Killed Acao the pandemonium lord
144948 | Zig:22   | Killed Ocuc the pandemonium lord
144949 | Zig:22   | Noticed Amoyp the pandemonium lord
144949 | Zig:22   | Noticed Wuejef the pandemonium lord
144949 | Zig:22   | Killed Amoyp the pandemonium lord
144950 | Zig:22   | Killed Xiry the pandemonium lord
144955 | Zig:22   | Killed Wuejef the pandemonium lord
144957 | Zig:22   | Killed Xonoara the pandemonium lord
145227 | Zig:22   | Identified the +3 robe of Ignis's Delight {rC+ Str+6 Dex-3}
145228 | Zig:22   | Identified the +4 sling "Keuklat" {venom, Contam rCorr
                  | Dex+3 SInv}
145247 | Zig:22   | Identified the +2 ring mail of the Eternal Void {Regen+
                  | rCorr Str+3}
145249 | Zig:22   | Identified the +4 quarterstaff of the Poles {elec, rC++
                  | Str-5}
145326 | Zig:22   | Learned a level 9 spell: Chain Lightning
145330 | Zig:23   | Entered Level 23 of a ziggurat
145342 | Zig:23   | Reached skill level 27 in Air Magic
145352 | Zig:23   | Reached skill level 10 in Stealth
145356 | Zig:23   | Found the +7 Spriggan's Knife {stab, EV+4 Stlth+}
145432 | Zig:23   | Identified the +1 robe of the Apprentice {rF+++ rC- Will++
                  | Stlth-}
145439 | Zig:23   | Identified the +6 chain mail "Ritheag" {rPois rC+ Int+4
                  | Slay-3}
145508 | Zig:23   | Identified the ring "Yrhillar" {Fly Will+ Slay+2}
145742 | Zig:24   | Entered Level 24 of a ziggurat
145761 | Zig:24   | Reached skill level 15 in Staves
145773 | Zig:24   | Found the necklace of Bloodlust {*Rage Will++ Int-3 Slay+6}
146010 | Zig:24   | Identified the +12 rapier of Contradiction {protect, rCorr}
146011 | Zig:24   | Identified the +9 lajatang of Courage {vorpal, rPois Dex+4}
146069 | Zig:24   | Identified the +10 trident of Forgiveness {drain, rPois rN+
                  | Str+8 Int-5}
146102 | Zig:24   | Identified the amulet "Nirphia" {Faith Fly rElec Str+3}
146165 | Zig:25   | Entered Level 25 of a ziggurat
146176 | Zig:25   | Reached skill level 15 in Stealth
146202 | Zig:25   | Noticed Misunaag the pandemonium lord
146204 | Zig:25   | Killed Misunaag the pandemonium lord
146605 | Zig:25   | Identified the +5 quarterstaff "Xyafuut" {flame, Dex+5}
146606 | Zig:25   | Identified the ring "Kozytzar" {rF+ rCorr Str+6}
146615 | Zig:25   | Identified the +8 short sword "Uzeasokh" {holy, *Rage
                  | Dex+6}
146620 | Zig:25   | Identified the ring "Ineinics" {Will+ rCorr Int+3 Dex+6}
146621 | Zig:25   | Identified the +4 whip "Vaihath" {drain, rElec MP+9}
146633 | Zig:25   | Identified the +6 falchion of Plog {elec, Fly rPois Will+
                  | Dex-4}
146646 | Zig:25   | Acquired 519 gold pieces
146667 | Zig:26   | Entered Level 26 of a ziggurat
146720 | Zig:26   | Found the +8 Wrath of Trog {antimagic, *Rage Rampage}
147048 | Zig:26   | Identified the +6 great sword of Beogh's Reproof {flame,
                  | rF++ rC- rN+ Str+4}
147051 | Zig:26   | Identified the +7 sling "Hahy" {flame, Dex+3}
147052 | Zig:26   | Identified the ring of Vioboq {Ice Will+ Int+4}
147056 | Zig:26   | Identified the +5 mace "Ylogrich" {venom, Str+7}
147057 | Zig:26   | Identified the +1 spear of the Warrior {antimagic, rCorr}
147123 | Zig:27   | Entered Level 27 of a ziggurat
147199 | Zig:27   | Identified the +8 double sword of the Hills {spect, Fragile
                  | rN+ Dex+2}
147225 | Zig:27   | Identified the +7 lajatang of the Tiger {freeze, Will++
                  | Str+2}
147261 | Zig:27   | Identified the +6 rapier of Evolution {venom, rF+}
147265 | Zig:27   | Identified the +4 great sword "Gidghi City" {freeze, rPois
                  | Str+4 Dex-3}
147266 | Zig:27   | Identified the -2 helmet of Vanity {Int+4}
147267 | Zig:27   | Identified the +1 helmet of the Forest {rC- rN++ rCorr}
147273 | Zig:27   | Identified the +2 ring mail "Puestumoa" {rElec rC+++ Regen+
                  | MP-9}
147606 | Zig:1    | Entered Level 1 of a ziggurat
147606 | Zig:1    | Noticed an orb of fire
147611 | Zig:1    | Killed an orb of fire
147620 | Zig:1    | Identified the +8 tower shield "Ytwilyaw" {rPois}
147636 | Zig:2    | Entered Level 2 of a ziggurat
147636 | Zig:2    | Noticed a dread lich
147638 | Zig:2    | Killed a dread lich
147648 | Zig:2    | Identified the ring of Botruliqy {MP-9 Str+6 Int+8 Dex+2}
147652 | Zig:2    | Identified the +4 triple crossbow "Raribrua" {freeze,
                  | +Blink rC+++ rN++ Str-5}
147669 | Zig:3    | Entered Level 3 of a ziggurat
147713 | Zig:4    | Entered Level 4 of a ziggurat
147717 | Zig:4    | Reached skill level 27 in Axes
147783 | Zig:4    | Identified the +6 scale mail of Ignis's Respect {rPois
                  | Will+ Int-5 Dex+2 SInv}
147801 | Zig:5    | Entered Level 5 of a ziggurat
147895 | Zig:6    | Entered Level 6 of a ziggurat
147899 | Zig:6    | Noticed a dread lich
147899 | Zig:6    | Noticed a dread lich
147903 | Zig:6    | Killed a dread lich
147903 | Zig:6    | Killed a dread lich
147959 | Zig:7    | Entered Level 7 of a ziggurat
147959 | Zig:7    | Noticed a royal mummy
147961 | Zig:7    | Noticed a royal mummy
147962 | Zig:7    | Noticed a royal mummy
147962 | Zig:7    | Noticed a royal mummy
147964 | Zig:7    | Killed a royal mummy
147968 | Zig:7    | Killed a royal mummy
147968 | Zig:7    | Killed a royal mummy
147969 | Zig:7    | Killed a royal mummy
148000 | Zig:7    | Identified the +0 scale mail of the Hugging Gods {rElec rF-
                  | rC+++ Dex-3}
148100 | Zig:8    | Entered Level 8 of a ziggurat
148108 | Zig:8    | Reached skill level 27 in Stealth
148109 | Zig:8    | Found the +8 longbow "Zephyr" {speed, Dex+3 SInv}
148228 | Zig:9    | Entered Level 9 of a ziggurat
148231 | Zig:9    | Noticed a dread lich
148232 | Zig:9    | Noticed an ancient lich
148233 | Zig:9    | Noticed a dread lich
148235 | Zig:9    | Noticed an ancient lich
148235 | Zig:9    | Noticed a dread lich
148235 | Zig:9    | Noticed a dread lich
148236 | Zig:9    | Noticed a dread lich
148236 | Zig:9    | Noticed a dread lich
148238 | Zig:9    | Killed a dread lich
148238 | Zig:9    | Killed a dread lich
148239 | Zig:9    | Killed a dread lich
148239 | Zig:9    | Killed an ancient lich
148240 | Zig:9    | Killed an ancient lich
148242 | Zig:9    | Killed a dread lich
148242 | Zig:9    | Killed a dread lich
148242 | Zig:9    | Killed a dread lich
148294 | Zig:9    | Identified the +7 falchion of Ryori {vamp, rElec}
148366 | Zig:10   | Entered Level 10 of a ziggurat
148368 | Zig:10   | Noticed Foygogeu the pandemonium lord
148369 | Zig:10   | Noticed Rivvitz the pandemonium lord
148370 | Zig:10   | Noticed Pojana the pandemonium lord
148370 | Zig:10   | Noticed Naledeap the pandemonium lord
148370 | Zig:10   | Noticed Ryryblihe the pandemonium lord
148371 | Zig:10   | Noticed Luschuodiy the pandemonium lord
148371 | Zig:10   | Noticed Fimpan the pandemonium lord
148372 | Zig:10   | Noticed Bakkonot the pandemonium lord
148373 | Zig:10   | Noticed Xibloadd the pandemonium lord
148374 | Zig:10   | Reached skill level 27 in Staves
148374 | Zig:10   | Killed Rivvitz the pandemonium lord
148374 | Zig:10   | Killed Naledeap the pandemonium lord
148374 | Zig:10   | Killed Ryryblihe the pandemonium lord
148374 | Zig:10   | Killed Luschuodiy the pandemonium lord
148375 | Zig:10   | Reached skill level 1 in Short Blades
148375 | Zig:10   | Reached skill level 1 in Long Blades
148375 | Zig:10   | Reached skill level 1 in Polearms
148375 | Zig:10   | Reached skill level 1 in Unarmed Combat
148375 | Zig:10   | Reached skill level 1 in Hexes
148375 | Zig:10   | Reached skill level 1 in Summonings
148375 | Zig:10   | Reached skill level 1 in Poison Magic
148377 | Zig:10   | Killed Fimpan the pandemonium lord
148377 | Zig:10   | Killed Bakkonot the pandemonium lord
148377 | Zig:10   | Killed Pojana the pandemonium lord
148378 | Zig:10   | Killed Foygogeu the pandemonium lord
148378 | Zig:10   | Killed Xibloadd the pandemonium lord
148381 | Zig:10   | Found the +12 pair of quick blades "Gyre" and "Gimble"
                  | {protect}
148480 | Zig:10   | Identified the +0 quarterstaff "Coycwuem" {vorpal, rC+
                  | rCorr Int+4 Stlth+}
148486 | Zig:10   | Identified the ring "Wiunedgh" {rF+ rCorr Str+4 Dex+2}
148542 | Zig:11   | Entered Level 11 of a ziggurat
148548 | Zig:11   | Reached skill level 5 in Invocations
148553 | Zig:11   | Reached skill level 5 in Maces & Flails
148553 | Zig:11   | Reached skill level 5 in Ranged Weapons
148556 | Zig:11   | Reached skill level 5 in Polearms
148558 | Zig:11   | Reached skill level 5 in Summonings
148597 | Zig:11   | Identified the ring "Ramechel" {Str+4 SInv}
148678 | Zig:12   | Entered Level 12 of a ziggurat
148699 | Zig:12   | Reached skill level 5 in Unarmed Combat
148699 | Zig:12   | Reached skill level 5 in Poison Magic
148765 | Zig:12   | Identified the +2 mace of the Apocalypse {venom, Str+8
                  | Stlth-}
148775 | Zig:12   | Identified the +5 mace of the Final Decision {freeze, rN++}
148793 | Zig:12   | Identified the +7 short sword of Cheibriados's Favour
                  | {drain, Drain rCorr Str+3}
148857 | Zig:13   | Entered Level 13 of a ziggurat
148873 | Zig:13   | Reached skill level 5 in Short Blades
148873 | Zig:13   | Reached skill level 5 in Long Blades
148873 | Zig:13   | Reached skill level 5 in Hexes
148914 | Zig:13   | Identified the amulet "Lialecy" {Faith rN+}
148935 | Zig:13   | Identified the +0 scale mail of Life {rElec rN+ Str+5 SInv}
148941 | Zig:13   | Identified the +4 hand axe "Bauf" {drain, rPois Str+5
                  | Int+3}
149060 | Zig:14   | Entered Level 14 of a ziggurat
149076 | Zig:14   | Reached skill level 10 in Invocations
149086 | Zig:14   | Reached skill level 10 in Maces & Flails
149086 | Zig:14   | Reached skill level 10 in Ranged Weapons
149094 | Zig:14   | Killed a starcursed mass
149223 | Zig:14   | Identified the +1 scale mail of Duck's Teeth {rElec Dex+5
                  | Stlth-}
149230 | Zig:14   | Identified the +9 falchion "Udghor" {flame, rCorr Str+5}
149247 | Zig:14   | Identified the +2 pair of boots "Fuaptastrea" {Will+}
149261 | Zig:14   | Identified the +10 sling of Darkness {vorpal, rPois Str-2
                  | Dex+5}
149324 | Zig:15   | Entered Level 15 of a ziggurat
149329 | Zig:15   | Noticed Aheeluwk the pandemonium lord
149329 | Zig:15   | Noticed Ypaiklomn the pandemonium lord
149329 | Zig:15   | Noticed Ugakh the pandemonium lord
149330 | Zig:15   | Noticed Wabuehui the pandemonium lord
149330 | Zig:15   | Noticed Gofaato the pandemonium lord
149330 | Zig:15   | Noticed Latejieh the pandemonium lord
149331 | Zig:15   | Noticed Sicuz the pandemonium lord
149331 | Zig:15   | Noticed Aduttysa the pandemonium lord
149331 | Zig:15   | Noticed Onaxt the pandemonium lord
149331 | Zig:15   | Noticed Liriem the pandemonium lord
149331 | Zig:15   | Noticed Ubror the pandemonium lord
149331 | Zig:15   | Noticed Wuntot the pandemonium lord
149332 | Zig:15   | Noticed Ulerocid the pandemonium lord
149332 | Zig:15   | Noticed Alaeps the pandemonium lord
149332 | Zig:15   | Noticed Cissuitu the pandemonium lord
149332 | Zig:15   | Noticed Joecw the pandemonium lord
149332 | Zig:15   | Noticed Pufoma the pandemonium lord
149333 | Zig:15   | Noticed Amerch the pandemonium lord
149333 | Zig:15   | Noticed Hockipt the pandemonium lord
149333 | Zig:15   | Noticed Cuxeal the pandemonium lord
149333 | Zig:15   | Noticed Diasonuiha the pandemonium lord
149336 | Zig:15   | Killed Ugakh the pandemonium lord
149337 | Zig:15   | Reached skill level 10 in Polearms
149337 | Zig:15   | Reached skill level 10 in Summonings
149337 | Zig:15   | Killed Gofaato the pandemonium lord
149337 | Zig:15   | Killed Sicuz the pandemonium lord
149337 | Zig:15   | Killed Aduttysa the pandemonium lord
149338 | Zig:15   | Killed Wabuehui the pandemonium lord
149338 | Zig:15   | Killed Ypaiklomn the pandemonium lord
149338 | Zig:15   | Killed Pufoma the pandemonium lord
149338 | Zig:15   | Killed Wuntot the pandemonium lord
149338 | Zig:15   | Killed Aheeluwk the pandemonium lord
149338 | Zig:15   | Killed Latejieh the pandemonium lord
149339 | Zig:15   | Killed Ulerocid the pandemonium lord
149339 | Zig:15   | Killed Joecw the pandemonium lord
149339 | Zig:15   | Killed Liriem the pandemonium lord
149339 | Zig:15   | Killed Ubror the pandemonium lord
149339 | Zig:15   | Killed Cissuitu the pandemonium lord
149339 | Zig:15   | Noticed Ynobach the pandemonium lord
149339 | Zig:15   | Noticed Ecyr the pandemonium lord
149339 | Zig:15   | Noticed Zuof the pandemonium lord
149340 | Zig:15   | Killed Diasonuiha the pandemonium lord
149340 | Zig:15   | Killed Cuxeal the pandemonium lord
149341 | Zig:15   | Killed Ynobach the pandemonium lord
149341 | Zig:15   | Killed Onaxt the pandemonium lord
149341 | Zig:15   | Noticed Agoruh the pandemonium lord
149342 | Zig:15   | Killed Amerch the pandemonium lord
149343 | Zig:15   | Killed Alaeps the pandemonium lord
149350 | Zig:15   | Killed Agoruh the pandemonium lord
149350 | Zig:15   | Killed Zuof the pandemonium lord
149350 | Zig:15   | Killed Ecyr the pandemonium lord
149350 | Zig:15   | Killed Hockipt the pandemonium lord
149459 | Zig:15   | Identified the +5 spear of Impe {venom, Int+4}
149463 | Zig:15   | Identified the +10 scimitar of Abuse {freeze, rCorr}
149487 | Zig:15   | Identified the +0 flail of the Hidden Nights {venom, rElec
                  | rF- Str+6 Dex+4}
149499 | Zig:15   | Identified the ring "Cudot" {Fly Str+3 Dex+2 Stlth+}
149569 | Zig:16   | Entered Level 16 of a ziggurat
149576 | Zig:16   | Noticed a juggernaut
149578 | Zig:16   | Noticed a juggernaut
149579 | Zig:16   | Noticed a juggernaut
149579 | Zig:16   | Noticed a juggernaut
149583 | Zig:16   | Noticed a juggernaut
149584 | Zig:16   | Killed a juggernaut
149585 | Zig:16   | Killed a juggernaut
149585 | Zig:16   | Killed a juggernaut
149585 | Zig:16   | Killed a juggernaut
149586 | Zig:16   | Noticed a juggernaut
149586 | Zig:16   | Noticed a juggernaut
149589 | Zig:16   | Killed a juggernaut
149590 | Zig:16   | Killed a juggernaut
149590 | Zig:16   | Killed a juggernaut
149755 | Zig:16   | Identified the +7 spear of Mourning {flame, +Blink rElec
                  | SInv}
149785 | Zig:16   | Identified the +2 sling of the Endless March {venom, rElec}
149908 | Zig:17   | Entered Level 17 of a ziggurat
149913 | Zig:17   | Noticed an ancient lich
149913 | Zig:17   | Noticed an ancient lich
149914 | Zig:17   | Noticed an ancient lich
149917 | Zig:17   | Noticed an ancient lich
149917 | Zig:17   | Noticed an ancient lich
149917 | Zig:17   | Noticed a dread lich
149917 | Zig:17   | Noticed a dread lich
149919 | Zig:17   | Noticed an ancient lich
149920 | Zig:17   | Noticed an ancient lich
149920 | Zig:17   | Noticed an ancient lich
149920 | Zig:17   | Noticed an ancient lich
149921 | Zig:17   | Noticed an ancient lich
149921 | Zig:17   | Noticed a dread lich
149922 | Zig:17   | Killed an ancient lich
149922 | Zig:17   | Killed an ancient lich
149922 | Zig:17   | Killed an ancient lich
149922 | Zig:17   | Killed an ancient lich
149922 | Zig:17   | Noticed a dread lich
149923 | Zig:17   | Noticed an ancient lich
149923 | Zig:17   | Killed a dread lich
149923 | Zig:17   | Noticed an ancient lich
149924 | Zig:17   | Noticed an ancient lich
149924 | Zig:17   | Noticed an ancient lich
149924 | Zig:17   | Killed an ancient lich
149924 | Zig:17   | Killed a dread lich
149925 | Zig:17   | Reached skill level 10 in Unarmed Combat
149925 | Zig:17   | Reached skill level 10 in Poison Magic
149925 | Zig:17   | Killed an ancient lich
149925 | Zig:17   | Killed a dread lich
149925 | Zig:17   | Killed an ancient lich
149925 | Zig:17   | Killed an ancient lich
149925 | Zig:17   | Killed an ancient lich
149925 | Zig:17   | Killed an ancient lich
149925 | Zig:17   | Killed a dread lich
149925 | Zig:17   | Killed an ancient lich
149926 | Zig:17   | Killed an ancient lich
149930 | Zig:17   | Killed an ancient lich
149931 | Zig:17   | Reached skill level 15 in Invocations
149932 | Zig:17   | Killed an ancient lich
149960 | Zig:17   | Identified the +0 plate armour "Enatunn" {Str+2 Int-2
                  | Slay+2}
149961 | Zig:17   | Identified the +3 plate armour of the Present {Int+7 Slay+2
                  | SInv}
149964 | Zig:17   | Identified the amulet of Ytaruff {rF+ Regen+ rCorr}
149965 | Zig:17   | Identified the +4 spear of Fedhas's Hatred {drain, rElec
                  | Dex+4}
149971 | Zig:17   | Identified the +4 spear of Balance {elec, Fly rElec Will-
                  | Dex+3}
149972 | Zig:17   | Identified the +6 spear "Ofyimust" {pain, Str+2 Dex+4}
149976 | Zig:17   | Identified the ring "Xoopaem" {rF+ AC+4}
149982 | Zig:17   | Identified the +1 falchion "Qavoh" {holy, *Noise rCorr
                  | Str+5}
150206 | Zig:18   | Entered Level 18 of a ziggurat
150224 | Zig:18   | Reached skill level 15 in Maces & Flails
150224 | Zig:18   | Reached skill level 10 in Hexes
150226 | Zig:18   | Reached skill level 10 in Short Blades
150226 | Zig:18   | Reached skill level 10 in Long Blades
150287 | Zig:18   | Noticed Qaidorich the pandemonium lord
150298 | Zig:18   | Killed Qaidorich the pandemonium lord
150442 | Zig:18   | Identified the ring of Lunwekoqigg {Wiz rElec rCorr MP-9
                  | Dex+2}
150626 | Zig:19   | Entered Level 19 of a ziggurat
150645 | Zig:19   | Reached skill level 15 in Polearms
150645 | Zig:19   | Reached skill level 15 in Summonings
150646 | Zig:19   | Reached skill level 15 in Ranged Weapons
150699 | Zig:19   | Identified the ring of Nuthruc {Will+ rCorr}
150712 | Zig:19   | Identified the +0 plate armour of Polish {rC+ Stlth+}
150722 | Zig:19   | Identified the ring of Xom's Amusement {*Corrode MP+9
                  | Int+8}
150994 | Zig:20   | Entered Level 20 of a ziggurat
151041 | Zig:20   | Found the ring of the Octopus King
151223 | Zig:20   | Identified a ring of the Octopus King {rCorr HP+2 AC+2 EV+2
                  | SH+2}
151225 | Zig:20   | Identified the ring of the Barracuda {Ice Str+4 Stlth+}
151228 | Zig:20   | Identified the +5 scale mail of Corphoir {Int-2 Slay+6}
151231 | Zig:20   | Identified the +1 pair of gloves "Dantif" {rC+ Dex+4}
151239 | Zig:20   | Identified the +5 short sword of the Endless Leylines
                  | {venom, SInv}
151355 | Zig:21   | Entered Level 21 of a ziggurat
151385 | Zig:21   | Found the +11 plutonium sword {Contam Stlth-}
151415 | Zig:21   | Identified the +4 morningstar "Aplof" {vamp, rPois rN+}
151437 | Zig:21   | Identified the +3 rapier of Moloik {drain, rC+}
151439 | Zig:21   | Identified the +1 leather armour of the Eight Xalams {rC-
                  | rCorr Int+3}
151440 | Zig:21   | Identified the +6 rapier of the Wolf {antimagic, rF- Will+
                  | Str+2 Int+4}
151447 | Zig:21   | Identified the +8 war axe "Zuguni" {drain, rElec rC+++
                  | Will- Str+2}
151449 | Zig:21   | Identified the +11 short sword of the Establishment {holy,
                  | rF+ rC+ rN+}
151457 | Zig:21   | Identified the +0 war axe of the Seer {drain, SInv}
151736 | Zig:21   | Acquired 1240 gold pieces
151746 | Zig:22   | Entered Level 22 of a ziggurat
151789 | Zig:22   | Found the +10 morningstar "Eos" {elec, Halo rElec}
152010 | Zig:22   | Identified the +4 flail of Sott {venom, +Blink rC+ Str+6}
152015 | Zig:22   | Identified the amulet "Panuopt" {RegenMP +Blink rPois Int-5
                  | Dex+4}
152016 | Zig:22   | Identified the +5 spear of Cowardice {vorpal, rN++ Dex+3}
152019 | Zig:22   | Identified the +6 rapier of Impatience {freeze, rF- rN+++
                  | Str-5 Int+6}
152024 | Zig:22   | Identified the +5 rapier "Gitreb" {venom, Str+2}
152025 | Zig:22   | Identified the ring "Deekhlydgh" {rF+ MP+9 SInv}
152162 | Zig:23   | Entered Level 23 of a ziggurat
152184 | Zig:23   | Reached skill level 15 in Unarmed Combat
152184 | Zig:23   | Reached skill level 15 in Poison Magic
152246 | Zig:23   | Identified the +3 hand axe of Leac {flame, rN+}
152270 | Zig:23   | Identified the -2 cloak "Petzoc" {Rampage rElec rF-}
152273 | Zig:23   | Identified the +3 quarterstaff of Ostrenlu {elec, Int+2}
152321 | Zig:23   | Identified the ring "Gesh" {rF+ Str+4}
152339 | Zig:23   | Identified the ring of Pete {Dex-3 Slay+5 SInv}
152365 | Zig:23   | Identified the +7 demon whip "Nantaja" {venom, Contam rPois
                  | Str-3 SInv}
152670 | Zig:24   | Entered Level 24 of a ziggurat
152707 | Zig:24   | Reached skill level 15 in Hexes
152707 | Zig:24   | Identified the +1 tower shield "Hafig" {rC+}
152709 | Zig:24   | Identified the +10 tower shield "Rihywa" {rF+}
152709 | Zig:24   | Identified the +5 tower shield "Faonn" {rPois Will++}
152712 | Zig:24   | Reached skill level 15 in Short Blades
152712 | Zig:24   | Reached skill level 15 in Long Blades
152956 | Zig:24   | Identified the +8 halberd "Oryuts" {drain, rN+ Int+3}
152960 | Zig:24   | Identified the +6 trident "Cedoomy" {drain, Int+3 Dex+3}
152961 | Zig:24   | Identified the ring of Joir {Int+6 Dex+3 Slay+3}
152963 | Zig:24   | Identified the amulet of Gynlis {Spirit *Slow +Blink rElec
                  | Stlth-}
152966 | Zig:24   | Identified the ring of Xaroxas {*Corrode rElec rPois Int+2}
153092 | Zig:25   | Entered Level 25 of a ziggurat
153121 | Zig:25   | Noticed a dread lich
153121 | Zig:25   | Noticed an ancient lich
153122 | Zig:25   | Noticed an ancient lich
153132 | Zig:25   | Killed an ancient lich
153137 | Zig:25   | Found the +6 Majin-Bo {vamp, MP+6 Int+6}
153138 | Zig:25   | Killed a dread lich
153163 | Zig:25   | Killed an ancient lich
153468 | Zig:25   | Identified the +1 battleaxe "Sezist" {venom, +Blink rPois
                  | rC++ Dex-4}
153477 | Zig:25   | Identified the +2 halberd "Waxoel" {flame, Dex+4}
153578 | Zig:26   | Entered Level 26 of a ziggurat
153610 | Zig:26   | Found the +8 storm bow {elec, penet}
153623 | Zig:26   | Identified the +5 scimitar of the Lonely Violins {vorpal,
                  | rN+ Str+6}
153829 | Zig:26   | Identified the +0 ring mail of the Learner {Rampage}
153904 | Zig:26   | Identified the ring "Muebrena" {Ice rN+ Str+4 Dex+3}
153936 | Zig:26   | Identified the +7 long sword of Ecyjekk {flame, Dex+3}
154087 | Zig:27   | Entered Level 27 of a ziggurat
154135 | Zig:27   | Found the +8 mithril axe "Arga" {speed, Will+}
154198 | Zig:27   | Identified the +5 falchion of Fedhas's Generosity {flame,
                  | rElec rPois Will+}
154204 | Zig:27   | Identified the +10 arbalest of Gluttony {elec, Will+}
154210 | Zig:27   | Identified the ring of Xom's Entertainment {Fly Str+2}
154311 | Zig:27   | Identified the +6 flail of Ash {antimagic, rElec Str+2}
154759 | Zig:1    | Entered Level 1 of a ziggurat
154783 | Zig:2    | Entered Level 2 of a ziggurat
154849 | Zig:3    | Entered Level 3 of a ziggurat
154920 | Zig:4    | Entered Level 4 of a ziggurat
154925 | Zig:4    | Paralysed by you for 5 turns
155018 | Zig:5    | Entered Level 5 of a ziggurat
155127 | Zig:6    | Entered Level 6 of a ziggurat
155204 | Zig:6    | Identified the +4 rapier "Ninlonossy" {vamp, +Blink Int+6
                  | Dex-2 Stlth+}
155205 | Zig:6    | Identified the ring "Ynekeqaff" {+Blink AC+4 Int-3 Slay+3}
155217 | Zig:6    | Identified the +9 demon blade "Mebugedu" {vamp, rPois rF+}
155221 | Zig:6    | Identified the +8 dire flail of Evisceration {vamp, Str+4
                  | Int+7}
155229 | Zig:7    | Entered Level 7 of a ziggurat
155231 | Zig:7    | Noticed a dread lich
155236 | Zig:7    | Killed a dread lich
155270 | Zig:7    | Identified the +6 whip of Fipnagg {speed, Str+4}
155275 | Zig:7    | Identified the +0 robe "Ovetzi Befe" {Int+6}
155279 | Zig:7    | Identified the +6 quarterstaff "Evvesm" {freeze, rC++ rN+
                  | Int-5 SInv}
155286 | Zig:7    | Identified the +9 arbalest "Beetle's Nightmare" {flame, rN+
                  | rCorr Int+3}
155289 | Zig:7    | Identified the +4 scale mail of Blue Skies {rPois}
155352 | Zig:8    | Entered Level 8 of a ziggurat
155582 | Zig:8    | Identified the +9 short sword "Racaceeq" {vorpal, Drain
                  | Int+2 Dex+5}
155590 | Zig:9    | Entered Level 9 of a ziggurat
155688 | Zig:9    | Identified the ring "Cunoa" {Fly rN+ Dex+5}
155689 | Zig:9    | Identified the +6 longbow of Light {venom, Fragile +Blink
                  | rF+ rC+}
155696 | Zig:9    | Identified the +9 plate armour of Sloth {+Blink rPois Str+7
                  | Dex-5}
155699 | Zig:9    | Identified the +6 dagger "Leomunkuk" {freeze, Fly rElec
                  | rC+}
155750 | Zig:9    | Identified the +0 cloak of Qixuvvo {Regen+ MP+9 Str-4
                  | Slay-5}
155755 | Zig:10   | Entered Level 10 of a ziggurat
155924 | Zig:11   | Entered Level 11 of a ziggurat
155931 | Zig:11   | Noticed a juggernaut
155936 | Zig:11   | Killed a juggernaut
155940 | Zig:11   | Found the +3 pair of gauntlets of War {Slay+5}
155987 | Zig:11   | Identified the amulet "Ququgh" {Reflect rF+ SH+5 Stlth+}
156198 | Zig:12   | Entered Level 12 of a ziggurat
156215 | Zig:12   | Found the +3 salamander hide armour {Flames rF++ rC--}
156359 | Zig:12   | Identified the ring "Baucuch" {rCorr Str-5 Int+7 Dex+3}
156396 | Zig:12   | Identified the +5 hand axe "Giantbane" {venom, rF- rC++
                  | rN+++ Stlth-}
156398 | Zig:12   | Identified the ring "Wuifeemo" {rElec rN++ AC+4 Str-4 SInv}
156469 | Zig:13   | Entered Level 13 of a ziggurat
156489 | Zig:13   | Reached skill level 27 in Maces & Flails
156509 | Zig:13   | Found the +3 hat of Pondering {ponderous, Will+ MP+10
                  | Int+5}
156618 | Zig:13   | Identified the +4 short sword of Punishment {spect, Will-
                  | Dex+7}
156623 | Zig:13   | Identified the ring "Muonwi" {Will++ Str+2 Int+6 Dex+4}
156635 | Zig:13   | Identified the +4 mace "Posh" {elec, Dex+2}
156636 | Zig:13   | Identified the +6 scimitar "Xuogix" {freeze, rN+ rCorr
                  | Dex-2}
156691 | Zig:14   | Entered Level 14 of a ziggurat
156913 | Zig:14   | Identified the +6 battleaxe of the First Bones {flame,
                  | Int+9}
156917 | Zig:14   | Identified the +4 scimitar "Vonaod" {speed, rCorr Dex+6}
156922 | Zig:14   | Identified the +2 scimitar of the Fae God {freeze, Fly
                  | rPois rC- SInv}
156923 | Zig:14   | Identified the ring "Sicaag" {rPois rF+ Dex+4}
156929 | Zig:14   | Identified the ring "Xuocuam" {Fly rF+ Will+ Dex+3}
156938 | Zig:14   | Identified the +3 leather armour "Liuted" {rC+ Will- Dex+4}
156981 | Zig:15   | Entered Level 15 of a ziggurat
156984 | Zig:15   | Noticed a royal mummy
156985 | Zig:15   | Noticed a royal mummy
156987 | Zig:15   | Killed a royal mummy
156987 | Zig:15   | Noticed a royal mummy
156987 | Zig:15   | Noticed a royal mummy
156989 | Zig:15   | Noticed a royal mummy
156989 | Zig:15   | Noticed a royal mummy
156989 | Zig:15   | Noticed a royal mummy
156990 | Zig:15   | Killed a royal mummy
156990 | Zig:15   | Noticed a royal mummy
156990 | Zig:15   | Noticed a royal mummy
156990 | Zig:15   | Noticed a royal mummy
156992 | Zig:15   | Noticed a royal mummy
156992 | Zig:15   | Noticed a royal mummy
156993 | Zig:15   | Killed a royal mummy
156993 | Zig:15   | Killed a royal mummy
156993 | Zig:15   | Killed a royal mummy
156993 | Zig:15   | Killed a royal mummy
156993 | Zig:15   | Killed a royal mummy
156993 | Zig:15   | Killed a royal mummy
156993 | Zig:15   | Killed a royal mummy
156993 | Zig:15   | Noticed a royal mummy
156995 | Zig:15   | Killed a royal mummy
156996 | Zig:15   | Noticed a royal mummy
156997 | Zig:15   | Killed a royal mummy
156998 | Zig:15   | Killed a royal mummy
156998 | Zig:15   | Killed a royal mummy
156998 | Zig:15   | Noticed a royal mummy
156998 | Zig:15   | Noticed a royal mummy
157002 | Zig:15   | Killed a royal mummy
157002 | Zig:15   | Killed a royal mummy
157003 | Zig:15   | Killed a royal mummy
157004 | Zig:15   | Noticed a royal mummy
157008 | Zig:15   | Killed a royal mummy
157008 | Zig:15   | Noticed a royal mummy
157009 | Zig:15   | Noticed a royal mummy
157013 | Zig:15   | Killed a royal mummy
157015 | Zig:15   | Killed a royal mummy
157124 | Zig:15   | Identified the ring "Weurgh" {Will+ Dex+2}
157133 | Zig:15   | Identified the ring "Xexacin" {rElec Will+ Dex+4}
157136 | Zig:15   | Identified the +7 falchion of the First Beds {vamp, rF+ rN+
                  | Int+9 Dex-4}
157138 | Zig:15   | Identified the +1 robe "Ojufoink" {rElec Will++ Dex-5
                  | Archmagi}
157349 | Zig:16   | Entered Level 16 of a ziggurat
157374 | Zig:16   | Found the +8 trishula "Condemnation" {holy, anguish, *Noise
                  | Fly rN+}
157589 | Zig:16   | Identified the +6 quarterstaff "Uxkeqaq" {spect, Int+4
                  | Dex+7}
157609 | Zig:16   | Identified the +4 plate armour of Parts Unknown {Harm
                  | Int+4}
157612 | Zig:16   | Identified the +7 falchion of the Twisting Augurer {drain,
                  | rPois Dex+5 Stlth-}
157614 | Zig:16   | Identified the +6 quarterstaff of the Assorted Portals
                  | {vorpal, rPois rCorr Str-3}
157622 | Zig:16   | Identified the +7 quarterstaff of True Grit {spect, *Rage
                  | +Blink rC+}
157663 | Zig:16   | Identified the +4 falchion "Keogashe" {pain, Dex+3}
157676 | Zig:17   | Entered Level 17 of a ziggurat
157682 | Zig:17   | Noticed an ancient lich
157683 | Zig:17   | Noticed an ancient lich
157685 | Zig:17   | Noticed an ancient lich
157688 | Zig:17   | Killed an ancient lich
157688 | Zig:17   | Killed an ancient lich
157688 | Zig:17   | Killed an ancient lich
157692 | Zig:17   | Noticed an ancient lich
157693 | Zig:17   | Killed an ancient lich
157696 | Zig:17   | Noticed an ancient lich
157699 | Zig:17   | Killed an ancient lich
157699 | Zig:17   | Noticed an ancient lich
157701 | Zig:17   | Noticed an ancient lich
157704 | Zig:17   | Killed an ancient lich
157704 | Zig:17   | Killed an ancient lich
157731 | Zig:17   | Found the ring of the Octopus King
157751 | Zig:17   | Identified the +1 leather armour "Esatur" {Regen+ Int+4}
157752 | Zig:17   | Identified the +1 scale mail "Delicass" {rElec rF+ rC++
                  | Int+3}
157754 | Zig:17   | Identified the +4 dagger of Trial by Ordeal {vorpal, rPois
                  | Str+4 Dex+2}
157756 | Zig:17   | Identified the +10 great sword of the Boiling Point {drain,
                  | rN++ Dex-2}
157768 | Zig:17   | Identified the +1 scale mail of Minor Irritation {Rampage
                  | Drain Str+6 Dex+9}
157769 | Zig:17   | Identified a ring of the Octopus King {Wiz HP+2 AC+2 EV+2
                  | SH+2}
157770 | Zig:17   | Identified the +2 chain mail "Woofots" {Stlth+}
157774 | Zig:17   | Identified the +10 great sword "Keorawer" {flame, rElec}
157937 | Zig:18   | Entered Level 18 of a ziggurat
157967 | Zig:18   | Found the +8 orange crystal plate armour {Archmagi, Int+3
                  | Clar}
157968 | Zig:18   | Found the +3 Mad Mage's Maulers {Infuse+∞ RegenMP Int-3}
158174 | Zig:18   | Identified the +8 battleaxe of a Thousand Bounties {freeze,
                  | +Blink Will+ Int+4 Stlth+}
158182 | Zig:18   | Identified the ring of Zoklusk {rPois rC+++ Will- Str+2
                  | Dex+6}
158201 | Zig:18   | Identified the +10 halberd "Ezemyato" {spect, Will+ SInv}
158210 | Zig:18   | Identified the +7 trident "Unwy" {speed, +Blink Str+2}
158216 | Zig:18   | Identified the +3 giant spiked club of Arrival {vorpal,
                  | Will+ Int+2}
158321 | Zig:19   | Entered Level 19 of a ziggurat
158353 | Zig:19   | Noticed Urphumuni the pandemonium lord
158355 | Zig:19   | Killed Urphumuni the pandemonium lord
158370 | Zig:19   | Reached skill level 27 in Invocations
158490 | Zig:19   | Identified the +9 crystal plate armour of Dim Light {rN+
                  | rCorr}
158517 | Zig:19   | Identified the +5 flail "Nuofuhoduc" {freeze, Contam rPois
                  | Int+3}
158635 | Zig:20   | Entered Level 20 of a ziggurat
158643 | Zig:20   | Noticed a juggernaut
158644 | Zig:20   | Noticed a juggernaut
158645 | Zig:20   | Noticed a juggernaut
158647 | Zig:20   | Noticed a juggernaut
158649 | Zig:20   | Noticed a juggernaut
158650 | Zig:20   | Killed a juggernaut
158650 | Zig:20   | Killed a juggernaut
158650 | Zig:20   | Killed a juggernaut
158650 | Zig:20   | Noticed a juggernaut
158651 | Zig:20   | Killed a juggernaut
158651 | Zig:20   | Noticed a juggernaut
158653 | Zig:20   | Noticed a juggernaut
158654 | Zig:20   | Noticed a juggernaut
158655 | Zig:20   | Killed a juggernaut
158656 | Zig:20   | Reached skill level 27 in Polearms
158656 | Zig:20   | Killed a juggernaut
158657 | Zig:20   | Killed a juggernaut
158657 | Zig:20   | Killed a juggernaut
158657 | Zig:20   | Killed a juggernaut
158657 | Zig:20   | Noticed a juggernaut
158658 | Zig:20   | Noticed a juggernaut
158659 | Zig:20   | Noticed a juggernaut
158662 | Zig:20   | Noticed a juggernaut
158663 | Zig:20   | Killed a juggernaut
158663 | Zig:20   | Killed a juggernaut
158664 | Zig:20   | Killed a juggernaut
158665 | Zig:20   | Killed a juggernaut
158989 | Zig:20   | Identified the +3 mace "Mumoref" {pain, *Rage rElec rPois
                  | Int+4}
158991 | Zig:20   | Identified the +7 chain mail of Grace {rPois Str+3}
159026 | Zig:20   | Identified the +5 whip of Caull {vorpal, Int-5 Dex+7}
159032 | Zig:20   | Identified the +0 spear of Aradihun {venom, *Slow rPois
                  | Str+2 Int+3}
159066 | Zig:21   | Entered Level 21 of a ziggurat
159074 | Zig:21   | Noticed Luebbuh the pandemonium lord
159076 | Zig:21   | Noticed Faigh the pandemonium lord
159077 | Zig:21   | Noticed Lunwof the pandemonium lord
159077 | Zig:21   | Noticed Foka the pandemonium lord
159078 | Zig:21   | Noticed Zonuc the pandemonium lord
159079 | Zig:21   | Noticed Oxtich the pandemonium lord
159080 | Zig:21   | Killed Luebbuh the pandemonium lord
159080 | Zig:21   | Noticed Utroptio the pandemonium lord
159081 | Zig:21   | Killed Faigh the pandemonium lord
159081 | Zig:21   | Noticed Poxtoq the pandemonium lord
159082 | Zig:21   | Killed Lunwof the pandemonium lord
159082 | Zig:21   | Killed Oxtich the pandemonium lord
159082 | Zig:21   | Noticed Ugural the pandemonium lord
159082 | Zig:21   | Noticed Qitig the pandemonium lord
159083 | Zig:21   | Noticed Romoitz the pandemonium lord
159083 | Zig:21   | Noticed Iruntec the pandemonium lord
159083 | Zig:21   | Noticed Imeetem the pandemonium lord
159083 | Zig:21   | Noticed Vapoer the pandemonium lord
159083 | Zig:21   | Noticed Gosamej the pandemonium lord
159083 | Zig:21   | Noticed Wuoroetu the pandemonium lord
159084 | Zig:21   | Noticed Viunwikk the pandemonium lord
159084 | Zig:21   | Noticed Foalen the pandemonium lord
159084 | Zig:21   | Noticed Fuil the pandemonium lord
159084 | Zig:21   | Noticed Buec the pandemonium lord
159086 | Zig:21   | Noticed Hycomib the pandemonium lord
159086 | Zig:21   | Noticed Nuawaaw the pandemonium lord
159087 | Zig:21   | Killed Gosamej the pandemonium lord
159087 | Zig:21   | Killed Foka the pandemonium lord
159087 | Zig:21   | Killed Zonuc the pandemonium lord
159087 | Zig:21   | Killed Vapoer the pandemonium lord
159087 | Zig:21   | Killed Utroptio the pandemonium lord
159087 | Zig:21   | Noticed Ockohie the pandemonium lord
159088 | Zig:21   | Noticed Meops the pandemonium lord
159088 | Zig:21   | Noticed Lanul the pandemonium lord
159088 | Zig:21   | Noticed Epsalux the pandemonium lord
159088 | Zig:21   | Killed Buec the pandemonium lord
159088 | Zig:21   | Killed Fuil the pandemonium lord
159088 | Zig:21   | Killed Viunwikk the pandemonium lord
159088 | Zig:21   | Killed Foalen the pandemonium lord
159088 | Zig:21   | Noticed Imofur the pandemonium lord
159089 | Zig:21   | Killed Poxtoq the pandemonium lord
159089 | Zig:21   | Killed Qitig the pandemonium lord
159089 | Zig:21   | Noticed Buf Ciuv the pandemonium lord
159090 | Zig:21   | Noticed Niviuch the pandemonium lord
159090 | Zig:21   | Killed Meops the pandemonium lord
159090 | Zig:21   | Killed Romoitz the pandemonium lord
159090 | Zig:21   | Killed Imeetem the pandemonium lord
159090 | Zig:21   | Killed Wuoroetu the pandemonium lord
159090 | Zig:21   | Killed Ugural the pandemonium lord
159090 | Zig:21   | Noticed Cugucvusk the pandemonium lord
159091 | Zig:21   | Killed Lanul the pandemonium lord
159091 | Zig:21   | Killed Epsalux the pandemonium lord
159091 | Zig:21   | Noticed Ymyqus the pandemonium lord
159092 | Zig:21   | Killed Iruntec the pandemonium lord
159092 | Zig:21   | Noticed Carail the pandemonium lord
159093 | Zig:21   | Noticed Foarch the pandemonium lord
159093 | Zig:21   | Killed Hycomib the pandemonium lord
159093 | Zig:21   | Killed Nuawaaw the pandemonium lord
159093 | Zig:21   | Killed Imofur the pandemonium lord
159093 | Zig:21   | Noticed Qiaxkum the pandemonium lord
159094 | Zig:21   | Noticed Fydoh the pandemonium lord
159094 | Zig:21   | Noticed Vepaov the pandemonium lord
159096 | Zig:21   | Noticed Rosead the pandemonium lord
159097 | Zig:21   | Killed Buf Ciuv the pandemonium lord
159097 | Zig:21   | Killed Niviuch the pandemonium lord
159097 | Zig:21   | Killed Ockohie the pandemonium lord
159097 | Zig:21   | Killed Cugucvusk the pandemonium lord
159097 | Zig:21   | Noticed Uhoerphe the pandemonium lord
159097 | Zig:21   | Noticed Pithroe the pandemonium lord
159098 | Zig:21   | Killed Qiaxkum the pandemonium lord
159098 | Zig:21   | Killed Fydoh the pandemonium lord
159098 | Zig:21   | Killed Ymyqus the pandemonium lord
159099 | Zig:21   | Killed Carail the pandemonium lord
159099 | Zig:21   | Killed Foarch the pandemonium lord
159099 | Zig:21   | Killed Vepaov the pandemonium lord
159100 | Zig:21   | Noticed Itsimitziv the pandemonium lord
159100 | Zig:21   | Noticed Hony the pandemonium lord
159100 | Zig:21   | Noticed Fossiel the pandemonium lord
159100 | Zig:21   | Noticed Duly the pandemonium lord
159100 | Zig:21   | Noticed Juebemp the pandemonium lord
159100 | Zig:21   | Noticed Ruetoefro the pandemonium lord
159100 | Zig:21   | Noticed Ygotoiso the pandemonium lord
159100 | Zig:21   | Noticed Cuafame the pandemonium lord
159101 | Zig:21   | Noticed Yqa Qiwaol the pandemonium lord
159101 | Zig:21   | Killed Itsimitziv the pandemonium lord
159101 | Zig:21   | Noticed Upsaavig the pandemonium lord
159101 | Zig:21   | Noticed Vumo the pandemonium lord
159102 | Zig:21   | Noticed Lytunet the pandemonium lord
159102 | Zig:21   | Noticed Qeysotir the pandemonium lord
159102 | Zig:21   | Noticed Wunita Vani the pandemonium lord
159102 | Zig:21   | Noticed Cuxid the pandemonium lord
159102 | Zig:21   | Noticed Caosaqei the pandemonium lord
159103 | Zig:21   | Noticed Heomoc the pandemonium lord
159104 | Zig:21   | Noticed Wipaur the pandemonium lord
159104 | Zig:21   | Noticed Dupt the pandemonium lord
159105 | Zig:21   | Killed Yqa Qiwaol the pandemonium lord
159105 | Zig:21   | Killed Rosead the pandemonium lord
159105 | Zig:21   | Killed Vumo the pandemonium lord
159105 | Zig:21   | Killed Juebemp the pandemonium lord
159105 | Zig:21   | Killed Cuxid the pandemonium lord
159105 | Zig:21   | Killed Ygotoiso the pandemonium lord
159105 | Zig:21   | Killed Uhoerphe the pandemonium lord
159105 | Zig:21   | Killed Upsaavig the pandemonium lord
159106 | Zig:21   | Killed Pithroe the pandemonium lord
159106 | Zig:21   | Killed Lytunet the pandemonium lord
159106 | Zig:21   | Killed Wunita Vani the pandemonium lord
159106 | Zig:21   | Noticed Dyhinaco the pandemonium lord
159106 | Zig:21   | Noticed Lieghuett the pandemonium lord
159107 | Zig:21   | Killed Duly the pandemonium lord
159107 | Zig:21   | Killed Fossiel the pandemonium lord
159107 | Zig:21   | Killed Qeysotir the pandemonium lord
159108 | Zig:21   | Killed Ruetoefro the pandemonium lord
159108 | Zig:21   | Noticed Wyloo the pandemonium lord
159109 | Zig:21   | Killed Dupt the pandemonium lord
159110 | Zig:21   | Killed Cuafame the pandemonium lord
159110 | Zig:21   | Noticed Jaci the pandemonium lord
159111 | Zig:21   | Killed Heomoc the pandemonium lord
159111 | Zig:21   | Noticed Poyh the pandemonium lord
159111 | Zig:21   | Noticed Paecw the pandemonium lord
159112 | Zig:21   | Killed Hony the pandemonium lord
159113 | Zig:21   | Killed Caosaqei the pandemonium lord
159115 | Zig:21   | Killed Lieghuett the pandemonium lord
159115 | Zig:21   | Killed Wipaur the pandemonium lord
159116 | Zig:21   | Killed Jaci the pandemonium lord
159116 | Zig:21   | Killed Poyh the pandemonium lord
159116 | Zig:21   | Killed Dyhinaco the pandemonium lord
159117 | Zig:21   | Killed Wyloo the pandemonium lord
159118 | Zig:21   | Killed Paecw the pandemonium lord
159131 | Zig:21   | Found the ring of the Octopus King
159223 | Zig:21   | Found the +6 shillelagh "Devastator" {shatter}
159231 | Zig:21   | Identified the +0 troll leather armour of the Distant
                  | Future {Will+ Regen+}
159236 | Zig:21   | Identified a ring of the Octopus King {HP+2 AC+2 EV+2 SH+2
                  | SInv}
159237 | Zig:21   | Identified the +4 ring mail of Midnight {rPois Int+4}
159241 | Zig:21   | Identified the ring of Darkness {rPois rF+ Str+3}
159251 | Zig:21   | Identified the +2 broad axe of Perversion {freeze, Str-3
                  | Int+2 Dex+3}
159255 | Zig:21   | Identified the ring of Ygurghem {rN+ EV+4}
159268 | Zig:21   | Identified the ring "Garillia" {rPois Will++ AC+4 Int-4
                  | SInv}
159271 | Zig:21   | Identified the +6 trident "Catzesaa" {antimagic, +Blink
                  | Will- Int+6 Dex+2}
159274 | Zig:21   | Identified the +1 plate armour of Nemelex Xobeh {MP+9
                  | Int+3}
159279 | Zig:21   | Identified the +11 whip "Ekloh" {vorpal, rN+ Will++ Stlth+}
159449 | Zig:22   | Entered Level 22 of a ziggurat
159485 | Zig:22   | Found the ring of the Octopus King
159487 | Zig:22   | Reached skill level 27 in Ranged Weapons
159770 | Zig:22   | Identified the +7 rapier of Ilolix {vorpal, Str+2 Int+4}
159772 | Zig:22   | Identified the +6 sling "Ceidyts" {freeze, Str-4 Int+4
                  | SInv}
159797 | Zig:22   | Identified a ring of the Octopus King {rN+ HP+2 AC+2 EV+2
                  | SH+2}
159801 | Zig:22   | Identified the ring "Neup" {Fire Will+ Str-4 Int+4}
159802 | Zig:22   | Identified the +6 hand axe "Fytu" {vorpal, rElec}
159806 | Zig:22   | Identified the +5 short sword "Jelu" {vorpal, Dex+4}
159917 | Zig:22   | Acquired 787 gold pieces
159950 | Zig:23   | Entered Level 23 of a ziggurat
159961 | Zig:23   | Noticed a royal mummy
159962 | Zig:23   | Noticed a royal mummy
159962 | Zig:23   | Noticed a royal mummy
159963 | Zig:23   | Killed a royal mummy
159964 | Zig:23   | Noticed a royal mummy
159964 | Zig:23   | Noticed a royal mummy
159965 | Zig:23   | Noticed a royal mummy
159965 | Zig:23   | Noticed a royal mummy
159966 | Zig:23   | Noticed a royal mummy
159966 | Zig:23   | Noticed a royal mummy
159967 | Zig:23   | Noticed a royal mummy
159967 | Zig:23   | Noticed a royal mummy
159968 | Zig:23   | Killed a royal mummy
159968 | Zig:23   | Killed a royal mummy
159968 | Zig:23   | Killed a royal mummy
159968 | Zig:23   | Killed a royal mummy
159968 | Zig:23   | Noticed a royal mummy
159969 | Zig:23   | Killed a royal mummy
159969 | Zig:23   | Killed a royal mummy
159969 | Zig:23   | Noticed a royal mummy
159970 | Zig:23   | Noticed a royal mummy
159970 | Zig:23   | Noticed a royal mummy
159971 | Zig:23   | Killed a royal mummy
159971 | Zig:23   | Killed a royal mummy
159971 | Zig:23   | Killed a royal mummy
159971 | Zig:23   | Killed a royal mummy
159972 | Zig:23   | Killed a royal mummy
159972 | Zig:23   | Killed a royal mummy
159972 | Zig:23   | Noticed a royal mummy
159973 | Zig:23   | Killed a royal mummy
159973 | Zig:23   | Killed a royal mummy
159973 | Zig:23   | Noticed a royal mummy
159973 | Zig:23   | Noticed a royal mummy
159973 | Zig:23   | Noticed a royal mummy
159974 | Zig:23   | Noticed a royal mummy
159975 | Zig:23   | Killed a royal mummy
159975 | Zig:23   | Noticed a royal mummy
159976 | Zig:23   | Killed a royal mummy
159976 | Zig:23   | Killed a royal mummy
159977 | Zig:23   | Noticed a royal mummy
159977 | Zig:23   | Killed a royal mummy
159977 | Zig:23   | Noticed a royal mummy
159978 | Zig:23   | Noticed a royal mummy
159978 | Zig:23   | Noticed a royal mummy
159979 | Zig:23   | Killed a royal mummy
159979 | Zig:23   | Killed a royal mummy
159979 | Zig:23   | Killed a royal mummy
159980 | Zig:23   | Killed a royal mummy
159980 | Zig:23   | Killed a royal mummy
159981 | Zig:23   | Noticed a royal mummy
159983 | Zig:23   | Killed a royal mummy
159983 | Zig:23   | Noticed a royal mummy
159984 | Zig:23   | Noticed a royal mummy
159984 | Zig:23   | Noticed a royal mummy
159985 | Zig:23   | Noticed a royal mummy
159986 | Zig:23   | Noticed a royal mummy
159987 | Zig:23   | Killed a royal mummy
159987 | Zig:23   | Killed a royal mummy
159987 | Zig:23   | Noticed a royal mummy
159988 | Zig:23   | Killed a royal mummy
159988 | Zig:23   | Killed a royal mummy
159988 | Zig:23   | Noticed a royal mummy
159989 | Zig:23   | Killed a royal mummy
159989 | Zig:23   | Killed a royal mummy
159989 | Zig:23   | Killed a royal mummy
159990 | Zig:23   | Killed a royal mummy
159991 | Zig:23   | Noticed a royal mummy
159991 | Zig:23   | Noticed a royal mummy
159992 | Zig:23   | Noticed a royal mummy
159994 | Zig:23   | Reached skill level 27 in Summonings
159994 | Zig:23   | Noticed a royal mummy
159994 | Zig:23   | Noticed a royal mummy
159995 | Zig:23   | Killed a royal mummy
159997 | Zig:23   | Killed a royal mummy
159997 | Zig:23   | Killed a royal mummy
159998 | Zig:23   | Killed a royal mummy
159998 | Zig:23   | Killed a royal mummy
160052 | Zig:23   | Identified the +1 rapier of the Illusory Knaves {vorpal,
                  | rN++ Stlth+}
160056 | Zig:23   | Identified the +4 robe of the Hidden Vale {rN++ Regen+
                  | Dex-3 Archmagi}
160069 | Zig:23   | Identified the ring "Oluxt" {rN+ rCorr Str+2 Dex+6 Slay+2}
160071 | Zig:23   | Identified the +9 trident "Tojeg" {venom, rC- Dex+5}
160074 | Zig:23   | Identified the +5 longbow of Glory {freeze, Contam rElec
                  | rF+}
160078 | Zig:23   | Identified the +8 quarterstaff of the Scorpion {vorpal,
                  | Drain rPois Int+4 SInv}
160080 | Zig:23   | Identified the +3 crystal plate armour of a volcano {Will+
                  | Int+2}
160481 | Zig:24   | Entered Level 24 of a ziggurat
160508 | Zig:24   | Reached skill level 27 in Unarmed Combat
160508 | Zig:24   | Reached skill level 27 in Poison Magic
160785 | Zig:24   | Identified the +12 flail "Oroffiump" {vorpal, Dex+4}
160791 | Zig:24   | Identified the ring "Qutitid" {rC+ Will+ Dex+6}
160796 | Zig:24   | Identified the ring of Nidenwy {Fire Fly Will+++ Str-2
                  | Stlth-}
160805 | Zig:24   | Identified the +0 leather armour of Gravitas {Int+6 Slay+3}
160813 | Zig:24   | Identified the +7 hand axe of Infection {venom, Will+
                  | Str+4}
160826 | Zig:24   | Identified the +3 scale mail of the Tundras {rF+ Regen+
                  | Stlth+}
160832 | Zig:24   | Identified the +1 robe of Uskayaw's Pride {Harm Str+7}
160926 | Zig:25   | Entered Level 25 of a ziggurat
160941 | Zig:25   | Reached skill level 27 in Short Blades
160948 | Zig:25   | Reached skill level 27 in Hexes
160956 | Zig:25   | Reached skill level 27 in Long Blades
161039 | Zig:25   | Found the +3 woodcutter's axe {vorpal}
161299 | Zig:25   | Identified the +2 scale mail of the Hall of Blades {rPois
                  | Str+4 Stlth+}
161303 | Zig:25   | Identified the +3 plate armour "Ejargh" {Stlth+}
161312 | Zig:25   | Identified the ring "Omuwesch" {rF+ Will+}
161325 | Zig:25   | Identified the +0 ring mail of Vugacro {Str+4}
161389 | Zig:26   | Entered Level 26 of a ziggurat
161710 | Zig:26   | Identified the ring of Delei {Ice Drain Will+++ Int+2}
161711 | Zig:26   | Identified the amulet "Cucuex" {Acrobat Str+3}
161712 | Zig:26   | Identified the +1 helmet of the New World {rC- Int+6
                  | Slay-3}
161722 | Zig:26   | Identified the ring "Yschisowe" {rCorr Int+4}
161732 | Zig:26   | Identified the +8 battleaxe of Ikuibb {vorpal, +Blink rF+
                  | rC-}
161749 | Zig:26   | Identified the +9 hand axe of Sulphur {drain, Int+3}
161887 | Zig:27   | Entered Level 27 of a ziggurat
161941 | Zig:27   | Noticed an ancient lich
161943 | Zig:27   | Killed an ancient lich
161946 | Zig:27   | Noticed an ancient lich
161947 | Zig:27   | Noticed an ancient lich
161949 | Zig:27   | Killed an ancient lich
161950 | Zig:27   | Killed an ancient lich
162204 | Zig:27   | Found the +8 lance "Wyrmbane" {slay drac, rPois rF+ rC+
                  | AC+3}
162211 | Zig:27   | Identified the +1 quarterstaff of Ashenzari, Wizarding
                  | {freeze, Str+3}
162219 | Zig:27   | Identified the +3 ring mail "Xizxinar" {Harm rN+}
162229 | Zig:27   | Identified the +8 spear of Woijurgh {vorpal, rF+ Dex-4 SInv
                  | Stlth+}
162248 | Zig:27   | Identified the +3 leather armour of the Swamp {Dex+5
                  | Stlth+}
162256 | Zig:27   | Identified the +2 spear of Foos {vamp, rPois rC+ Str+2}
162361 | Zig:1    | Entered Level 1 of a ziggurat
162409 | Zig:2    | Entered Level 2 of a ziggurat
162462 | Zig:3    | Entered Level 3 of a ziggurat
162462 | Zig:3    | Found the +2 hat of the Bear Spirit {Spirit, *Rage Will++}
162477 | Zig:3    | Identified the +7 ring mail of the Snake Pit {rC+ Int+2}
162561 | Zig:4    | Entered Level 4 of a ziggurat
162561 | Zig:4    | Found the ring of the Octopus King
162616 | Zig:4    | Identified a ring of the Octopus King {rF+ HP+2 AC+2 EV+2
                  | SH+2}
162618 | Zig:4    | Identified the +1 hat of Dim Light {*Corrode Slay+5 SInv}
162642 | Zig:5    | Entered Level 5 of a ziggurat
162682 | Zig:5    | Identified the +8 battleaxe of Due Proportion {vorpal, rC-
                  | rCorr Int+8}
162764 | Zig:6    | Entered Level 6 of a ziggurat
162851 | Zig:6    | Identified the +0 plate armour "Foch" {Int+3}
162866 | Zig:6    | Identified the amulet of Ninlaq {Reflect Will++ SH+5}
162896 | Zig:7    | Entered Level 7 of a ziggurat
162896 | Zig:7    | Noticed a juggernaut
162896 | Zig:7    | Noticed a juggernaut
162896 | Zig:7    | Noticed a juggernaut
162897 | Zig:7    | Killed a juggernaut
162897 | Zig:7    | Killed a juggernaut
162898 | Zig:7    | Killed a juggernaut
162951 | Zig:7    | Identified the +0 ring mail of the Evil One {Int+4}
163097 | Zig:8    | Entered Level 8 of a ziggurat
163097 | Zig:8    | Noticed Weriejofre the pandemonium lord
163097 | Zig:8    | Noticed Otoy the pandemonium lord
163098 | Zig:8    | Noticed Qasime the pandemonium lord
163098 | Zig:8    | Noticed Iwaurphik the pandemonium lord
163099 | Zig:8    | Noticed Luliof the pandemonium lord
163102 | Zig:8    | Killed Qasime the pandemonium lord
163104 | Zig:8    | Killed Weriejofre the pandemonium lord
163106 | Zig:8    | Killed Luliof the pandemonium lord
163106 | Zig:8    | Killed Iwaurphik the pandemonium lord
163107 | Zig:8    | Killed Otoy the pandemonium lord
163108 | Zig:8    | Noticed Ilaeca the pandemonium lord
163116 | Zig:8    | Killed Ilaeca the pandemonium lord
163224 | Zig:8    | Identified the +3 scale mail of Inevitability {+Blink rN+
                  | Dex-3 Stlth+}
163225 | Zig:8    | Identified the +3 chain mail "Jupteukk" {Rampage MP+9}
163226 | Zig:8    | Identified the +0 leather armour of the Kraken {Harm}
163237 | Zig:8    | Identified the +9 scimitar of the Crafting Gods {drain,
                  | rPois rC+ rN+ Dex+4}
163244 | Zig:8    | Identified the +11 quarterstaff of Jokoz {vorpal, Dex+4}
163266 | Zig:8    | Acquired 627 gold pieces
163282 | Zig:9    | Entered Level 9 of a ziggurat
163386 | Zig:9    | Identified the +4 spear of the Establishment {vorpal, rC+
                  | Dex+3}
163452 | Zig:10   | Entered Level 10 of a ziggurat
163461 | Zig:10   | Paralysed by an air elemental for 1 turns
163475 | Zig:10   | Found the +2 Maxwell's thermic engine {flame, freeze}
163475 | Zig:10   | Found the +3 robe of Clouds {*Thunder rCloud rElec}
163597 | Zig:10   | Identified the ring "Lefaq" {rF+ SInv}
163653 | Zig:11   | Entered Level 11 of a ziggurat
163681 | Zig:11   | Found the amulet of Elemental Vulnerability {rPois rF--
                  | rC-- AC+8}
163801 | Zig:11   | Identified the +9 great mace of Floods {freeze, Dex+2}
163874 | Zig:12   | Entered Level 12 of a ziggurat
163885 | Zig:12   | Found the +4 robe of Folly {Brilliance Will-∞ Int+8}
164073 | Zig:12   | Identified the +3 mace "Wafossom" {elec, rCorr}
164078 | Zig:12   | Identified the +1 spear of Fyago {drain, *Noise rN+ Str+3
                  | SInv}
164079 | Zig:12   | Identified the +7 plate armour of Liberty {Int+3 Dex+3}
164080 | Zig:12   | Identified the amulet of the City {rC+ rN+ Will- Regen+
                  | Int+4}
164086 | Zig:12   | Identified the +6 hand axe of an ossuary {protect, Drain
                  | Int+7}
164127 | Zig:13   | Entered Level 13 of a ziggurat
164132 | Zig:13   | Noticed a dread lich
164133 | Zig:13   | Killed a dread lich
164142 | Zig:13   | Found the +8 Vampire's Tooth {vamp}
164186 | Zig:13   | Identified the +5 hand axe of the Mordant God {vorpal,
                  | +Blink Str+4 Int-3 Dex+4}
164196 | Zig:13   | Identified the +8 arbalest of Unpleasantness {penet,
                  | Fragile rCorr Int-5 Dex+9}
164204 | Zig:13   | Identified the ring "Gefadghan" {rC+ rN+ Will+ Str+5}
164211 | Zig:13   | Identified the +4 whip of Meager Courage {vorpal, Will+
                  | Str+2}
164212 | Zig:13   | Identified the amulet "Silled" {Faith Will+ Regen+ SInv}
164460 | Zig:14   | Entered Level 14 of a ziggurat
164465 | Zig:14   | Noticed an ancient lich
164465 | Zig:14   | Noticed a dread lich
164466 | Zig:14   | Noticed a dread lich
164467 | Zig:14   | Noticed a dread lich
164468 | Zig:14   | Killed an ancient lich
164468 | Zig:14   | Killed a dread lich
164468 | Zig:14   | Killed a dread lich
164468 | Zig:14   | Killed a dread lich
164469 | Zig:14   | Noticed an ancient lich
164470 | Zig:14   | Noticed an ancient lich
164472 | Zig:14   | Noticed an ancient lich
164472 | Zig:14   | Noticed a dread lich
164472 | Zig:14   | Noticed an ancient lich
164474 | Zig:14   | Killed an ancient lich
164474 | Zig:14   | Killed an ancient lich
164475 | Zig:14   | Noticed a dread lich
164475 | Zig:14   | Noticed an ancient lich
164476 | Zig:14   | Killed an ancient lich
164476 | Zig:14   | Killed a dread lich
164476 | Zig:14   | Killed an ancient lich
164477 | Zig:14   | Killed a dread lich
164477 | Zig:14   | Killed an ancient lich
164481 | Zig:14   | Found the +5 robe of Night {Dark Will+ SInv}
164631 | Zig:14   | Identified the ring "Meded" {rC++ AC+4 Dex+2}
164644 | Zig:14   | Identified the +1 robe "Amo Siat" {Regen+ Dex+3}
164672 | Zig:14   | Identified the +1 ring mail of Impatience {rN++ Int+4
                  | Stlth-}
164676 | Zig:14   | Identified the +7 long sword "Lagyur" {protect, Will++
                  | rCorr Int+3 Dex+2}
164775 | Zig:15   | Entered Level 15 of a ziggurat
164777 | Zig:15   | Noticed a royal mummy
164779 | Zig:15   | Noticed a royal mummy
164780 | Zig:15   | Killed a royal mummy
164781 | Zig:15   | Noticed a royal mummy
164781 | Zig:15   | Noticed a royal mummy
164781 | Zig:15   | Noticed a royal mummy
164782 | Zig:15   | Killed a royal mummy
164784 | Zig:15   | Noticed a royal mummy
164785 | Zig:15   | Killed a royal mummy
164785 | Zig:15   | Killed a royal mummy
164785 | Zig:15   | Killed a royal mummy
164785 | Zig:15   | Noticed a royal mummy
164786 | Zig:15   | Noticed a royal mummy
164786 | Zig:15   | Noticed a royal mummy
164787 | Zig:15   | Killed a royal mummy
164787 | Zig:15   | Noticed a royal mummy
164789 | Zig:15   | Noticed a royal mummy
164789 | Zig:15   | Noticed a royal mummy
164790 | Zig:15   | Killed a royal mummy
164790 | Zig:15   | Killed a royal mummy
164790 | Zig:15   | Killed a royal mummy
164791 | Zig:15   | Killed a royal mummy
164791 | Zig:15   | Killed a royal mummy
164792 | Zig:15   | Noticed a royal mummy
164795 | Zig:15   | Killed a royal mummy
164795 | Zig:15   | Killed a royal mummy
164797 | Zig:15   | Noticed a royal mummy
164798 | Zig:15   | Noticed a royal mummy
164801 | Zig:15   | Noticed a royal mummy
164802 | Zig:15   | Killed a royal mummy
164803 | Zig:15   | Killed a royal mummy
164807 | Zig:15   | Killed a royal mummy
164848 | Zig:15   | Identified the +10 longbow "Zuore" {venom, rElec rPois
                  | Int+3}
165167 | Zig:16   | Entered Level 16 of a ziggurat
165177 | Zig:16   | Noticed an ancient lich
165177 | Zig:16   | Noticed an ancient lich
165177 | Zig:16   | Noticed a dread lich
165179 | Zig:16   | Noticed an ancient lich
165180 | Zig:16   | Killed an ancient lich
165180 | Zig:16   | Killed an ancient lich
165181 | Zig:16   | Killed a dread lich
165181 | Zig:16   | Killed an ancient lich
165181 | Zig:16   | Noticed a dread lich
165184 | Zig:16   | Noticed an ancient lich
165185 | Zig:16   | Killed a dread lich
165186 | Zig:16   | Noticed a dread lich
165187 | Zig:16   | Noticed an ancient lich
165189 | Zig:16   | Killed an ancient lich
165189 | Zig:16   | Killed an ancient lich
165189 | Zig:16   | Killed a dread lich
165256 | Zig:16   | Identified the +11 war axe of Okiemnav {drain, Str-2 Dex+7}
165266 | Zig:16   | Identified the +5 scale mail of Gozag {Str+5 Slay+3}
165267 | Zig:16   | Identified the amulet "Xaihy" {Faith Regen+}
165281 | Zig:16   | Identified the +1 plate armour of Beilifon {+Inv rPois}
165388 | Zig:16   | Identified the +8 plate armour of Kymeqeuv {rC+}
165410 | Zig:16   | Identified the +7 falchion "Jocraep" {vorpal, Int+8 Dex-3}
165416 | Zig:16   | Identified the +7 long sword of Paot {freeze, rN+}
165427 | Zig:16   | Identified the +0 pair of boots of Oblivion {rC+ Int+3
                  | Slay-3}
165503 | Zig:17   | Entered Level 17 of a ziggurat
165581 | Zig:17   | Identified the +0 demon whip of the Meager God {pain, rC-
                  | Will++}
165593 | Zig:17   | Identified the +1 chain mail of Absence {Will+ Str+7 Int-5}
165606 | Zig:17   | Identified the +8 quarterstaff of Ocaxko Gokunn {pain, rN+}
165674 | Zig:17   | Identified the amulet "Daaphel" {RegenMP Str+5}
165681 | Zig:17   | Identified the ring of Paranoia {rN+ Dex+3 Stlth+}
165874 | Zig:18   | Entered Level 18 of a ziggurat
165885 | Zig:18   | Noticed an ancient lich
165891 | Zig:18   | Killed an ancient lich
166153 | Zig:18   | Found the +4 moon troll leather armour {Spirit, Regen++
                  | MP+5}
166263 | Zig:18   | Identified the +11 halberd "Kietael" {vorpal, rC+++ rCorr
                  | Str-5 Dex-2}
166293 | Zig:18   | Identified the +1 quarterstaff of Rauqeob {vorpal, +Blink
                  | rF- rCorr}
166305 | Zig:18   | Identified the +7 halberd "Toimiukosiz" {flame, rPois rN+
                  | Dex-5}
166375 | Zig:19   | Entered Level 19 of a ziggurat
166378 | Zig:19   | Noticed a juggernaut
166379 | Zig:19   | Noticed a juggernaut
166381 | Zig:19   | Noticed a juggernaut
166382 | Zig:19   | Killed a juggernaut
166382 | Zig:19   | Noticed a juggernaut
166382 | Zig:19   | Noticed a juggernaut
166384 | Zig:19   | Killed a juggernaut
166385 | Zig:19   | Noticed a juggernaut
166386 | Zig:19   | Killed a juggernaut
166387 | Zig:19   | Noticed a juggernaut
166388 | Zig:19   | Killed a juggernaut
166388 | Zig:19   | Killed a juggernaut
166388 | Zig:19   | Noticed a juggernaut
166390 | Zig:19   | Killed a juggernaut
166390 | Zig:19   | Noticed a juggernaut
166392 | Zig:19   | Killed a juggernaut
166393 | Zig:19   | Noticed a juggernaut
166394 | Zig:19   | Killed a juggernaut
166395 | Zig:19   | Killed a juggernaut
166395 | Zig:19   | Killed a juggernaut
166396 | Zig:19   | Noticed a juggernaut
166402 | Zig:19   | Noticed a juggernaut
166403 | Zig:19   | Noticed a juggernaut
166404 | Zig:19   | Noticed a juggernaut
166405 | Zig:19   | Killed a juggernaut
166405 | Zig:19   | Noticed a juggernaut
166407 | Zig:19   | Killed a juggernaut
166407 | Zig:19   | Killed a juggernaut
166408 | Zig:19   | Noticed a juggernaut
166409 | Zig:19   | Killed a juggernaut
166409 | Zig:19   | Killed a juggernaut
166410 | Zig:19   | Found the +6 lightning scales {swift, rElec}
166411 | Zig:19   | Killed a juggernaut
166482 | Zig:19   | Identified the +5 scimitar "Cenk" {holy, Fragile rPois
                  | Dex+8}
166499 | Zig:19   | Identified the +1 long sword "Gargoyle's Foe" {vamp, Dex+3
                  | Stlth+}
166503 | Zig:19   | Identified the +11 shortbow of Jees {vorpal, rElec}
166511 | Zig:19   | Identified the +3 flail of Psychosis {protect, Str+3}
166933 | Zig:20   | Entered Level 20 of a ziggurat
166977 | Zig:20   | Found the +7 staff of the Meek {protect, meekguard}
167115 | Zig:20   | Identified the +6 spear "Beetleslayer" {flame, Fragile rC+
                  | rN+ Str+3}
167116 | Zig:20   | Identified the +3 whip of Quantum Leap {speed, Int+3}
167122 | Zig:20   | Identified the +3 dagger of the Growing Jester {venom, rF+}
167147 | Zig:20   | Identified the ring of Lowasuock {Fire rPois Str+2}
167239 | Zig:21   | Entered Level 21 of a ziggurat
167250 | Zig:21   | Noticed Naluq the pandemonium lord
167250 | Zig:21   | Noticed Gomepp the pandemonium lord
167251 | Zig:21   | Noticed Ellexkaps the pandemonium lord
167251 | Zig:21   | Noticed Kebodoi the pandemonium lord
167251 | Zig:21   | Noticed Ytemn the pandemonium lord
167252 | Zig:21   | Noticed Otzitamo the pandemonium lord
167252 | Zig:21   | Noticed Homoynn the pandemonium lord
167252 | Zig:21   | Noticed Mibehewkou the pandemonium lord
167252 | Zig:21   | Noticed Enisoemo the pandemonium lord
167253 | Zig:21   | Noticed Avvos the pandemonium lord
167253 | Zig:21   | Noticed Batab the pandemonium lord
167253 | Zig:21   | Noticed Leekulu the pandemonium lord
167253 | Zig:21   | Noticed Wucvajetz the pandemonium lord
167253 | Zig:21   | Noticed Zinatef the pandemonium lord
167254 | Zig:21   | Noticed Dupneaff the pandemonium lord
167254 | Zig:21   | Noticed Buemed the pandemonium lord
167254 | Zig:21   | Noticed Hyafem the pandemonium lord
167254 | Zig:21   | Noticed Ryfor the pandemonium lord
167256 | Zig:21   | Noticed Jokoiv the pandemonium lord
167256 | Zig:21   | Noticed Pofaisua the pandemonium lord
167256 | Zig:21   | Noticed Riumiygi the pandemonium lord
167256 | Zig:21   | Noticed Udghirug the pandemonium lord
167257 | Zig:21   | Noticed Ykasch the pandemonium lord
167257 | Zig:21   | Killed Ytemn the pandemonium lord
167257 | Zig:21   | Killed Avvos the pandemonium lord
167257 | Zig:21   | Killed Kebodoi the pandemonium lord
167257 | Zig:21   | Killed Otzitamo the pandemonium lord
167258 | Zig:21   | Killed Ellexkaps the pandemonium lord
167258 | Zig:21   | Killed Naluq the pandemonium lord
167258 | Zig:21   | Killed Enisoemo the pandemonium lord
167258 | Zig:21   | Killed Mibehewkou the pandemonium lord
167258 | Zig:21   | Killed Gomepp the pandemonium lord
167258 | Zig:21   | Killed Homoynn the pandemonium lord
167258 | Zig:21   | Noticed Vuwkap the pandemonium lord
167259 | Zig:21   | Noticed Kez Xuyhe the pandemonium lord
167259 | Zig:21   | Killed Leekulu the pandemonium lord
167259 | Zig:21   | Killed Batab the pandemonium lord
167259 | Zig:21   | Killed Zinatef the pandemonium lord
167259 | Zig:21   | Killed Buemed the pandemonium lord
167259 | Zig:21   | Killed Ryfor the pandemonium lord
167259 | Zig:21   | Killed Udghirug the pandemonium lord
167259 | Zig:21   | Noticed Gusar the pandemonium lord
167260 | Zig:21   | Killed Wucvajetz the pandemonium lord
167260 | Zig:21   | Killed Kez Xuyhe the pandemonium lord
167260 | Zig:21   | Killed Pofaisua the pandemonium lord
167260 | Zig:21   | Killed Dupneaff the pandemonium lord
167260 | Zig:21   | Noticed Seus the pandemonium lord
167261 | Zig:21   | Killed Jokoiv the pandemonium lord
167261 | Zig:21   | Noticed Nycotaom the pandemonium lord
167261 | Zig:21   | Noticed Duesatoi the pandemonium lord
167261 | Zig:21   | Noticed Veujen the pandemonium lord
167261 | Zig:21   | Noticed Ade Pur the pandemonium lord
167261 | Zig:21   | Noticed Nogoiwed the pandemonium lord
167262 | Zig:21   | Killed Ykasch the pandemonium lord
167262 | Zig:21   | Killed Hyafem the pandemonium lord
167262 | Zig:21   | Noticed Ottywk the pandemonium lord
167263 | Zig:21   | Killed Ade Pur the pandemonium lord
167263 | Zig:21   | Noticed Feuqiwn the pandemonium lord
167263 | Zig:21   | Noticed Quusur the pandemonium lord
167264 | Zig:21   | Killed Riumiygi the pandemonium lord
167264 | Zig:21   | Noticed Kytued the pandemonium lord
167264 | Zig:21   | Noticed Ciguotang the pandemonium lord
167266 | Zig:21   | Noticed Syijogayte the pandemonium lord
167266 | Zig:21   | Killed Nycotaom the pandemonium lord
167266 | Zig:21   | Killed Vuwkap the pandemonium lord
167266 | Zig:21   | Killed Ottywk the pandemonium lord
167266 | Zig:21   | Killed Duesatoi the pandemonium lord
167266 | Zig:21   | Killed Veujen the pandemonium lord
167266 | Zig:21   | Noticed Fielixza the pandemonium lord
167266 | Zig:21   | Noticed Durhafro the pandemonium lord
167266 | Zig:21   | Noticed Velarry the pandemonium lord
167267 | Zig:21   | Noticed Lowkeg the pandemonium lord
167267 | Zig:21   | Killed Kytued the pandemonium lord
167267 | Zig:21   | Killed Seus the pandemonium lord
167267 | Zig:21   | Killed Ciguotang the pandemonium lord
167267 | Zig:21   | Killed Nogoiwed the pandemonium lord
167267 | Zig:21   | Killed Fielixza the pandemonium lord
167268 | Zig:21   | Noticed Noboguh the pandemonium lord
167268 | Zig:21   | Noticed Qafiti the pandemonium lord
167268 | Zig:21   | Noticed Qaugycer the pandemonium lord
167268 | Zig:21   | Noticed Faibayrhit the pandemonium lord
167269 | Zig:21   | Killed Gusar the pandemonium lord
167269 | Zig:21   | Killed Durhafro the pandemonium lord
167270 | Zig:21   | Killed Quusur the pandemonium lord
167270 | Zig:21   | Killed Syijogayte the pandemonium lord
167270 | Zig:21   | Killed Noboguh the pandemonium lord
167270 | Zig:21   | Noticed Hyefuget the pandemonium lord
167271 | Zig:21   | Noticed Emaiwk the pandemonium lord
167271 | Zig:21   | Noticed Zueg the pandemonium lord
167271 | Zig:21   | Noticed Ypewivi the pandemonium lord
167271 | Zig:21   | Noticed Wotanero the pandemonium lord
167271 | Zig:21   | Noticed Lannuth the pandemonium lord
167271 | Zig:21   | Noticed Loymm the pandemonium lord
167271 | Zig:21   | Noticed Buv Quse the pandemonium lord
167272 | Zig:21   | Noticed Zotzexag the pandemonium lord
167273 | Zig:21   | Noticed Kueposah the pandemonium lord
167276 | Zig:21   | Killed Faibayrhit the pandemonium lord
167276 | Zig:21   | Killed Lowkeg the pandemonium lord
167276 | Zig:21   | Killed Feuqiwn the pandemonium lord
167276 | Zig:21   | Noticed Fuimmint the pandemonium lord
167276 | Zig:21   | Noticed Viet Rora the pandemonium lord
167277 | Zig:21   | Killed Hyefuget the pandemonium lord
167277 | Zig:21   | Killed Zotzexag the pandemonium lord
167277 | Zig:21   | Killed Qafiti the pandemonium lord
167277 | Zig:21   | Killed Loymm the pandemonium lord
167277 | Zig:21   | Noticed Ybeguatz the pandemonium lord
167277 | Zig:21   | Noticed Meff the pandemonium lord
167278 | Zig:21   | Killed Qaugycer the pandemonium lord
167278 | Zig:21   | Killed Wotanero the pandemonium lord
167278 | Zig:21   | Noticed Arasao Ogun the pandemonium lord
167278 | Zig:21   | Killed Velarry the pandemonium lord
167278 | Zig:21   | Killed Emaiwk the pandemonium lord
167278 | Zig:21   | Noticed Jisecw the pandemonium lord
167279 | Zig:21   | Killed Kueposah the pandemonium lord
167279 | Zig:21   | Noticed Bajeecel the pandemonium lord
167279 | Zig:21   | Noticed Momoyt the pandemonium lord
167280 | Zig:21   | Killed Buv Quse the pandemonium lord
167280 | Zig:21   | Killed Arasao Ogun the pandemonium lord
167280 | Zig:21   | Noticed Putih the pandemonium lord
167281 | Zig:21   | Killed Fuimmint the pandemonium lord
167282 | Zig:21   | Killed Viet Rora the pandemonium lord
167282 | Zig:21   | Killed Ybeguatz the pandemonium lord
167282 | Zig:21   | Killed Ypewivi the pandemonium lord
167282 | Zig:21   | Noticed Odysom the pandemonium lord
167283 | Zig:21   | Killed Zueg the pandemonium lord
167284 | Zig:21   | Killed Putih the pandemonium lord
167284 | Zig:21   | Killed Jisecw the pandemonium lord
167284 | Zig:21   | Killed Bajeecel the pandemonium lord
167285 | Zig:21   | Killed Lannuth the pandemonium lord
167285 | Zig:21   | Killed Meff the pandemonium lord
167285 | Zig:21   | Killed Momoyt the pandemonium lord
167289 | Zig:21   | Killed Odysom the pandemonium lord
167356 | Zig:21   | Identified the +8 chain mail of the Heron {rPois rC-
                  | Regen+}
167367 | Zig:21   | Identified the amulet of Casakit {Reflect rC+ Int+7 SH+5}
167661 | Zig:22   | Entered Level 22 of a ziggurat
167842 | Zig:22   | Identified the +11 mace of Blood-Lust {drain, rElec Str+4
                  | Int-3 Dex+5}
167843 | Zig:22   | Identified the +7 sling "Quwaps" {speed, rCorr}
167864 | Zig:22   | Identified the ring of the Ancients {Int+6 Stlth+}
167866 | Zig:22   | Identified the +1 ring mail of Inquiry {rF++ Str+5}
167878 | Zig:22   | Identified the +1 scale mail "Cohoatidy" {Harm Fly Stlth-}
167886 | Zig:22   | Identified the +8 long sword of Contention {freeze, Str+7}
167889 | Zig:22   | Identified the amulet of Tiun Hoecur {Reflect rF+ SH+5}
168012 | Zig:23   | Entered Level 23 of a ziggurat
168019 | Zig:23   | Noticed a juggernaut
168020 | Zig:23   | Noticed a juggernaut
168021 | Zig:23   | Noticed a juggernaut
168022 | Zig:23   | Noticed a juggernaut
168022 | Zig:23   | Noticed a juggernaut
168023 | Zig:23   | Noticed a juggernaut
168023 | Zig:23   | Noticed a juggernaut
168024 | Zig:23   | Noticed a juggernaut
168025 | Zig:23   | Noticed a juggernaut
168025 | Zig:23   | Noticed a juggernaut
168026 | Zig:23   | Killed a juggernaut
168026 | Zig:23   | Killed a juggernaut
168026 | Zig:23   | Noticed a juggernaut
168027 | Zig:23   | Killed a juggernaut
168027 | Zig:23   | Killed a juggernaut
168027 | Zig:23   | Killed a juggernaut
168027 | Zig:23   | Killed a juggernaut
168027 | Zig:23   | Killed a juggernaut
168027 | Zig:23   | Killed a juggernaut
168027 | Zig:23   | Noticed a juggernaut
168028 | Zig:23   | Noticed a juggernaut
168028 | Zig:23   | Noticed a juggernaut
168028 | Zig:23   | Noticed a juggernaut
168029 | Zig:23   | Noticed a juggernaut
168029 | Zig:23   | Noticed a juggernaut
168029 | Zig:23   | Noticed a juggernaut
168029 | Zig:23   | Noticed a juggernaut
168029 | Zig:23   | Killed a juggernaut
168029 | Zig:23   | Killed a juggernaut
168029 | Zig:23   | Noticed a juggernaut
168029 | Zig:23   | Noticed a juggernaut
168030 | Zig:23   | Noticed a juggernaut
168030 | Zig:23   | Noticed a juggernaut
168031 | Zig:23   | Killed a juggernaut
168031 | Zig:23   | Killed a juggernaut
168031 | Zig:23   | Killed a juggernaut
168031 | Zig:23   | Killed a juggernaut
168031 | Zig:23   | Killed a juggernaut
168031 | Zig:23   | Killed a juggernaut
168031 | Zig:23   | Killed a juggernaut
168031 | Zig:23   | Killed a juggernaut
168031 | Zig:23   | Killed a juggernaut
168031 | Zig:23   | Noticed a juggernaut
168031 | Zig:23   | Noticed a juggernaut
168032 | Zig:23   | Noticed a juggernaut
168032 | Zig:23   | Killed a juggernaut
168032 | Zig:23   | Noticed a juggernaut
168033 | Zig:23   | Killed a juggernaut
168033 | Zig:23   | Killed a juggernaut
168033 | Zig:23   | Killed a juggernaut
168034 | Zig:23   | Noticed a juggernaut
168035 | Zig:23   | Killed a juggernaut
168035 | Zig:23   | Killed a juggernaut
168035 | Zig:23   | Killed a juggernaut
168035 | Zig:23   | Killed a juggernaut
168035 | Zig:23   | Noticed a juggernaut
168035 | Zig:23   | Noticed a juggernaut
168035 | Zig:23   | Noticed a juggernaut
168037 | Zig:23   | Noticed a juggernaut
168039 | Zig:23   | Killed a juggernaut
168039 | Zig:23   | Killed a juggernaut
168039 | Zig:23   | Killed a juggernaut
168041 | Zig:23   | Killed a juggernaut
168041 | Zig:23   | Killed a juggernaut
168103 | Zig:23   | Identified the +3 trident of Wu Jian, Keeping {protect,
                  | +Blink rC+ Will- Dex+7}
168121 | Zig:23   | Identified the +8 morningstar "Faysiec" {vorpal, *Noise
                  | rElec Will++ Dex+3}
168124 | Zig:23   | Identified the +5 battleaxe of Somiurua {vorpal, rN+}
168131 | Zig:23   | Identified the amulet of Xom's Passing Interest {Faith
                  | Str+6 Dex-3}
168139 | Zig:23   | Identified the +5 halberd of Hin Siso {vorpal, rElec}
168509 | Zig:24   | Entered Level 24 of a ziggurat
168521 | Zig:24   | Noticed a dread lich
168524 | Zig:24   | Killed a dread lich
168525 | Zig:24   | Noticed an ancient lich
168526 | Zig:24   | Noticed a dread lich
168527 | Zig:24   | Killed an ancient lich
168527 | Zig:24   | Noticed an ancient lich
168527 | Zig:24   | Noticed a dread lich
168527 | Zig:24   | Noticed an ancient lich
168528 | Zig:24   | Noticed a dread lich
168528 | Zig:24   | Noticed a dread lich
168529 | Zig:24   | Killed a dread lich
168529 | Zig:24   | Noticed an ancient lich
168529 | Zig:24   | Noticed a dread lich
168530 | Zig:24   | Noticed a dread lich
168530 | Zig:24   | Killed an ancient lich
168530 | Zig:24   | Killed a dread lich
168530 | Zig:24   | Killed an ancient lich
168530 | Zig:24   | Killed a dread lich
168531 | Zig:24   | Noticed an ancient lich
168531 | Zig:24   | Noticed a dread lich
168531 | Zig:24   | Noticed a dread lich
168532 | Zig:24   | Killed an ancient lich
168532 | Zig:24   | Killed a dread lich
168532 | Zig:24   | Killed a dread lich
168532 | Zig:24   | Killed a dread lich
168532 | Zig:24   | Killed a dread lich
168532 | Zig:24   | Noticed an ancient lich
168533 | Zig:24   | Noticed an ancient lich
168533 | Zig:24   | Noticed an ancient lich
168533 | Zig:24   | Noticed an ancient lich
168534 | Zig:24   | Killed a dread lich
168534 | Zig:24   | Noticed an ancient lich
168535 | Zig:24   | Killed an ancient lich
168535 | Zig:24   | Killed an ancient lich
168535 | Zig:24   | Killed an ancient lich
168535 | Zig:24   | Killed an ancient lich
168535 | Zig:24   | Killed an ancient lich
168535 | Zig:24   | Noticed a dread lich
168535 | Zig:24   | Noticed a dread lich
168535 | Zig:24   | Noticed a dread lich
168536 | Zig:24   | Noticed a dread lich
168536 | Zig:24   | Noticed a dread lich
168536 | Zig:24   | Noticed a dread lich
168536 | Zig:24   | Noticed a dread lich
168537 | Zig:24   | Killed an ancient lich
168537 | Zig:24   | Killed a dread lich
168537 | Zig:24   | Killed a dread lich
168537 | Zig:24   | Killed a dread lich
168537 | Zig:24   | Killed a dread lich
168537 | Zig:24   | Killed a dread lich
168537 | Zig:24   | Noticed a dread lich
168537 | Zig:24   | Noticed a dread lich
168538 | Zig:24   | Noticed an ancient lich
168539 | Zig:24   | Killed a dread lich
168539 | Zig:24   | Killed a dread lich
168540 | Zig:24   | Killed a dread lich
168540 | Zig:24   | Killed a dread lich
168540 | Zig:24   | Killed an ancient lich
168541 | Zig:24   | Noticed a dread lich
168541 | Zig:24   | Noticed a dread lich
168542 | Zig:24   | Noticed a dread lich
168543 | Zig:24   | Killed a dread lich
168544 | Zig:24   | Killed a dread lich
168544 | Zig:24   | Killed a dread lich
168544 | Zig:24   | Noticed an ancient lich
168544 | Zig:24   | Noticed an ancient lich
168549 | Zig:24   | Killed an ancient lich
168549 | Zig:24   | Killed an ancient lich
168784 | Zig:24   | Identified the +9 whip of the Clean God {speed, Dex+3}
168790 | Zig:24   | Identified the +9 scimitar of the Wilderness {venom, +Blink
                  | rC+}
168800 | Zig:24   | Identified the +1 spear "Ciapleli" {flame, *Rage rC+ SInv}
168801 | Zig:24   | Identified the ring of Peace {Wiz Slay+3}
168804 | Zig:24   | Identified the +5 flail of Extermination {freeze, Will-
                  | Dex+2 SInv}
168805 | Zig:24   | Identified the +6 dagger of the Salmon {elec, rElec Will+
                  | Dex+4}
168815 | Zig:24   | Identified the +1 quarterstaff of Rozaeh {holy, Contam rN++
                  | rCorr Dex+4}
168816 | Zig:24   | Identified the +0 dagger of Byrchimee {freeze, Dex+4}
168841 | Zig:24   | Identified the +9 flail of Fuakudua {flame, Fly rC++ Dex-5
                  | SInv}
169017 | Zig:25   | Entered Level 25 of a ziggurat
169060 | Zig:25   | Noticed Eplohe the pandemonium lord
169066 | Zig:25   | Killed Eplohe the pandemonium lord
169164 | Zig:25   | Identified the +9 short sword of the Charming Gods {freeze,
                  | rC+ Int+4 Dex-4}
169406 | Zig:25   | Identified the +8 flail of Generosity {vorpal, Dex+3}
169414 | Zig:25   | Identified the ring "Miwus" {Fly rF+}
169526 | Zig:26   | Entered Level 26 of a ziggurat
169536 | Zig:26   | Noticed an ancient lich
169536 | Zig:26   | Noticed an ancient lich
169537 | Zig:26   | Killed an ancient lich
169539 | Zig:26   | Noticed an ancient lich
169539 | Zig:26   | Noticed an ancient lich
169541 | Zig:26   | Killed an ancient lich
169543 | Zig:26   | Noticed an ancient lich
169546 | Zig:26   | Noticed an ancient lich
169546 | Zig:26   | Killed an ancient lich
169546 | Zig:26   | Killed an ancient lich
169547 | Zig:26   | Noticed an ancient lich
169548 | Zig:26   | Noticed an ancient lich
169549 | Zig:26   | Killed an ancient lich
169550 | Zig:26   | Noticed an ancient lich
169550 | Zig:26   | Noticed an ancient lich
169550 | Zig:26   | Noticed an ancient lich
169550 | Zig:26   | Noticed an ancient lich
169550 | Zig:26   | Noticed an ancient lich
169551 | Zig:26   | Noticed a dread lich
169552 | Zig:26   | Killed an ancient lich
169552 | Zig:26   | Noticed an ancient lich
169553 | Zig:26   | Noticed an ancient lich
169553 | Zig:26   | Noticed an ancient lich
169554 | Zig:26   | Killed an ancient lich
169554 | Zig:26   | Killed an ancient lich
169554 | Zig:26   | Killed a dread lich
169554 | Zig:26   | Killed an ancient lich
169554 | Zig:26   | Noticed a dread lich
169555 | Zig:26   | Killed an ancient lich
169555 | Zig:26   | Killed an ancient lich
169555 | Zig:26   | Killed an ancient lich
169555 | Zig:26   | Killed an ancient lich
169555 | Zig:26   | Killed an ancient lich
169555 | Zig:26   | Killed an ancient lich
169555 | Zig:26   | Noticed an ancient lich
169556 | Zig:26   | Noticed a dread lich
169556 | Zig:26   | Killed an ancient lich
169556 | Zig:26   | Noticed an ancient lich
169556 | Zig:26   | Noticed an ancient lich
169557 | Zig:26   | Noticed an ancient lich
169557 | Zig:26   | Noticed a dread lich
169558 | Zig:26   | Noticed a dread lich
169558 | Zig:26   | Killed a dread lich
169558 | Zig:26   | Killed an ancient lich
169559 | Zig:26   | Noticed an ancient lich
169559 | Zig:26   | Noticed a dread lich
169560 | Zig:26   | Noticed an ancient lich
169560 | Zig:26   | Killed a dread lich
169560 | Zig:26   | Killed an ancient lich
169560 | Zig:26   | Killed a dread lich
169560 | Zig:26   | Killed an ancient lich
169560 | Zig:26   | Killed a dread lich
169560 | Zig:26   | Killed an ancient lich
169560 | Zig:26   | Killed an ancient lich
169560 | Zig:26   | Killed a dread lich
169560 | Zig:26   | Noticed an ancient lich
169562 | Zig:26   | Noticed a dread lich
169564 | Zig:26   | Killed an ancient lich
169566 | Zig:26   | Killed an ancient lich
169566 | Zig:26   | Killed a dread lich
169872 | Zig:26   | Identified the ring "Boiran" {Fire Int+6 Stlth+}
169881 | Zig:26   | Identified the ring of Wadas {Fly Dex+2 SInv}
169884 | Zig:26   | Identified the ring of Life {rF+ Str+6 Dex+4 Stlth+}
169885 | Zig:26   | Identified the ring of Yendor {*Slow Fly rPois rF+++ Int+6}
169890 | Zig:26   | Identified the ring of Moral Flaws {rC- Will+ Int+5 Dex+2}
169891 | Zig:26   | Identified the amulet "Xach" {RegenMP rCorr}
169902 | Zig:26   | Identified the +4 short sword "Ereuf" {flame, Contam rF-
                  | rN+++ SInv}
169926 | Zig:26   | Identified the +6 chain mail "Culon" {rF++ rN+}
170034 | Zig:27   | Entered Level 27 of a ziggurat
170045 | Zig:27   | Noticed an orb of fire
170045 | Zig:27   | Noticed an orb of fire
170051 | Zig:27   | Killed an orb of fire
170051 | Zig:27   | Noticed an orb of fire
170052 | Zig:27   | Noticed an orb of fire
170053 | Zig:27   | Killed an orb of fire
170053 | Zig:27   | Noticed an orb of fire
170056 | Zig:27   | Killed an orb of fire
170056 | Zig:27   | Noticed an orb of fire
170057 | Zig:27   | Noticed an orb of fire
170058 | Zig:27   | Killed an orb of fire
170058 | Zig:27   | Killed an orb of fire
170058 | Zig:27   | Noticed an orb of fire
170058 | Zig:27   | Noticed an orb of fire
170059 | Zig:27   | Noticed an orb of fire
170059 | Zig:27   | Noticed an orb of fire
170059 | Zig:27   | Noticed an orb of fire
170061 | Zig:27   | Noticed an orb of fire
170061 | Zig:27   | Noticed an orb of fire
170062 | Zig:27   | Killed an orb of fire
170062 | Zig:27   | Killed an orb of fire
170062 | Zig:27   | Killed an orb of fire
170062 | Zig:27   | Killed an orb of fire
170062 | Zig:27   | Noticed an orb of fire
170062 | Zig:27   | Noticed an orb of fire
170062 | Zig:27   | Noticed an orb of fire
170062 | Zig:27   | Noticed an orb of fire
170063 | Zig:27   | Noticed an orb of fire
170064 | Zig:27   | Killed an orb of fire
170064 | Zig:27   | Killed an orb of fire
170064 | Zig:27   | Noticed an orb of fire
170064 | Zig:27   | Noticed an orb of fire
170065 | Zig:27   | Noticed an orb of fire
170065 | Zig:27   | Killed an orb of fire
170065 | Zig:27   | Noticed an orb of fire
170067 | Zig:27   | Noticed an orb of fire
170067 | Zig:27   | Noticed an orb of fire
170067 | Zig:27   | Noticed an orb of fire
170067 | Zig:27   | Noticed an orb of fire
170067 | Zig:27   | Noticed an orb of fire
170068 | Zig:27   | Killed an orb of fire
170068 | Zig:27   | Killed an orb of fire
170068 | Zig:27   | Killed an orb of fire
170068 | Zig:27   | Noticed an orb of fire
170069 | Zig:27   | Killed an orb of fire
170069 | Zig:27   | Killed an orb of fire
170069 | Zig:27   | Killed an orb of fire
170069 | Zig:27   | Killed an orb of fire
170069 | Zig:27   | Noticed an orb of fire
170070 | Zig:27   | Killed an orb of fire
170070 | Zig:27   | Killed an orb of fire
170070 | Zig:27   | Killed an orb of fire
170070 | Zig:27   | Noticed an orb of fire
170070 | Zig:27   | Noticed an orb of fire
170071 | Zig:27   | Killed an orb of fire
170071 | Zig:27   | Killed an orb of fire
170071 | Zig:27   | Noticed an orb of fire
170072 | Zig:27   | Noticed an orb of fire
170072 | Zig:27   | Noticed an orb of fire
170072 | Zig:27   | Killed an orb of fire
170072 | Zig:27   | Noticed an orb of fire
170073 | Zig:27   | Killed an orb of fire
170073 | Zig:27   | Killed an orb of fire
170073 | Zig:27   | Killed an orb of fire
170074 | Zig:27   | Noticed an orb of fire
170074 | Zig:27   | Noticed an orb of fire
170074 | Zig:27   | Noticed an orb of fire
170075 | Zig:27   | Noticed an orb of fire
170076 | Zig:27   | Killed an orb of fire
170076 | Zig:27   | Noticed an orb of fire
170076 | Zig:27   | Noticed an orb of fire
170076 | Zig:27   | Noticed an orb of fire
170077 | Zig:27   | Noticed an orb of fire
170077 | Zig:27   | Killed an orb of fire
170077 | Zig:27   | Noticed an orb of fire
170078 | Zig:27   | Killed an orb of fire
170078 | Zig:27   | Killed an orb of fire
170078 | Zig:27   | Noticed an orb of fire
170079 | Zig:27   | Killed an orb of fire
170079 | Zig:27   | Killed an orb of fire
170079 | Zig:27   | Killed an orb of fire
170079 | Zig:27   | Killed an orb of fire
170079 | Zig:27   | Noticed an orb of fire
170080 | Zig:27   | Noticed an orb of fire
170092 | Zig:27   | Killed an orb of fire
170094 | Zig:27   | Killed an orb of fire
170095 | Zig:27   | Killed an orb of fire
170095 | Zig:27   | Killed an orb of fire
170095 | Zig:27   | Killed an orb of fire
170096 | Zig:27   | Killed an orb of fire
170097 | Zig:27   | Killed an orb of fire
170099 | Zig:27   | Killed an orb of fire
170099 | Zig:27   | Killed an orb of fire
170100 | Zig:27   | Killed an orb of fire
170100 | Zig:27   | Killed an orb of fire
170100 | Zig:27   | Noticed an orb of fire
170101 | Zig:27   | Noticed an orb of fire
170103 | Zig:27   | Killed an orb of fire
170103 | Zig:27   | Noticed an orb of fire
170104 | Zig:27   | Killed an orb of fire
170104 | Zig:27   | Killed an orb of fire
170107 | Zig:27   | Noticed an orb of fire
170108 | Zig:27   | Killed an orb of fire
170116 | Zig:27   | Killed an orb of fire
170437 | Zig:27   | Identified the +4 leather armour of Oppygrug {rF+ rC+}
170438 | Zig:27   | Identified the +10 scimitar of World's End {flame, Dex+4}
170443 | Zig:27   | Identified the +1 ring mail of Noughts and Crosses {Dex+5}
170449 | Zig:27   | Identified the +1 lajatang "Azxiyguy" {vorpal, rF+ rC-
                  | Will+}
170469 | Zig:27   | Identified the +9 dagger "Uplirhak" {speed, *Rage rElec
                  | rC+}
170482 | Zig:27   | Identified the +4 ring mail of Starshine {Str+2 Dex+5 SInv}
170483 | Zig:27   | Identified the ring of Yshraetunn {Will++ Int+6}
170505 | Zig:27   | Identified the ring of Qouggurit {Will+ EV+4 Int+2}
170623 | Depths:4 | Acquired the +0 pair of boots "Latuff" {rElec rPois rC-
                  | Int+7}
170638 | Zig:1    | Entered Level 1 of a ziggurat
170697 | Zig:2    | Entered Level 2 of a ziggurat
170697 | Zig:2    | Noticed a juggernaut
170697 | Zig:2    | Noticed a juggernaut
170698 | Zig:2    | Noticed a juggernaut
170699 | Zig:2    | Killed a juggernaut
170700 | Zig:2    | Killed a juggernaut
170703 | Zig:2    | Killed a juggernaut
170743 | Zig:2    | Identified the +6 short sword of Cisoyf {vorpal, Str+4}
170771 | Zig:3    | Entered Level 3 of a ziggurat
170856 | Zig:4    | Entered Level 4 of a ziggurat
170858 | Zig:4    | Found the +3 warlock's mirror {reflect}
170961 | Zig:4    | Identified the +0 pair of gloves of the Valley of Death
                  | {rPois rC++ rN+++ Dex-2}
170968 | Zig:5    | Entered Level 5 of a ziggurat
170968 | Zig:5    | Noticed a juggernaut
170968 | Zig:5    | Noticed a juggernaut
170969 | Zig:5    | Noticed a juggernaut
170970 | Zig:5    | Noticed a juggernaut
170970 | Zig:5    | Noticed a juggernaut
170971 | Zig:5    | Killed a juggernaut
170972 | Zig:5    | Killed a juggernaut
170972 | Zig:5    | Killed a juggernaut
170973 | Zig:5    | Killed a juggernaut
170973 | Zig:5    | Killed a juggernaut
170974 | Zig:5    | Noticed a juggernaut
170979 | Zig:5    | Killed a juggernaut
171124 | Zig:6    | Entered Level 6 of a ziggurat
171223 | Zig:6    | Identified the +10 scimitar "Lilith" {freeze, rElec rPois
                  | Will+ Str+2}
171232 | Zig:6    | Identified the +7 demon trident of True Grit {drain, rElec
                  | Dex-5 Stlth+}
171236 | Zig:6    | Identified the amulet of Ezip {Fly Will+ Regen+ Int+4}
171293 | Zig:7    | Entered Level 7 of a ziggurat
171340 | Zig:7    | Identified the ring of Ru's Castigation {*Corrode Int-5
                  | Dex+6 SInv Stlth+}
171446 | Zig:8    | Entered Level 8 of a ziggurat
171615 | Zig:9    | Entered Level 9 of a ziggurat
171618 | Zig:9    | Paralysed by an air elemental for 1 turns
171735 | Zig:9    | Identified the +5 scale mail of Imperfection {Regen+ rCorr}
171739 | Zig:9    | Identified the +7 glaive of the Eleven Scars {vorpal,
                  | Int+5}
171740 | Zig:9    | Identified the +9 whip "Sihio" {holy, rF+}
171744 | Zig:9    | Identified the +0 leather armour of the Many Loafs {Stlth+}
171753 | Zig:9    | Identified the +4 hand axe of Gozag's Vengeance {spect,
                  | rElec rF+ Will+ Str-4}
171862 | Zig:10   | Entered Level 10 of a ziggurat
171866 | Zig:10   | Noticed a dread lich
171869 | Zig:10   | Noticed a dread lich
171869 | Zig:10   | Noticed an ancient lich
171870 | Zig:10   | Killed a dread lich
171870 | Zig:10   | Killed an ancient lich
171871 | Zig:10   | Noticed a dread lich
171872 | Zig:10   | Killed a dread lich
171873 | Zig:10   | Noticed a dread lich
171873 | Zig:10   | Noticed an ancient lich
171874 | Zig:10   | Killed a dread lich
171875 | Zig:10   | Noticed a dread lich
171877 | Zig:10   | Noticed a dread lich
171877 | Zig:10   | Killed an ancient lich
171877 | Zig:10   | Killed a dread lich
171877 | Zig:10   | Killed a dread lich
171878 | Zig:10   | Noticed an ancient lich
171879 | Zig:10   | Killed a dread lich
171879 | Zig:10   | Killed an ancient lich
171908 | Zig:10   | Found the +7 Throatcutter {drain, coup de grace}
172014 | Zig:10   | Identified the +7 short sword of the Warrior {vorpal,
                  | Stlth+}
172023 | Zig:10   | Identified the ring of Neraz {rElec rPois Will+ Int+3
                  | Dex-4}
172028 | Zig:10   | Identified the +12 whip "Doky" {freeze, Will+ Dex+4 Stlth+}
172039 | Zig:11   | Entered Level 11 of a ziggurat
172137 | Zig:11   | Identified the +1 ring mail of the Farrier {Str+3 Stlth+}
172140 | Zig:11   | Identified the ring of Wetsais {Drain rC+ rN+ Int+5}
172155 | Zig:11   | Identified the +3 flail of the First Wishes {flame, rPois
                  | SInv}
172311 | Zig:12   | Entered Level 12 of a ziggurat
172538 | Zig:13   | Entered Level 13 of a ziggurat
172539 | Zig:13   | Noticed a royal mummy
172540 | Zig:13   | Noticed a royal mummy
172540 | Zig:13   | Noticed a royal mummy
172541 | Zig:13   | Killed a royal mummy
172542 | Zig:13   | Killed a royal mummy
172542 | Zig:13   | Killed a royal mummy
172543 | Zig:13   | Noticed a royal mummy
172544 | Zig:13   | Noticed a royal mummy
172544 | Zig:13   | Noticed a royal mummy
172545 | Zig:13   | Killed a royal mummy
172545 | Zig:13   | Noticed a royal mummy
172546 | Zig:13   | Noticed a royal mummy
172547 | Zig:13   | Noticed a royal mummy
172548 | Zig:13   | Killed a royal mummy
172548 | Zig:13   | Noticed a royal mummy
172549 | Zig:13   | Killed a royal mummy
172549 | Zig:13   | Killed a royal mummy
172549 | Zig:13   | Killed a royal mummy
172550 | Zig:13   | Noticed a royal mummy
172550 | Zig:13   | Noticed a royal mummy
172551 | Zig:13   | Killed a royal mummy
172551 | Zig:13   | Killed a royal mummy
172552 | Zig:13   | Noticed a royal mummy
172553 | Zig:13   | Killed a royal mummy
172553 | Zig:13   | Noticed a royal mummy
172554 | Zig:13   | Killed a royal mummy
172555 | Zig:13   | Noticed a royal mummy
172556 | Zig:13   | Noticed a royal mummy
172557 | Zig:13   | Noticed a royal mummy
172558 | Zig:13   | Killed a royal mummy
172558 | Zig:13   | Killed a royal mummy
172558 | Zig:13   | Killed a royal mummy
172558 | Zig:13   | Noticed a royal mummy
172560 | Zig:13   | Killed a royal mummy
172560 | Zig:13   | Killed a royal mummy
172560 | Zig:13   | Killed a royal mummy
172560 | Zig:13   | Noticed a royal mummy
172562 | Zig:13   | Noticed a royal mummy
172563 | Zig:13   | Killed a royal mummy
172566 | Zig:13   | Killed a royal mummy
172566 | Zig:13   | Noticed a royal mummy
172566 | Zig:13   | Noticed a royal mummy
172570 | Zig:13   | Killed a royal mummy
172570 | Zig:13   | Killed a royal mummy
172863 | Zig:13   | Identified the +2 plate armour of Mumblety Peg {rC- Will++}
172876 | Zig:14   | Entered Level 14 of a ziggurat
172879 | Zig:14   | Noticed a royal mummy
172881 | Zig:14   | Noticed a royal mummy
172882 | Zig:14   | Killed a royal mummy
172882 | Zig:14   | Killed a royal mummy
172883 | Zig:14   | Noticed a royal mummy
172883 | Zig:14   | Noticed a royal mummy
172883 | Zig:14   | Noticed a royal mummy
172883 | Zig:14   | Noticed a royal mummy
172884 | Zig:14   | Killed a royal mummy
172885 | Zig:14   | Killed a royal mummy
172886 | Zig:14   | Noticed a royal mummy
172886 | Zig:14   | Noticed a royal mummy
172889 | Zig:14   | Killed a royal mummy
172890 | Zig:14   | Noticed a royal mummy
172890 | Zig:14   | Noticed a royal mummy
172890 | Zig:14   | Noticed a royal mummy
172891 | Zig:14   | Killed a royal mummy
172891 | Zig:14   | Killed a royal mummy
172891 | Zig:14   | Killed a royal mummy
172891 | Zig:14   | Killed a royal mummy
172891 | Zig:14   | Killed a royal mummy
172891 | Zig:14   | Noticed a royal mummy
172893 | Zig:14   | Killed a royal mummy
172893 | Zig:14   | Killed a royal mummy
172893 | Zig:14   | Noticed a royal mummy
172893 | Zig:14   | Noticed a royal mummy
172894 | Zig:14   | Noticed a royal mummy
172896 | Zig:14   | Noticed a royal mummy
172898 | Zig:14   | Noticed a royal mummy
172899 | Zig:14   | Killed a royal mummy
172899 | Zig:14   | Killed a royal mummy
172899 | Zig:14   | Noticed a royal mummy
172900 | Zig:14   | Noticed a royal mummy
172900 | Zig:14   | Noticed a royal mummy
172901 | Zig:14   | Killed a royal mummy
172901 | Zig:14   | Killed a royal mummy
172901 | Zig:14   | Killed a royal mummy
172901 | Zig:14   | Killed a royal mummy
172901 | Zig:14   | Noticed a royal mummy
172902 | Zig:14   | Killed a royal mummy
172903 | Zig:14   | Noticed a royal mummy
172904 | Zig:14   | Noticed a royal mummy
172905 | Zig:14   | Killed a royal mummy
172905 | Zig:14   | Killed a royal mummy
172905 | Zig:14   | Killed a royal mummy
172910 | Zig:14   | Noticed a royal mummy
172914 | Zig:14   | Killed a royal mummy
172914 | Zig:14   | Killed a royal mummy
173162 | Zig:14   | Identified the +6 hand crossbow of the Hierophant {penet,
                  | Dex+4}
173167 | Zig:14   | Identified the +6 demon whip of Checks and Balances {venom,
                  | rElec rF+ Will+ Dex+2}
173171 | Zig:14   | Identified the +0 quarterstaff "Sat Gamae" {flame, rPois
                  | rN+ Str-5 Dex+2}
173172 | Zig:14   | Identified the +6 double sword "Tattletale" {vamp, Str+4}
173173 | Zig:14   | Identified the +6 sling of Bearen {vorpal, Int+4}
173202 | Zig:14   | Identified the amulet of Ymmemis {Reflect rPois Will+ Int-2
                  | SH+5 Stlth+}
173255 | Zig:15   | Entered Level 15 of a ziggurat
173384 | Zig:15   | Identified the +1 chain mail of Lexotroz {rPois}
173582 | Zig:15   | Identified the +1 chain mail of Ysi Bemp {Str+5 Stlth+}
173586 | Zig:15   | Identified the +10 giant spiked club "Bein" {vorpal, rF+
                  | rN+++ rCorr Stlth-}
173610 | Zig:16   | Entered Level 16 of a ziggurat
173612 | Zig:16   | Noticed a royal mummy
173613 | Zig:16   | Noticed a royal mummy
173613 | Zig:16   | Noticed a royal mummy
173614 | Zig:16   | Killed a royal mummy
173614 | Zig:16   | Killed a royal mummy
173615 | Zig:16   | Noticed a royal mummy
173617 | Zig:16   | Killed a royal mummy
173618 | Zig:16   | Noticed a royal mummy
173618 | Zig:16   | Noticed a royal mummy
173619 | Zig:16   | Killed a royal mummy
173619 | Zig:16   | Noticed a royal mummy
173620 | Zig:16   | Noticed a royal mummy
173620 | Zig:16   | Noticed a royal mummy
173622 | Zig:16   | Noticed a royal mummy
173622 | Zig:16   | Noticed a royal mummy
173622 | Zig:16   | Noticed a royal mummy
173623 | Zig:16   | Noticed a royal mummy
173623 | Zig:16   | Noticed a royal mummy
173624 | Zig:16   | Killed a royal mummy
173624 | Zig:16   | Killed a royal mummy
173624 | Zig:16   | Killed a royal mummy
173624 | Zig:16   | Killed a royal mummy
173625 | Zig:16   | Killed a royal mummy
173625 | Zig:16   | Killed a royal mummy
173625 | Zig:16   | Killed a royal mummy
173625 | Zig:16   | Killed a royal mummy
173625 | Zig:16   | Killed a royal mummy
173625 | Zig:16   | Killed a royal mummy
173626 | Zig:16   | Noticed a royal mummy
173627 | Zig:16   | Noticed a royal mummy
173628 | Zig:16   | Noticed a royal mummy
173629 | Zig:16   | Killed a royal mummy
173631 | Zig:16   | Killed a royal mummy
173631 | Zig:16   | Noticed a royal mummy
173632 | Zig:16   | Noticed a royal mummy
173633 | Zig:16   | Killed a royal mummy
173633 | Zig:16   | Noticed an ancient lich
173633 | Zig:16   | Noticed a royal mummy
173635 | Zig:16   | Killed an ancient lich
173635 | Zig:16   | Noticed a royal mummy
173636 | Zig:16   | Noticed a royal mummy
173636 | Zig:16   | Killed a royal mummy
173636 | Zig:16   | Killed a royal mummy
173637 | Zig:16   | Killed a royal mummy
173637 | Zig:16   | Killed a royal mummy
173639 | Zig:16   | Noticed a royal mummy
173640 | Zig:16   | Killed a royal mummy
173640 | Zig:16   | Noticed a royal mummy
173641 | Zig:16   | Noticed a royal mummy
173642 | Zig:16   | Killed a royal mummy
173644 | Zig:16   | Killed a royal mummy
173645 | Zig:16   | Killed a royal mummy
173952 | Zig:16   | Identified the +3 dagger "Belalekh" {spect, Fragile rPois
                  | rCorr Str+8}
173953 | Zig:16   | Identified the ring "Nosk" {rPois rF+ rN+ Dex+6}
173957 | Zig:16   | Identified the +5 morningstar of Accord {flame, rF+ Stlth+}
173965 | Zig:16   | Identified the +11 quarterstaff of Spite {vorpal, rN+ Str-4
                  | Int+8}
173971 | Zig:16   | Identified the +4 quarterstaff "Grim" {vorpal, rPois Str-2
                  | Int+4}
173975 | Zig:16   | Identified the +3 battleaxe "Kuploaj" {freeze, Will+ Str+4}
174051 | Zig:17   | Entered Level 17 of a ziggurat
174055 | Zig:17   | Noticed a royal mummy
174057 | Zig:17   | Noticed a royal mummy
174057 | Zig:17   | Noticed a royal mummy
174057 | Zig:17   | Noticed a royal mummy
174057 | Zig:17   | Noticed a royal mummy
174058 | Zig:17   | Noticed a royal mummy
174059 | Zig:17   | Killed a royal mummy
174059 | Zig:17   | Killed a royal mummy
174059 | Zig:17   | Killed a royal mummy
174059 | Zig:17   | Killed a royal mummy
174059 | Zig:17   | Noticed a royal mummy
174060 | Zig:17   | Noticed a royal mummy
174060 | Zig:17   | Noticed a royal mummy
174061 | Zig:17   | Killed a royal mummy
174061 | Zig:17   | Noticed a royal mummy
174061 | Zig:17   | Noticed a royal mummy
174062 | Zig:17   | Noticed a royal mummy
174062 | Zig:17   | Noticed a royal mummy
174063 | Zig:17   | Killed a royal mummy
174063 | Zig:17   | Killed a royal mummy
174063 | Zig:17   | Killed a royal mummy
174063 | Zig:17   | Noticed a royal mummy
174063 | Zig:17   | Noticed a royal mummy
174064 | Zig:17   | Killed a royal mummy
174064 | Zig:17   | Noticed a royal mummy
174065 | Zig:17   | Noticed a royal mummy
174065 | Zig:17   | Killed a royal mummy
174065 | Zig:17   | Killed a royal mummy
174065 | Zig:17   | Killed a royal mummy
174065 | Zig:17   | Killed a royal mummy
174065 | Zig:17   | Killed a royal mummy
174065 | Zig:17   | Killed a royal mummy
174065 | Zig:17   | Noticed a royal mummy
174065 | Zig:17   | Noticed a royal mummy
174067 | Zig:17   | Noticed a royal mummy
174068 | Zig:17   | Noticed a royal mummy
174068 | Zig:17   | Noticed a royal mummy
174068 | Zig:17   | Noticed a royal mummy
174068 | Zig:17   | Noticed a royal mummy
174068 | Zig:17   | Noticed a royal mummy
174068 | Zig:17   | Noticed a royal mummy
174069 | Zig:17   | Killed a royal mummy
174070 | Zig:17   | Killed a royal mummy
174070 | Zig:17   | Killed a royal mummy
174070 | Zig:17   | Killed a royal mummy
174070 | Zig:17   | Lost dexterity.
174072 | Zig:17   | Noticed a royal mummy
174072 | Zig:17   | Killed a royal mummy
174072 | Zig:17   | Killed a royal mummy
174072 | Zig:17   | Killed a royal mummy
174072 | Zig:17   | Killed a royal mummy
174072 | Zig:17   | Killed a royal mummy
174072 | Zig:17   | Killed a royal mummy
174072 | Zig:17   | Killed a royal mummy
174072 | Zig:17   | Noticed a royal mummy
174073 | Zig:17   | Noticed a royal mummy
174074 | Zig:17   | Killed a royal mummy
174075 | Zig:17   | Noticed a royal mummy
174076 | Zig:17   | Killed a royal mummy
174076 | Zig:17   | Killed a royal mummy
174076 | Zig:17   | Noticed a royal mummy
174076 | Zig:17   | Noticed a royal mummy
174076 | Zig:17   | Noticed a royal mummy
174077 | Zig:17   | Noticed a royal mummy
174078 | Zig:17   | Killed a royal mummy
174078 | Zig:17   | Killed a royal mummy
174079 | Zig:17   | Killed a royal mummy
174079 | Zig:17   | Killed a royal mummy
174079 | Zig:17   | Killed a royal mummy
174084 | Zig:17   | Noticed a royal mummy
174086 | Zig:17   | Killed a royal mummy
174086 | Zig:17   | Noticed a royal mummy
174087 | Zig:17   | Noticed a royal mummy
174087 | Zig:17   | Noticed a royal mummy
174089 | Zig:17   | Killed a royal mummy
174089 | Zig:17   | Killed a royal mummy
174089 | Zig:17   | Noticed a royal mummy
174091 | Zig:17   | Killed a royal mummy
174092 | Zig:17   | Killed a royal mummy
174454 | Zig:17   | Identified the +2 leather armour of Sif Muna's Respect
                  | {rPois}
174456 | Zig:17   | Identified the +0 quarterstaff "Useth" {vorpal, rElec Str-4
                  | Int+3 SInv}
174493 | Zig:17   | Identified the ring "Muly Rudgh" {+Blink rElec rF++ rC+
                  | rCorr}
174504 | Zig:18   | Entered Level 18 of a ziggurat
174903 | Zig:18   | Identified the +1 long sword "Hereot" {venom, rElec Int+3}
174904 | Zig:18   | Identified the +0 leather armour of Daisies {Harm rElec}
174907 | Zig:18   | Identified the +6 quarterstaff "Ommy" {freeze, Will+ Str+4
                  | Int+2}
174921 | Zig:18   | Identified the +3 great mace of Tenacity {vorpal, rCorr
                  | Str+2 Int+3 Dex+3}
174967 | Zig:19   | Entered Level 19 of a ziggurat
175026 | Zig:19   | Found the +8 trident of the Octopus King {venom, rElec
                  | rPois}
175038 | Zig:19   | Identified the amulet of Recklessness {Reflect rN+ Str+3
                  | SH+5}
175041 | Zig:19   | Identified the +2 leather armour of Fyhibako {rElec}
175043 | Zig:19   | Identified the ring of the Leaf {Wiz rElec rN+ SInv}
175055 | Zig:19   | Identified the +10 halberd "Toeroir" {vorpal, rF++ Str+4
                  | Int-3}
175056 | Zig:19   | Identified the ring "Lid Xoek" {Fly Slay+4}
175067 | Zig:19   | Identified the ring of Cisotale {+Blink rPois rN+ AC+4}
175073 | Zig:19   | Identified the +7 chain mail of Context {Will+ Str+5 Dex+2}
175095 | Zig:19   | Identified the ring of Sloth {rC+ Dex+4}
175102 | Zig:19   | Identified the +4 dagger "Qempir" {vorpal, rC++}
175105 | Zig:19   | Identified the ring "Sahomo Zieta" {Fire Dex+7}
175122 | Zig:19   | Identified the +9 dagger of the First Priests {elec, rElec
                  | Will+ Str+2}
175293 | Zig:20   | Entered Level 20 of a ziggurat
175302 | Zig:20   | Noticed an orb of fire
175302 | Zig:20   | Noticed an orb of fire
175303 | Zig:20   | Noticed an orb of fire
175303 | Zig:20   | Noticed an orb of fire
175305 | Zig:20   | Noticed an orb of fire
175305 | Zig:20   | Noticed an orb of fire
175305 | Zig:20   | Noticed an orb of fire
175306 | Zig:20   | Noticed an orb of fire
175306 | Zig:20   | Noticed an orb of fire
175307 | Zig:20   | Killed an orb of fire
175307 | Zig:20   | Killed an orb of fire
175307 | Zig:20   | Noticed an orb of fire
175308 | Zig:20   | Killed an orb of fire
175308 | Zig:20   | Killed an orb of fire
175308 | Zig:20   | Noticed an orb of fire
175309 | Zig:20   | Killed an orb of fire
175309 | Zig:20   | Noticed an orb of fire
175310 | Zig:20   | Killed an orb of fire
175310 | Zig:20   | Killed an orb of fire
175310 | Zig:20   | Killed an orb of fire
175310 | Zig:20   | Noticed an orb of fire
175311 | Zig:20   | Killed an orb of fire
175311 | Zig:20   | Noticed an orb of fire
175312 | Zig:20   | Noticed an orb of fire
175312 | Zig:20   | Killed an orb of fire
175312 | Zig:20   | Noticed an orb of fire
175313 | Zig:20   | Killed an orb of fire
175313 | Zig:20   | Noticed an orb of fire
175314 | Zig:20   | Killed an orb of fire
175314 | Zig:20   | Killed an orb of fire
175314 | Zig:20   | Noticed an orb of fire
175315 | Zig:20   | Killed an orb of fire
175315 | Zig:20   | Killed an orb of fire
175316 | Zig:20   | Killed an orb of fire
175317 | Zig:20   | Noticed an orb of fire
175318 | Zig:20   | Killed an orb of fire
175318 | Zig:20   | Noticed an orb of fire
175318 | Zig:20   | Noticed an orb of fire
175319 | Zig:20   | Killed an orb of fire
175320 | Zig:20   | Noticed an orb of fire
175320 | Zig:20   | Noticed an orb of fire
175322 | Zig:20   | Killed an orb of fire
175324 | Zig:20   | Killed an orb of fire
175325 | Zig:20   | Killed an orb of fire
175326 | Zig:20   | Killed an orb of fire
175326 | Zig:20   | Killed an orb of fire
175326 | Zig:20   | Noticed an orb of fire
175328 | Zig:20   | Noticed an orb of fire
175330 | Zig:20   | Noticed an orb of fire
175332 | Zig:20   | Noticed an orb of fire
175334 | Zig:20   | Noticed an orb of fire
175336 | Zig:20   | Noticed an orb of fire
175336 | Zig:20   | Noticed an orb of fire
175337 | Zig:20   | Killed an orb of fire
175337 | Zig:20   | Killed an orb of fire
175338 | Zig:20   | Noticed an orb of fire
175338 | Zig:20   | Killed an orb of fire
175338 | Zig:20   | Killed an orb of fire
175338 | Zig:20   | Noticed an orb of fire
175339 | Zig:20   | Noticed an orb of fire
175341 | Zig:20   | Killed an orb of fire
175343 | Zig:20   | Killed an orb of fire
175343 | Zig:20   | Killed an orb of fire
175343 | Zig:20   | Noticed an orb of fire
175344 | Zig:20   | Killed an orb of fire
175347 | Zig:20   | Killed an orb of fire
175348 | Zig:20   | Noticed an orb of fire
175348 | Zig:20   | Killed an orb of fire
175348 | Zig:20   | Killed an orb of fire
175350 | Zig:20   | Noticed an orb of fire
175351 | Zig:20   | Noticed an orb of fire
175351 | Zig:20   | Noticed an orb of fire
175352 | Zig:20   | Noticed an orb of fire
175353 | Zig:20   | Killed an orb of fire
175353 | Zig:20   | Noticed an orb of fire
175354 | Zig:20   | Killed an orb of fire
175354 | Zig:20   | Noticed an orb of fire
175356 | Zig:20   | Killed an orb of fire
175356 | Zig:20   | Killed an orb of fire
175356 | Zig:20   | Noticed an orb of fire
175357 | Zig:20   | Killed an orb of fire
175358 | Zig:20   | Killed an orb of fire
175358 | Zig:20   | Killed an orb of fire
175360 | Zig:20   | Killed an orb of fire
175665 | Zig:21   | Entered Level 21 of a ziggurat
176115 | Zig:21   | Identified the ring of Kaciq {rElec rN+ rCorr Dex-2 Stlth+}
176118 | Zig:21   | Identified the +7 morningstar of Mudonnaish {vorpal, +Blink
                  | rC- Str+2}
176128 | Zig:21   | Identified the +4 quarterstaff of the Little People
                  | {vorpal, rF+ Dex+2}
176131 | Zig:21   | Identified the +5 short sword of Death's Door {spect, rPois
                  | rF+}
176134 | Zig:21   | Identified the +4 rapier "Uqom Hir" {vamp, rElec}
176136 | Zig:21   | Identified the ring "Simueraon" {rElec rC+ Str-3 Dex+5}
176137 | Zig:21   | Identified the +10 hand axe "Zoruo" {freeze, rPois rF+
                  | Will- Stlth+}
176138 | Zig:21   | Identified the +4 quarterstaff of Jore Imeott {vorpal, rN+
                  | rCorr Int-3 SInv}
176153 | Zig:21   | Identified the amulet of Giem {Rampage Regen+}
176160 | Zig:21   | Identified the +10 triple sword of the Bashing Owl {vorpal,
                  | *Slow +Blink Str+2 Int+8}
176162 | Zig:21   | Identified the +4 sling of the Foot {venom, rPois Will++
                  | SInv Stlth-}
176170 | Zig:22   | Entered Level 22 of a ziggurat
176175 | Zig:22   | Noticed a royal mummy
176175 | Zig:22   | Noticed a royal mummy
176176 | Zig:22   | Noticed a royal mummy
176176 | Zig:22   | Noticed a royal mummy
176177 | Zig:22   | Noticed a royal mummy
176178 | Zig:22   | Killed a royal mummy
176178 | Zig:22   | Noticed a royal mummy
176181 | Zig:22   | Killed a royal mummy
176181 | Zig:22   | Killed a royal mummy
176181 | Zig:22   | Killed a royal mummy
176181 | Zig:22   | Killed a royal mummy
176181 | Zig:22   | Noticed a royal mummy
176181 | Zig:22   | Noticed a royal mummy
176181 | Zig:22   | Noticed a royal mummy
176182 | Zig:22   | Noticed a royal mummy
176183 | Zig:22   | Killed a royal mummy
176183 | Zig:22   | Killed a royal mummy
176183 | Zig:22   | Killed a royal mummy
176183 | Zig:22   | Noticed a royal mummy
176184 | Zig:22   | Noticed a royal mummy
176184 | Zig:22   | Noticed a royal mummy
176186 | Zig:22   | Noticed a royal mummy
176186 | Zig:22   | Noticed a royal mummy
176187 | Zig:22   | Killed a royal mummy
176187 | Zig:22   | Killed a royal mummy
176187 | Zig:22   | Noticed a royal mummy
176187 | Zig:22   | Noticed a royal mummy
176187 | Zig:22   | Noticed a royal mummy
176188 | Zig:22   | Killed a royal mummy
176188 | Zig:22   | Killed a royal mummy
176188 | Zig:22   | Killed a royal mummy
176188 | Zig:22   | Noticed a royal mummy
176188 | Zig:22   | Noticed a royal mummy
176188 | Zig:22   | Noticed a royal mummy
176188 | Zig:22   | Noticed a royal mummy
176188 | Zig:22   | Noticed a royal mummy
176189 | Zig:22   | Noticed a royal mummy
176189 | Zig:22   | Noticed a royal mummy
176189 | Zig:22   | Noticed a royal mummy
176190 | Zig:22   | Killed a royal mummy
176190 | Zig:22   | Killed a royal mummy
176190 | Zig:22   | Killed a royal mummy
176190 | Zig:22   | Killed a royal mummy
176190 | Zig:22   | Noticed a royal mummy
176191 | Zig:22   | Killed a royal mummy
176191 | Zig:22   | Killed a royal mummy
176191 | Zig:22   | Killed a royal mummy
176191 | Zig:22   | Noticed a royal mummy
176192 | Zig:22   | Killed a royal mummy
176192 | Zig:22   | Killed a royal mummy
176192 | Zig:22   | Killed a royal mummy
176192 | Zig:22   | Killed a royal mummy
176192 | Zig:22   | Killed a royal mummy
176192 | Zig:22   | Killed a royal mummy
176192 | Zig:22   | Killed a royal mummy
176193 | Zig:22   | Noticed a royal mummy
176193 | Zig:22   | Noticed a royal mummy
176194 | Zig:22   | Killed a royal mummy
176195 | Zig:22   | Noticed a royal mummy
176195 | Zig:22   | Noticed a royal mummy
176196 | Zig:22   | Killed a royal mummy
176196 | Zig:22   | Killed a royal mummy
176196 | Zig:22   | Noticed a royal mummy
176196 | Zig:22   | Noticed a royal mummy
176196 | Zig:22   | Noticed a royal mummy
176196 | Zig:22   | Noticed a royal mummy
176198 | Zig:22   | Noticed a royal mummy
176198 | Zig:22   | Noticed a royal mummy
176198 | Zig:22   | Noticed a royal mummy
176199 | Zig:22   | Killed a royal mummy
176199 | Zig:22   | Killed a royal mummy
176199 | Zig:22   | Killed a royal mummy
176199 | Zig:22   | Killed a royal mummy
176199 | Zig:22   | Noticed a royal mummy
176200 | Zig:22   | Killed a royal mummy
176200 | Zig:22   | Killed a royal mummy
176201 | Zig:22   | Killed a royal mummy
176201 | Zig:22   | Killed a royal mummy
176201 | Zig:22   | Killed a royal mummy
176201 | Zig:22   | Noticed a royal mummy
176201 | Zig:22   | Noticed a royal mummy
176202 | Zig:22   | Noticed a royal mummy
176202 | Zig:22   | Noticed a royal mummy
176203 | Zig:22   | Noticed a royal mummy
176203 | Zig:22   | Noticed a royal mummy
176203 | Zig:22   | Noticed a royal mummy
176203 | Zig:22   | Noticed a royal mummy
176204 | Zig:22   | Killed a royal mummy
176204 | Zig:22   | Killed a royal mummy
176204 | Zig:22   | Killed a royal mummy
176204 | Zig:22   | Killed a royal mummy
176204 | Zig:22   | Killed a royal mummy
176204 | Zig:22   | Killed a royal mummy
176205 | Zig:22   | Killed a royal mummy
176205 | Zig:22   | Noticed a royal mummy
176206 | Zig:22   | Killed a royal mummy
176210 | Zig:22   | Noticed a royal mummy
176211 | Zig:22   | Killed a royal mummy
176211 | Zig:22   | Noticed a royal mummy
176211 | Zig:22   | Noticed a royal mummy
176212 | Zig:22   | Killed a royal mummy
176212 | Zig:22   | Noticed a royal mummy
176213 | Zig:22   | Noticed a royal mummy
176214 | Zig:22   | Killed a royal mummy
176214 | Zig:22   | Killed a royal mummy
176214 | Zig:22   | Killed a royal mummy
176214 | Zig:22   | Killed a royal mummy
176215 | Zig:22   | Noticed a royal mummy
176216 | Zig:22   | Killed a royal mummy
176221 | Zig:22   | Killed a royal mummy
176609 | Zig:22   | Found the +4 skin of Zhor {*Englaciate rC+++ SInv}
176640 | Zig:22   | Identified the +8 triple crossbow "Ogre's Undoing" {elec,
                  | rElec}
176727 | Zig:23   | Entered Level 23 of a ziggurat
176897 | Zig:23   | Identified the +11 dagger "Quac" {venom, rF- Dex+5}
176898 | Zig:23   | Identified the +10 lajatang "Imoiwkic" {protect, rPois
                  | rCorr}
176904 | Zig:23   | Identified the ring of Joyxt {rPois rC+ rCorr}
176910 | Zig:23   | Identified the -1 pair of boots "Senel" {rC+ Regen+}
176923 | Zig:23   | Identified the +2 plate armour of Elitism {Regen+ Str-3
                  | Dex+4 Stlth+}
176935 | Zig:23   | Identified the +3 robe of Ru's Pride {Will+ Stlth+}
176939 | Zig:23   | Identified the +0 cloak of the Bells {rC++ Will+ Str-4}
176940 | Zig:23   | Identified the +0 eveningstar of the Desert {vorpal, rF+
                  | rN+}
176946 | Zig:23   | Identified the amulet "Xeat" {Faith Fly rN+ Will+ Int+2
                  | SInv}
176948 | Zig:23   | Identified the +8 falchion of Causality {freeze, rN+ rCorr
                  | Dex+4}
177216 | Zig:24   | Entered Level 24 of a ziggurat
177229 | Zig:24   | Noticed an ancient lich
177230 | Zig:24   | Noticed a dread lich
177231 | Zig:24   | Killed a dread lich
177232 | Zig:24   | Killed an ancient lich
177233 | Zig:24   | Noticed a dread lich
177233 | Zig:24   | Noticed an ancient lich
177234 | Zig:24   | Noticed an ancient lich
177234 | Zig:24   | Killed an ancient lich
177235 | Zig:24   | Noticed an ancient lich
177235 | Zig:24   | Killed a dread lich
177235 | Zig:24   | Killed an ancient lich
177235 | Zig:24   | Killed an ancient lich
177236 | Zig:24   | Noticed a dread lich
177237 | Zig:24   | Noticed an ancient lich
177237 | Zig:24   | Noticed a dread lich
177238 | Zig:24   | Killed a dread lich
177239 | Zig:24   | Noticed an ancient lich
177240 | Zig:24   | Killed a dread lich
177240 | Zig:24   | Killed an ancient lich
177240 | Zig:24   | Noticed a dread lich
177241 | Zig:24   | Killed an ancient lich
177241 | Zig:24   | Killed a dread lich
177242 | Zig:24   | Noticed an ancient lich
177242 | Zig:24   | Noticed an ancient lich
177243 | Zig:24   | Noticed an ancient lich
177244 | Zig:24   | Killed an ancient lich
177245 | Zig:24   | Killed an ancient lich
177245 | Zig:24   | Killed an ancient lich
177248 | Zig:24   | Noticed a dread lich
177249 | Zig:24   | Noticed a dread lich
177249 | Zig:24   | Noticed an ancient lich
177249 | Zig:24   | Noticed an ancient lich
177250 | Zig:24   | Killed a dread lich
177251 | Zig:24   | Killed a dread lich
177251 | Zig:24   | Killed an ancient lich
177251 | Zig:24   | Killed an ancient lich
177256 | Zig:24   | Noticed a dread lich
177256 | Zig:24   | Noticed a dread lich
177257 | Zig:24   | Killed a dread lich
177259 | Zig:24   | Killed a dread lich
177259 | Zig:24   | Noticed a dread lich
177261 | Zig:24   | Killed a dread lich
177265 | Zig:24   | Noticed a dread lich
177269 | Zig:24   | Killed a dread lich
177571 | Zig:24   | Identified the +3 eveningstar "Kehuhow" {vorpal, rPois rF+
                  | Str-3 Int+4}
177589 | Zig:24   | Identified the +8 mace "Nehemo Jinir" {drain, Drain rPois
                  | rF+++ Dex+3}
177594 | Zig:24   | Identified the +5 great sword "Hydrabane" {freeze, rPois
                  | Will+++ Dex-5 Stlth+}
177669 | Zig:25   | Entered Level 25 of a ziggurat
177723 | Zig:25   | Noticed an ancient lich
177724 | Zig:25   | Killed an ancient lich
177742 | Zig:25   | Noticed an ancient lich
177744 | Zig:25   | Killed an ancient lich
178200 | Zig:25   | Identified the +7 trident of Hospitality {protect, Dex+5}
178206 | Zig:25   | Identified the +5 short sword of Buix {vorpal, rPois}
178208 | Zig:25   | Identified the +5 sling of Porph {vorpal, *Slow +Blink
                  | Dex+6}
178227 | Zig:25   | Identified the ring "Velisk" {+Blink Will- EV+4 Str+3}
178234 | Zig:25   | Identified the +6 halberd "Deunev" {freeze, rN+ rCorr
                  | Stlth-}
178242 | Zig:25   | Identified the +4 sling of Squeaky Honour {vorpal, MP+9}
178305 | Zig:26   | Entered Level 26 of a ziggurat
178312 | Zig:26   | Noticed a royal mummy
178315 | Zig:26   | Noticed a royal mummy
178315 | Zig:26   | Noticed a royal mummy
178316 | Zig:26   | Noticed a royal mummy
178317 | Zig:26   | Killed a royal mummy
178317 | Zig:26   | Killed a royal mummy
178319 | Zig:26   | Killed a royal mummy
178319 | Zig:26   | Killed a royal mummy
178321 | Zig:26   | Noticed a royal mummy
178321 | Zig:26   | Noticed a royal mummy
178323 | Zig:26   | Noticed a royal mummy
178324 | Zig:26   | Killed a royal mummy
178325 | Zig:26   | Killed a royal mummy
178325 | Zig:26   | Noticed a royal mummy
178325 | Zig:26   | Noticed a royal mummy
178325 | Zig:26   | Noticed a royal mummy
178326 | Zig:26   | Noticed a royal mummy
178326 | Zig:26   | Noticed a royal mummy
178326 | Zig:26   | Noticed a royal mummy
178327 | Zig:26   | Noticed a royal mummy
178327 | Zig:26   | Noticed a royal mummy
178327 | Zig:26   | Noticed a royal mummy
178327 | Zig:26   | Noticed a royal mummy
178328 | Zig:26   | Killed a royal mummy
178328 | Zig:26   | Killed a royal mummy
178328 | Zig:26   | Killed a royal mummy
178328 | Zig:26   | Killed a royal mummy
178328 | Zig:26   | Killed a royal mummy
178328 | Zig:26   | Noticed a royal mummy
178329 | Zig:26   | Noticed a royal mummy
178329 | Zig:26   | Noticed a royal mummy
178329 | Zig:26   | Noticed a royal mummy
178330 | Zig:26   | Killed a royal mummy
178330 | Zig:26   | Killed a royal mummy
178330 | Zig:26   | Killed a royal mummy
178330 | Zig:26   | Noticed a royal mummy
178330 | Zig:26   | Noticed a royal mummy
178331 | Zig:26   | Killed a royal mummy
178331 | Zig:26   | Killed a royal mummy
178331 | Zig:26   | Killed a royal mummy
178331 | Zig:26   | Killed a royal mummy
178331 | Zig:26   | Killed a royal mummy
178331 | Zig:26   | Killed a royal mummy
178332 | Zig:26   | Killed a royal mummy
178332 | Zig:26   | Killed a royal mummy
178332 | Zig:26   | Killed a royal mummy
178332 | Zig:26   | Noticed a royal mummy
178333 | Zig:26   | Noticed a royal mummy
178333 | Zig:26   | Noticed a royal mummy
178333 | Zig:26   | Noticed a royal mummy
178333 | Zig:26   | Noticed a royal mummy
178334 | Zig:26   | Noticed a royal mummy
178334 | Zig:26   | Noticed a royal mummy
178334 | Zig:26   | Noticed a royal mummy
178334 | Zig:26   | Noticed a royal mummy
178336 | Zig:26   | Noticed a royal mummy
178337 | Zig:26   | Killed a royal mummy
178337 | Zig:26   | Killed a royal mummy
178337 | Zig:26   | Killed a royal mummy
178337 | Zig:26   | Noticed a royal mummy
178338 | Zig:26   | Killed a royal mummy
178338 | Zig:26   | Killed a royal mummy
178338 | Zig:26   | Killed a royal mummy
178338 | Zig:26   | Killed a royal mummy
178338 | Zig:26   | Killed a royal mummy
178338 | Zig:26   | Killed a royal mummy
178339 | Zig:26   | Killed a royal mummy
178340 | Zig:26   | Killed a royal mummy
178340 | Zig:26   | Noticed a royal mummy
178340 | Zig:26   | Noticed a royal mummy
178341 | Zig:26   | Noticed a royal mummy
178341 | Zig:26   | Noticed a royal mummy
178342 | Zig:26   | Killed a royal mummy
178342 | Zig:26   | Noticed a royal mummy
178342 | Zig:26   | Noticed a royal mummy
178342 | Zig:26   | Noticed a royal mummy
178342 | Zig:26   | Noticed a royal mummy
178342 | Zig:26   | Noticed a royal mummy
178343 | Zig:26   | Killed a royal mummy
178343 | Zig:26   | Killed a royal mummy
178343 | Zig:26   | Killed a royal mummy
178343 | Zig:26   | Killed a royal mummy
178344 | Zig:26   | Killed a royal mummy
178344 | Zig:26   | Killed a royal mummy
178344 | Zig:26   | Killed a royal mummy
178345 | Zig:26   | Killed a royal mummy
178346 | Zig:26   | Noticed a royal mummy
178346 | Zig:26   | Noticed a royal mummy
178346 | Zig:26   | Noticed a royal mummy
178347 | Zig:26   | Noticed a royal mummy
178347 | Zig:26   | Noticed a royal mummy
178348 | Zig:26   | Noticed a royal mummy
178348 | Zig:26   | Noticed a royal mummy
178348 | Zig:26   | Noticed a royal mummy
178348 | Zig:26   | Noticed a royal mummy
178348 | Zig:26   | Noticed a royal mummy
178349 | Zig:26   | Killed a royal mummy
178350 | Zig:26   | Noticed a royal mummy
178350 | Zig:26   | Noticed a royal mummy
178351 | Zig:26   | Killed a royal mummy
178351 | Zig:26   | Killed a royal mummy
178351 | Zig:26   | Killed a royal mummy
178351 | Zig:26   | Killed a royal mummy
178351 | Zig:26   | Killed a royal mummy
178351 | Zig:26   | Killed a royal mummy
178351 | Zig:26   | Killed a royal mummy
178351 | Zig:26   | Noticed a royal mummy
178352 | Zig:26   | Killed a royal mummy
178352 | Zig:26   | Killed a royal mummy
178352 | Zig:26   | Killed a royal mummy
178352 | Zig:26   | Killed a royal mummy
178352 | Zig:26   | Noticed a royal mummy
178353 | Zig:26   | Noticed a royal mummy
178354 | Zig:26   | Noticed a royal mummy
178354 | Zig:26   | Noticed a royal mummy
178355 | Zig:26   | Killed a royal mummy
178355 | Zig:26   | Killed a royal mummy
178356 | Zig:26   | Killed a royal mummy
178356 | Zig:26   | Killed a royal mummy
178356 | Zig:26   | Noticed a royal mummy
178356 | Zig:26   | Noticed a royal mummy
178356 | Zig:26   | Noticed a royal mummy
178356 | Zig:26   | Noticed a royal mummy
178357 | Zig:26   | Killed a royal mummy
178358 | Zig:26   | Killed a royal mummy
178359 | Zig:26   | Killed a royal mummy
178359 | Zig:26   | Killed a royal mummy
178359 | Zig:26   | Noticed a royal mummy
178359 | Zig:26   | Noticed a royal mummy
178360 | Zig:26   | Killed a royal mummy
178361 | Zig:26   | Killed a royal mummy
178361 | Zig:26   | Noticed a royal mummy
178363 | Zig:26   | Killed a royal mummy
178364 | Zig:26   | Killed a royal mummy
178364 | Zig:26   | Noticed a royal mummy
178366 | Zig:26   | Killed a royal mummy
178367 | Zig:26   | Noticed a royal mummy
178368 | Zig:26   | Noticed a royal mummy
178369 | Zig:26   | Noticed a royal mummy
178370 | Zig:26   | Killed a royal mummy
178370 | Zig:26   | Killed a royal mummy
178370 | Zig:26   | Noticed a royal mummy
178371 | Zig:26   | Noticed a royal mummy
178372 | Zig:26   | Killed a royal mummy
178372 | Zig:26   | Killed a royal mummy
178374 | Zig:26   | Killed a royal mummy
178376 | Zig:26   | Noticed a royal mummy
178377 | Zig:26   | Noticed a royal mummy
178381 | Zig:26   | Killed a royal mummy
178381 | Zig:26   | Killed a royal mummy
178706 | Zig:26   | Identified the amulet of the Charred God {Acrobat rN+
                  | Int+2}
178710 | Zig:26   | Identified the +3 shortbow "Zemotiokk" {vorpal, Dex+6}
178729 | Zig:26   | Identified the +7 dire flail "Henyomu" {vorpal, rElec rC+
                  | Int+2}
178738 | Zig:26   | Identified the amulet "Pefaod" {Reflect rF+ rC+ SH+5}
178756 | Zig:26   | Identified the +3 fire dragon scales of the Land of Plenty
                  | {Contam rPois rF++ rC- rCorr Str+2 Dex+4}
178757 | Zig:26   | Identified the +7 hand axe of Lust {antimagic, *Corrode rF+
                  | Str+5 SInv}
178769 | Zig:26   | Identified the +3 swamp dragon scales "Itavuis" {+Blink
                  | rPois Will+ Int+2}
178871 | Zig:26   | Acquired 1034 gold pieces
178872 | Zig:26   | Acquired the +1 Delatra's gloves {ID++}
178872 | Zig:26   | Found the +1 Delatra's gloves {ID++}
178874 | Zig:26   | Acquired 546 gold pieces
178876 | Zig:26   | Acquired the +0 pair of gloves of Elatzurph {rN+++ Regen+
                  | Dex-4 SInv}
178883 | Zig:27   | Entered Level 27 of a ziggurat
178923 | Zig:27   | Paralysed by accursed screaming for 2 turns
179012 | Zig:27   | Killed a starcursed mass
179674 | Zig:27   | Identified the +8 rapier "Mubiank" {vorpal, rN++}
179676 | Zig:27   | Identified the +1 plate armour of the Great Game {Dex+6}
179678 | Zig:27   | Identified the +6 scimitar of Ofaggu {protect, rN++ Dex-5
                  | Stlth+}
179825 | Zig:1    | Entered Level 1 of a ziggurat
179855 | Zig:2    | Entered Level 2 of a ziggurat
179922 | Zig:3    | Entered Level 3 of a ziggurat
179925 | Zig:3    | Noticed Fasieck the pandemonium lord
179934 | Zig:3    | Killed Fasieck the pandemonium lord
180028 | Zig:4    | Entered Level 4 of a ziggurat
180028 | Zig:4    | Noticed a dread lich
180028 | Zig:4    | Noticed an ancient lich
180028 | Zig:4    | Noticed an ancient lich
180029 | Zig:4    | Killed a dread lich
180030 | Zig:4    | Killed an ancient lich
180030 | Zig:4    | Killed an ancient lich
180121 | Zig:5    | Entered Level 5 of a ziggurat
180234 | Zig:5    | Identified the +2 arbalest "Vos Mes" {elec, Fly}
180249 | Zig:6    | Entered Level 6 of a ziggurat
180392 | Zig:6    | Identified the amulet of the Bespelling Seeker {rElec rF-
                  | Regen+ Str+5 Slay+2}
180424 | Zig:7    | Entered Level 7 of a ziggurat
180424 | Zig:7    | Noticed a royal mummy
180424 | Zig:7    | Noticed a royal mummy
180424 | Zig:7    | Noticed a royal mummy
180424 | Zig:7    | Noticed a royal mummy
180424 | Zig:7    | Noticed a royal mummy
180424 | Zig:7    | Noticed a royal mummy
180424 | Zig:7    | Noticed a royal mummy
180425 | Zig:7    | Killed a royal mummy
180425 | Zig:7    | Killed a royal mummy
180425 | Zig:7    | Killed a royal mummy
180426 | Zig:7    | Killed a royal mummy
180426 | Zig:7    | Killed a royal mummy
180426 | Zig:7    | Killed a royal mummy
180428 | Zig:7    | Killed a royal mummy
180430 | Zig:7    | Noticed a royal mummy
180431 | Zig:7    | Noticed a royal mummy
180432 | Zig:7    | Noticed a royal mummy
180436 | Zig:7    | Noticed a royal mummy
180436 | Zig:7    | Killed a royal mummy
180436 | Zig:7    | Noticed a royal mummy
180437 | Zig:7    | Killed a royal mummy
180437 | Zig:7    | Killed a royal mummy
180440 | Zig:7    | Killed a royal mummy
180440 | Zig:7    | Killed a royal mummy
180512 | Zig:7    | Identified the +10 dire flail of Hatt {elec, Int+4}
180638 | Zig:8    | Entered Level 8 of a ziggurat
180840 | Zig:8    | Identified the ring "Nousuetihu" {Ice Dex+5}
180853 | Zig:8    | Identified the +11 ice dragon scales "Zifadaucs" {rF- rC++
                  | Will+++ Dex-2}
180858 | Zig:8    | Identified the +8 great mace "Orb Guardian's Death"
                  | {freeze, Will- rCorr Int+9 Dex+2}
180867 | Zig:8    | Identified the +2 ice dragon scales of Disaster {rF- rC++
                  | Regen+ Str+4 Stlth-}
180886 | Zig:9    | Entered Level 9 of a ziggurat
181016 | Zig:9    | Identified the +3 scimitar "Xarielenn" {flame, Will++}
181017 | Zig:9    | Identified the +1 shortbow "Avoy" {venom, rN+ Str-3 Int+4
                  | Dex+3}
181086 | Zig:10   | Entered Level 10 of a ziggurat
181105 | Zig:10   | Found the +3 pair of mountain boots {steadfast, rC+}
181250 | Zig:10   | Identified the +4 quarterstaff of Mayhem {vorpal, rPois
                  | MP+9 Int-5 Dex-2}
181251 | Zig:10   | Identified the +7 short sword "Riext" {vorpal, rElec Will+
                  | rCorr}
181307 | Zig:10   | Acquired 1030 gold pieces
181381 | Zig:11   | Entered Level 11 of a ziggurat
181472 | Zig:11   | Identified the ring of Obytru {Wiz +Blink SInv}
181489 | Zig:11   | Identified the +7 morningstar "Killer Bee's Bane" {freeze,
                  | rPois Stlth+}
181519 | Zig:11   | Identified the +2 war axe of Abuse {vorpal, *Noise rElec
                  | rCorr SInv}
181653 | Zig:12   | Entered Level 12 of a ziggurat
181659 | Zig:12   | Noticed an ancient lich
181661 | Zig:12   | Killed an ancient lich
181812 | Zig:12   | Identified the +8 quarterstaff "Vanal" {protect, rElec}
181882 | Zig:13   | Entered Level 13 of a ziggurat
181906 | Zig:13   | Identified the +6 tower shield of Zaruto Fiqyl {Int+3}
181995 | Zig:13   | Identified the +1 robe "Burod" {rN+ rCorr Str-2 Int+3}
181999 | Zig:13   | Identified the +1 mace "Ogroosiv" {drain, rC++ Will+ Str-2
                  | Dex+2}
182000 | Zig:13   | Identified the +9 trident of Bell {spect, Int+3}
182004 | Zig:13   | Identified the +8 bardiche of Context {freeze, rF+ Dex+3}
182009 | Zig:13   | Identified the +0 robe of Lilacs {rC- Dex+6}
182170 | Zig:14   | Entered Level 14 of a ziggurat
182486 | Zig:14   | Identified the +0 pair of boots "Batovo" {Dex+4}
182514 | Zig:14   | Identified the amulet "Fouvaner" {Spirit Contam rF- rCorr
                  | Stlth+}
182568 | Zig:15   | Entered Level 15 of a ziggurat
182568 | Zig:15   | Noticed Zosuin the pandemonium lord
182568 | Zig:15   | Noticed Dehopez the pandemonium lord
182568 | Zig:15   | Noticed Fetiod the pandemonium lord
182568 | Zig:15   | Noticed Eho Xeyrph the pandemonium lord
182568 | Zig:15   | Noticed Itebbat the pandemonium lord
182568 | Zig:15   | Noticed Nadodd the pandemonium lord
182568 | Zig:15   | Noticed Abautiutt the pandemonium lord
182568 | Zig:15   | Noticed Ilicima the pandemonium lord
182568 | Zig:15   | Noticed Ranux the pandemonium lord
182570 | Zig:15   | Killed Eho Xeyrph the pandemonium lord
182570 | Zig:15   | Killed Ranux the pandemonium lord
182570 | Zig:15   | Noticed Xulybixu the pandemonium lord
182570 | Zig:15   | Noticed Leecwem the pandemonium lord
182571 | Zig:15   | Killed Dehopez the pandemonium lord
182571 | Zig:15   | Killed Itebbat the pandemonium lord
182571 | Zig:15   | Noticed Pisoss the pandemonium lord
182571 | Zig:15   | Noticed Womupaq the pandemonium lord
182571 | Zig:15   | Noticed Karedag the pandemonium lord
182572 | Zig:15   | Noticed Uhuzutra the pandemonium lord
182573 | Zig:15   | Noticed Jasoeb the pandemonium lord
182573 | Zig:15   | Noticed Byagun the pandemonium lord
182573 | Zig:15   | Noticed Bil Tid the pandemonium lord
182573 | Zig:15   | Killed Fetiod the pandemonium lord
182573 | Zig:15   | Killed Abautiutt the pandemonium lord
182573 | Zig:15   | Killed Bil Tid the pandemonium lord
182573 | Zig:15   | Noticed Fudwoys the pandemonium lord
182574 | Zig:15   | Killed Zosuin the pandemonium lord
182574 | Zig:15   | Killed Nadodd the pandemonium lord
182574 | Zig:15   | Killed Xulybixu the pandemonium lord
182574 | Zig:15   | Killed Pisoss the pandemonium lord
182574 | Zig:15   | Killed Ilicima the pandemonium lord
182574 | Zig:15   | Killed Jasoeb the pandemonium lord
182575 | Zig:15   | Noticed Romorat the pandemonium lord
182575 | Zig:15   | Noticed Poanes the pandemonium lord
182575 | Zig:15   | Killed Uhuzutra the pandemonium lord
182575 | Zig:15   | Noticed Ikoi the pandemonium lord
182576 | Zig:15   | Killed Karedag the pandemonium lord
182576 | Zig:15   | Noticed Uxzetucs the pandemonium lord
182576 | Zig:15   | Noticed Canuff the pandemonium lord
182577 | Zig:15   | Noticed Mereinaa the pandemonium lord
182577 | Zig:15   | Killed Byagun the pandemonium lord
182577 | Zig:15   | Noticed Guhowiuw the pandemonium lord
182577 | Zig:15   | Noticed Cuhi the pandemonium lord
182577 | Zig:15   | Noticed Yvephufe the pandemonium lord
182578 | Zig:15   | Killed Fudwoys the pandemonium lord
182578 | Zig:15   | Killed Uxzetucs the pandemonium lord
182578 | Zig:15   | Noticed Hekaeroo the pandemonium lord
182578 | Zig:15   | Noticed Tefiug the pandemonium lord
182578 | Zig:15   | Noticed Jyrhann the pandemonium lord
182579 | Zig:15   | Noticed Ubiracw the pandemonium lord
182579 | Zig:15   | Killed Leecwem the pandemonium lord
182579 | Zig:15   | Killed Womupaq the pandemonium lord
182579 | Zig:15   | Noticed Equagh the pandemonium lord
182579 | Zig:15   | Noticed Buvi Lau the pandemonium lord
182580 | Zig:15   | Noticed Etys the pandemonium lord
182580 | Zig:15   | Noticed Batunnut the pandemonium lord
182580 | Zig:15   | Killed Mereinaa the pandemonium lord
182580 | Zig:15   | Killed Jyrhann the pandemonium lord
182580 | Zig:15   | Killed Poanes the pandemonium lord
182580 | Zig:15   | Killed Cuhi the pandemonium lord
182580 | Zig:15   | Noticed Wyucat the pandemonium lord
182581 | Zig:15   | Killed Tefiug the pandemonium lord
182581 | Zig:15   | Killed Ubiracw the pandemonium lord
182581 | Zig:15   | Killed Wyucat the pandemonium lord
182581 | Zig:15   | Noticed Yzxeod the pandemonium lord
182581 | Zig:15   | Noticed Tunun the pandemonium lord
182583 | Zig:15   | Killed Romorat the pandemonium lord
182583 | Zig:15   | Killed Canuff the pandemonium lord
182583 | Zig:15   | Killed Buvi Lau the pandemonium lord
182583 | Zig:15   | Killed Batunnut the pandemonium lord
182584 | Zig:15   | Killed Fos Memm the pandemonium lord
182584 | Zig:15   | Killed Guhowiuw the pandemonium lord
182584 | Zig:15   | Killed Yzxeod the pandemonium lord
182585 | Zig:15   | Killed Ikoi the pandemonium lord
182585 | Zig:15   | Killed Tunun the pandemonium lord
182585 | Zig:15   | Killed Yvephufe the pandemonium lord
182585 | Zig:15   | Noticed Hane Tol the pandemonium lord
182586 | Zig:15   | Noticed Racyiky the pandemonium lord
182586 | Zig:15   | Noticed Guesy Isa the pandemonium lord
182587 | Zig:15   | Noticed Orecsoqo the pandemonium lord
182587 | Zig:15   | Noticed Jogytu the pandemonium lord
182587 | Zig:15   | Noticed Vuqotine the pandemonium lord
182589 | Zig:15   | Killed Hekaeroo the pandemonium lord
182589 | Zig:15   | Killed Equagh the pandemonium lord
182589 | Zig:15   | Killed Guesy Isa the pandemonium lord
182589 | Zig:15   | Noticed Miysmigu the pandemonium lord
182590 | Zig:15   | Killed Etys the pandemonium lord
182590 | Zig:15   | Noticed Dyucren the pandemonium lord
182591 | Zig:15   | Noticed Saniag the pandemonium lord
182591 | Zig:15   | Killed Hane Tol the pandemonium lord
182591 | Zig:15   | Killed Racyiky the pandemonium lord
182591 | Zig:15   | Killed Vuqotine the pandemonium lord
182591 | Zig:15   | Noticed Dyarat the pandemonium lord
182591 | Zig:15   | Noticed Xuoniu the pandemonium lord
182592 | Zig:15   | Killed Orecsoqo the pandemonium lord
182592 | Zig:15   | Killed Dyarat the pandemonium lord
182592 | Zig:15   | Killed Miysmigu the pandemonium lord
182592 | Zig:15   | Killed Jogytu the pandemonium lord
182593 | Zig:15   | Killed Dyucren the pandemonium lord
182593 | Zig:15   | Noticed Tufepay the pandemonium lord
182596 | Zig:15   | Noticed Ynima the pandemonium lord
182597 | Zig:15   | Killed Saniag the pandemonium lord
182597 | Zig:15   | Noticed Iteemyli the pandemonium lord
182599 | Zig:15   | Killed Xuoniu the pandemonium lord
182601 | Zig:15   | Killed Iteemyli the pandemonium lord
182604 | Zig:15   | Killed Tufepay the pandemonium lord
182606 | Zig:15   | Killed Ynima the pandemonium lord
182819 | Zig:15   | Identified the +0 quarterstaff of Urecvesh {antimagic,
                  | rPois rCorr Stlth+}
182828 | Zig:15   | Identified the ring of Wishful Thinking {Wiz Will+ Str+2}
182833 | Zig:15   | Identified the +6 long sword of Propriety {drain, rElec rN+
                  | Str+3}
182834 | Zig:15   | Identified the +1 hand axe of the Tooth {vorpal, rCorr}
182841 | Zig:15   | Identified the ring of Ekius {rF+ rC+ rN+ Str-2 Stlth+}
182849 | Zig:16   | Entered Level 16 of a ziggurat
182849 | Zig:16   | Noticed Motirgh's ghost (legendary DgHW)
182849 | Zig:16   | Noticed Motirgh's ghost (legendary DgHW)
182849 | Zig:16   | Noticed Evehuixoju's ghost (legendary VSFi)
182849 | Zig:16   | Noticed WiseOSalty's ghost (legendary TrGl)
182851 | Zig:16   | Noticed Ycuhohed's ghost (veteran TeBe)
182851 | Zig:16   | Noticed sleeves's ghost (legendary DsFi)
182851 | Zig:16   | Noticed Vuopse's ghost (legendary GnIE)
182852 | Zig:16   | Noticed MrChinwatt's ghost (legendary DsWn)
182852 | Zig:16   | Noticed Amikeex's ghost (adept TrMo)
182852 | Zig:16   | Noticed Haitsiopt's ghost (legendary DsGl)
182852 | Zig:16   | Noticed Boduf's ghost (legendary FoHu)
182853 | Zig:16   | Noticed Becvyf's ghost (legendary GnFi)
182853 | Zig:16   | Noticed Pusocauss's ghost (legendary VSBe)
182853 | Zig:16   | Noticed Viocziel's ghost (adept TrMo)
182854 | Zig:16   | Noticed scarywalker64's ghost (legendary GrEE)
182854 | Zig:16   | Noticed Jeklifit's ghost (legendary FoFi)
182857 | Zig:16   | Killed Ycuhohed's ghost
182858 | Zig:16   | Noticed Xatwola's ghost (legendary DDFi)
182858 | Zig:16   | Killed Viocziel's ghost
182858 | Zig:16   | Noticed Qatinlae's ghost (veteran DEFE)
182859 | Zig:16   | Noticed Xorhowon's ghost (legendary MiBe)
182860 | Zig:16   | Killed Pusocauss's ghost
182860 | Zig:16   | Killed Amikeex's ghost
182860 | Zig:16   | Noticed thechecker02's ghost (legendary DDFi)
182860 | Zig:16   | Noticed Ucrups's ghost (legendary MiFi)
182860 | Zig:16   | Noticed runemage's ghost (legendary GnFi)
182861 | Zig:16   | Noticed EricTams's ghost (veteran MiBe)
182862 | Zig:16   | Killed sleeves's ghost
182862 | Zig:16   | Killed Evehuixoju's ghost
182862 | Zig:16   | Killed Motirgh's ghost
182862 | Zig:16   | Killed Qatinlae's ghost
182863 | Zig:16   | Killed WiseOSalty's ghost
182863 | Zig:16   | Noticed sleeves's ghost (legendary DsFi)
182863 | Zig:16   | Noticed Xutext's ghost (adept DsAK)
182864 | Zig:16   | Killed Xutext's ghost
182865 | Zig:16   | Killed MrChinwatt's ghost
182865 | Zig:16   | Killed Boduf's ghost
182865 | Zig:16   | Killed scarywalker64's ghost
182865 | Zig:16   | Killed Jeklifit's ghost
182865 | Zig:16   | Killed Becvyf's ghost
182865 | Zig:16   | Killed Xorhowon's ghost
182865 | Zig:16   | Killed Vuopse's ghost
182866 | Zig:16   | Killed Haitsiopt's ghost
182866 | Zig:16   | Killed Motirgh's ghost
182866 | Zig:16   | Noticed lukano's ghost (legendary GrFi)
182867 | Zig:16   | Killed EricTams's ghost
182867 | Zig:16   | Noticed Unuchuin's ghost (legendary GnFi)
182868 | Zig:16   | Killed Xatwola's ghost
182868 | Zig:16   | Killed thechecker02's ghost
182869 | Zig:16   | Noticed Ecsetopt's ghost (legendary BaWn)
182869 | Zig:16   | Noticed SevenDeadlySins's ghost (legendary DrCj)
182869 | Zig:16   | Noticed Fugi's ghost (legendary FoFi)
182869 | Zig:16   | Noticed Diezoyro's ghost (legendary DDNe)
182869 | Zig:16   | Noticed Pohawk's ghost (adept MiGl)
182870 | Zig:16   | Noticed Diezoyro's ghost (legendary DDNe)
182870 | Zig:16   | Noticed BoringLoser's ghost (veteran TeAE)
182870 | Zig:16   | Noticed Kalug's ghost (legendary DrFi)
182870 | Zig:16   | Noticed Ecsetopt's ghost (legendary BaWn)
182873 | Zig:16   | Noticed sleeves's ghost (legendary HuEE)
182876 | Zig:16   | Killed runemage's ghost
182877 | Zig:16   | Killed Fugi's ghost
182880 | Zig:16   | Killed Pohawk's ghost
182884 | Zig:16   | Killed sleeves's ghost
182884 | Zig:16   | Killed Unuchuin's ghost
182884 | Zig:16   | Killed lukano's ghost
182886 | Zig:16   | Killed Kalug's ghost
182886 | Zig:16   | Killed sleeves's ghost
182886 | Zig:16   | Killed Ucrups's ghost
182887 | Zig:16   | Killed Ecsetopt's ghost
182887 | Zig:16   | Killed SevenDeadlySins's ghost
182887 | Zig:16   | Killed Diezoyro's ghost
182888 | Zig:16   | Noticed Himmaryad's ghost (adept TrMo)
182888 | Zig:16   | Noticed Ucrups's ghost (legendary MiFi)
182888 | Zig:16   | Noticed Zonian's ghost (legendary HOFi)
182891 | Zig:16   | Killed BoringLoser's ghost
182891 | Zig:16   | Noticed Dittersdorf's ghost (legendary MiBe)
182892 | Zig:16   | Noticed Huju's ghost (legendary HOFi)
182892 | Zig:16   | Killed Himmaryad's ghost
182893 | Zig:16   | Noticed Hillam's ghost (legendary DsTm)
182895 | Zig:16   | Killed Dittersdorf's ghost
182895 | Zig:16   | Noticed thechecker02's ghost (master DDFi)
182896 | Zig:16   | Killed Zonian's ghost
182897 | Zig:16   | Noticed Veodywke's ghost (legendary MiBe)
182898 | Zig:16   | Noticed Gucom's ghost (veteran GnFi)
182898 | Zig:16   | Noticed scarywalker64's ghost (veteran BaSu)
182899 | Zig:16   | Noticed Xaowkis's ghost (legendary GnWr)
182899 | Zig:16   | Noticed Xatwola's ghost (legendary DDFi)
182899 | Zig:16   | Noticed Gucom's ghost (veteran GnFi)
182900 | Zig:16   | Noticed stevelinton's ghost (legendary KoBe)
182903 | Zig:16   | Killed Ecsetopt's ghost
182905 | Zig:16   | Killed thechecker02's ghost
182905 | Zig:16   | Killed Gucom's ghost
182905 | Zig:16   | Killed Ucrups's ghost
182905 | Zig:16   | Killed Hillam's ghost
182905 | Zig:16   | Killed scarywalker64's ghost
182906 | Zig:16   | Killed stevelinton's ghost
182907 | Zig:16   | Killed Xatwola's ghost
182907 | Zig:16   | Killed Veodywke's ghost
182907 | Zig:16   | Killed Diezoyro's ghost
182908 | Zig:16   | Killed Gucom's ghost
182908 | Zig:16   | Killed Xaowkis's ghost
183106 | Zig:16   | Identified the +4 morningstar of the Spider Nest {venom,
                  | +Blink Int+4}
183108 | Zig:16   | Identified the ring of Xom's Bemusement {Fly Stlth+}
183119 | Zig:16   | Identified the amulet of Jyfyanke {+Inv Regen+ Dex-3 SInv}
183164 | Zig:17   | Entered Level 17 of a ziggurat
183246 | Zig:17   | Identified the +6 hand axe "Ymixim" {antimagic, rC+ Int+5}
183248 | Zig:17   | Identified the +3 sling "Jekhunn" {vorpal, rC+}
183249 | Zig:17   | Identified the amulet of Qazlal's Indignation {Spirit
                  | Str+3}
183263 | Zig:17   | Identified the +6 war axe of Earthquakes {freeze, rElec
                  | Str+4 Int+2}
183264 | Zig:17   | Identified the +2 plate armour "Puephuokk" {Str+3 Dex+2}
183274 | Zig:17   | Identified the +5 falchion of the Final Decision {holy, rF-
                  | rN+ Str+9 Dex+3}
183278 | Zig:17   | Identified the +4 quarterstaff "Q" {venom, rElec rC+ rCorr
                  | MP+9}
183284 | Zig:17   | Identified the +4 great sword of Abomination {vorpal, *Rage
                  | rPois Str+7}
183291 | Zig:17   | Identified the +5 scimitar of Ufoawex {vorpal, *Rage Will+
                  | Stlth+}
183296 | Zig:17   | Identified the +9 short sword "Miuzial" {speed, Fly rPois}
183300 | Zig:17   | Identified the +7 great mace of Sothatuk {flame, rC+ Str-4
                  | Int+4}
183621 | Zig:18   | Entered Level 18 of a ziggurat
183621 | Zig:18   | Noticed a royal mummy
183621 | Zig:18   | Noticed a royal mummy
183621 | Zig:18   | Noticed a royal mummy
183621 | Zig:18   | Noticed a royal mummy
183621 | Zig:18   | Noticed a royal mummy
183621 | Zig:18   | Noticed a royal mummy
183621 | Zig:18   | Noticed a royal mummy
183621 | Zig:18   | Noticed a royal mummy
183621 | Zig:18   | Noticed a royal mummy
183621 | Zig:18   | Noticed a royal mummy
183622 | Zig:18   | Killed a royal mummy
183622 | Zig:18   | Killed a royal mummy
183622 | Zig:18   | Killed a royal mummy
183622 | Zig:18   | Killed a royal mummy
183622 | Zig:18   | Killed a royal mummy
183622 | Zig:18   | Killed a royal mummy
183622 | Zig:18   | Killed a royal mummy
183623 | Zig:18   | Killed a royal mummy
183623 | Zig:18   | Killed a royal mummy
183623 | Zig:18   | Noticed a royal mummy
183624 | Zig:18   | Killed a royal mummy
183625 | Zig:18   | Killed a royal mummy
183626 | Zig:18   | Noticed a royal mummy
183627 | Zig:18   | Noticed a royal mummy
183628 | Zig:18   | Noticed a royal mummy
183628 | Zig:18   | Noticed a royal mummy
183628 | Zig:18   | Noticed a royal mummy
183629 | Zig:18   | Noticed a royal mummy
183630 | Zig:18   | Killed a royal mummy
183630 | Zig:18   | Killed a royal mummy
183630 | Zig:18   | Killed a royal mummy
183631 | Zig:18   | Noticed a royal mummy
183631 | Zig:18   | Noticed a royal mummy
183632 | Zig:18   | Noticed a royal mummy
183633 | Zig:18   | Noticed a royal mummy
183633 | Zig:18   | Noticed a royal mummy
183633 | Zig:18   | Noticed a royal mummy
183633 | Zig:18   | Noticed a royal mummy
183634 | Zig:18   | Killed a royal mummy
183634 | Zig:18   | Killed a royal mummy
183634 | Zig:18   | Killed a royal mummy
183634 | Zig:18   | Killed a royal mummy
183634 | Zig:18   | Killed a royal mummy
183634 | Zig:18   | Killed a royal mummy
183634 | Zig:18   | Killed a royal mummy
183634 | Zig:18   | Killed a royal mummy
183634 | Zig:18   | Noticed a royal mummy
183634 | Zig:18   | Noticed a royal mummy
183635 | Zig:18   | Killed a royal mummy
183636 | Zig:18   | Killed a royal mummy
183636 | Zig:18   | Killed a royal mummy
183636 | Zig:18   | Killed a royal mummy
183636 | Zig:18   | Noticed a royal mummy
183637 | Zig:18   | Noticed a royal mummy
183639 | Zig:18   | Noticed a royal mummy
183641 | Zig:18   | Noticed a royal mummy
183642 | Zig:18   | Killed a royal mummy
183643 | Zig:18   | Killed a royal mummy
183643 | Zig:18   | Killed a royal mummy
183644 | Zig:18   | Noticed a royal mummy
183644 | Zig:18   | Killed a royal mummy
183645 | Zig:18   | Noticed a royal mummy
183645 | Zig:18   | Noticed a royal mummy
183646 | Zig:18   | Noticed a royal mummy
183647 | Zig:18   | Killed a royal mummy
183648 | Zig:18   | Killed a royal mummy
183648 | Zig:18   | Noticed a royal mummy
183649 | Zig:18   | Killed a royal mummy
183649 | Zig:18   | Killed a royal mummy
183649 | Zig:18   | Noticed a royal mummy
183649 | Zig:18   | Noticed a royal mummy
183651 | Zig:18   | Killed a royal mummy
183651 | Zig:18   | Killed a royal mummy
183656 | Zig:18   | Killed a royal mummy
183965 | Zig:18   | Identified the +1 ring mail of Cojum {rF+}
183979 | Zig:18   | Identified the +1 robe of Beogh's Pride {-Tele rElec rCorr
                  | Stlth+}
183995 | Zig:18   | Identified the ring "Boniempe" {Fire Str+6}
184001 | Zig:18   | Identified the +1 scale mail of Quow Ask {rF- Int+4 Dex+3}
184005 | Zig:18   | Identified the +5 mace of Loryum {venom, rN+ MP+9}
184035 | Zig:19   | Entered Level 19 of a ziggurat
184035 | Zig:19   | Noticed a juggernaut
184035 | Zig:19   | Noticed a juggernaut
184037 | Zig:19   | Killed a juggernaut
184037 | Zig:19   | Noticed a juggernaut
184037 | Zig:19   | Noticed a juggernaut
184037 | Zig:19   | Noticed a juggernaut
184037 | Zig:19   | Noticed a juggernaut
184038 | Zig:19   | Noticed a juggernaut
184039 | Zig:19   | Killed a juggernaut
184039 | Zig:19   | Noticed a juggernaut
184039 | Zig:19   | Noticed a juggernaut
184039 | Zig:19   | Noticed a juggernaut
184040 | Zig:19   | Killed a juggernaut
184040 | Zig:19   | Killed a juggernaut
184040 | Zig:19   | Killed a juggernaut
184040 | Zig:19   | Killed a juggernaut
184040 | Zig:19   | Killed a juggernaut
184040 | Zig:19   | Noticed a juggernaut
184041 | Zig:19   | Killed a juggernaut
184041 | Zig:19   | Killed a juggernaut
184041 | Zig:19   | Noticed a juggernaut
184041 | Zig:19   | Noticed a juggernaut
184042 | Zig:19   | Noticed a juggernaut
184042 | Zig:19   | Killed a juggernaut
184042 | Zig:19   | Killed a juggernaut
184042 | Zig:19   | Killed a juggernaut
184042 | Zig:19   | Noticed a juggernaut
184042 | Zig:19   | Noticed a juggernaut
184042 | Zig:19   | Noticed a juggernaut
184043 | Zig:19   | Killed a juggernaut
184043 | Zig:19   | Killed a juggernaut
184043 | Zig:19   | Noticed a juggernaut
184044 | Zig:19   | Killed a juggernaut
184044 | Zig:19   | Noticed a juggernaut
184045 | Zig:19   | Killed a juggernaut
184045 | Zig:19   | Killed a juggernaut
184045 | Zig:19   | Killed a juggernaut
184047 | Zig:19   | Noticed a juggernaut
184047 | Zig:19   | Noticed a juggernaut
184048 | Zig:19   | Killed a juggernaut
184048 | Zig:19   | Noticed a juggernaut
184049 | Zig:19   | Killed a juggernaut
184049 | Zig:19   | Noticed a juggernaut
184050 | Zig:19   | Killed a juggernaut
184050 | Zig:19   | Noticed a juggernaut
184050 | Zig:19   | Noticed a juggernaut
184051 | Zig:19   | Killed a juggernaut
184051 | Zig:19   | Killed a juggernaut
184052 | Zig:19   | Killed a juggernaut
184052 | Zig:19   | Killed a juggernaut
184053 | Zig:19   | Noticed a juggernaut
184054 | Zig:19   | Killed a juggernaut
184054 | Zig:19   | Noticed a juggernaut
184055 | Zig:19   | Noticed a juggernaut
184055 | Zig:19   | Noticed a juggernaut
184056 | Zig:19   | Killed a juggernaut
184056 | Zig:19   | Killed a juggernaut
184057 | Zig:19   | Killed a juggernaut
184058 | Zig:19   | Noticed a juggernaut
184059 | Zig:19   | Noticed a juggernaut
184059 | Zig:19   | Noticed a juggernaut
184059 | Zig:19   | Noticed a juggernaut
184061 | Zig:19   | Killed a juggernaut
184062 | Zig:19   | Killed a juggernaut
184062 | Zig:19   | Killed a juggernaut
184063 | Zig:19   | Killed a juggernaut
184063 | Zig:19   | Noticed a juggernaut
184066 | Zig:19   | Noticed a juggernaut
184067 | Zig:19   | Killed a juggernaut
184069 | Zig:19   | Killed a juggernaut
184076 | Zig:19   | Noticed a juggernaut
184085 | Zig:19   | Killed a juggernaut
184306 | Zig:19   | Identified the +2 leather armour "Piheojy" {Rampage}
184310 | Zig:19   | Identified the +10 hand axe of Jeqaes {distort, rF++}
184314 | Zig:19   | Identified the +10 mace of the Ancients {holy, Int+3 Dex+2}
184323 | Zig:19   | Identified the +3 war axe of Undoing {speed, rN+ Str+3
                  | Dex+3 SInv}
184326 | Zig:19   | Identified the +1 quarterstaff of Perfectionism {vorpal,
                  | *Corrode rN+ Str+7 Int+4}
184360 | Zig:19   | Acquired 474 gold pieces
184387 | Zig:20   | Entered Level 20 of a ziggurat
184406 | Zig:20   | Paralysed by an air elemental for 1 turns
184822 | Zig:20   | Identified the +0 broad axe of Fortitude {distort, +Blink}
184828 | Zig:20   | Identified the ring "Reyph" {MP+9 SInv}
184841 | Zig:20   | Identified the +6 flail of Balance {venom, Fly rElec rF-
                  | rCorr}
184842 | Zig:20   | Identified the +2 scale mail of the Peculiar Hosts {+Blink
                  | Will+ Stlth+}
184844 | Zig:20   | Identified the +6 quarterstaff of True Grit {vorpal,
                  | *Corrode rC+ rN+ Will+}
184846 | Zig:20   | Identified the amulet of Byruwan {Reflect rC- Regen+ Int+3
                  | SH+5}
184848 | Zig:20   | Identified the +8 whip of Foolhardiness {venom, rElec rN+
                  | Will+ Stlth+}
184857 | Zig:20   | Identified the +2 dagger of Yeast {flame, Str+3}
184908 | Zig:21   | Entered Level 21 of a ziggurat
185016 | Zig:21   | Identified the +11 falchion "Concordance" {spect, Will+
                  | rCorr Int+3}
185026 | Zig:21   | Identified the +1 robe of Wigi {Rampage *Slow SInv}
185037 | Zig:21   | Identified the +8 battleaxe of a volcano {drain, rC- Will+
                  | Dex+2}
185043 | Zig:21   | Identified the +11 quarterstaff "Koala" {flame, rF- Int+10}
185045 | Zig:21   | Identified the +0 ring mail "Earthly Heaven" {rF+ Will-
                  | rCorr Str+6}
185440 | Zig:22   | Entered Level 22 of a ziggurat
185454 | Zig:22   | Noticed a dread lich
185458 | Zig:22   | Killed a dread lich
185467 | Zig:22   | Noticed an ancient lich
185469 | Zig:22   | Killed an ancient lich
185472 | Zig:22   | Noticed a dread lich
185472 | Zig:22   | Noticed a dread lich
185474 | Zig:22   | Killed a dread lich
185474 | Zig:22   | Killed a dread lich
185475 | Zig:22   | Noticed a dread lich
185477 | Zig:22   | Killed a dread lich
185638 | Zig:22   | Identified the +8 great sword "Ilochyta" {antimagic, *Noise
                  | Fragile Int+5 Dex+4}
185640 | Zig:22   | Identified the +4 quarterstaff of Ryudwior {venom, +Blink
                  | rC+ rN+ SInv}
185648 | Zig:22   | Identified the +6 falchion of Jegreas {vorpal, Str+5}
185664 | Zig:22   | Identified the ring "Nuopnub" {*Slow rN+++ Str+2 Int+6
                  | Dex+3}
185676 | Zig:22   | Identified the +3 ring mail of the End {+Blink rElec rN++
                  | Int-4}
185688 | Zig:22   | Identified the ring "Rapnisut" {Will+ Int+6 Slay+4}
185705 | Zig:23   | Entered Level 23 of a ziggurat
185747 | Zig:23   | Found the +1 robe of Vines {NoPotionHeal Regen++++}
185852 | Zig:23   | Identified the ring "Ilopug" {Int+5 Dex+6}
185863 | Zig:23   | Identified the +0 pair of gloves of Wonder {Str+3 Int+7}
185864 | Zig:23   | Identified the +6 flail "Qiur" {protect, Contam rC- rN+++
                  | Str+3}
185865 | Zig:23   | Identified the +3 leather armour of a volcano {-Tele rF++
                  | Stlth+}
185879 | Zig:23   | Identified the +7 quarterstaff of Wondrous Power {freeze,
                  | rPois}
185885 | Zig:23   | Identified the +6 sling of Sussaxka {flame, Stlth+}
186008 | Zig:24   | Entered Level 24 of a ziggurat
186019 | Zig:24   | HP: 9/199 [Hell Sentinel/damnation (44)]
186040 | Zig:24   | Noticed a dread lich
186047 | Zig:24   | Killed a dread lich
186402 | Zig:24   | Identified the +5 triple crossbow of Orocluorr {vorpal, rF+
                  | rCorr Str-5}
186404 | Zig:24   | Identified the +6 great mace of Gairch {freeze, rElec rCorr
                  | Dex+2}
186407 | Zig:24   | Identified the +7 dagger of the Disturbing Songs {speed,
                  | rPois}
186421 | Zig:24   | Identified the +0 pair of boots of the Endless Expanse
                  | {+Blink rPois Regen+ rCorr}
186425 | Zig:24   | Identified the +6 spear of Circular Logic {speed, rC+}
186435 | Zig:24   | Identified the +7 hand axe of the Sky {pain, *Slow rPois
                  | Str+9}
186443 | Zig:24   | Identified the +8 quick blade "Gargoyle's Foe" {vorpal, rC+
                  | Stlth+}
186452 | Zig:24   | Identified the +3 scale mail of the Meadowlark {Will+}
186483 | Zig:25   | Entered Level 25 of a ziggurat
186898 | Zig:25   | Identified the +7 war axe "Saafio" {antimagic, rN+ SInv}
186899 | Zig:25   | Identified the +7 hand axe "Ipinger" {vorpal, Fly rF+ Int+5
                  | Stlth+}
186929 | Zig:25   | Identified the +8 sling "Gummikk" {vorpal, rPois rCorr
                  | Str-3 Int+5}
186941 | Zig:26   | Entered Level 26 of a ziggurat
186944 | Zig:26   | Noticed an ancient lich
186944 | Zig:26   | Noticed a dread lich
186945 | Zig:26   | Killed an ancient lich
186946 | Zig:26   | Killed a dread lich
186947 | Zig:26   | Noticed an ancient lich
186947 | Zig:26   | Noticed an ancient lich
186947 | Zig:26   | Noticed an ancient lich
186948 | Zig:26   | Noticed an ancient lich
186948 | Zig:26   | Killed an ancient lich
186948 | Zig:26   | Killed an ancient lich
186949 | Zig:26   | Killed an ancient lich
186949 | Zig:26   | Killed an ancient lich
186949 | Zig:26   | Noticed a dread lich
186949 | Zig:26   | Noticed a dread lich
186950 | Zig:26   | Noticed a dread lich
186950 | Zig:26   | Noticed a dread lich
186950 | Zig:26   | Noticed an ancient lich
186950 | Zig:26   | Noticed an ancient lich
186950 | Zig:26   | Noticed a dread lich
186951 | Zig:26   | Killed a dread lich
186951 | Zig:26   | Killed a dread lich
186951 | Zig:26   | Killed an ancient lich
186951 | Zig:26   | Killed a dread lich
186952 | Zig:26   | Killed a dread lich
186952 | Zig:26   | Killed a dread lich
186952 | Zig:26   | Killed an ancient lich
186952 | Zig:26   | Noticed a dread lich
186952 | Zig:26   | Noticed a dread lich
186952 | Zig:26   | Noticed an ancient lich
186954 | Zig:26   | Killed an ancient lich
186954 | Zig:26   | Killed a dread lich
186954 | Zig:26   | Killed a dread lich
186954 | Zig:26   | Noticed a dread lich
186954 | Zig:26   | Noticed an ancient lich
186955 | Zig:26   | Killed a dread lich
186955 | Zig:26   | Killed an ancient lich
186956 | Zig:26   | Noticed a dread lich
186956 | Zig:26   | Noticed a dread lich
186956 | Zig:26   | Noticed a dread lich
186956 | Zig:26   | Noticed an ancient lich
186956 | Zig:26   | Noticed an ancient lich
186957 | Zig:26   | Noticed an ancient lich
186957 | Zig:26   | Noticed an ancient lich
186958 | Zig:26   | Killed a dread lich
186958 | Zig:26   | Killed an ancient lich
186958 | Zig:26   | Killed a dread lich
186958 | Zig:26   | Killed an ancient lich
186958 | Zig:26   | Killed an ancient lich
186958 | Zig:26   | Killed a dread lich
186959 | Zig:26   | Killed an ancient lich
186959 | Zig:26   | Noticed an ancient lich
186960 | Zig:26   | Killed an ancient lich
186960 | Zig:26   | Noticed a dread lich
186961 | Zig:26   | Killed a dread lich
186965 | Zig:26   | Noticed an ancient lich
186966 | Zig:26   | Noticed a dread lich
186966 | Zig:26   | Noticed a dread lich
186966 | Zig:26   | Noticed an ancient lich
186966 | Zig:26   | Noticed an ancient lich
186966 | Zig:26   | Noticed an ancient lich
186968 | Zig:26   | Killed an ancient lich
186968 | Zig:26   | Killed an ancient lich
186968 | Zig:26   | Killed an ancient lich
186968 | Zig:26   | Killed a dread lich
186968 | Zig:26   | Noticed an ancient lich
186969 | Zig:26   | Killed an ancient lich
186969 | Zig:26   | Killed an ancient lich
186969 | Zig:26   | Noticed a dread lich
186970 | Zig:26   | Killed a dread lich
186970 | Zig:26   | Killed a dread lich
186971 | Zig:26   | Noticed an ancient lich
186971 | Zig:26   | Noticed an ancient lich
186972 | Zig:26   | Killed an ancient lich
186973 | Zig:26   | Noticed a dread lich
186974 | Zig:26   | Killed an ancient lich
186976 | Zig:26   | Noticed a dread lich
186976 | Zig:26   | Killed a dread lich
186976 | Zig:26   | Killed a dread lich
186976 | Zig:26   | Noticed a dread lich
186976 | Zig:26   | Noticed an ancient lich
186978 | Zig:26   | Noticed an ancient lich
186979 | Zig:26   | Killed an ancient lich
186979 | Zig:26   | Killed a dread lich
186979 | Zig:26   | Killed an ancient lich
186981 | Zig:26   | Noticed a dread lich
186981 | Zig:26   | Noticed a dread lich
186981 | Zig:26   | Noticed a dread lich
186981 | Zig:26   | Noticed a dread lich
186982 | Zig:26   | Noticed an ancient lich
186983 | Zig:26   | Killed a dread lich
186983 | Zig:26   | Killed a dread lich
186983 | Zig:26   | Killed a dread lich
186983 | Zig:26   | Killed a dread lich
186984 | Zig:26   | Killed an ancient lich
186984 | Zig:26   | Noticed an ancient lich
186984 | Zig:26   | Noticed a dread lich
186985 | Zig:26   | Killed an ancient lich
186985 | Zig:26   | Killed a dread lich
186985 | Zig:26   | Noticed an ancient lich
186985 | Zig:26   | Noticed a dread lich
186985 | Zig:26   | Noticed an ancient lich
186986 | Zig:26   | Killed an ancient lich
186987 | Zig:26   | Killed an ancient lich
186987 | Zig:26   | Noticed a dread lich
186988 | Zig:26   | Killed a dread lich
186988 | Zig:26   | Noticed an ancient lich
186990 | Zig:26   | Killed an ancient lich
186990 | Zig:26   | Killed a dread lich
186991 | Zig:26   | Noticed a dread lich
186992 | Zig:26   | Noticed an ancient lich
186993 | Zig:26   | Noticed a dread lich
186994 | Zig:26   | Noticed a dread lich
186994 | Zig:26   | Killed a dread lich
186995 | Zig:26   | Killed a dread lich
186995 | Zig:26   | Killed a dread lich
186996 | Zig:26   | Killed an ancient lich
186999 | Zig:26   | Noticed an ancient lich
187000 | Zig:26   | Killed an ancient lich
187000 | Zig:26   | Killed an ancient lich
187196 | Zig:26   | Identified the +3 quarterstaff of Bright Action {flame,
                  | *Corrode Fragile +Blink rElec}
187211 | Zig:26   | Identified the +1 pair of gloves of Cloud Cover {rF+}
187228 | Zig:26   | Identified the +9 spear "Hexaozug" {vorpal, rC+ Int+3}
187231 | Zig:26   | Identified the ring of Riwovon {rElec rC+ rCorr}
187245 | Zig:26   | Identified the +9 falchion "Polickoh" {vorpal, Int+3 SInv}
187255 | Zig:26   | Identified the +0 chain mail "Qofonats" {rF+ Str+4}
187280 | Zig:27   | Entered Level 27 of a ziggurat
187281 | Zig:27   | Noticed Zemn the pandemonium lord
187283 | Zig:27   | Noticed Curuk the pandemonium lord
187283 | Zig:27   | Noticed Qiwoirgh the pandemonium lord
187283 | Zig:27   | Noticed Ifivigous the pandemonium lord
187284 | Zig:27   | Killed Curuk the pandemonium lord
187284 | Zig:27   | Noticed Jimeatuf the pandemonium lord
187284 | Zig:27   | Noticed Leeheciv the pandemonium lord
187284 | Zig:27   | Noticed Tuwner the pandemonium lord
187285 | Zig:27   | Noticed Ytwuirph the pandemonium lord
187285 | Zig:27   | Noticed Ugelyts the pandemonium lord
187285 | Zig:27   | Noticed Qaapy the pandemonium lord
187285 | Zig:27   | Noticed Mott the pandemonium lord
187285 | Zig:27   | Noticed Yngedaxazo the pandemonium lord
187286 | Zig:27   | Noticed Ocilutot the pandemonium lord
187287 | Zig:27   | Killed Tuwner the pandemonium lord
187287 | Zig:27   | Noticed Iwkum the pandemonium lord
187287 | Zig:27   | Noticed Uzairi the pandemonium lord
187288 | Zig:27   | Killed Zemn the pandemonium lord
187288 | Zig:27   | Noticed Iroth the pandemonium lord
187288 | Zig:27   | Noticed Diuqiw the pandemonium lord
187289 | Zig:27   | Noticed Jagiuhuv the pandemonium lord
187289 | Zig:27   | Noticed Wiegis the pandemonium lord
187289 | Zig:27   | Noticed Fuxigaco the pandemonium lord
187289 | Zig:27   | Noticed Ahiadgho the pandemonium lord
187290 | Zig:27   | Noticed Ilink the pandemonium lord
187290 | Zig:27   | Noticed Alorr the pandemonium lord
187290 | Zig:27   | Killed Ifivigous the pandemonium lord
187290 | Zig:27   | Killed Mott the pandemonium lord
187290 | Zig:27   | Noticed Fuewa the pandemonium lord
187290 | Zig:27   | Noticed Lupp the pandemonium lord
187290 | Zig:27   | Noticed Amuru the pandemonium lord
187291 | Zig:27   | Killed Jimeatuf the pandemonium lord
187291 | Zig:27   | Killed Ugelyts the pandemonium lord
187291 | Zig:27   | Killed Wiegis the pandemonium lord
187291 | Zig:27   | Killed Ilink the pandemonium lord
187291 | Zig:27   | Killed Leeheciv the pandemonium lord
187291 | Zig:27   | Noticed Odeusk the pandemonium lord
187292 | Zig:27   | Noticed Kibe the pandemonium lord
187292 | Zig:27   | Noticed Aghoaxky the pandemonium lord
187292 | Zig:27   | Noticed Ymuloarr the pandemonium lord
187292 | Zig:27   | Noticed Pywkor the pandemonium lord
187292 | Zig:27   | Killed Alorr the pandemonium lord
187292 | Zig:27   | Killed Yngedaxazo the pandemonium lord
187292 | Zig:27   | Killed Ocilutot the pandemonium lord
187292 | Zig:27   | Noticed Jyneisk the pandemonium lord
187292 | Zig:27   | Noticed Neezoxt the pandemonium lord
187292 | Zig:27   | Noticed Funyly the pandemonium lord
187293 | Zig:27   | Killed Aghoaxky the pandemonium lord
187293 | Zig:27   | Killed Ytwuirph the pandemonium lord
187293 | Zig:27   | Killed Diuqiw the pandemonium lord
187293 | Zig:27   | Noticed Ulat the pandemonium lord
187293 | Zig:27   | Noticed Ezed Ink the pandemonium lord
187294 | Zig:27   | Killed Uzairi the pandemonium lord
187294 | Zig:27   | Killed Iwkum the pandemonium lord
187294 | Zig:27   | Killed Ahiadgho the pandemonium lord
187294 | Zig:27   | Killed Ymuloarr the pandemonium lord
187294 | Zig:27   | Noticed Usesyw the pandemonium lord
187294 | Zig:27   | Noticed Bask the pandemonium lord
187294 | Zig:27   | Noticed Pakeid the pandemonium lord
187294 | Zig:27   | Noticed Miabliu the pandemonium lord
187295 | Zig:27   | Killed Pywkor the pandemonium lord
187295 | Zig:27   | Killed Odeusk the pandemonium lord
187295 | Zig:27   | Killed Neezoxt the pandemonium lord
187295 | Zig:27   | Killed Jyneisk the pandemonium lord
187295 | Zig:27   | Killed Qaapy the pandemonium lord
187295 | Zig:27   | Killed Jagiuhuv the pandemonium lord
187298 | Zig:27   | Killed Pakeid the pandemonium lord
187298 | Zig:27   | Killed Iroth the pandemonium lord
187298 | Zig:27   | Noticed Suhayff the pandemonium lord
187299 | Zig:27   | Noticed Ytufedgh the pandemonium lord
187299 | Zig:27   | Noticed Cehokhlae the pandemonium lord
187299 | Zig:27   | Noticed Zamiejiw the pandemonium lord
187300 | Zig:27   | Noticed Busmyoz the pandemonium lord
187301 | Zig:27   | Killed Ulat the pandemonium lord
187301 | Zig:27   | Killed Cehokhlae the pandemonium lord
187301 | Zig:27   | Killed Lupp the pandemonium lord
187301 | Zig:27   | Noticed Vir Oxie the pandemonium lord
187301 | Zig:27   | Killed Usesyw the pandemonium lord
187301 | Zig:27   | Killed Kibe the pandemonium lord
187302 | Zig:27   | Noticed Ykeaxet the pandemonium lord
187302 | Zig:27   | Killed Funyly the pandemonium lord
187302 | Zig:27   | Killed Ezed Ink the pandemonium lord
187302 | Zig:27   | Killed Fuxigaco the pandemonium lord
187302 | Zig:27   | Killed Qiwoirgh the pandemonium lord
187304 | Zig:27   | Killed Ytufedgh the pandemonium lord
187304 | Zig:27   | Killed Suhayff the pandemonium lord
187304 | Zig:27   | Killed Amuru the pandemonium lord
187304 | Zig:27   | Killed Zamiejiw the pandemonium lord
187305 | Zig:27   | Noticed Ruomi the pandemonium lord
187305 | Zig:27   | Killed Miabliu the pandemonium lord
187305 | Zig:27   | Killed Bask the pandemonium lord
187305 | Zig:27   | Killed Xeallamao the pandemonium lord
187305 | Zig:27   | Noticed Igouti Waufu the pandemonium lord
187306 | Zig:27   | Killed Fuewa the pandemonium lord
187306 | Zig:27   | Killed Vir Oxie the pandemonium lord
187306 | Zig:27   | Noticed Coafy the pandemonium lord
187307 | Zig:27   | Killed Ykeaxet the pandemonium lord
187308 | Zig:27   | Killed Ruomi the pandemonium lord
187309 | Zig:27   | Killed Busmyoz the pandemonium lord
187309 | Zig:27   | Killed Gatsoewi the pandemonium lord
187309 | Zig:27   | Killed Coafy the pandemonium lord
187309 | Zig:27   | Killed Pyvan the pandemonium lord
187310 | Zig:27   | Killed Itisaj the pandemonium lord
187310 | Zig:27   | Killed Safol the pandemonium lord
187311 | Zig:27   | Killed Igouti Waufu the pandemonium lord
187311 | Zig:27   | Killed Cess the pandemonium lord
187311 | Zig:27   | Killed Hoarphich the pandemonium lord
187311 | Zig:27   | Noticed Luxei the pandemonium lord
187312 | Zig:27   | Killed Luxei the pandemonium lord
187312 | Zig:27   | Killed Mueci the pandemonium lord
187313 | Zig:27   | Noticed Unexul the pandemonium lord
187314 | Zig:27   | Killed Unexul the pandemonium lord
187314 | Zig:27   | Killed Tijauf the pandemonium lord
187314 | Zig:27   | Noticed Ysaigg the pandemonium lord
187316 | Zig:27   | Killed Licobysch the pandemonium lord
187317 | Zig:27   | Killed Ysaigg the pandemonium lord
187317 | Zig:27   | Killed Offiff Leme the pandemonium lord
187318 | Zig:27   | Killed Kix Cuek the pandemonium lord
187319 | Zig:27   | Killed Rebiakh the pandemonium lord
187319 | Zig:27   | Killed Sistryn the pandemonium lord
187319 | Zig:27   | Noticed Louffumn the pandemonium lord
187320 | Zig:27   | Killed Louffumn the pandemonium lord
187321 | Zig:27   | Noticed Dydudecyo the pandemonium lord
187321 | Zig:27   | Killed Ucesushi the pandemonium lord
187322 | Zig:27   | Noticed Wavanemm the pandemonium lord
187322 | Zig:27   | Noticed Xaawesch the pandemonium lord
187322 | Zig:27   | Killed Wavanemm the pandemonium lord
187324 | Zig:27   | Killed Lacy the pandemonium lord
187324 | Zig:27   | Killed Noub Gaja the pandemonium lord
187324 | Zig:27   | Noticed Gonn the pandemonium lord
187325 | Zig:27   | Noticed Hechosh the pandemonium lord
187325 | Zig:27   | Noticed Zoexiys the pandemonium lord
187325 | Zig:27   | Killed Dydudecyo the pandemonium lord
187325 | Zig:27   | Killed Gelamaol the pandemonium lord
187325 | Zig:27   | Killed Puybiw the pandemonium lord
187325 | Zig:27   | Noticed Puyn the pandemonium lord
187326 | Zig:27   | Killed Hechosh the pandemonium lord
187326 | Zig:27   | Noticed Zeemox the pandemonium lord
187327 | Zig:27   | Killed Xaawesch the pandemonium lord
187327 | Zig:27   | Killed Zoexiys the pandemonium lord
187327 | Zig:27   | Killed Wosef the pandemonium lord
187328 | Zig:27   | Noticed Xosemn the pandemonium lord
187328 | Zig:27   | Noticed Gevud the pandemonium lord
187328 | Zig:27   | Killed Zeemox the pandemonium lord
187329 | Zig:27   | Noticed Gauf the pandemonium lord
187330 | Zig:27   | Noticed Ilamapol the pandemonium lord
187330 | Zig:27   | Noticed Kareinurph the pandemonium lord
187330 | Zig:27   | Noticed Suttupab the pandemonium lord
187330 | Zig:27   | Noticed Pagy the pandemonium lord
187330 | Zig:27   | Noticed Deduf the pandemonium lord
187332 | Zig:27   | Killed Puyn the pandemonium lord
187332 | Zig:27   | Killed Kareinurph the pandemonium lord
187332 | Zig:27   | Noticed Vuskesehu the pandemonium lord
187333 | Zig:27   | Noticed Dafed the pandemonium lord
187333 | Zig:27   | Noticed Tarhuv the pandemonium lord
187333 | Zig:27   | Killed Gonn the pandemonium lord
187333 | Zig:27   | Killed Xosemn the pandemonium lord
187333 | Zig:27   | Killed Ilamapol the pandemonium lord
187333 | Zig:27   | Killed Gevud the pandemonium lord
187333 | Zig:27   | Killed Pagy the pandemonium lord
187333 | Zig:27   | Noticed Upucleub the pandemonium lord
187333 | Zig:27   | Noticed Nutsy the pandemonium lord
187334 | Zig:27   | Noticed Muzadysu the pandemonium lord
187335 | Zig:27   | Noticed Qeidd the pandemonium lord
187335 | Zig:27   | Noticed Niewif the pandemonium lord
187338 | Zig:27   | Noticed Ficiosti the pandemonium lord
187338 | Zig:27   | Killed Vuskesehu the pandemonium lord
187338 | Zig:27   | Killed Tarhuv the pandemonium lord
187338 | Zig:27   | Noticed Tile Mal the pandemonium lord
187339 | Zig:27   | Noticed Vawarequd the pandemonium lord
187339 | Zig:27   | Killed Nutsy the pandemonium lord
187339 | Zig:27   | Killed Vawarequd the pandemonium lord
187339 | Zig:27   | Killed Gauf the pandemonium lord
187339 | Zig:27   | Killed Dafed the pandemonium lord
187340 | Zig:27   | Noticed Gisokeac the pandemonium lord
187341 | Zig:27   | Killed Niewif the pandemonium lord
187341 | Zig:27   | Noticed Haqoso Hyko the pandemonium lord
187342 | Zig:27   | Noticed Patzales the pandemonium lord
187342 | Zig:27   | Killed Suttupab the pandemonium lord
187342 | Zig:27   | Killed Deduf the pandemonium lord
187342 | Zig:27   | Noticed Raytet the pandemonium lord
187343 | Zig:27   | Noticed Yxoum the pandemonium lord
187346 | Zig:27   | Noticed Ubae the pandemonium lord
187346 | Zig:27   | Noticed Osirex Upuer the pandemonium lord
187347 | Zig:27   | Killed Tile Mal the pandemonium lord
187349 | Zig:27   | Killed Yxoum the pandemonium lord
187349 | Zig:27   | Killed Muzadysu the pandemonium lord
187349 | Zig:27   | Killed Haqoso Hyko the pandemonium lord
187349 | Zig:27   | Killed Raytet the pandemonium lord
187351 | Zig:27   | Killed Ubae the pandemonium lord
187351 | Zig:27   | Killed Osirex Upuer the pandemonium lord
187351 | Zig:27   | Killed Gisokeac the pandemonium lord
187351 | Zig:27   | Noticed Nihur the pandemonium lord
187351 | Zig:27   | Noticed Ciul Nam the pandemonium lord
187352 | Zig:27   | Noticed Quoph the pandemonium lord
187352 | Zig:27   | Killed Upucleub the pandemonium lord
187353 | Zig:27   | Killed Patzales the pandemonium lord
187353 | Zig:27   | Killed Gotrais the pandemonium lord
187355 | Zig:27   | Killed Quoph the pandemonium lord
187357 | Zig:27   | Killed Nihur the pandemonium lord
187357 | Zig:27   | Noticed Cuging Lono the pandemonium lord
187357 | Zig:27   | Noticed Qatoav the pandemonium lord
187359 | Zig:27   | Killed Ciul Nam the pandemonium lord
187359 | Zig:27   | Noticed Hegemp the pandemonium lord
187366 | Zig:27   | Killed Qatoav the pandemonium lord
187369 | Zig:27   | Killed Cuging Lono the pandemonium lord
187375 | Zig:27   | Killed Qeidd the pandemonium lord
187379 | Zig:27   | Killed Hegemp the pandemonium lord
187383 | Zig:27   | Noticed Woepugge the pandemonium lord
187385 | Zig:27   | Killed Woepugge the pandemonium lord
187386 | Zig:27   | Killed Ficiosti the pandemonium lord
187627 | Zig:27   | Identified the +7 lajatang of Equilibrium {vorpal, Stlth+}
187630 | Zig:27   | Identified the ring "Wuenai" {Will+ Str+3 SInv}
187631 | Zig:27   | Identified the ring of Gemy {Ice Will+ rCorr Slay-2}
187634 | Zig:27   | Identified the ring of Rangogrysu {Fly rElec MP+9 AC+4
                  | Str-5}
187636 | Zig:27   | Identified the +5 hand axe of Flawed Execution {drain,
                  | Int+4 Dex+3}
187681 | Zig:27   | Identified the +9 flail of Bashing Painful Death {vorpal,
                  | Drain rCorr Str-4 Int+7}
187684 | Zig:27   | Identified the +4 quarterstaff of dunno567's Execution
                  | {venom, rCorr}
187685 | Zig:27   | Identified the +5 morningstar of the Distant Future
                  | {freeze, Int+3}
187686 | Zig:27   | Identified the +5 great mace of Ysaki {elec, Int+4 Dex+5}
187718 | Depths:4 | Acquired the ring of Asiuts {Str+2 Int+6 Dex+4}
187999 | Depths:4 | Upgraded the game from 0.29.1-2-gbd0b4ee654 to
                  | 0.29.1-12-g30fa7ad0bf
188001 | Depths:4 | Upgraded the game from 0.29.1-12-g30fa7ad0bf to
                  | 0.29.1-15-g9cfb28693d
188033 | Zig:1    | Entered Level 1 of a ziggurat
188033 | Zig:1    | Noticed a royal mummy
188036 | Zig:1    | Killed a royal mummy
188128 | Zig:2    | Entered Level 2 of a ziggurat
188199 | Zig:3    | Entered Level 3 of a ziggurat
188199 | Zig:3    | Noticed Mafats the pandemonium lord
188199 | Zig:3    | Noticed Xupewaeq the pandemonium lord
188199 | Zig:3    | Noticed Xekhlauv the pandemonium lord
188199 | Zig:3    | Noticed Soxut the pandemonium lord
188199 | Zig:3    | Noticed Qitzoly the pandemonium lord
188201 | Zig:3    | Noticed Upnath the pandemonium lord
188201 | Zig:3    | Noticed Tipliplu the pandemonium lord
188201 | Zig:3    | Noticed Xaoler the pandemonium lord
188201 | Zig:3    | Noticed Vitack the pandemonium lord
188201 | Zig:3    | Noticed Hiluwo the pandemonium lord
188203 | Zig:3    | Noticed Von Qun the pandemonium lord
188204 | Zig:3    | Killed Hiluwo the pandemonium lord
188205 | Zig:3    | Killed Vitack the pandemonium lord
188205 | Zig:3    | Killed Xaoler the pandemonium lord
188206 | Zig:3    | Killed Xupewaeq the pandemonium lord
188206 | Zig:3    | Killed Mafats the pandemonium lord
188206 | Zig:3    | Killed Qitzoly the pandemonium lord
188206 | Zig:3    | Killed Tipliplu the pandemonium lord
188207 | Zig:3    | Killed Upnath the pandemonium lord
188207 | Zig:3    | Killed Soxut the pandemonium lord
188207 | Zig:3    | Killed Xekhlauv the pandemonium lord
188207 | Zig:3    | Killed Von Qun the pandemonium lord
188300 | Zig:4    | Entered Level 4 of a ziggurat
188431 | Zig:5    | Entered Level 5 of a ziggurat
188438 | Zig:5    | Noticed Pifeuraf the pandemonium lord
188449 | Zig:5    | Killed Pifeuraf the pandemonium lord
188479 | Zig:5    | Identified the +11 quarterstaff of Kemefustietu {vorpal,
                  | rElec Str+5}
188483 | Zig:5    | Identified the +8 trident of the Realm of Zot {venom,
                  | *Noise Dex+4 SInv}
188595 | Zig:6    | Entered Level 6 of a ziggurat
188799 | Zig:7    | Entered Level 7 of a ziggurat
188799 | Zig:7    | Noticed Busah the pandemonium lord
188799 | Zig:7    | Noticed Huesej the pandemonium lord
188799 | Zig:7    | Noticed Lipnerur the pandemonium lord
188799 | Zig:7    | Noticed Xarebu the pandemonium lord
188799 | Zig:7    | Noticed Pojoplest the pandemonium lord
188799 | Zig:7    | Noticed Mommoff the pandemonium lord
188799 | Zig:7    | Noticed Loanuthr Eloq the pandemonium lord
188801 | Zig:7    | Noticed Ralote the pandemonium lord
188801 | Zig:7    | Killed Huesej the pandemonium lord
188802 | Zig:7    | Noticed Xemuc the pandemonium lord
188802 | Zig:7    | Killed Pojoplest the pandemonium lord
188802 | Zig:7    | Killed Mommoff the pandemonium lord
188802 | Zig:7    | Killed Loanuthr Eloq the pandemonium lord
188804 | Zig:7    | Killed Xarebu the pandemonium lord
188804 | Zig:7    | Noticed Luepley the pandemonium lord
188804 | Zig:7    | Noticed Lulymy Quos the pandemonium lord
188806 | Zig:7    | Noticed Naditul the pandemonium lord
188806 | Zig:7    | Noticed Ryug the pandemonium lord
188806 | Zig:7    | Noticed Vuohin the pandemonium lord
188807 | Zig:7    | Noticed Mykhly the pandemonium lord
188807 | Zig:7    | Noticed Jew Nyir the pandemonium lord
188807 | Zig:7    | Killed Lipnerur the pandemonium lord
188807 | Zig:7    | Killed Xemuc the pandemonium lord
188807 | Zig:7    | Killed Vuohin the pandemonium lord
188809 | Zig:7    | Killed Jew Nyir the pandemonium lord
188809 | Zig:7    | Killed Busah the pandemonium lord
188809 | Zig:7    | Killed Lulymy Quos the pandemonium lord
188809 | Zig:7    | Killed Mykhly the pandemonium lord
188810 | Zig:7    | Killed Ryug the pandemonium lord
188810 | Zig:7    | Noticed Puos the pandemonium lord
188811 | Zig:7    | Killed Naditul the pandemonium lord
188811 | Zig:7    | Killed Ralote the pandemonium lord
188812 | Zig:7    | Noticed Ypissisch the pandemonium lord
188813 | Zig:7    | Killed Luepley the pandemonium lord
188814 | Zig:7    | Noticed Rycucs the pandemonium lord
188815 | Zig:7    | Killed Puos the pandemonium lord
188815 | Zig:7    | Killed Ypissisch the pandemonium lord
188819 | Zig:7    | Killed Rycucs the pandemonium lord
188861 | Zig:7    | Identified the +1 ring mail of Resilience {rC+ Dex+4}
188880 | Zig:7    | Identified the +1 ring mail of Hubris {rCorr Slay+2}
188885 | Zig:7    | Identified the +1 leather armour of the Hippo {rPois Str+3
                  | Dex-4}
189004 | Zig:8    | Entered Level 8 of a ziggurat
189142 | Zig:8    | Identified the +4 great mace of Dismemberment {speed, *Slow
                  | rN+ Str+7}
189187 | Zig:8    | Identified the ring "Waig" {rF+ rN+ Str+4 Int+2 Dex+2}
189196 | Zig:8    | Identified the +4 scale mail "Xurgh" {Str+2}
189206 | Zig:8    | Identified the +0 robe of Veutusox {Contam rC+ Str+4 Int+5}
189240 | Zig:9    | Entered Level 9 of a ziggurat
189251 | Zig:9    | Found the +15 Maxwell's patent armour {-Cast -Tele rElec
                  | Will+ rCorr}
189307 | Zig:9    | Identified the +5 robe "Puazucau" {rF- Str+6 Dex+6}
189344 | Zig:9    | Identified the +6 trident "Texoty" {freeze, rN+}
189482 | Zig:10   | Entered Level 10 of a ziggurat
189693 | Zig:10   | Identified the amulet "Keonoev" {Faith rN+ Str-2 Int+9
                  | Dex+2}
189725 | Zig:10   | Identified the +0 robe of the Lily {rPois Regen+}
189783 | Zig:11   | Entered Level 11 of a ziggurat
189783 | Zig:11   | Noticed a dread lich
189785 | Zig:11   | Killed a dread lich
190033 | Zig:11   | Identified the +6 halberd "Cubboi" {flame, Fragile rPois
                  | rF++ Dex+3}
190041 | Zig:11   | Identified the +6 spear "Killer Bee's Regret" {chaos, rCorr
                  | Str+3 SInv Stlth+}
190055 | Zig:12   | Entered Level 12 of a ziggurat
190278 | Zig:12   | Identified the ring "Kisserar" {Ice *Slow Will+ Str+7}
190282 | Zig:12   | Identified the +9 shortbow of the Moth {vorpal, rElec rC-
                  | Will- Str+9}
190287 | Zig:12   | Identified the +4 ring mail "Zawnow" {Str+5 Stlth-}
190338 | Zig:12   | Acquired 896 gold pieces
190350 | Zig:13   | Entered Level 13 of a ziggurat
190350 | Zig:13   | Noticed a juggernaut
190350 | Zig:13   | Noticed a juggernaut
190350 | Zig:13   | Noticed a juggernaut
190350 | Zig:13   | Noticed a juggernaut
190350 | Zig:13   | Noticed a juggernaut
190350 | Zig:13   | Noticed a juggernaut
190351 | Zig:13   | Killed a juggernaut
190351 | Zig:13   | Killed a juggernaut
190351 | Zig:13   | Killed a juggernaut
190351 | Zig:13   | Killed a juggernaut
190352 | Zig:13   | Noticed a juggernaut
190353 | Zig:13   | Noticed a juggernaut
190353 | Zig:13   | Noticed a juggernaut
190354 | Zig:13   | Killed a juggernaut
190354 | Zig:13   | Killed a juggernaut
190356 | Zig:13   | Killed a juggernaut
190356 | Zig:13   | Killed a juggernaut
190356 | Zig:13   | Noticed a juggernaut
190358 | Zig:13   | Killed a juggernaut
190358 | Zig:13   | Noticed a juggernaut
190359 | Zig:13   | Killed a juggernaut
190362 | Zig:13   | Found the +10 Black Knight's barding {ponderous, rPois rN+}
190366 | Zig:13   | Noticed a juggernaut
190366 | Zig:13   | Killed a juggernaut
190368 | Zig:13   | Killed a juggernaut
190386 | Zig:13   | Identified the +1 quarterstaff "Masusuc" {flame, Int+2
                  | Dex+2 SInv}
190389 | Zig:13   | Identified the +8 hand axe of Uclim {drain, rF+ rN+ rCorr
                  | Str-3}
190416 | Zig:13   | Identified the +2 quarterstaff of the Thirteen Beds
                  | {protect, +Blink Int+5}
190430 | Zig:13   | Identified the amulet "Nipaf" {RegenMP Will+ Regen+ Dex+4
                  | Stlth+}
190734 | Zig:14   | Entered Level 14 of a ziggurat
190993 | Zig:14   | Identified the +7 chain mail "Daevef" {Will+ Stlth+}
191035 | Zig:14   | Identified the +6 great sword of Wisdom {holy, rF++}
191043 | Zig:14   | Identified the +2 quarterstaff of Classification {vorpal,
                  | rC++ Will- SInv Stlth+}
191117 | Zig:15   | Entered Level 15 of a ziggurat
191175 | Zig:15   | Identified the ring "Hoibleps" {rPois rC+ Will+ SInv}
191193 | Zig:15   | Identified the amulet of the Empire {RegenMP Int+5}
191196 | Zig:15   | Identified the +9 dagger of the Leaping Gods {vamp, +Blink
                  | rF- Dex+2 SInv}
191223 | Zig:15   | Identified the +5 rapier "Jofue" {freeze, rN+ Will- Int+8}
191511 | Zig:16   | Entered Level 16 of a ziggurat
191511 | Zig:16   | Noticed a royal mummy
191511 | Zig:16   | Noticed a royal mummy
191511 | Zig:16   | Noticed a royal mummy
191511 | Zig:16   | Noticed a royal mummy
191511 | Zig:16   | Noticed a royal mummy
191511 | Zig:16   | Noticed a royal mummy
191511 | Zig:16   | Noticed a royal mummy
191511 | Zig:16   | Noticed a royal mummy
191511 | Zig:16   | Noticed a royal mummy
191511 | Zig:16   | Noticed a royal mummy
191511 | Zig:16   | Noticed a royal mummy
191513 | Zig:16   | Killed a royal mummy
191513 | Zig:16   | Killed a royal mummy
191513 | Zig:16   | Killed a royal mummy
191513 | Zig:16   | Noticed a royal mummy
191515 | Zig:16   | Killed a royal mummy
191515 | Zig:16   | Killed a royal mummy
191515 | Zig:16   | Killed a royal mummy
191515 | Zig:16   | Killed a royal mummy
191516 | Zig:16   | Killed a royal mummy
191516 | Zig:16   | Killed a royal mummy
191516 | Zig:16   | Killed a royal mummy
191516 | Zig:16   | Lost dexterity.
191516 | Zig:16   | Killed a royal mummy
191517 | Zig:16   | Noticed a royal mummy
191517 | Zig:16   | Noticed a royal mummy
191518 | Zig:16   | Noticed a royal mummy
191519 | Zig:16   | Killed a royal mummy
191519 | Zig:16   | Noticed a royal mummy
191520 | Zig:16   | Killed a royal mummy
191520 | Zig:16   | Killed a royal mummy
191521 | Zig:16   | Killed a royal mummy
191521 | Zig:16   | Killed a royal mummy
191525 | Zig:16   | Noticed a royal mummy
191525 | Zig:16   | Noticed a royal mummy
191526 | Zig:16   | Killed a royal mummy
191526 | Zig:16   | Killed a royal mummy
191527 | Zig:16   | Noticed a royal mummy
191528 | Zig:16   | Noticed a royal mummy
191529 | Zig:16   | Killed a royal mummy
191530 | Zig:16   | Noticed a royal mummy
191532 | Zig:16   | Noticed a royal mummy
191534 | Zig:16   | Killed a royal mummy
191534 | Zig:16   | Killed a royal mummy
191534 | Zig:16   | Killed a royal mummy
191704 | Zig:16   | Identified the amulet "Fiac" {Acrobat Str+3}
191709 | Zig:16   | Identified the +6 scimitar "Demonslayer" {antimagic, rF+
                  | Str+5}
191715 | Zig:16   | Identified the +5 short sword of Infection {elec, rElec
                  | Str+4 Int+8 Dex-3}
191722 | Zig:16   | Identified the +8 bardiche of Tant {elec, *Slow rN++ rCorr
                  | Int+3}
191725 | Zig:16   | Identified the +2 shortbow of Flawed Execution {flame, rF+
                  | rC- Str+8 Int+4}
191825 | Zig:17   | Entered Level 17 of a ziggurat
191875 | Zig:17   | Noticed Famm the pandemonium lord
191882 | Zig:17   | Killed Famm the pandemonium lord
191932 | Zig:17   | Identified the amulet "Wyogec" {Faith +Inv rF- Str+4
                  | Stlth+}
191943 | Zig:17   | Identified the +7 long sword of Deformation {freeze, rF-
                  | Dex+6}
191945 | Zig:17   | Identified the ring of Ru's Inspiration {Fly rN+ Str-5
                  | Dex+4}
191971 | Zig:17   | Identified the +1 robe of Nuehu {rC+ Str+2 SInv}
191977 | Zig:17   | Identified the ring "Nopp" {MP+9 Int+8}
191981 | Zig:17   | Identified the ring "Werid" {Fly rF- Int+4}
191988 | Zig:17   | Identified the ring of Yredelemnul, Threshing {Contam rCorr
                  | Int+2 Stlth+}
192181 | Zig:17   | Acquired 599 gold pieces
192190 | Zig:18   | Entered Level 18 of a ziggurat
192190 | Zig:18   | Noticed a dread lich
192190 | Zig:18   | Noticed an ancient lich
192190 | Zig:18   | Noticed an ancient lich
192190 | Zig:18   | Noticed an ancient lich
192190 | Zig:18   | Noticed a dread lich
192190 | Zig:18   | Noticed a dread lich
192190 | Zig:18   | Noticed an ancient lich
192190 | Zig:18   | Noticed an ancient lich
192192 | Zig:18   | Killed an ancient lich
192192 | Zig:18   | Killed an ancient lich
192192 | Zig:18   | Killed a dread lich
192193 | Zig:18   | Killed a dread lich
192193 | Zig:18   | Killed an ancient lich
192194 | Zig:18   | Killed an ancient lich
192194 | Zig:18   | Killed a dread lich
192195 | Zig:18   | Killed an ancient lich
192195 | Zig:18   | Noticed a dread lich
192195 | Zig:18   | Noticed a dread lich
192196 | Zig:18   | Killed a dread lich
192196 | Zig:18   | Noticed an ancient lich
192197 | Zig:18   | Noticed an ancient lich
192197 | Zig:18   | Noticed a dread lich
192197 | Zig:18   | Noticed a dread lich
192197 | Zig:18   | Noticed a dread lich
192200 | Zig:18   | Killed a dread lich
192200 | Zig:18   | Killed a dread lich
192200 | Zig:18   | Killed a dread lich
192200 | Zig:18   | Killed an ancient lich
192201 | Zig:18   | Killed a dread lich
192201 | Zig:18   | Killed an ancient lich
192202 | Zig:18   | Killed a dread lich
192203 | Zig:18   | Noticed a dread lich
192203 | Zig:18   | Noticed a dread lich
192203 | Zig:18   | Noticed a dread lich
192204 | Zig:18   | Noticed a dread lich
192204 | Zig:18   | Noticed an ancient lich
192204 | Zig:18   | Noticed an ancient lich
192204 | Zig:18   | Noticed an ancient lich
192204 | Zig:18   | Noticed a dread lich
192204 | Zig:18   | Noticed a dread lich
192204 | Zig:18   | Noticed a dread lich
192204 | Zig:18   | Noticed an ancient lich
192205 | Zig:18   | Killed a dread lich
192205 | Zig:18   | Killed a dread lich
192205 | Zig:18   | Noticed a dread lich
192206 | Zig:18   | Killed a dread lich
192206 | Zig:18   | Killed a dread lich
192206 | Zig:18   | Killed an ancient lich
192206 | Zig:18   | Killed an ancient lich
192206 | Zig:18   | Killed a dread lich
192207 | Zig:18   | Killed a dread lich
192207 | Zig:18   | Killed a dread lich
192207 | Zig:18   | Killed a dread lich
192208 | Zig:18   | Killed an ancient lich
192208 | Zig:18   | Noticed a dread lich
192208 | Zig:18   | Noticed a dread lich
192210 | Zig:18   | Killed an ancient lich
192210 | Zig:18   | Killed a dread lich
192210 | Zig:18   | Noticed a dread lich
192210 | Zig:18   | Noticed an ancient lich
192210 | Zig:18   | Noticed a dread lich
192211 | Zig:18   | Noticed an ancient lich
192212 | Zig:18   | Killed a dread lich
192212 | Zig:18   | Killed a dread lich
192213 | Zig:18   | Killed a dread lich
192213 | Zig:18   | Killed an ancient lich
192213 | Zig:18   | Noticed a dread lich
192214 | Zig:18   | Killed an ancient lich
192214 | Zig:18   | Noticed a dread lich
192214 | Zig:18   | Noticed a dread lich
192214 | Zig:18   | Noticed an ancient lich
192215 | Zig:18   | Noticed an ancient lich
192215 | Zig:18   | Noticed a dread lich
192216 | Zig:18   | Killed a dread lich
192216 | Zig:18   | Killed an ancient lich
192216 | Zig:18   | Killed an ancient lich
192216 | Zig:18   | Killed a dread lich
192216 | Zig:18   | Killed a dread lich
192216 | Zig:18   | Noticed a dread lich
192217 | Zig:18   | Killed a dread lich
192218 | Zig:18   | Noticed an ancient lich
192218 | Zig:18   | Noticed an ancient lich
192218 | Zig:18   | Noticed a dread lich
192219 | Zig:18   | Killed a dread lich
192219 | Zig:18   | Killed an ancient lich
192220 | Zig:18   | Killed a dread lich
192220 | Zig:18   | Killed an ancient lich
192225 | Zig:18   | Noticed an ancient lich
192225 | Zig:18   | Noticed a dread lich
192228 | Zig:18   | Killed an ancient lich
192228 | Zig:18   | Killed a dread lich
192250 | Zig:18   | Found the +1 cloak of Starlight {*Dazzle EV+4 Stlth--}
192434 | Zig:18   | Identified the ring "Xoucidd" {Fly Will- Str+2 Dex+3}
192435 | Zig:18   | Identified the +1 whip of Discomfort {freeze, rC++ rCorr
                  | Int-2}
192444 | Zig:18   | Identified the +6 storm dragon scales of Tezesmin {rElec
                  | Int+5}
192445 | Zig:18   | Identified the ring "Moll" {rN+ rCorr Str+4 Int+4 Dex+3}
192448 | Zig:18   | Identified the ring of Ysipu {Fly Will+ Str+3}
192453 | Zig:18   | Identified the ring "Buh Osutol" {rElec Will+ SInv}
192493 | Zig:19   | Entered Level 19 of a ziggurat
192829 | Zig:19   | Identified the +1 pair of boots of Infinity {rF- rN++
                  | Str+7}
192845 | Zig:19   | Identified the +8 trident of Beukhlaf {vorpal, Dex+2}
192862 | Zig:19   | Identified the +5 great sword "Gram" {distort, rPois rF-
                  | Will- Dex+9}
192863 | Zig:19   | Identified the ring "Keam" {Will+ MP+9}
192869 | Zig:19   | Identified the +2 shortbow of Quick Death {venom, rPois
                  | Dex+4}
192873 | Zig:19   | Identified the +8 mace of Darkness {flame, *Corrode Fly rC+
                  | Str+4 SInv}
192874 | Zig:19   | Identified the +3 scale mail "Zuntey Imywk" {rF+}
192876 | Zig:19   | Identified the +2 robe "Bymnuc" {rN+ Slay+2}
192882 | Zig:19   | Identified the +3 scimitar of Qimecadd {vamp, Str+8 Int-2
                  | Dex+4}
193143 | Zig:20   | Entered Level 20 of a ziggurat
193164 | Zig:20   | Noticed an ancient lich
193164 | Zig:20   | Killed an ancient lich
193170 | Zig:20   | Noticed a dread lich
193172 | Zig:20   | Killed a dread lich
193458 | Zig:20   | Identified the +3 plate armour "Toepus" {Str+9}
193459 | Zig:20   | Identified the +9 arbalest of Infection {flame, rElec Int-3
                  | Dex+4 Stlth+}
193461 | Zig:20   | Identified the +10 dagger of the Threshing Stork {speed,
                  | rN+ Int+2 Dex+4}
193467 | Zig:20   | Identified the +7 chain mail "Raocali" {Str+4}
193487 | Zig:20   | Identified the ring of Onex {Wiz rF+ rC++ SInv}
193488 | Zig:20   | Identified the +3 quarterstaff of Hatred {venom, Int+2}
193497 | Zig:20   | Identified the ring "Cealum" {MP+9 SInv}
193528 | Zig:21   | Entered Level 21 of a ziggurat
193533 | Zig:21   | Paralysed by an air elemental for 1 turns
193584 | Zig:21   | Identified the +7 sling of Dissolution {vorpal, +Blink
                  | rPois Will+ Stlth+}
193585 | Zig:21   | Identified the +2 spear of the Gazing Fool {distort, MP-9
                  | Str+8}
193653 | Zig:21   | Identified the +0 helmet of Parts Unknown {rElec}
193665 | Zig:21   | Identified the +1 long sword "Vuttah" {speed, rF- rC+++ rN+
                  | Will+}
193666 | Zig:21   | Identified the +11 dire flail of the Lonely Bones {distort,
                  | rF++ rCorr Str+3}
193674 | Zig:21   | Identified the +8 scimitar "Cadiog" {holy, Dex+2}
193682 | Zig:21   | Identified the +8 bardiche "Kiohe" {flame, rN+ Int+2 Dex+6}
194169 | Zig:22   | Entered Level 22 of a ziggurat
194262 | Zig:22   | Identified the amulet of Twilight {rF+ Regen+ Int-2 SInv
                  | Stlth+}
194263 | Zig:22   | Identified the +4 mace of Heiricly {vorpal, rC+++ Will+++
                  | Str-5 Dex-3}
194270 | Zig:22   | Identified the +4 rapier of Karma {flame, rF++}
194273 | Zig:22   | Identified the amulet "Woda" {RegenMP rC- rCorr Str+8
                  | Int+3}
194285 | Zig:22   | Identified the +7 quarterstaff of Truth {speed, rCorr}
194290 | Zig:22   | Identified the +1 flail of Trog, Scorching {vorpal, rC+}
194700 | Zig:22   | Identified the ring of Gin and Tonic {Str+3 Slay+4}
194748 | Zig:23   | Entered Level 23 of a ziggurat
194749 | Zig:23   | Noticed Nojoagh the pandemonium lord
194750 | Zig:23   | Noticed Juruj the pandemonium lord
194750 | Zig:23   | Noticed Ezusu the pandemonium lord
194750 | Zig:23   | Noticed Mipe Qey the pandemonium lord
194750 | Zig:23   | Noticed Woarut the pandemonium lord
194751 | Zig:23   | Noticed Vick the pandemonium lord
194751 | Zig:23   | Noticed Juorruc the pandemonium lord
194751 | Zig:23   | Noticed Peimoih the pandemonium lord
194751 | Zig:23   | Noticed Kiejetuy the pandemonium lord
194751 | Zig:23   | Noticed Mumnine the pandemonium lord
194751 | Zig:23   | Noticed Kythrab the pandemonium lord
194752 | Zig:23   | Noticed Ytraluamn the pandemonium lord
194753 | Zig:23   | Noticed Sykh the pandemonium lord
194754 | Zig:23   | Noticed Watoc the pandemonium lord
194754 | Zig:23   | Noticed Feorapt the pandemonium lord
194754 | Zig:23   | Killed Nojoagh the pandemonium lord
194754 | Zig:23   | Noticed Unavoes the pandemonium lord
194754 | Zig:23   | Noticed Ecugrac the pandemonium lord
194754 | Zig:23   | Noticed Atwaigun the pandemonium lord
194754 | Zig:23   | Noticed Daherph the pandemonium lord
194755 | Zig:23   | Killed Woarut the pandemonium lord
194755 | Zig:23   | Killed Ezusu the pandemonium lord
194755 | Zig:23   | Killed Juruj the pandemonium lord
194756 | Zig:23   | Noticed Cofuem the pandemonium lord
194756 | Zig:23   | Noticed Qima the pandemonium lord
194757 | Zig:23   | Noticed Ceipleck the pandemonium lord
194757 | Zig:23   | Noticed Ogreton the pandemonium lord
194757 | Zig:23   | Noticed Kuothruosch the pandemonium lord
194759 | Zig:23   | Noticed Beantete the pandemonium lord
194759 | Zig:23   | Noticed Ysataon the pandemonium lord
194761 | Zig:23   | Noticed Meyw the pandemonium lord
194762 | Zig:23   | Noticed Avafav the pandemonium lord
194763 | Zig:23   | Noticed Nufo the pandemonium lord
194764 | Zig:23   | Killed Mumnine the pandemonium lord
194764 | Zig:23   | Killed Mipe Qey the pandemonium lord
194764 | Zig:23   | Killed Kythrab the pandemonium lord
194764 | Zig:23   | Killed Peimoih the pandemonium lord
194764 | Zig:23   | Noticed Equc the pandemonium lord
194764 | Zig:23   | Noticed Voihum the pandemonium lord
194765 | Zig:23   | Killed Kiejetuy the pandemonium lord
194765 | Zig:23   | Killed Ysataon the pandemonium lord
194765 | Zig:23   | Killed Nufo the pandemonium lord
194765 | Zig:23   | Killed Sykh the pandemonium lord
194765 | Zig:23   | Killed Voihum the pandemonium lord
194765 | Zig:23   | Noticed Vuteunty the pandemonium lord
194765 | Zig:23   | Noticed Laexef the pandemonium lord
194766 | Zig:23   | Killed Daherph the pandemonium lord
194766 | Zig:23   | Killed Cofuem the pandemonium lord
194766 | Zig:23   | Killed Atwaigun the pandemonium lord
194766 | Zig:23   | Noticed Dufigge the pandemonium lord
194767 | Zig:23   | Killed Meyw the pandemonium lord
194767 | Zig:23   | Killed Unavoes the pandemonium lord
194767 | Zig:23   | Killed Vuteunty the pandemonium lord
194767 | Zig:23   | Killed Ytraluamn the pandemonium lord
194767 | Zig:23   | Killed Equc the pandemonium lord
194767 | Zig:23   | Killed Kuothruosch the pandemonium lord
194767 | Zig:23   | Killed Laexef the pandemonium lord
194767 | Zig:23   | Noticed Xyritar the pandemonium lord
194768 | Zig:23   | Noticed Biso the pandemonium lord
194768 | Zig:23   | Noticed Duzaotrar the pandemonium lord
194768 | Zig:23   | Noticed Ficutur the pandemonium lord
194768 | Zig:23   | Noticed Daisch Edeibb the pandemonium lord
194768 | Zig:23   | Noticed Unua the pandemonium lord
194768 | Zig:23   | Noticed Teububau the pandemonium lord
194769 | Zig:23   | Noticed Lyshrafi the pandemonium lord
194770 | Zig:23   | Noticed Zyextakh the pandemonium lord
194770 | Zig:23   | Noticed Mocluanaoru the pandemonium lord
194770 | Zig:23   | Killed Beantete the pandemonium lord
194770 | Zig:23   | Noticed Yfasis the pandemonium lord
194771 | Zig:23   | Noticed Ustregad the pandemonium lord
194771 | Zig:23   | Noticed Gamadd the pandemonium lord
194771 | Zig:23   | Killed Juorruc the pandemonium lord
194771 | Zig:23   | Noticed Buatynud the pandemonium lord
194772 | Zig:23   | Killed Watoc the pandemonium lord
194772 | Zig:23   | Killed Lyshrafi the pandemonium lord
194772 | Zig:23   | Killed Gamadd the pandemonium lord
194772 | Zig:23   | Killed Ecugrac the pandemonium lord
194773 | Zig:23   | Killed Qima the pandemonium lord
194773 | Zig:23   | Killed Ceipleck the pandemonium lord
194773 | Zig:23   | Killed Vick the pandemonium lord
194773 | Zig:23   | Killed Ficutur the pandemonium lord
194773 | Zig:23   | Killed Xyritar the pandemonium lord
194773 | Zig:23   | Killed Yfasis the pandemonium lord
194773 | Zig:23   | Killed Ustregad the pandemonium lord
194773 | Zig:23   | Killed Dufigge the pandemonium lord
194773 | Zig:23   | Killed Feorapt the pandemonium lord
194773 | Zig:23   | Killed Avafav the pandemonium lord
194773 | Zig:23   | Noticed Uprewuor the pandemonium lord
194774 | Zig:23   | Killed Ogreton the pandemonium lord
194774 | Zig:23   | Killed Biso the pandemonium lord
194774 | Zig:23   | Killed Teububau the pandemonium lord
194774 | Zig:23   | Killed Daisch Edeibb the pandemonium lord
194774 | Zig:23   | Noticed Adwui the pandemonium lord
194774 | Zig:23   | Noticed Wuinoir the pandemonium lord
194774 | Zig:23   | Noticed Mofab the pandemonium lord
194775 | Zig:23   | Killed Unua the pandemonium lord
194775 | Zig:23   | Killed Zyextakh the pandemonium lord
194775 | Zig:23   | Noticed Pearghoch the pandemonium lord
194775 | Zig:23   | Noticed Cedijazo the pandemonium lord
194776 | Zig:23   | Killed Mocluanaoru the pandemonium lord
194776 | Zig:23   | Killed Wuinoir the pandemonium lord
194776 | Zig:23   | Noticed Suschaom the pandemonium lord
194776 | Zig:23   | Noticed Wopte the pandemonium lord
194777 | Zig:23   | Killed Buatynud the pandemonium lord
194777 | Zig:23   | Killed Cedijazo the pandemonium lord
194777 | Zig:23   | Killed Mofab the pandemonium lord
194777 | Zig:23   | Killed Duzaotrar the pandemonium lord
194777 | Zig:23   | Killed Adwui the pandemonium lord
194778 | Zig:23   | Killed Uprewuor the pandemonium lord
194778 | Zig:23   | Killed Suschaom the pandemonium lord
194778 | Zig:23   | Noticed Vuiqeu the pandemonium lord
194778 | Zig:23   | Noticed Muz Fex the pandemonium lord
194778 | Zig:23   | Noticed Qysyqaho the pandemonium lord
194778 | Zig:23   | Noticed Xiguny the pandemonium lord
194779 | Zig:23   | Noticed Ytuirhel the pandemonium lord
194779 | Zig:23   | Noticed Maicor the pandemonium lord
194779 | Zig:23   | Noticed Ceruiky the pandemonium lord
194780 | Zig:23   | Noticed Gaes the pandemonium lord
194781 | Zig:23   | Noticed Dyinoz the pandemonium lord
194781 | Zig:23   | Killed Maicor the pandemonium lord
194781 | Zig:23   | Killed Wopte the pandemonium lord
194781 | Zig:23   | Noticed Uruo the pandemonium lord
194781 | Zig:23   | Noticed Ojuuz the pandemonium lord
194781 | Zig:23   | Noticed Kytogg the pandemonium lord
194782 | Zig:23   | Noticed Ebbogel the pandemonium lord
194782 | Zig:23   | Noticed Kysizem the pandemonium lord
194783 | Zig:23   | Noticed Ojodwaar the pandemonium lord
194783 | Zig:23   | Killed Pearghoch the pandemonium lord
194783 | Zig:23   | Killed Ceruiky the pandemonium lord
194783 | Zig:23   | Killed Muz Fex the pandemonium lord
194783 | Zig:23   | Killed Ytuirhel the pandemonium lord
194783 | Zig:23   | Noticed Cis Kovu the pandemonium lord
194784 | Zig:23   | Killed Kysizem the pandemonium lord
194784 | Zig:23   | Noticed Asonnuagy the pandemonium lord
194784 | Zig:23   | Noticed Meol the pandemonium lord
194784 | Zig:23   | Noticed Best the pandemonium lord
194784 | Zig:23   | Noticed Mamu the pandemonium lord
194785 | Zig:23   | Killed Gaes the pandemonium lord
194785 | Zig:23   | Killed Vuiqeu the pandemonium lord
194785 | Zig:23   | Killed Ojodwaar the pandemonium lord
194785 | Zig:23   | Killed Qysyqaho the pandemonium lord
194785 | Zig:23   | Noticed Woshri the pandemonium lord
194785 | Zig:23   | Noticed Raskupno the pandemonium lord
194786 | Zig:23   | Noticed Dustosk the pandemonium lord
194786 | Zig:23   | Noticed Ytiac the pandemonium lord
194786 | Zig:23   | Noticed Esynevyosu the pandemonium lord
194786 | Zig:23   | Noticed Oziwon the pandemonium lord
194789 | Zig:23   | Killed Ojuuz the pandemonium lord
194790 | Zig:23   | Killed Uruo the pandemonium lord
194792 | Zig:23   | Killed Cis Kovu the pandemonium lord
194792 | Zig:23   | Killed Dyinoz the pandemonium lord
194793 | Zig:23   | Killed Dustosk the pandemonium lord
194794 | Zig:23   | Killed Kytogg the pandemonium lord
194794 | Zig:23   | Killed Raskupno the pandemonium lord
194796 | Zig:23   | Killed Esynevyosu the pandemonium lord
194800 | Zig:23   | Noticed Mucifuthi the pandemonium lord
194800 | Zig:23   | Killed Mamu the pandemonium lord
194801 | Zig:23   | Noticed Bufag the pandemonium lord
194801 | Zig:23   | Noticed Seelequj the pandemonium lord
194802 | Zig:23   | Noticed Kyikhlimi the pandemonium lord
194802 | Zig:23   | Killed Asonnuagy the pandemonium lord
194802 | Zig:23   | Killed Meol the pandemonium lord
194802 | Zig:23   | Killed Xiguny the pandemonium lord
194802 | Zig:23   | Killed Best the pandemonium lord
194802 | Zig:23   | Killed Ebbogel the pandemonium lord
194802 | Zig:23   | Noticed Hiqinarch the pandemonium lord
194802 | Zig:23   | Noticed Apaus the pandemonium lord
194802 | Zig:23   | Noticed Woozuon the pandemonium lord
194803 | Zig:23   | Killed Ytiac the pandemonium lord
194803 | Zig:23   | Killed Oziwon the pandemonium lord
194803 | Zig:23   | Killed Mucifuthi the pandemonium lord
194803 | Zig:23   | Killed Bufag the pandemonium lord
194803 | Zig:23   | Killed Woshri the pandemonium lord
194804 | Zig:23   | Noticed Ruiz the pandemonium lord
194804 | Zig:23   | Noticed Juqadun the pandemonium lord
194805 | Zig:23   | Noticed Gewuol the pandemonium lord
194809 | Zig:23   | Killed Hiqinarch the pandemonium lord
194809 | Zig:23   | Killed Kyikhlimi the pandemonium lord
194809 | Zig:23   | Noticed Nosar the pandemonium lord
194810 | Zig:23   | Noticed Vamuup the pandemonium lord
194810 | Zig:23   | Killed Seelequj the pandemonium lord
194810 | Zig:23   | Killed Juqadun the pandemonium lord
194810 | Zig:23   | Killed Ruiz the pandemonium lord
194810 | Zig:23   | Noticed Icuummoe the pandemonium lord
194810 | Zig:23   | Noticed Luecif the pandemonium lord
194810 | Zig:23   | Noticed Giatagg the pandemonium lord
194811 | Zig:23   | Killed Gewuol the pandemonium lord
194811 | Zig:23   | Killed Vamuup the pandemonium lord
194811 | Zig:23   | Killed Apaus the pandemonium lord
194811 | Zig:23   | Noticed Matsaosch the pandemonium lord
194811 | Zig:23   | Noticed Lyxkeab the pandemonium lord
194812 | Zig:23   | Killed Nosar the pandemonium lord
194812 | Zig:23   | Killed Giatagg the pandemonium lord
194812 | Zig:23   | Noticed Zyiqyog the pandemonium lord
194812 | Zig:23   | Noticed Xaleurea the pandemonium lord
194814 | Zig:23   | Noticed Teume Kuy the pandemonium lord
194814 | Zig:23   | Noticed Wemmout the pandemonium lord
194815 | Zig:23   | Noticed Emuzueno the pandemonium lord
194816 | Zig:23   | Killed Icuummoe the pandemonium lord
194816 | Zig:23   | Killed Lyxkeab the pandemonium lord
194816 | Zig:23   | Killed Woozuon the pandemonium lord
194816 | Zig:23   | Noticed Duorruptoj the pandemonium lord
194816 | Zig:23   | Noticed Yhuohoto the pandemonium lord
194817 | Zig:23   | Noticed Giutz the pandemonium lord
194817 | Zig:23   | Killed Wemmout the pandemonium lord
194817 | Zig:23   | Killed Matsaosch the pandemonium lord
194817 | Zig:23   | Killed Zyiqyog the pandemonium lord
194818 | Zig:23   | Killed Yhuohoto the pandemonium lord
194818 | Zig:23   | Killed Duorruptoj the pandemonium lord
194818 | Zig:23   | Noticed Buasowuto the pandemonium lord
194818 | Zig:23   | Noticed Kutola the pandemonium lord
194819 | Zig:23   | Killed Xaleurea the pandemonium lord
194819 | Zig:23   | Killed Teume Kuy the pandemonium lord
194819 | Zig:23   | Killed Giutz the pandemonium lord
194819 | Zig:23   | Killed Luecif the pandemonium lord
194819 | Zig:23   | Killed Emuzueno the pandemonium lord
194819 | Zig:23   | Noticed Nerr the pandemonium lord
194819 | Zig:23   | Noticed Zymogono the pandemonium lord
194820 | Zig:23   | Killed Buasowuto the pandemonium lord
194820 | Zig:23   | Killed Kutola the pandemonium lord
194821 | Zig:23   | Killed Zymogono the pandemonium lord
194822 | Zig:23   | Killed Nerr the pandemonium lord
194823 | Zig:23   | Noticed Ynofel Samet the pandemonium lord
194825 | Zig:23   | Noticed Quhip the pandemonium lord
194825 | Zig:23   | Noticed Renen Keta the pandemonium lord
194826 | Zig:23   | Killed Ynofel Samet the pandemonium lord
194827 | Zig:23   | Killed Quhip the pandemonium lord
194827 | Zig:23   | Killed Renen Keta the pandemonium lord
194827 | Zig:23   | Noticed Ustrawaymn the pandemonium lord
194827 | Zig:23   | Noticed Kofoxiew the pandemonium lord
194827 | Zig:23   | Noticed Wimitif the pandemonium lord
194828 | Zig:23   | Noticed Ugaziyme the pandemonium lord
194828 | Zig:23   | Noticed Ymme the pandemonium lord
194829 | Zig:23   | Killed Ustrawaymn the pandemonium lord
194830 | Zig:23   | Killed Kofoxiew the pandemonium lord
194830 | Zig:23   | Killed Ymme the pandemonium lord
194830 | Zig:23   | Killed Ugaziyme the pandemonium lord
194830 | Zig:23   | Noticed Beiriude the pandemonium lord
194830 | Zig:23   | Noticed Caukarej the pandemonium lord
194830 | Zig:23   | Noticed Kelompick the pandemonium lord
194831 | Zig:23   | Killed Wimitif the pandemonium lord
194831 | Zig:23   | Noticed Tuothrall the pandemonium lord
194837 | Zig:23   | Killed Kelompick the pandemonium lord
194838 | Zig:23   | Killed Tuothrall the pandemonium lord
194839 | Zig:23   | Killed Beiriude the pandemonium lord
194841 | Zig:23   | Killed Caukarej the pandemonium lord
194937 | Zig:23   | Identified the +5 short sword "Xoivotuo" {drain, rC+}
194943 | Zig:23   | Identified the +3 falchion "Tantuy" {spect, Will+ MP+9
                  | Int+3 Dex+2}
194946 | Zig:23   | Identified the amulet of Jealousy {Faith rElec Dex+3}
194947 | Zig:23   | Identified the +1 chain mail of Grace {Harm rF+ Will-
                  | Dex+5}
194955 | Zig:23   | Identified the +8 chain mail of Cyjysaqeass {rElec rPois
                  | Str+8 Dex-2}
194956 | Zig:23   | Identified the +7 quarterstaff of Eternal Night {freeze,
                  | *Rage *Slow Fly Dex+10}
194960 | Zig:23   | Identified the +10 quarterstaff "Kior" {elec, rElec rC+}
194966 | Zig:23   | Identified the +7 trident of Parts Unknown {vorpal, rF+
                  | Dex+4}
194967 | Zig:23   | Identified the +1 ring mail of Mysticism {rC+}
194979 | Zig:23   | Identified the +1 ring mail of Stoicism {Rampage rF+ rN++
                  | Regen+}
194982 | Zig:23   | Identified the ring of Miracles {rN+ AC+4 SInv Stlth+}
194993 | Zig:23   | Identified the +5 shortbow of Kepp {venom, SInv}
194995 | Zig:23   | Identified the +4 scale mail of the Three Seas {*Slow rC+
                  | Will++ SInv}
195229 | Zig:24   | Entered Level 24 of a ziggurat
195229 | Zig:24   | Noticed a juggernaut
195229 | Zig:24   | Noticed a juggernaut
195229 | Zig:24   | Noticed a juggernaut
195229 | Zig:24   | Noticed a juggernaut
195229 | Zig:24   | Noticed a juggernaut
195229 | Zig:24   | Noticed a juggernaut
195229 | Zig:24   | Noticed a juggernaut
195229 | Zig:24   | Noticed a juggernaut
195229 | Zig:24   | Noticed a juggernaut
195230 | Zig:24   | Killed a juggernaut
195230 | Zig:24   | Killed a juggernaut
195230 | Zig:24   | Killed a juggernaut
195230 | Zig:24   | Killed a juggernaut
195230 | Zig:24   | Killed a juggernaut
195230 | Zig:24   | Killed a juggernaut
195230 | Zig:24   | Killed a juggernaut
195230 | Zig:24   | Noticed a juggernaut
195231 | Zig:24   | Noticed a juggernaut
195232 | Zig:24   | Killed a juggernaut
195232 | Zig:24   | Killed a juggernaut
195232 | Zig:24   | Killed a juggernaut
195232 | Zig:24   | Noticed a juggernaut
195233 | Zig:24   | Noticed a juggernaut
195233 | Zig:24   | Noticed a juggernaut
195233 | Zig:24   | Noticed a juggernaut
195235 | Zig:24   | Killed a juggernaut
195235 | Zig:24   | Killed a juggernaut
195235 | Zig:24   | Killed a juggernaut
195235 | Zig:24   | Killed a juggernaut
195236 | Zig:24   | Killed a juggernaut
195236 | Zig:24   | Noticed a juggernaut
195237 | Zig:24   | Noticed a juggernaut
195238 | Zig:24   | Killed a juggernaut
195238 | Zig:24   | Noticed a juggernaut
195239 | Zig:24   | Noticed a juggernaut
195240 | Zig:24   | Killed a juggernaut
195240 | Zig:24   | Noticed a juggernaut
195240 | Zig:24   | Noticed a juggernaut
195241 | Zig:24   | Killed a juggernaut
195242 | Zig:24   | Killed a juggernaut
195242 | Zig:24   | Killed a juggernaut
195242 | Zig:24   | Killed a juggernaut
195244 | Zig:24   | Noticed a juggernaut
195244 | Zig:24   | Noticed a juggernaut
195246 | Zig:24   | Noticed a juggernaut
195246 | Zig:24   | Killed a juggernaut
195248 | Zig:24   | Killed a juggernaut
195248 | Zig:24   | Killed a juggernaut
195248 | Zig:24   | Noticed a juggernaut
195250 | Zig:24   | Noticed a juggernaut
195252 | Zig:24   | Killed a juggernaut
195253 | Zig:24   | Noticed a juggernaut
195253 | Zig:24   | Noticed a juggernaut
195254 | Zig:24   | Killed a juggernaut
195255 | Zig:24   | Killed a juggernaut
195255 | Zig:24   | Noticed a juggernaut
195256 | Zig:24   | Noticed a juggernaut
195257 | Zig:24   | Killed a juggernaut
195257 | Zig:24   | Noticed a juggernaut
195258 | Zig:24   | Killed a juggernaut
195258 | Zig:24   | Killed a juggernaut
195258 | Zig:24   | Noticed a juggernaut
195261 | Zig:24   | Noticed a juggernaut
195262 | Zig:24   | Killed a juggernaut
195263 | Zig:24   | Killed a juggernaut
195263 | Zig:24   | Killed a juggernaut
195264 | Zig:24   | Noticed a juggernaut
195264 | Zig:24   | Noticed a juggernaut
195267 | Zig:24   | Killed a juggernaut
195267 | Zig:24   | Killed a juggernaut
195692 | Zig:24   | Identified the +9 quarterstaff of Chance {vorpal, rC+ rCorr
                  | Int+3}
195703 | Zig:24   | Identified the +7 war axe of Kesipn {freeze, SInv Stlth+}
195707 | Zig:24   | Identified the +0 robe "Othiniu" {*Corrode +Blink rElec
                  | rN+}
195709 | Zig:24   | Identified the +7 quarterstaff "Diprudadd" {freeze, *Rage
                  | rElec rCorr SInv}
195711 | Zig:24   | Identified the ring of Ibikhashra {Drain Fly rN+ Will+++
                  | Str+6}
195716 | Zig:24   | Identified the +4 glaive of Afyp {venom, Int+2}
195719 | Zig:24   | Identified the ring of Xom's Recklessness {rPois Str+6
                  | Int+6}
195723 | Zig:24   | Identified the +0 quarterstaff "Osit" {vorpal, rPois Int+3}
195735 | Zig:24   | Identified the +4 short sword "Niones" {freeze, Will+}
195736 | Zig:24   | Identified the +4 short sword "Yvvoruet" {drain, rElec
                  | rC+++ Will-}
195746 | Zig:24   | Identified the +5 tower shield "Qunosch" {Fly Will+}
195801 | Zig:24   | Identified the +6 great mace of Causality {spect, rPois
                  | rCorr Str-4 Dex+2}
195820 | Zig:25   | Entered Level 25 of a ziggurat
196344 | Zig:25   | Identified the +9 longbow of Dishonour {vorpal, Will+
                  | Int+4}
196354 | Zig:25   | Identified the amulet "Uframogy" {Reflect Rampage rN++
                  | SH+5}
196364 | Zig:25   | Identified the +1 leather armour "Sozacze" {Fly Regen+}
196368 | Zig:25   | Identified the +7 shortbow "Orb Guardian's Death" {flame,
                  | Contam rPois rF+ Str+7}
196380 | Zig:25   | Identified the +1 robe of Jigsaw {rC- Int+7 Dex+4}
196402 | Zig:26   | Entered Level 26 of a ziggurat
196927 | Zig:26   | Identified the ring "Faowauw" {rElec rF+ rCorr Str-2 Int+5}
196929 | Zig:26   | Identified the +4 lajatang "Amit" {vamp, rElec rF+}
196937 | Zig:26   | Identified the ring "Wicvuer" {Fly SInv}
196940 | Zig:26   | Identified the amulet "Qoynocue" {Faith Int+2}
196941 | Zig:26   | Identified the +8 shortbow "Wuduteibb" {venom, Dex+2}
196994 | Zig:26   | Identified the +7 shortbow "Egruo" {freeze, Str-4 Int-2
                  | Dex+4 Stlth+}
196997 | Zig:26   | Identified the +6 morningstar "Yzubeijo" {vorpal, Will-
                  | rCorr Dex+8 SInv}
197051 | Zig:27   | Entered Level 27 of a ziggurat
197240 | Zig:27   | Identified the +8 plate armour "Bisan" {Harm Will- Int+8
                  | Stlth+}
197262 | Zig:27   | Identified the +5 hand axe of the Common Good {vamp, rElec
                  | rF++ rC-}
197265 | Zig:27   | Identified the +8 long sword of Dowdy Gallantry {venom,
                  | Will+ rCorr Str+3 SInv}
197302 | Zig:27   | Identified the +1 robe of Hairiness {-Tele rCorr Str+2}
197318 | Zig:27   | Identified the +1 leather armour "Qiaff" {rF+ rN+ rCorr
                  | Int-4}
197739 | Depths:4 | Voluntarily entered the Abyss.
197793 | Abyss:3  | Found a corrupted altar of Lugonu.
197835 | Abyss:3  | Found a corrupted altar of Lugonu.
197836 | Abyss:3  | Found a corrupted altar of Lugonu.
197836 | Abyss:3  | Found a corrupted altar of Lugonu.
198203 | Abyss:4  | Got an abyssal rune of Zot
198239 | Depths:4 | Escaped the Abyss
198905 | Elf:2    | Noticed Agnes
198915 | Elf:2    | Killed Agnes
198928 | Elf:2    | Noticed Nikola
198941 | Elf:2    | Killed Nikola
199542 | Vaults:1 | Killed Sianeop's ghost
200312 | Tomb:1   | Entered Level 1 of the Tomb of the Ancients
200321 | Tomb:1   | Noticed a royal mummy
200325 | Tomb:1   | Killed a royal mummy
200325 | Tomb:1   | Noticed a royal mummy
200329 | Tomb:1   | Killed a royal mummy
200329 | Tomb:1   | Noticed a royal mummy
200334 | Tomb:1   | Noticed a royal mummy
200335 | Tomb:1   | Noticed a royal mummy
200336 | Tomb:1   | Killed a royal mummy
200336 | Tomb:1   | Noticed a royal mummy
200336 | Tomb:1   | Noticed a royal mummy
200337 | Tomb:1   | Killed a royal mummy
200338 | Tomb:1   | Noticed a royal mummy
200343 | Tomb:1   | Noticed a royal mummy
200343 | Tomb:1   | Noticed a royal mummy
200378 | Tomb:1   | Killed a royal mummy
200378 | Tomb:1   | Killed a royal mummy
200378 | Tomb:1   | Killed a royal mummy
200379 | Tomb:1   | Killed a royal mummy
200379 | Tomb:1   | Killed a royal mummy
200379 | Tomb:1   | Killed a royal mummy
200385 | Tomb:1   | Noticed a royal mummy
200389 | Tomb:1   | Killed a royal mummy
200531 | Tomb:1   | Noticed a royal mummy
200534 | Tomb:1   | Killed a royal mummy
200541 | Tomb:1   | Noticed a royal mummy
200544 | Tomb:1   | Killed a royal mummy
200580 | Tomb:1   | Noticed a royal mummy
200588 | Tomb:1   | Killed a royal mummy
200589 | Tomb:1   | Noticed a royal mummy
200590 | Tomb:1   | Killed a royal mummy
200598 | Tomb:1   | Noticed a royal mummy
200601 | Tomb:1   | Killed a royal mummy
200634 | Tomb:1   | Noticed a royal mummy
200635 | Tomb:1   | Noticed a royal mummy
200636 | Tomb:1   | Killed a royal mummy
200636 | Tomb:1   | Noticed a royal mummy
200637 | Tomb:1   | Killed a royal mummy
200638 | Tomb:1   | Killed a royal mummy
201116 | Tomb:1   | Noticed a royal mummy
201119 | Tomb:1   | Killed a royal mummy
201229 | Tomb:1   | Noticed a royal mummy
201231 | Tomb:1   | Killed a royal mummy
201459 | Tomb:2   | Noticed a royal mummy
201459 | Tomb:2   | Noticed a royal mummy
201460 | Tomb:2   | Noticed a royal mummy
201460 | Tomb:2   | Noticed a royal mummy
201464 | Tomb:2   | Killed a royal mummy
201464 | Tomb:2   | Killed a royal mummy
201466 | Tomb:2   | Killed a royal mummy
201468 | Tomb:2   | Killed a royal mummy
202267 | Tomb:3   | Entered Level 3 of the Tomb of the Ancients
202284 | Tomb:3   | Noticed a royal mummy
202286 | Tomb:3   | Noticed a royal mummy
202287 | Tomb:3   | Noticed a royal mummy
202289 | Tomb:3   | Killed a royal mummy
202290 | Tomb:3   | Killed a royal mummy
202290 | Tomb:3   | Killed a royal mummy
202300 | Tomb:3   | Noticed a royal mummy
202306 | Tomb:3   | Killed a royal mummy
202312 | Tomb:3   | Noticed a royal mummy
202314 | Tomb:3   | Noticed a royal mummy
202314 | Tomb:3   | Noticed a royal mummy
202318 | Tomb:3   | Noticed a royal mummy
202319 | Tomb:3   | Killed a royal mummy
202319 | Tomb:3   | Killed a royal mummy
202319 | Tomb:3   | Killed a royal mummy
202321 | Tomb:3   | Killed a royal mummy
202499 | Tomb:3   | Got a golden rune of Zot
202543 | Tomb:3   | Found the +5 sword of Power {vorpal}
202567 | Tomb:3   | Found the +5 robe of Misfortune {Harm *Corrode *Slow EV+5}
202569 | Tomb:3   | Identified the +2 hand axe of Karma {drain, rF+ rN+ Will+
                  | Str-2}
202598 | Tomb:3   | Identified the ring of Lit Yxos {Str+6 Stlth+}
202599 | Tomb:3   | Identified the +0 cloak "Kyuju" {Str+4}
202606 | Tomb:3   | Identified the +0 robe of Plasticity {Str+3}
202608 | Tomb:3   | Identified the +8 glaive of the Little People {flame, Str-4
                  | Dex+5}
202767 | Tomb:3   | Identified the +5 war axe of Doori {vorpal, +Blink Will+}
202863 | Tomb:3   | Identified the +2 flail "Pyqaph" {spect, Int+2}
203220 | Hell     | Entered the Vestibule of Hell
203220 | Hell     | Noticed Geryon
203252 | Hell     | Killed Geryon
203481 | Hell     | Found a gateway to the ashen valley of Gehenna.
203607 | Hell     | Found a gateway to the decaying netherworld of Tartarus.
203743 | Hell     | Found a gateway to the Iron City of Dis.
203804 | Hell     | Found a gateway to the freezing wastes of Cocytus.
204045 | Pan      | Entered Pandemonium
204045 | Pan      | Noticed Xeomiecos the pandemonium lord
204049 | Pan      | Killed Xeomiecos the pandemonium lord
204061 | Pan      | Got a demonic rune of Zot
204312 | Pan      | Found an exit through the horrors of the Abyss.
204789 | Pan      | Identified the ring "Bimazops" {rElec rC+ MP+9 Int+6
                  | Slay+2}
204851 | Pan      | Found a transporter.
205084 | Pan      | Identified the +4 helmet "Heahap" {Slay+3}
205096 | Pan      | Found a transporter.
205101 | Pan      | Identified the +2 pair of boots of Death's Door {Will+
                  | rCorr Int-3 Dex+3}
205300 | Pan      | Entered the realm of Gloorx Vloq.
205700 | Pan      | Noticed Gloorx Vloq
205721 | Pan      | Killed Gloorx Vloq
205729 | Pan      | Got a dark rune of Zot
205796 | Pan      | Found an exit through the horrors of the Abyss.
206146 | Pan      | Noticed Mennas
206148 | Pan      | Killed Mennas
206373 | Pan      | Noticed Divvehikh the pandemonium lord
206373 | Pan      | Found a runed translucent door.
206378 | Pan      | Killed Divvehikh the pandemonium lord
206434 | Pan      | Entered the realm of Lom Lobon.
206440 | Pan      | Noticed Lom Lobon
206467 | Pan      | Killed Lom Lobon
206489 | Pan      | Got a magical rune of Zot
206929 | Pan      | Entered the realm of Cerebov.
207114 | Pan      | Found the +6 sword of Cerebov {flame}
207114 | Pan      | Noticed Cerebov
207128 | Pan      | Killed Cerebov
207565 | Pan      | Identified the +4 flail "Giantslayer" {vorpal, rF+}
207582 | Pan      | Identified the +7 falchion "Uxazxeur" {flame, Str-4 Dex+5
                  | SInv}
207656 | Pan      | Got a fiery rune of Zot
208199 | Pan      | Entered the realm of Mnoleg.
208514 | Pan      | Noticed Mnoleg
208521 | Pan      | Killed Mnoleg
208626 | Pan      | Got a glowing rune of Zot
208890 | Pan      | Identified the amulet of Vonuenoh {Reflect Harm rElec rCorr
                  | Dex-2 SH+5}
209373 | Depths:1 | Escaped Pandemonium
209458 | Coc:1    | Entered Level 1 of Cocytus
209613 | Coc:7    | Entered Level 7 of Cocytus
209665 | Coc:7    | Noticed Antaeus
209673 | Coc:7    | Killed Antaeus
209824 | Coc:7    | Identified the ring "Tiokloig" {AC+4 Int+3}
209956 | Coc:7    | Got an icy rune of Zot
210146 | Geh:1    | Entered Level 1 of Gehenna
210487 | Geh:2    | Noticed an ancient lich
210488 | Geh:2    | Killed an ancient lich
210931 | Geh:4    | Noticed a dread lich
210933 | Geh:4    | Killed a dread lich
211378 | Geh:7    | Entered Level 7 of Gehenna
211481 | Geh:7    | Noticed a dread lich
211485 | Geh:7    | Killed a dread lich
212030 | Geh:7    | Found the +7 sceptre of Asmodeus
212030 | Geh:7    | Noticed Asmodeus
212042 | Geh:7    | Killed Asmodeus
212129 | Geh:7    | Got an obsidian rune of Zot
212444 | Tar:1    | Entered Level 1 of Tartarus
212906 | Tar:7    | Entered Level 7 of Tartarus
212925 | Tar:7    | Noticed an ancient lich
212926 | Tar:7    | Killed an ancient lich
212926 | Tar:7    | Noticed a dread lich
212928 | Tar:7    | Killed a dread lich
212931 | Tar:7    | Noticed an ancient lich
212934 | Tar:7    | Killed an ancient lich
212974 | Tar:7    | Noticed Ereshkigal
212976 | Tar:7    | Killed Ereshkigal
212979 | Tar:7    | Noticed an ancient lich
212990 | Tar:7    | Killed an ancient lich
213001 | Tar:7    | Got a bone rune of Zot
213082 | Tar:7    | Identified the ring "Zaegydon" {Fire rElec}
213172 | Dis:1    | Entered Level 1 of the Iron City of Dis
213172 | Dis:1    | Noticed a dread lich
213175 | Dis:1    | Killed a dread lich
213307 | Dis:1    | Noticed an ancient lich
213307 | Dis:1    | Noticed an ancient lich
213307 | Dis:1    | Noticed an ancient lich
213307 | Dis:1    | Noticed a dread lich
213307 | Dis:1    | Noticed an ancient lich
213308 | Dis:1    | Killed an ancient lich
213309 | Dis:1    | Killed an ancient lich
213309 | Dis:1    | Killed a dread lich
213310 | Dis:1    | Noticed a dread lich
213311 | Dis:1    | Noticed an ancient lich
213312 | Dis:1    | Killed an ancient lich
213312 | Dis:1    | Killed an ancient lich
213313 | Dis:1    | Killed an ancient lich
213313 | Dis:1    | Killed a dread lich
213314 | Dis:1    | Noticed a dread lich
213317 | Dis:1    | Killed a dread lich
213317 | Dis:1    | Noticed a dread lich
213320 | Dis:1    | Killed a dread lich
213674 | Dis:4    | You are sucked into a shaft and drop 2 floors!
213903 | Dis:7    | Entered Level 7 of the Iron City of Dis
213959 | Dis:7    | Noticed the Serpent of Hell
213963 | Dis:7    | Killed the Serpent of Hell
214331 | Dis:7    | Noticed a juggernaut
214335 | Dis:7    | Killed a juggernaut
214361 | Dis:7    | Identified the +8 hand axe of Pandemonium {protect, rF+
                  | Dex+3}
214495 | Dis:7    | Noticed an ancient lich
214497 | Dis:7    | Killed an ancient lich
214501 | Dis:7    | Noticed a juggernaut
214503 | Dis:7    | Found the +4 staff of Dispater
214503 | Dis:7    | Noticed Dispater
214504 | Dis:7    | Killed a juggernaut
214510 | Dis:7    | Killed Dispater
214551 | Dis:7    | Noticed a juggernaut
214555 | Dis:7    | Killed a juggernaut
214593 | Dis:7    | Got an iron rune of Zot
214606 | Dis:7    | Identified the +12 chain mail "Nafoedee" {Fly}
214790 | Dis:7    | Identified the ring "Gug Hakk" {rC+ rCorr AC+4}
215297 | Zot:5    | Got the Orb of Zot
215641 | D:14     | Noticed Peniy the pandemonium lord
215641 | D:14     | Noticed an ancient lich
215642 | D:14     | Killed an ancient lich
215645 | D:14     | Killed Peniy the pandemonium lord
216221 | D:1      | Noticed Jujec the pandemonium lord
216226 | D:1      | Killed Jujec the pandemonium lord
216230 | D:$      | Escaped with the Orb!

Illustrated notes

Levels and vault maps discovered:
D:1:      dpeg_arrival_ternary, layout_loops_cross,
          shapermc_ecumenical_altar_flowoftime, chequers_serial_rivers_micro_e
D:2:      layout_loops_ring
D:3:      layout_basic, st_stairs_9, uniq_grinder, uniq_natasha, uniq_terence
D:4:      layout_cave_pools, lemuel_blue_sif_altar, fedhas_altar_3,
          minmay_temple_entry_offerings, serial_rivers,
          chequers_serial_rivers_micro_a, chequers_serial_rivers_small_a,
          chequers_serial_rivers_small_b, chequers_serial_rivers_micro_b,
          chequers_serial_rivers_micro_c, dk_noncrumbling_2,
          ebering_dispersal_statue_hall, corexii_leaking_fountain
D:5:      layout_basic, portal_sewer_entry_a, nicolae_shop_firing_range
D:6:      layout_rooms, nicolae_qazlal_eye_of_the_storm, supply_closet_lemuel,
          hex_tiny
D:7:      layout_rooms, demons_altar, kennysheep_mini, lightli_minifort
D:8:      layout_basic, tso_metal_star, grunt_dithmenos_smoke_and_mirrors,
          introduction_to_nature_2, uniq_erica
D:9:      layout_loops_corners, mainiacjoe_overflow_alcove_2, minivault_25_ag,
          hangedman_corner_corridor
D:10:     kennysheep_six_static_rooms, layout_basic,
          nicolae_elyvilon_temple_path, mainiacjoe_overflow_six_doors_small,
          serial_shops, shop, kennysheep_donut, minmay_misc_feat_plants
D:11:     layout_stronghold, dpeg_lair_monsters, david_orc_5, minmay_holes,
          uniq_harold, uniq_sonja
D:12:     layout_rooms, serial_undead, serial_undead_a, serial_undead_b,
          serial_undead_f, serial_undead_c, serial_undead_b, serial_undead_a,
          nrook_mini_backslash, nemelex_diamond_rough_becter
D:13:     layout_stronghold, david_vaults_3, serial_shops,
          nicolae_shop_waterfront
D:14:     layout_roguey, chequers_serial_rivers_micro_a, uniq_louise
D:15:     grunt_enter_depths_hoard, layout_irregular_city,
          nicolae_kite_square_tiling_tiny
Temple:   minmay_temple_forest_path
Lair:1:   layout_cave_pods, basic_altar, grunt_forest_small_clearings
Lair:2:   layout_cave_pods, serial_bayou_shore_b
Lair:3:   pond_and_an_island_with_a_cottage, layout_cave_shapes,
          elwin_shoals_entry_stream, spider_nest_entry_webs,
          serial_bayou_shore_a
Lair:4:   layout_regular_city
Lair:5:   hangedman_lair_caniforms_friends, layout_loops_ring,
          guppyfry_lair_end_dragon, slime_entry_1, infiniplex_staircase_pool,
          lemuel_fruit_tree
Shoals:1: layout_shoals, minmay_shop_enchanted_jewellery, uniq_mlioglotl
Shoals:2: layout_shoals, ebering_ghost_xom
Shoals:3: layout_shoals
Shoals:4: shoals_end_hangedman, layout_shoals, nicolae_shop_dragon_depot,
          nicolae_shop_clearance
Spider:1: layout_spider_delve, uniq_jorgrun
Spider:2: layout_chambers, uniq_arachne
Spider:3: gammafunk_boulding_lane, ebering_ghost_reflecting_pool
Spider:4: grunt_spider_rune_circles, uniq_asterion
Slime:1:  layout_caves
Slime:2:  layout_caves
Slime:3:  layout_caves
Slime:4:  layout_caves, uniq_dissolution
Slime:5
Orc:1:    layout_diamond_mine
Orc:2:    st_orc_town, layout_diamond_mine, serial_shops, shop, uniq_maurice
Elf:1:    nicolae_elf_arrival_no_cutting_in_line, layout_loops_ring,
          evilmike_minifort
Elf:2:    elven_hall_of_blades_hangedman_alternative
          [nicolae_blade_entry_splitting_headache], layout_onion_city,
          uniq_agnes, uniq_nikola, uniq_roxanne
Elf:3:    minmay_elf_hall_statues, layout_geoelf_castle, minmay_shop_star
Vaults:1: gammafunk_ghost_spectres, hangedman_vaults_pinch,
          hangedman_vaults_stretched_pinwheel, v_misc_30,
          nicolae_vaults_three_branches, dpeg_vaults_monster_row,
          vaults_room_hallway, ontoclasm_vaults_tryst,
          nicolae_vaults_sealed_display, vaults_mumra_hex, vaults_dpeg_ring,
          ontoclasm_vaults_gateway, layout_vaults_quadrants, serial_shops,
          nicolae_lakefront_shop, enter_trove_0, uniq_aizul
Vaults:2: vaults_standard_mumra_x, nicolae_vaults_hallways_thing,
          hangedman_vaults_maws, vaults_dpeg_diagonal, v_pattern_1,
          grunt_vaults_diagonal, blue_anna_dwarven_crypt, kb_rosetta, v_misc_3,
          grunt_vaults_funnel, nicolae_vaults_border_crossing,
          layout_vaults_big_cross
Vaults:3: v_pattern_2, ontoclasm_vaults_ring_small, dpeg_vaults_monster_box,
          ontoclasm_vaults_decontamination, nicolae_vaults_little_squares_3,
          ontoclasm_vaults_shout, hangedman_vaults_slither,
          nicolae_vaults_rhombus_6, hangedman_vaults_river_flow,
          vaults_dpeg_spiral, layout_vaults_omnibox, serial_shops,
          shop_fountains, uniq_jory
Vaults:4: nicolae_vaults_mini_display_case, v_misc_27, v_misc_8,
          nicolae_vaults_asterisk, vaults_room_door_hall,
          vaults_room_grunt_arrival_ludios, ontoclasm_vaults_ligature,
          hangedman_vaults_stitches, ontoclasm_vaults_eye,
          ontoclasm_vaults_twist, vaults_room_pool, layout_vaults_big_room
Vaults:5: uniq_saint_roka
Crypt:1:  layout_misc_corridors, basic_altar, grunt_crypt_arrival_guarded_gate
Crypt:2:  hangedman_screamer, layout_gridlike, grunt_megastairs_5
Crypt:3:  cryptofortress_bobbens
Tomb:1
Tomb:2
Tomb:3
Depths:1: layout_basic, serial_shops, shop, pan_entry,
          roderic_lattice_octagonal_star, hangedman_tar_grid_catacomb,
          abyss_entry, grunt_ministairs_6, dpeg_stationary_puzzle,
          serial_bayou_shore_b, minmay_shoptagon
Depths:2: gammafunk_corrupted_shrine, layout_basic, pan_entry,
          chequers_serial_rivers_micro_d, hellmouth_1, kennysheep_kite_vault,
          minmay_staircase_bubble, uniq_sojobo
Depths:3: minmay_concentric_multi, layout_cave_pools, hell_entry, serial_shops,
          statue_bzr, hangedman_abyss_entry_splay, nicolae_uskayaw_suspiria,
          drop_trap, nicolae_transporter_intersection, uniq_vv
Depths:4: evilmike_zot_entry_basic, layout_cave_pools, enter_ziggurat_e,
          ebering_ghost_gozag, hell_entry, minmay_room_of_horrors
Hell
Dis:1:    layout_regular_city, nicolae_hells_leichenhalle
Dis:2:    layout_jigsaw
Dis:3:    layout_subdivisions
Dis:4:    layout_gridville
Dis:6:    nicolae_dis_heavy_handed_symbolism
Dis:7:    dis_hangedman
Geh:1:    layout_gehenna_pools_triple
Geh:2:    layout_gehenna_pools_triple, nicolae_geh_gnashing_of_teeth
Geh:3:    layout_gehenna_pools_triple, nicolae_hells_seeping_fissure
Geh:4:    layout_gehenna_pools_box
Geh:5:    layout_gehenna_pools_basic, lemuel_hellish_altar
Geh:6:    nicolae_hells_giants_party, layout_gehenna_pools_box
Geh:7:    geh_hangedman
Coc:1:    layout_cocytus_water_paths
Coc:2:    nicolae_coc_through_the_icewall, layout_ice_bergs
Coc:3:    layout_ice_bergs
Coc:4:    layout_cocytus_water_paths
Coc:5:    layout_cocytus_water_paths
Coc:6:    layout_ice_bergs
Coc:7:    coc_old
Tar:1:    layout_catacombs
Tar:2:    nicolae_hells_demon_pit, layout_cathedral_of_symmetry
Tar:3:    layout_honeycomb
Tar:4:    layout_grid_maze
Tar:5:    layout_cathedral_of_symmetry, evilmike_ambush
          [evilmike_ambush_outer_pillars, evilmike_ambush_inner_wall_2]
Tar:6:    layout_cathedral_of_symmetry
Tar:7:    tar_old
Zot:1:    nicolae_moth_party, layout_gridville
Zot:2:    layout_misc_corridors
Zot:3:    gammafunk_its_a_trap, layout_twisted_circle
Zot:4:    layout_misc_corridors
Zot:5:    layout_misc_corridors, lemuel_flame_loot_1

Skill      XL: |  1  2  3  4  5  6  7  8  9 10 11 12 13 14 15 16 17 18 19 20 21 22 23 24 25 26 27 |
---------------+----------------------------------------------------------------------------------+-----
Conjurations   | 5 6 7 8 9 10 12 14 16 17 18 19 20 21 27 | 27.0
Spellcasting   | 3 4 5 6 8 9 11 12 13 14 15 16 17 18 19 20 27 | 27.0
Translocations | 1 3 5 6 7 27 | 27.0
Transmutations | 2 3 4 27 | 27.0
Shields        | 3 27 | 27.0
Earth Magic    | 6 10 13 15 17 20 21 22 24 25 27 | 27.0
Fighting       | 4 6 7 9 10 27 | 27.0
Armour         | 3 27 | 27.0
Dodging        | 3 5 6 7 8 9 10 27 | 27.0
Fire Magic     | 1 5 7 9 11 13 15 16 17 27 | 27.0
Air Magic      | 2 27 | 27.0
Necromancy     | 1 27 | 27.0
Ice Magic      | 3 4 27 | 27.0
Stealth        | 27 | 27.0
Evocations     | 27 | 27.0
Staves         | 27 | 27.0
Throwing       | 27 | 27.0
Axes           | 27 | 27.0
Short Blades   | 27 | 27.0
Long Blades    | 27 | 27.0
Maces & Flails | 27 | 27.0
Polearms       | 27 | 27.0
Ranged Weapons | 27 | 27.0
Unarmed Combat | 27 | 27.0
Hexes          | 27 | 27.0
Summonings     | 27 | 27.0
Poison Magic   | 27 | 27.0
Invocations    | 27 | 27.0

Action                   |  1- 3 |  4- 6 |  7- 9 | 10-12 | 13-15 | 16-18 | 19-21 | 22-24 | 25-27 || total
-------------------------+-------+-------+-------+-------+-------+-------+-------+-------+-------++-------
Melee: Unarmed           |     6 |       |       |       |       |       |       |       |       ||     6
       Club              |     3 |     8 |       |       |       |       |       |       |       ||    11
       Short sword       |       |     1 |    40 |    44 |    65 |    80 |       |       |       ||   230
       Punch             |       |       |     1 |     1 |       |       |       |       |       ||     2
       Mace              |       |       |       |       |       |    19 |    77 |    69 |   169 ||   334
       Headbutt          |       |       |       |       |       |     8 |    22 |    23 |   100 ||   153
       Staff             |       |       |       |       |       |       |       |       |   164 ||   164
 Fire: Sling             |       |       |       |       |       |       |       |       |    90 ||    90
Throw: Javelin           |       |       |       |       |       |       |       |       |   119 ||   119
 Cast: Magic Dart        |    59 |    55 |   161 |    70 |    22 |    33 |       |       |       ||   400
       Searing Ray       |       |     7 |    46 |    42 |    10 |     1 |       |       |       ||   106
       Iskenderun's Myst |       |       |     7 |    44 |   188 |   133 |   103 |    45 |    45 ||   565
       Irradiate         |       |       |       |    37 |    42 |    17 |    12 |       |     6 ||   114
       Orb of Destructio |       |       |       |    34 |    60 |    83 |    79 |    36 |    64 ||   356
       Inner Flame       |       |       |       |     7 |     3 |       |       |       |       ||    10
       Iron Shot         |       |       |       |       |    65 |   305 |   145 |   227 |   277 ||  1019
       Petrify           |       |       |       |       |    29 |       |       |       |       ||    29
       Lee's Rapid Decon |       |       |       |       |    20 |    16 |    15 |     8 |       ||    59
       Fireball          |       |       |       |       |     2 |     7 |    50 |    11 |     2 ||    72
       Blink             |       |       |       |       |     1 |       |     1 |       |     1 ||     3
       Iskenderun's Batt |       |       |       |       |       |     8 |       |       |       ||     8
       Shatter           |       |       |       |       |       |       |    61 |   164 |  3820 ||  4045
       Ignition          |       |       |       |       |       |       |       |    26 |  1092 ||  1118
       Chain Lightning   |       |       |       |       |       |       |       |       |  1238 ||  1238
       Necromutation     |       |       |       |       |       |       |       |       |   322 ||   322
       Polar Vortex      |       |       |       |       |       |       |       |       |   212 ||   212
       Fire Storm        |       |       |       |       |       |       |       |       |   170 ||   170
       Disjunction       |       |       |       |       |       |       |       |       |    68 ||    68
       Ozocubu's Refrige |       |       |       |       |       |       |       |       |    54 ||    54
       Passage of Golubr |       |       |       |       |       |       |       |       |     3 ||     3
       Death's Door      |       |       |       |       |       |       |       |       |     1 ||     1
Invok: Potion Petition   |       |       |       |       |       |       |       |     2 |   847 ||   849
 Abil: End Transformatio |       |       |       |       |       |       |       |       |    11 ||    11
       Evoke Blink       |       |       |       |       |       |       |       |       |     1 ||     1
Evoke: Wand              |       |       |     8 |    11 |     7 |     9 |     2 |     2 |    10 ||    49
       Condenser vane    |       |       |       |       |       |     1 |     2 |     1 |    12 ||    16
       Figurine of a zig |       |       |       |       |       |       |       |       |    11 ||    11
       Tin of tremorston |       |       |       |       |       |       |       |       |     1 ||     1
  Use: Scroll            |       |     8 |       |    14 |    11 |    17 |     8 |     9 |    93 ||   160
       Potion            |       |       |       |     3 |     1 |    18 |     5 |     5 |   167 ||   199
 Stab: Petrified         |       |       |       |       |     7 |       |       |       |       ||     7
       Paralysed         |       |       |       |       |       |     8 |       |       |       ||     8
       Confused          |       |       |       |       |       |       |       |       |     1 ||     1
       Distracted        |       |       |       |       |       |       |       |       |    13 ||    13
       Invisible         |       |       |       |       |       |       |       |       |     3 ||     3
Armor: Robe              |     4 |     4 |    31 |   182 |   125 |   186 |   175 |   134 |   643 ||  1484
       Crystal plate arm |       |       |       |       |       |       |       |       |   756 ||   756
       Plate armour      |       |       |       |       |       |       |       |       |   557 ||   557
Dodge: Dodged            |    11 |    13 |    70 |   173 |   158 |   256 |   215 |   151 |  1173 ||  2220
Block: Buckler           |       |       |       |    29 |    56 |   108 |   100 |    76 |   329 ||   698
       Tower shield      |       |       |       |       |       |       |       |       |  1076 ||  1076
       Kite shield       |       |       |       |       |       |       |       |       |   171 ||   171
       Reflection        |       |       |       |       |       |       |       |       |    30 ||    30
